 Dungeon Crawl Stone Soup version 0.31-a0-263-ge8cad7f256 (webtiles) character file.

Game seed: 7420848216129914261

130 qw the Shooter (level 5, 24/24 HPs)
             Began as a Gargoyle Hexslinger on July 13, 2023.
             Quit the game on level 3 of the Dungeon.
             The game lasted 01:23:47 (17917 turns).

qw the Shooter (Gargoyle Hexslinger)               Turns: 17917, Time: 01:23:48

Health: 24/24      AC: 12    Str: 11    XL:     5   Next: 14%
Magic:  6/6        EV: 10    Int: 14    God:
Gold:   145        SH:  0    Dex: 14    Spells: 5/6 levels left

rFire   + + .        Y - +1 sling
rCold   . . .        (no shield)
rNeg    + . .        j - +0 ring mail
rPois   inf          o - +2 hat
rElec   +            (no cloak)
rCorr   .            (no gloves)
SInv    .            i - +0 pair of boots
Will    ++...        (no amulet)
Stlth   +            l - ring of willpower
HPRegen 0.24/turn    a - ring of the Evening {Fly rPois rF++ Will+}
MPRegen 0.10/turn

%: no passive effects
@: flying
A: sickness immunity, AC +4, negative energy resistance 1, electricity
resistance, torment resistance 1, petrification resistance
a: no special abilities


You were on level 3 of the Dungeon.
You visited 1 branch of the dungeon, and saw 3 of its levels.

You collected 145 gold pieces.


Innate Abilities, Weirdness & Mutations

You are immune to sickness and miasma.
Your stone body is resilient. (AC +4)
You are immune to poison.
You resist negative energy. (rN+)
You are resistant to electric shocks. (rElec)
You are resistant to unholy torment.
You are immune to petrification.


   Skills:
 - Level 2.0 Fighting
 + Level 4.7 Ranged Weapons
 - Level 1.0 Armour
 - Level 1.5 Dodging
 - Level 1.0 Spellcasting
 - Level 2.6 Hexes


You had 5 spell levels left.
You knew the following spells:

 Your Spells              Type           Power      Damage    Failure   Level
a - Slow                  Hex            32%        N/A       21%         1

Your spell library contained the following spells:

 Spells                   Type           Power      Damage    Failure   Level
 Inner Flame              Hex/Fire       4%         N/A       71%         3
 Portal Projectile        Hex/Tloc       8%         N/A       71%         3
 Cause Fear               Hex            4%         N/A       90%         4

Inventory:

Hand Weapons
 Y - a +1 sling (weapon)
Armour
 i - a +0 pair of boots (worn)
 j - a +0 ring mail (worn)
 o - a +2 hat (worn)
Jewellery
 a - the ring of the Evening (right hand) {Fly rPois rF++ Will+}
   (You found it on level 2 of the Dungeon)

   [ring of willpower]

   rF:        It greatly protects you from fire.
   rPois:     It protects you from poison.
   Fly:       It grants you flight.
   Will:      It increases your willpower.
 c - a ring of positive energy
 l - a ring of willpower (left hand)
Scrolls
 m - a scroll of identify
Potions
 e - 3 potions of curing
 g - a potion of resistance
 h - a potion of might
 k - a potion of enlightenment {unknown}
 p - a potion of berserk rage {unknown}

Dungeon Overview and Level Annotations

Branches:
Dungeon (3/15)

Altars:


Message History

There is a large open door here.
There is a collapsed entrance here.
Enter note:
Enter note:
Enter note:
Enter note:
17907 ||| Stepping randomly (stuck).
There is a large open door here.
There is a collapsed entrance here.
Enter note:
Enter note:
Enter note:
Enter note:
17909 ||| Stepping randomly (stuck).
There is a large open door here.
There is a collapsed entrance here.
Enter note:
Enter note:
Enter note:
Enter note:
17911 ||| Stepping randomly (stuck).
There is a large open door here.
There is a collapsed entrance here.
Enter note:
Enter note:
Enter note:
Enter note:
17913 ||| Stepping randomly (stuck).
There is a collapsed entrance here.
Enter note:
Enter note:
Enter note:
Enter note:
17915 ||| Stepping randomly (stuck).
There is a large open door here.
Zot's power touches on you...
There is a collapsed entrance here.
17917 ||| RIP SEWER
17917 ||| QUITTING!
Are you sure you want to abandon this character and quit the game? (Confirm with "yes".)

.....# #....'##'.......#
##.#.# ##...#~~#..####.#
##.#.# ##.##~~##.# #.#
##.#.# #.#~~~~#.# #.#
.#.#.# #.#~~~~#.# #.#
.#.#.# ##.##~~##.# #.#
.....# ##...#~!#..# #.#
...### ##...##''##.####.##
.#.## ##....#~~@~#.......#
....####....|######.......#
.....).'............<.....#
....####.........###......#
.#.## ##.<.....## #.#.##.#
.### ##.....## #......#
.##### ##...## ###.####
.....# ##+## #.# .###.# #.#
#)#


There were no monsters in sight!

Vanquished Creatures
  4 adders
  3 worms
  A dart slug (D:1)
  4 orcs (D:3)
  2 endoplasms
  3 giant cockroaches
  4 goblins
  8 hobgoblins
  9 jackals
  7 kobolds
  5 quokkas
  7 ball pythons
  4 bats
  6 frilled lizards (D:1)
  9 rats
76 creatures vanquished.

Notes
Turn   | Place    | Note
-------+----------+-------------------------------------------
     0 | D:1      | qw the Gargoyle Hexslinger began the quest for the Orb.
     0 | D:1      | Reached XP level 1. HP: 12/12 MP: 2/2
     0 | D:1      | 0 ||| qw: Version: 0.3-a-52-g30416fa
     0 | D:1      | 0 ||| qw: Game counter: 7418
     0 | D:1      | 0 ||| qw: Melee chars always use a shield: true
     0 | D:1      | 0 ||| qw: God list: Okawaru
     0 | D:1      | 0 ||| qw: Allow faded altars: false
     0 | D:1      | 0 ||| qw: Do Orc after clearing Dungeon:15 true
     0 | D:1      | 0 ||| qw: Do second Lair branch before Depths: true
     0 | D:1      | 0 ||| qw: Lair rune preference: random
     0 | D:1      | 0 ||| qw: Goals: Normal
     0 | D:1      | 0 ||| PLANNING D:1-11
    58 | D:1      | Reached XP level 2. HP: 16/16 MP: 3/3
   102 | D:1      | Found a faded altar of an unknown god.
   138 | D:1      | Reached skill level 3 in Ranged Weapons
   183 | D:1      | Reached XP level 3. HP: 8/21 MP: 4/4
   188 | D:1      | 188 ||| FLEEEEING.
   189 | D:1      | 189 ||| FLEEEEING.
   190 | D:1      | 190 ||| FLEEEEING.
   191 | D:1      | 191 ||| FLEEEEING.
   192 | D:1      | 192 ||| FLEEEEING.
   193 | D:1      | 193 ||| FLEEEEING.
   194 | D:1      | 194 ||| FLEEEEING.
   195 | D:1      | 195 ||| FLEEEEING.
   196 | D:1      | 196 ||| FLEEEEING.
   197 | D:1      | 197 ||| FLEEEEING.
   198 | D:1      | 198 ||| FLEEEEING.
   199 | D:1      | 199 ||| FLEEEEING.
   200 | D:1      | 200 ||| FLEEEEING.
   201 | D:1      | 201 ||| FLEEEEING.
   202 | D:1      | 202 ||| FLEEEEING.
   203 | D:1      | 203 ||| FLEEEEING.
   204 | D:1      | 204 ||| FLEEEEING.
   205 | D:1      | 205 ||| FLEEEEING.
   206 | D:1      | 206 ||| FLEEEEING.
   207 | D:1      | 207 ||| FLEEEEING.
   208 | D:1      | 208 ||| FLEEEEING.
   209 | D:1      | 209 ||| FLEEEEING.
   210 | D:1      | 210 ||| FLEEEEING.
   211 | D:1      | 211 ||| FLEEEEING.
   212 | D:1      | 212 ||| FLEEEEING.
   213 | D:1      | 213 ||| FLEEEEING.
   214 | D:1      | 214 ||| FLEEEEING.
   215 | D:1      | 215 ||| FLEEEEING.
   216 | D:1      | 216 ||| FLEEEEING.
   217 | D:1      | 217 ||| FLEEEEING.
   218 | D:1      | 218 ||| FLEEEEING.
   219 | D:1      | 219 ||| FLEEEEING.
   220 | D:1      | 220 ||| FLEEEEING.
   221 | D:1      | 221 ||| FLEEEEING.
   222 | D:1      | 222 ||| FLEEEEING.
   223 | D:1      | 223 ||| FLEEEEING.
   224 | D:1      | 224 ||| FLEEEEING.
   225 | D:1      | 225 ||| FLEEEEING.
   226 | D:1      | 226 ||| FLEEEEING.
   227 | D:1      | 227 ||| FLEEEEING.
   228 | D:1      | 228 ||| FLEEEEING.
   229 | D:1      | 229 ||| FLEEEEING.
   688 | D:1      | 688 ||| UPGRADING to +0 pair of boots.
   693 | D:1      | 693 ||| UPGRADING to +0 ring mail.
   703 | D:1      | 703 ||| DROPPING +0 robe.
   704 | D:1      | 704 ||| UPGRADING to ring of willpower.
   705 | D:1      | 705 ||| READING scroll labelled BIREUVAMNUO.
   706 | D:1      | 706 ||| READING scroll labelled SIAWYD HIQEMAPH.
   710 | D:1      | 710 ||| READING scroll labelled UBROPAGEYPP.
   711 | D:1      | 711 ||| READING 3 scrolls labelled QOGOTHU WOSEAL.
   712 | D:1      | 712 ||| DRINKING 4 brown potions.
   713 | D:1      | 713 ||| DRINKING 2 sedimented dark potions.
   714 | D:1      | 714 ||| READING 2 scrolls of identify.
   714 | D:1      | 714 ||| IDENTIFYING bubbling green potion
   715 | D:1      | 715 ||| DROPPING scroll of poison.
   782 | D:2      | Identified the ring of the Evening {Fly rPois rF++ Will+}
   829 | D:2      | Reached skill level 1 in Armour
   921 | D:2      | Reached XP level 4. HP: 24/26 MP: 5/5
  1160 | D:2      | 1160 ||| UPGRADING to +0 helmet.
  1165 | D:2      | 1165 ||| UPGRADING to ring of the Evening {Fly rPois rF++
                  | Will+}.
  1166 | D:2      | 1166 ||| READING scroll labelled WAOLUE DOOGO.
  1167 | D:2      | 1167 ||| READING scroll labelled SUJUSEF GAHIE.
  1173 | D:2      | 1173 ||| STAIRDANCE
  1319 | D:2      | Reached skill level 4 in Ranged Weapons
  1603 | D:3      | 1603 ||| PLANNING SEWER
  2097 | D:3      | Reached XP level 5. HP: 30/30 MP: 6/6
  2346 | D:3      | Found a glowing drain.
  2347 | D:3      | 2347 ||| UPGRADING to +2 hat.
  2357 | D:3      | 2357 ||| DROPPING +0 helmet.
  2358 | D:3      | 2358 ||| READING scroll labelled JOUGRO HOXAR.
  2359 | D:3      | 2359 ||| READING 2 scrolls of identify.
  2359 | D:3      | 2359 ||| IDENTIFYING fuming ruby potion
  2360 | D:3      | 2360 ||| DROPPING potion of magic.
  2363 | D:3      | 2363 ||| Stepping randomly (stuck).
  2365 | D:3      | 2365 ||| Stepping randomly (stuck).
  2367 | D:3      | 2367 ||| Stepping randomly (stuck).
  2369 | D:3      | 2369 ||| Stepping randomly (stuck).
  2371 | D:3      | 2371 ||| Stepping randomly (stuck).
  2373 | D:3      | 2373 ||| Stepping randomly (stuck).
  2375 | D:3      | 2375 ||| Stepping randomly (stuck).
  2377 | D:3      | 2377 ||| Stepping randomly (stuck).
  2379 | D:3      | 2379 ||| Stepping randomly (stuck).
  2381 | D:3      | 2381 ||| Stepping randomly (stuck).
  2383 | D:3      | 2383 ||| Stepping randomly (stuck).
  2385 | D:3      | 2385 ||| Stepping randomly (stuck).
  2387 | D:3      | 2387 ||| Stepping randomly (stuck).
  2389 | D:3      | 2389 ||| Stepping randomly (stuck).
  2391 | D:3      | 2391 ||| Stepping randomly (stuck).
  2393 | D:3      | 2393 ||| Stepping randomly (stuck).
  2395 | D:3      | 2395 ||| Stepping randomly (stuck).
  2397 | D:3      | 2397 ||| Stepping randomly (stuck).
  2399 | D:3      | 2399 ||| Stepping randomly (stuck).
  2401 | D:3      | 2401 ||| Stepping randomly (stuck).
  2403 | D:3      | 2403 ||| Stepping randomly (stuck).
  2405 | D:3      | 2405 ||| Stepping randomly (stuck).
  2407 | D:3      | 2407 ||| Stepping randomly (stuck).
  2409 | D:3      | 2409 ||| Stepping randomly (stuck).
  2411 | D:3      | 2411 ||| Stepping randomly (stuck).
  2413 | D:3      | 2413 ||| Stepping randomly (stuck).
  2415 | D:3      | 2415 ||| Stepping randomly (stuck).
  2417 | D:3      | 2417 ||| Stepping randomly (stuck).
  2419 | D:3      | 2419 ||| Stepping randomly (stuck).
  2421 | D:3      | 2421 ||| Stepping randomly (stuck).
  2423 | D:3      | 2423 ||| Stepping randomly (stuck).
  2425 | D:3      | 2425 ||| Stepping randomly (stuck).
  2427 | D:3      | 2427 ||| Stepping randomly (stuck).
  2429 | D:3      | 2429 ||| Stepping randomly (stuck).
  2431 | D:3      | 2431 ||| Stepping randomly (stuck).
  2433 | D:3      | 2433 ||| Stepping randomly (stuck).
  2435 | D:3      | 2435 ||| Stepping randomly (stuck).
  2437 | D:3      | 2437 ||| Stepping randomly (stuck).
  2439 | D:3      | 2439 ||| Stepping randomly (stuck).
  2441 | D:3      | 2441 ||| Stepping randomly (stuck).
  2443 | D:3      | 2443 ||| Stepping randomly (stuck).
  2445 | D:3      | 2445 ||| Stepping randomly (stuck).
  2447 | D:3      | 2447 ||| Stepping randomly (stuck).
  2449 | D:3      | 2449 ||| Stepping randomly (stuck).
  2451 | D:3      | 2451 ||| Stepping randomly (stuck).
  2453 | D:3      | 2453 ||| Stepping randomly (stuck).
  2455 | D:3      | 2455 ||| Stepping randomly (stuck).
  2457 | D:3      | 2457 ||| Stepping randomly (stuck).
  2459 | D:3      | 2459 ||| Stepping randomly (stuck).
  2461 | D:3      | 2461 ||| Stepping randomly (stuck).
  2463 | D:3      | 2463 ||| Stepping randomly (stuck).
  2465 | D:3      | 2465 ||| READING 2 scrolls of teleportation.
  2529 | D:3      | 2529 ||| READING scroll of teleportation.
  2579 | D:3      | 2579 ||| Stepping randomly (stuck).
  2581 | D:3      | 2581 ||| Stepping randomly (stuck).
  2583 | D:3      | 2583 ||| Stepping randomly (stuck).
  2585 | D:3      | 2585 ||| Stepping randomly (stuck).
  2587 | D:3      | 2587 ||| Stepping randomly (stuck).
  2589 | D:3      | 2589 ||| Stepping randomly (stuck).
  2591 | D:3      | 2591 ||| Stepping randomly (stuck).
  2593 | D:3      | 2593 ||| Stepping randomly (stuck).
  2595 | D:3      | 2595 ||| Stepping randomly (stuck).
  2597 | D:3      | 2597 ||| Stepping randomly (stuck).
  2599 | D:3      | 2599 ||| Stepping randomly (stuck).
  2601 | D:3      | 2601 ||| Stepping randomly (stuck).
  2603 | D:3      | 2603 ||| Stepping randomly (stuck).
  2605 | D:3      | 2605 ||| Stepping randomly (stuck).
  2607 | D:3      | 2607 ||| Stepping randomly (stuck).
  2609 | D:3      | 2609 ||| Stepping randomly (stuck).
  2611 | D:3      | 2611 ||| Stepping randomly (stuck).
  2613 | D:3      | 2613 ||| Stepping randomly (stuck).
  2615 | D:3      | 2615 ||| Stepping randomly (stuck).
  2617 | D:3      | 2617 ||| Stepping randomly (stuck).
  2619 | D:3      | 2619 ||| Stepping randomly (stuck).
  2621 | D:3      | 2621 ||| Stepping randomly (stuck).
  2623 | D:3      | 2623 ||| Stepping randomly (stuck).
  2625 | D:3      | 2625 ||| Stepping randomly (stuck).
  2627 | D:3      | 2627 ||| Stepping randomly (stuck).
  2629 | D:3      | 2629 ||| Stepping randomly (stuck).
  2631 | D:3      | 2631 ||| Stepping randomly (stuck).
  2633 | D:3      | 2633 ||| Stepping randomly (stuck).
  2635 | D:3      | 2635 ||| Stepping randomly (stuck).
  2637 | D:3      | 2637 ||| Stepping randomly (stuck).
  2639 | D:3      | 2639 ||| Stepping randomly (stuck).
  2641 | D:3      | 2641 ||| Stepping randomly (stuck).
  2643 | D:3      | 2643 ||| Stepping randomly (stuck).
  2645 | D:3      | 2645 ||| Stepping randomly (stuck).
  2647 | D:3      | 2647 ||| Stepping randomly (stuck).
  2649 | D:3      | 2649 ||| Stepping randomly (stuck).
  2651 | D:3      | 2651 ||| Stepping randomly (stuck).
  2653 | D:3      | 2653 ||| Stepping randomly (stuck).
  2655 | D:3      | 2655 ||| Stepping randomly (stuck).
  2657 | D:3      | 2657 ||| Stepping randomly (stuck).
  2659 | D:3      | 2659 ||| Stepping randomly (stuck).
  2661 | D:3      | 2661 ||| Stepping randomly (stuck).
  2663 | D:3      | 2663 ||| Stepping randomly (stuck).
  2665 | D:3      | 2665 ||| Stepping randomly (stuck).
  2667 | D:3      | 2667 ||| Stepping randomly (stuck).
  2669 | D:3      | 2669 ||| Stepping randomly (stuck).
  2671 | D:3      | 2671 ||| Stepping randomly (stuck).
  2673 | D:3      | 2673 ||| Stepping randomly (stuck).
  2675 | D:3      | 2675 ||| Stepping randomly (stuck).
  2677 | D:3      | 2677 ||| Stepping randomly (stuck).
  2679 | D:3      | 2679 ||| Stepping randomly (stuck).
  2681 | D:3      | 2681 ||| Stepping randomly (stuck).
  2683 | D:3      | 2683 ||| Stepping randomly (stuck).
  2685 | D:3      | 2685 ||| Stepping randomly (stuck).
  2687 | D:3      | 2687 ||| Stepping randomly (stuck).
  2689 | D:3      | 2689 ||| Stepping randomly (stuck).
  2691 | D:3      | 2691 ||| Stepping randomly (stuck).
  2693 | D:3      | 2693 ||| Stepping randomly (stuck).
  2695 | D:3      | 2695 ||| Stepping randomly (stuck).
  2697 | D:3      | 2697 ||| Stepping randomly (stuck).
  2699 | D:3      | 2699 ||| Stepping randomly (stuck).
  2701 | D:3      | 2701 ||| Stepping randomly (stuck).
  2703 | D:3      | 2703 ||| Stepping randomly (stuck).
  2705 | D:3      | 2705 ||| Stepping randomly (stuck).
  2707 | D:3      | 2707 ||| Stepping randomly (stuck).
  2709 | D:3      | 2709 ||| Stepping randomly (stuck).
  2711 | D:3      | 2711 ||| Stepping randomly (stuck).
  2713 | D:3      | 2713 ||| Stepping randomly (stuck).
  2715 | D:3      | 2715 ||| Stepping randomly (stuck).
  2717 | D:3      | 2717 ||| Stepping randomly (stuck).
  2719 | D:3      | 2719 ||| Stepping randomly (stuck).
  2721 | D:3      | 2721 ||| Stepping randomly (stuck).
  2723 | D:3      | 2723 ||| Stepping randomly (stuck).
  2725 | D:3      | 2725 ||| Stepping randomly (stuck).
  2727 | D:3      | 2727 ||| Stepping randomly (stuck).
  2729 | D:3      | 2729 ||| Stepping randomly (stuck).
  2731 | D:3      | 2731 ||| Stepping randomly (stuck).
  2733 | D:3      | 2733 ||| Stepping randomly (stuck).
  2735 | D:3      | 2735 ||| Stepping randomly (stuck).
  2737 | D:3      | 2737 ||| Stepping randomly (stuck).
  2739 | D:3      | 2739 ||| Stepping randomly (stuck).
  2741 | D:3      | 2741 ||| Stepping randomly (stuck).
  2743 | D:3      | 2743 ||| Stepping randomly (stuck).
  2745 | D:3      | 2745 ||| Stepping randomly (stuck).
  2747 | D:3      | 2747 ||| Stepping randomly (stuck).
  2749 | D:3      | 2749 ||| Stepping randomly (stuck).
  2751 | D:3      | 2751 ||| Stepping randomly (stuck).
  2753 | D:3      | 2753 ||| Stepping randomly (stuck).
  2755 | D:3      | 2755 ||| Stepping randomly (stuck).
  2757 | D:3      | 2757 ||| Stepping randomly (stuck).
  2759 | D:3      | 2759 ||| Stepping randomly (stuck).
  2761 | D:3      | 2761 ||| Stepping randomly (stuck).
  2763 | D:3      | 2763 ||| Stepping randomly (stuck).
  2765 | D:3      | 2765 ||| Stepping randomly (stuck).
  2767 | D:3      | 2767 ||| Stepping randomly (stuck).
  2769 | D:3      | 2769 ||| Stepping randomly (stuck).
  2771 | D:3      | 2771 ||| Stepping randomly (stuck).
  2773 | D:3      | 2773 ||| Stepping randomly (stuck).
  2775 | D:3      | 2775 ||| Stepping randomly (stuck).
  2777 | D:3      | 2777 ||| Stepping randomly (stuck).
  2779 | D:3      | 2779 ||| Stepping randomly (stuck).
  2781 | D:3      | 2781 ||| Stepping randomly (stuck).
  2783 | D:3      | 2783 ||| Stepping randomly (stuck).
  2785 | D:3      | 2785 ||| Stepping randomly (stuck).
  2787 | D:3      | 2787 ||| Stepping randomly (stuck).
  2789 | D:3      | 2789 ||| Stepping randomly (stuck).
  2791 | D:3      | 2791 ||| Stepping randomly (stuck).
  2793 | D:3      | 2793 ||| Stepping randomly (stuck).
  2795 | D:3      | 2795 ||| Stepping randomly (stuck).
  2797 | D:3      | 2797 ||| Stepping randomly (stuck).
  2799 | D:3      | 2799 ||| Stepping randomly (stuck).
  2801 | D:3      | 2801 ||| Stepping randomly (stuck).
  2803 | D:3      | 2803 ||| Stepping randomly (stuck).
  2805 | D:3      | 2805 ||| Stepping randomly (stuck).
  2807 | D:3      | 2807 ||| Stepping randomly (stuck).
  2809 | D:3      | 2809 ||| Stepping randomly (stuck).
  2811 | D:3      | 2811 ||| Stepping randomly (stuck).
  2813 | D:3      | 2813 ||| Stepping randomly (stuck).
  2815 | D:3      | 2815 ||| Stepping randomly (stuck).
  2817 | D:3      | 2817 ||| Stepping randomly (stuck).
  2819 | D:3      | 2819 ||| Stepping randomly (stuck).
  2821 | D:3      | 2821 ||| Stepping randomly (stuck).
  2823 | D:3      | 2823 ||| Stepping randomly (stuck).
  2825 | D:3      | 2825 ||| Stepping randomly (stuck).
  2827 | D:3      | 2827 ||| Stepping randomly (stuck).
  2829 | D:3      | 2829 ||| Stepping randomly (stuck).
  2831 | D:3      | 2831 ||| Stepping randomly (stuck).
  2833 | D:3      | 2833 ||| Stepping randomly (stuck).
  2835 | D:3      | 2835 ||| Stepping randomly (stuck).
  2837 | D:3      | 2837 ||| Stepping randomly (stuck).
  2839 | D:3      | 2839 ||| Stepping randomly (stuck).
  2841 | D:3      | 2841 ||| Stepping randomly (stuck).
  2843 | D:3      | 2843 ||| Stepping randomly (stuck).
  2845 | D:3      | 2845 ||| Stepping randomly (stuck).
  2847 | D:3      | 2847 ||| Stepping randomly (stuck).
  2849 | D:3      | 2849 ||| Stepping randomly (stuck).
  2851 | D:3      | 2851 ||| Stepping randomly (stuck).
  2853 | D:3      | 2853 ||| Stepping randomly (stuck).
  2855 | D:3      | 2855 ||| Stepping randomly (stuck).
  2857 | D:3      | 2857 ||| Stepping randomly (stuck).
  2859 | D:3      | 2859 ||| Stepping randomly (stuck).
  2861 | D:3      | 2861 ||| Stepping randomly (stuck).
  2863 | D:3      | 2863 ||| Stepping randomly (stuck).
  2865 | D:3      | 2865 ||| Stepping randomly (stuck).
  2867 | D:3      | 2867 ||| Stepping randomly (stuck).
  2869 | D:3      | 2869 ||| Stepping randomly (stuck).
  2871 | D:3      | 2871 ||| Stepping randomly (stuck).
  2873 | D:3      | 2873 ||| Stepping randomly (stuck).
  2875 | D:3      | 2875 ||| Stepping randomly (stuck).
  2877 | D:3      | 2877 ||| Stepping randomly (stuck).
  2879 | D:3      | 2879 ||| Stepping randomly (stuck).
  2881 | D:3      | 2881 ||| Stepping randomly (stuck).
  2883 | D:3      | 2883 ||| Stepping randomly (stuck).
  2885 | D:3      | 2885 ||| Stepping randomly (stuck).
  2887 | D:3      | 2887 ||| Stepping randomly (stuck).
  2889 | D:3      | 2889 ||| Stepping randomly (stuck).
  2891 | D:3      | 2891 ||| Stepping randomly (stuck).
  2893 | D:3      | 2893 ||| Stepping randomly (stuck).
  2895 | D:3      | 2895 ||| Stepping randomly (stuck).
  2897 | D:3      | 2897 ||| Stepping randomly (stuck).
  2899 | D:3      | 2899 ||| Stepping randomly (stuck).
  2901 | D:3      | 2901 ||| Stepping randomly (stuck).
  2903 | D:3      | 2903 ||| Stepping randomly (stuck).
  2905 | D:3      | 2905 ||| Stepping randomly (stuck).
  2907 | D:3      | 2907 ||| Stepping randomly (stuck).
  2909 | D:3      | 2909 ||| Stepping randomly (stuck).
  2911 | D:3      | 2911 ||| Stepping randomly (stuck).
  2913 | D:3      | 2913 ||| Stepping randomly (stuck).
  2915 | D:3      | 2915 ||| Stepping randomly (stuck).
  2917 | D:3      | 2917 ||| Stepping randomly (stuck).
  2919 | D:3      | 2919 ||| Stepping randomly (stuck).
  2921 | D:3      | 2921 ||| Stepping randomly (stuck).
  2923 | D:3      | 2923 ||| Stepping randomly (stuck).
  2925 | D:3      | 2925 ||| Stepping randomly (stuck).
  2927 | D:3      | 2927 ||| Stepping randomly (stuck).
  2929 | D:3      | 2929 ||| Stepping randomly (stuck).
  2931 | D:3      | 2931 ||| Stepping randomly (stuck).
  2933 | D:3      | 2933 ||| Stepping randomly (stuck).
  2935 | D:3      | 2935 ||| Stepping randomly (stuck).
  2937 | D:3      | 2937 ||| Stepping randomly (stuck).
  2939 | D:3      | 2939 ||| Stepping randomly (stuck).
  2941 | D:3      | 2941 ||| Stepping randomly (stuck).
  2943 | D:3      | 2943 ||| Stepping randomly (stuck).
  2945 | D:3      | 2945 ||| Stepping randomly (stuck).
  2947 | D:3      | 2947 ||| Stepping randomly (stuck).
  2949 | D:3      | 2949 ||| Stepping randomly (stuck).
  2951 | D:3      | 2951 ||| Stepping randomly (stuck).
  2953 | D:3      | 2953 ||| Stepping randomly (stuck).
  2955 | D:3      | 2955 ||| Stepping randomly (stuck).
  2957 | D:3      | 2957 ||| Stepping randomly (stuck).
  2959 | D:3      | 2959 ||| Stepping randomly (stuck).
  2961 | D:3      | 2961 ||| Stepping randomly (stuck).
  2963 | D:3      | 2963 ||| Stepping randomly (stuck).
  2965 | D:3      | 2965 ||| Stepping randomly (stuck).
  2967 | D:3      | 2967 ||| Stepping randomly (stuck).
  2969 | D:3      | 2969 ||| Stepping randomly (stuck).
  2971 | D:3      | 2971 ||| Stepping randomly (stuck).
  2973 | D:3      | 2973 ||| Stepping randomly (stuck).
  2975 | D:3      | 2975 ||| Stepping randomly (stuck).
  2977 | D:3      | 2977 ||| Stepping randomly (stuck).
  2979 | D:3      | 2979 ||| Stepping randomly (stuck).
  2981 | D:3      | 2981 ||| Stepping randomly (stuck).
  2983 | D:3      | 2983 ||| Stepping randomly (stuck).
  2985 | D:3      | 2985 ||| Stepping randomly (stuck).
  2987 | D:3      | 2987 ||| Stepping randomly (stuck).
  2989 | D:3      | 2989 ||| Stepping randomly (stuck).
  2991 | D:3      | 2991 ||| Stepping randomly (stuck).
  2993 | D:3      | 2993 ||| Stepping randomly (stuck).
  2995 | D:3      | 2995 ||| Stepping randomly (stuck).
  2997 | D:3      | 2997 ||| Stepping randomly (stuck).
  2999 | D:3      | 2999 ||| Stepping randomly (stuck).
  3001 | D:3      | 3001 ||| Stepping randomly (stuck).
  3003 | D:3      | 3003 ||| Stepping randomly (stuck).
  3005 | D:3      | 3005 ||| Stepping randomly (stuck).
  3007 | D:3      | 3007 ||| Stepping randomly (stuck).
  3009 | D:3      | 3009 ||| Stepping randomly (stuck).
  3011 | D:3      | 3011 ||| Stepping randomly (stuck).
  3013 | D:3      | 3013 ||| Stepping randomly (stuck).
  3015 | D:3      | 3015 ||| Stepping randomly (stuck).
  3017 | D:3      | 3017 ||| Stepping randomly (stuck).
  3019 | D:3      | 3019 ||| Stepping randomly (stuck).
  3021 | D:3      | 3021 ||| Stepping randomly (stuck).
  3023 | D:3      | 3023 ||| Stepping randomly (stuck).
  3025 | D:3      | 3025 ||| Stepping randomly (stuck).
  3027 | D:3      | 3027 ||| Stepping randomly (stuck).
  3029 | D:3      | 3029 ||| Stepping randomly (stuck).
  3031 | D:3      | 3031 ||| Stepping randomly (stuck).
  3033 | D:3      | 3033 ||| Stepping randomly (stuck).
  3035 | D:3      | 3035 ||| Stepping randomly (stuck).
  3037 | D:3      | 3037 ||| Stepping randomly (stuck).
  3039 | D:3      | 3039 ||| Stepping randomly (stuck).
  3041 | D:3      | 3041 ||| Stepping randomly (stuck).
  3043 | D:3      | 3043 ||| Stepping randomly (stuck).
  3045 | D:3      | 3045 ||| Stepping randomly (stuck).
  3047 | D:3      | 3047 ||| Stepping randomly (stuck).
  3049 | D:3      | 3049 ||| Stepping randomly (stuck).
  3051 | D:3      | 3051 ||| Stepping randomly (stuck).
  3053 | D:3      | 3053 ||| Stepping randomly (stuck).
  3055 | D:3      | 3055 ||| Stepping randomly (stuck).
  3057 | D:3      | 3057 ||| Stepping randomly (stuck).
  3059 | D:3      | 3059 ||| Stepping randomly (stuck).
  3061 | D:3      | 3061 ||| Stepping randomly (stuck).
  3063 | D:3      | 3063 ||| Stepping randomly (stuck).
  3065 | D:3      | 3065 ||| Stepping randomly (stuck).
  3067 | D:3      | 3067 ||| Stepping randomly (stuck).
  3069 | D:3      | 3069 ||| Stepping randomly (stuck).
  3071 | D:3      | 3071 ||| Stepping randomly (stuck).
  3073 | D:3      | 3073 ||| Stepping randomly (stuck).
  3075 | D:3      | 3075 ||| Stepping randomly (stuck).
  3077 | D:3      | 3077 ||| Stepping randomly (stuck).
  3079 | D:3      | 3079 ||| Stepping randomly (stuck).
  3081 | D:3      | 3081 ||| Stepping randomly (stuck).
  3083 | D:3      | 3083 ||| Stepping randomly (stuck).
  3085 | D:3      | 3085 ||| Stepping randomly (stuck).
  3087 | D:3      | 3087 ||| Stepping randomly (stuck).
  3089 | D:3      | 3089 ||| Stepping randomly (stuck).
  3091 | D:3      | 3091 ||| Stepping randomly (stuck).
  3093 | D:3      | 3093 ||| Stepping randomly (stuck).
  3095 | D:3      | 3095 ||| Stepping randomly (stuck).
  3097 | D:3      | 3097 ||| Stepping randomly (stuck).
  3099 | D:3      | 3099 ||| Stepping randomly (stuck).
  3101 | D:3      | 3101 ||| Stepping randomly (stuck).
  3103 | D:3      | 3103 ||| Stepping randomly (stuck).
  3105 | D:3      | 3105 ||| Stepping randomly (stuck).
  3107 | D:3      | 3107 ||| Stepping randomly (stuck).
  3109 | D:3      | 3109 ||| Stepping randomly (stuck).
  3111 | D:3      | 3111 ||| Stepping randomly (stuck).
  3113 | D:3      | 3113 ||| Stepping randomly (stuck).
  3115 | D:3      | 3115 ||| Stepping randomly (stuck).
  3117 | D:3      | 3117 ||| Stepping randomly (stuck).
  3119 | D:3      | 3119 ||| Stepping randomly (stuck).
  3121 | D:3      | 3121 ||| Stepping randomly (stuck).
  3123 | D:3      | 3123 ||| Stepping randomly (stuck).
  3125 | D:3      | 3125 ||| Stepping randomly (stuck).
  3127 | D:3      | 3127 ||| Stepping randomly (stuck).
  3129 | D:3      | 3129 ||| Stepping randomly (stuck).
  3131 | D:3      | 3131 ||| Stepping randomly (stuck).
  3133 | D:3      | 3133 ||| Stepping randomly (stuck).
  3135 | D:3      | 3135 ||| Stepping randomly (stuck).
  3137 | D:3      | 3137 ||| Stepping randomly (stuck).
  3139 | D:3      | 3139 ||| Stepping randomly (stuck).
  3141 | D:3      | 3141 ||| Stepping randomly (stuck).
  3143 | D:3      | 3143 ||| Stepping randomly (stuck).
  3145 | D:3      | 3145 ||| Stepping randomly (stuck).
  3147 | D:3      | 3147 ||| Stepping randomly (stuck).
  3149 | D:3      | 3149 ||| Stepping randomly (stuck).
  3151 | D:3      | 3151 ||| Stepping randomly (stuck).
  3153 | D:3      | 3153 ||| Stepping randomly (stuck).
  3155 | D:3      | 3155 ||| Stepping randomly (stuck).
  3157 | D:3      | 3157 ||| Stepping randomly (stuck).
  3159 | D:3      | 3159 ||| Stepping randomly (stuck).
  3161 | D:3      | 3161 ||| Stepping randomly (stuck).
  3163 | D:3      | 3163 ||| Stepping randomly (stuck).
  3165 | D:3      | 3165 ||| Stepping randomly (stuck).
  3167 | D:3      | 3167 ||| Stepping randomly (stuck).
  3169 | D:3      | 3169 ||| Stepping randomly (stuck).
  3171 | D:3      | 3171 ||| Stepping randomly (stuck).
  3173 | D:3      | 3173 ||| Stepping randomly (stuck).
  3175 | D:3      | 3175 ||| Stepping randomly (stuck).
  3177 | D:3      | 3177 ||| Stepping randomly (stuck).
  3179 | D:3      | 3179 ||| Stepping randomly (stuck).
  3181 | D:3      | 3181 ||| Stepping randomly (stuck).
  3183 | D:3      | 3183 ||| Stepping randomly (stuck).
  3185 | D:3      | 3185 ||| Stepping randomly (stuck).
  3187 | D:3      | 3187 ||| Stepping randomly (stuck).
  3189 | D:3      | 3189 ||| Stepping randomly (stuck).
  3191 | D:3      | 3191 ||| Stepping randomly (stuck).
  3193 | D:3      | 3193 ||| Stepping randomly (stuck).
  3195 | D:3      | 3195 ||| Stepping randomly (stuck).
  3197 | D:3      | 3197 ||| Stepping randomly (stuck).
  3199 | D:3      | 3199 ||| Stepping randomly (stuck).
  3201 | D:3      | 3201 ||| Stepping randomly (stuck).
  3203 | D:3      | 3203 ||| Stepping randomly (stuck).
  3205 | D:3      | 3205 ||| Stepping randomly (stuck).
  3207 | D:3      | 3207 ||| Stepping randomly (stuck).
  3209 | D:3      | 3209 ||| Stepping randomly (stuck).
  3211 | D:3      | 3211 ||| Stepping randomly (stuck).
  3213 | D:3      | 3213 ||| Stepping randomly (stuck).
  3215 | D:3      | 3215 ||| Stepping randomly (stuck).
  3217 | D:3      | 3217 ||| Stepping randomly (stuck).
  3219 | D:3      | 3219 ||| Stepping randomly (stuck).
  3221 | D:3      | 3221 ||| Stepping randomly (stuck).
  3223 | D:3      | 3223 ||| Stepping randomly (stuck).
  3225 | D:3      | 3225 ||| Stepping randomly (stuck).
  3227 | D:3      | 3227 ||| Stepping randomly (stuck).
  3229 | D:3      | 3229 ||| Stepping randomly (stuck).
  3231 | D:3      | 3231 ||| Stepping randomly (stuck).
  3233 | D:3      | 3233 ||| Stepping randomly (stuck).
  3235 | D:3      | 3235 ||| Stepping randomly (stuck).
  3237 | D:3      | 3237 ||| Stepping randomly (stuck).
  3239 | D:3      | 3239 ||| Stepping randomly (stuck).
  3241 | D:3      | 3241 ||| Stepping randomly (stuck).
  3243 | D:3      | 3243 ||| Stepping randomly (stuck).
  3245 | D:3      | 3245 ||| Stepping randomly (stuck).
  3247 | D:3      | 3247 ||| Stepping randomly (stuck).
  3249 | D:3      | 3249 ||| Stepping randomly (stuck).
  3251 | D:3      | 3251 ||| Stepping randomly (stuck).
  3253 | D:3      | 3253 ||| Stepping randomly (stuck).
  3255 | D:3      | 3255 ||| Stepping randomly (stuck).
  3257 | D:3      | 3257 ||| Stepping randomly (stuck).
  3259 | D:3      | 3259 ||| Stepping randomly (stuck).
  3261 | D:3      | 3261 ||| Stepping randomly (stuck).
  3263 | D:3      | 3263 ||| Stepping randomly (stuck).
  3265 | D:3      | 3265 ||| Stepping randomly (stuck).
  3267 | D:3      | 3267 ||| Stepping randomly (stuck).
  3269 | D:3      | 3269 ||| Stepping randomly (stuck).
  3271 | D:3      | 3271 ||| Stepping randomly (stuck).
  3273 | D:3      | 3273 ||| Stepping randomly (stuck).
  3275 | D:3      | 3275 ||| Stepping randomly (stuck).
  3277 | D:3      | 3277 ||| Stepping randomly (stuck).
  3279 | D:3      | 3279 ||| Stepping randomly (stuck).
  3281 | D:3      | 3281 ||| Stepping randomly (stuck).
  3283 | D:3      | 3283 ||| Stepping randomly (stuck).
  3285 | D:3      | 3285 ||| Stepping randomly (stuck).
  3287 | D:3      | 3287 ||| Stepping randomly (stuck).
  3289 | D:3      | 3289 ||| Stepping randomly (stuck).
  3291 | D:3      | 3291 ||| Stepping randomly (stuck).
  3293 | D:3      | 3293 ||| Stepping randomly (stuck).
  3295 | D:3      | 3295 ||| Stepping randomly (stuck).
  3297 | D:3      | 3297 ||| Stepping randomly (stuck).
  3299 | D:3      | 3299 ||| Stepping randomly (stuck).
  3301 | D:3      | 3301 ||| Stepping randomly (stuck).
  3303 | D:3      | 3303 ||| Stepping randomly (stuck).
  3305 | D:3      | 3305 ||| Stepping randomly (stuck).
  3307 | D:3      | 3307 ||| Stepping randomly (stuck).
  3309 | D:3      | 3309 ||| Stepping randomly (stuck).
  3311 | D:3      | 3311 ||| Stepping randomly (stuck).
  3313 | D:3      | 3313 ||| Stepping randomly (stuck).
  3315 | D:3      | 3315 ||| Stepping randomly (stuck).
  3317 | D:3      | 3317 ||| Stepping randomly (stuck).
  3319 | D:3      | 3319 ||| Stepping randomly (stuck).
  3321 | D:3      | 3321 ||| Stepping randomly (stuck).
  3323 | D:3      | 3323 ||| Stepping randomly (stuck).
  3325 | D:3      | 3325 ||| Stepping randomly (stuck).
  3327 | D:3      | 3327 ||| Stepping randomly (stuck).
  3329 | D:3      | 3329 ||| Stepping randomly (stuck).
  3331 | D:3      | 3331 ||| Stepping randomly (stuck).
  3333 | D:3      | 3333 ||| Stepping randomly (stuck).
  3335 | D:3      | 3335 ||| Stepping randomly (stuck).
  3337 | D:3      | 3337 ||| Stepping randomly (stuck).
  3339 | D:3      | 3339 ||| Stepping randomly (stuck).
  3341 | D:3      | 3341 ||| Stepping randomly (stuck).
  3343 | D:3      | 3343 ||| Stepping randomly (stuck).
  3345 | D:3      | 3345 ||| Stepping randomly (stuck).
  3347 | D:3      | 3347 ||| Stepping randomly (stuck).
  3349 | D:3      | 3349 ||| Stepping randomly (stuck).
  3351 | D:3      | 3351 ||| Stepping randomly (stuck).
  3353 | D:3      | 3353 ||| Stepping randomly (stuck).
  3355 | D:3      | 3355 ||| Stepping randomly (stuck).
  3357 | D:3      | 3357 ||| Stepping randomly (stuck).
  3359 | D:3      | 3359 ||| Stepping randomly (stuck).
  3361 | D:3      | 3361 ||| Stepping randomly (stuck).
  3363 | D:3      | 3363 ||| Stepping randomly (stuck).
  3365 | D:3      | 3365 ||| Stepping randomly (stuck).
  3367 | D:3      | 3367 ||| Stepping randomly (stuck).
  3369 | D:3      | 3369 ||| Stepping randomly (stuck).
  3371 | D:3      | 3371 ||| Stepping randomly (stuck).
  3373 | D:3      | 3373 ||| Stepping randomly (stuck).
  3375 | D:3      | 3375 ||| Stepping randomly (stuck).
  3377 | D:3      | 3377 ||| Stepping randomly (stuck).
  3379 | D:3      | 3379 ||| Stepping randomly (stuck).
  3381 | D:3      | 3381 ||| Stepping randomly (stuck).
  3383 | D:3      | 3383 ||| Stepping randomly (stuck).
  3385 | D:3      | 3385 ||| Stepping randomly (stuck).
  3387 | D:3      | 3387 ||| Stepping randomly (stuck).
  3389 | D:3      | 3389 ||| Stepping randomly (stuck).
  3391 | D:3      | 3391 ||| Stepping randomly (stuck).
  3393 | D:3      | 3393 ||| Stepping randomly (stuck).
  3395 | D:3      | 3395 ||| Stepping randomly (stuck).
  3397 | D:3      | 3397 ||| Stepping randomly (stuck).
  3399 | D:3      | 3399 ||| Stepping randomly (stuck).
  3401 | D:3      | 3401 ||| Stepping randomly (stuck).
  3403 | D:3      | 3403 ||| Stepping randomly (stuck).
  3405 | D:3      | 3405 ||| Stepping randomly (stuck).
  3407 | D:3      | 3407 ||| Stepping randomly (stuck).
  3409 | D:3      | 3409 ||| Stepping randomly (stuck).
  3411 | D:3      | 3411 ||| Stepping randomly (stuck).
  3413 | D:3      | 3413 ||| Stepping randomly (stuck).
  3415 | D:3      | 3415 ||| Stepping randomly (stuck).
  3417 | D:3      | 3417 ||| Stepping randomly (stuck).
  3419 | D:3      | 3419 ||| Stepping randomly (stuck).
  3421 | D:3      | 3421 ||| Stepping randomly (stuck).
  3423 | D:3      | 3423 ||| Stepping randomly (stuck).
  3425 | D:3      | 3425 ||| Stepping randomly (stuck).
  3427 | D:3      | 3427 ||| Stepping randomly (stuck).
  3429 | D:3      | 3429 ||| Stepping randomly (stuck).
  3431 | D:3      | 3431 ||| Stepping randomly (stuck).
  3433 | D:3      | 3433 ||| Stepping randomly (stuck).
  3435 | D:3      | 3435 ||| Stepping randomly (stuck).
  3437 | D:3      | 3437 ||| Stepping randomly (stuck).
  3439 | D:3      | 3439 ||| Stepping randomly (stuck).
  3441 | D:3      | 3441 ||| Stepping randomly (stuck).
  3443 | D:3      | 3443 ||| Stepping randomly (stuck).
  3445 | D:3      | 3445 ||| Stepping randomly (stuck).
  3447 | D:3      | 3447 ||| Stepping randomly (stuck).
  3449 | D:3      | 3449 ||| Stepping randomly (stuck).
  3451 | D:3      | 3451 ||| Stepping randomly (stuck).
  3453 | D:3      | 3453 ||| Stepping randomly (stuck).
  3455 | D:3      | 3455 ||| Stepping randomly (stuck).
  3457 | D:3      | 3457 ||| Stepping randomly (stuck).
  3459 | D:3      | 3459 ||| Stepping randomly (stuck).
  3461 | D:3      | 3461 ||| Stepping randomly (stuck).
  3463 | D:3      | 3463 ||| Stepping randomly (stuck).
  3465 | D:3      | 3465 ||| Stepping randomly (stuck).
  3467 | D:3      | 3467 ||| Stepping randomly (stuck).
  3469 | D:3      | 3469 ||| Stepping randomly (stuck).
  3471 | D:3      | 3471 ||| Stepping randomly (stuck).
  3473 | D:3      | 3473 ||| Stepping randomly (stuck).
  3475 | D:3      | 3475 ||| Stepping randomly (stuck).
  3477 | D:3      | 3477 ||| Stepping randomly (stuck).
  3479 | D:3      | 3479 ||| Stepping randomly (stuck).
  3481 | D:3      | 3481 ||| Stepping randomly (stuck).
  3483 | D:3      | 3483 ||| Stepping randomly (stuck).
  3485 | D:3      | 3485 ||| Stepping randomly (stuck).
  3487 | D:3      | 3487 ||| Stepping randomly (stuck).
  3489 | D:3      | 3489 ||| Stepping randomly (stuck).
  3491 | D:3      | 3491 ||| Stepping randomly (stuck).
  3493 | D:3      | 3493 ||| Stepping randomly (stuck).
  3495 | D:3      | 3495 ||| Stepping randomly (stuck).
  3497 | D:3      | 3497 ||| Stepping randomly (stuck).
  3499 | D:3      | 3499 ||| Stepping randomly (stuck).
  3501 | D:3      | 3501 ||| Stepping randomly (stuck).
  3503 | D:3      | 3503 ||| Stepping randomly (stuck).
  3505 | D:3      | 3505 ||| Stepping randomly (stuck).
  3507 | D:3      | 3507 ||| Stepping randomly (stuck).
  3509 | D:3      | 3509 ||| Stepping randomly (stuck).
  3511 | D:3      | 3511 ||| Stepping randomly (stuck).
  3513 | D:3      | 3513 ||| Stepping randomly (stuck).
  3515 | D:3      | 3515 ||| Stepping randomly (stuck).
  3517 | D:3      | 3517 ||| Stepping randomly (stuck).
  3519 | D:3      | 3519 ||| Stepping randomly (stuck).
  3521 | D:3      | 3521 ||| Stepping randomly (stuck).
  3523 | D:3      | 3523 ||| Stepping randomly (stuck).
  3525 | D:3      | 3525 ||| Stepping randomly (stuck).
  3527 | D:3      | 3527 ||| Stepping randomly (stuck).
  3529 | D:3      | 3529 ||| Stepping randomly (stuck).
  3531 | D:3      | 3531 ||| Stepping randomly (stuck).
  3533 | D:3      | 3533 ||| Stepping randomly (stuck).
  3535 | D:3      | 3535 ||| Stepping randomly (stuck).
  3537 | D:3      | 3537 ||| Stepping randomly (stuck).
  3539 | D:3      | 3539 ||| Stepping randomly (stuck).
  3541 | D:3      | 3541 ||| Stepping randomly (stuck).
  3543 | D:3      | 3543 ||| Stepping randomly (stuck).
  3545 | D:3      | 3545 ||| Stepping randomly (stuck).
  3547 | D:3      | 3547 ||| Stepping randomly (stuck).
  3549 | D:3      | 3549 ||| Stepping randomly (stuck).
  3551 | D:3      | 3551 ||| Stepping randomly (stuck).
  3553 | D:3      | 3553 ||| Stepping randomly (stuck).
  3555 | D:3      | 3555 ||| Stepping randomly (stuck).
  3557 | D:3      | 3557 ||| Stepping randomly (stuck).
  3559 | D:3      | 3559 ||| Stepping randomly (stuck).
  3561 | D:3      | 3561 ||| Stepping randomly (stuck).
  3563 | D:3      | 3563 ||| Stepping randomly (stuck).
  3565 | D:3      | 3565 ||| Stepping randomly (stuck).
  3567 | D:3      | 3567 ||| Stepping randomly (stuck).
  3569 | D:3      | 3569 ||| Stepping randomly (stuck).
  3571 | D:3      | 3571 ||| Stepping randomly (stuck).
  3573 | D:3      | 3573 ||| Stepping randomly (stuck).
  3575 | D:3      | 3575 ||| Stepping randomly (stuck).
  3577 | D:3      | 3577 ||| Stepping randomly (stuck).
  3579 | D:3      | 3579 ||| Stepping randomly (stuck).
  3581 | D:3      | 3581 ||| Stepping randomly (stuck).
  3583 | D:3      | 3583 ||| Stepping randomly (stuck).
  3585 | D:3      | 3585 ||| Stepping randomly (stuck).
  3587 | D:3      | 3587 ||| Stepping randomly (stuck).
  3589 | D:3      | 3589 ||| Stepping randomly (stuck).
  3591 | D:3      | 3591 ||| Stepping randomly (stuck).
  3593 | D:3      | 3593 ||| Stepping randomly (stuck).
  3595 | D:3      | 3595 ||| Stepping randomly (stuck).
  3597 | D:3      | 3597 ||| Stepping randomly (stuck).
  3599 | D:3      | 3599 ||| Stepping randomly (stuck).
  3601 | D:3      | 3601 ||| Stepping randomly (stuck).
  3603 | D:3      | 3603 ||| Stepping randomly (stuck).
  3605 | D:3      | 3605 ||| Stepping randomly (stuck).
  3607 | D:3      | 3607 ||| Stepping randomly (stuck).
  3609 | D:3      | 3609 ||| Stepping randomly (stuck).
  3611 | D:3      | 3611 ||| Stepping randomly (stuck).
  3613 | D:3      | 3613 ||| Stepping randomly (stuck).
  3615 | D:3      | 3615 ||| Stepping randomly (stuck).
  3617 | D:3      | 3617 ||| Stepping randomly (stuck).
  3619 | D:3      | 3619 ||| Stepping randomly (stuck).
  3621 | D:3      | 3621 ||| Stepping randomly (stuck).
  3623 | D:3      | 3623 ||| Stepping randomly (stuck).
  3625 | D:3      | 3625 ||| Stepping randomly (stuck).
  3627 | D:3      | 3627 ||| Stepping randomly (stuck).
  3629 | D:3      | 3629 ||| Stepping randomly (stuck).
  3631 | D:3      | 3631 ||| Stepping randomly (stuck).
  3633 | D:3      | 3633 ||| Stepping randomly (stuck).
  3635 | D:3      | 3635 ||| Stepping randomly (stuck).
  3637 | D:3      | 3637 ||| Stepping randomly (stuck).
  3639 | D:3      | 3639 ||| Stepping randomly (stuck).
  3641 | D:3      | 3641 ||| Stepping randomly (stuck).
  3643 | D:3      | 3643 ||| Stepping randomly (stuck).
  3645 | D:3      | 3645 ||| Stepping randomly (stuck).
  3647 | D:3      | 3647 ||| Stepping randomly (stuck).
  3649 | D:3      | 3649 ||| Stepping randomly (stuck).
  3651 | D:3      | 3651 ||| Stepping randomly (stuck).
  3653 | D:3      | 3653 ||| Stepping randomly (stuck).
  3655 | D:3      | 3655 ||| Stepping randomly (stuck).
  3657 | D:3      | 3657 ||| Stepping randomly (stuck).
  3659 | D:3      | 3659 ||| Stepping randomly (stuck).
  3661 | D:3      | 3661 ||| Stepping randomly (stuck).
  3663 | D:3      | 3663 ||| Stepping randomly (stuck).
  3665 | D:3      | 3665 ||| Stepping randomly (stuck).
  3667 | D:3      | 3667 ||| Stepping randomly (stuck).
  3669 | D:3      | 3669 ||| Stepping randomly (stuck).
  3671 | D:3      | 3671 ||| Stepping randomly (stuck).
  3673 | D:3      | 3673 ||| Stepping randomly (stuck).
  3675 | D:3      | 3675 ||| Stepping randomly (stuck).
  3677 | D:3      | 3677 ||| Stepping randomly (stuck).
  3679 | D:3      | 3679 ||| Stepping randomly (stuck).
  3681 | D:3      | 3681 ||| Stepping randomly (stuck).
  3683 | D:3      | 3683 ||| Stepping randomly (stuck).
  3685 | D:3      | 3685 ||| Stepping randomly (stuck).
  3687 | D:3      | 3687 ||| Stepping randomly (stuck).
  3689 | D:3      | 3689 ||| Stepping randomly (stuck).
  3691 | D:3      | 3691 ||| Stepping randomly (stuck).
  3693 | D:3      | 3693 ||| Stepping randomly (stuck).
  3695 | D:3      | 3695 ||| Stepping randomly (stuck).
  3697 | D:3      | 3697 ||| Stepping randomly (stuck).
  3699 | D:3      | 3699 ||| Stepping randomly (stuck).
  3701 | D:3      | 3701 ||| Stepping randomly (stuck).
  3703 | D:3      | 3703 ||| Stepping randomly (stuck).
  3705 | D:3      | 3705 ||| Stepping randomly (stuck).
  3707 | D:3      | 3707 ||| Stepping randomly (stuck).
  3709 | D:3      | 3709 ||| Stepping randomly (stuck).
  3711 | D:3      | 3711 ||| Stepping randomly (stuck).
  3713 | D:3      | 3713 ||| Stepping randomly (stuck).
  3715 | D:3      | 3715 ||| Stepping randomly (stuck).
  3717 | D:3      | 3717 ||| Stepping randomly (stuck).
  3719 | D:3      | 3719 ||| Stepping randomly (stuck).
  3721 | D:3      | 3721 ||| Stepping randomly (stuck).
  3723 | D:3      | 3723 ||| Stepping randomly (stuck).
  3725 | D:3      | 3725 ||| Stepping randomly (stuck).
  3727 | D:3      | 3727 ||| Stepping randomly (stuck).
  3729 | D:3      | 3729 ||| Stepping randomly (stuck).
  3731 | D:3      | 3731 ||| Stepping randomly (stuck).
  3733 | D:3      | 3733 ||| Stepping randomly (stuck).
  3735 | D:3      | 3735 ||| Stepping randomly (stuck).
  3737 | D:3      | 3737 ||| Stepping randomly (stuck).
  3739 | D:3      | 3739 ||| Stepping randomly (stuck).
  3741 | D:3      | 3741 ||| Stepping randomly (stuck).
  3743 | D:3      | 3743 ||| Stepping randomly (stuck).
  3745 | D:3      | 3745 ||| Stepping randomly (stuck).
  3747 | D:3      | 3747 ||| Stepping randomly (stuck).
  3749 | D:3      | 3749 ||| Stepping randomly (stuck).
  3751 | D:3      | 3751 ||| Stepping randomly (stuck).
  3753 | D:3      | 3753 ||| Stepping randomly (stuck).
  3755 | D:3      | 3755 ||| Stepping randomly (stuck).
  3757 | D:3      | 3757 ||| Stepping randomly (stuck).
  3759 | D:3      | 3759 ||| Stepping randomly (stuck).
  3761 | D:3      | 3761 ||| Stepping randomly (stuck).
  3763 | D:3      | 3763 ||| Stepping randomly (stuck).
  3765 | D:3      | 3765 ||| Stepping randomly (stuck).
  3767 | D:3      | 3767 ||| Stepping randomly (stuck).
  3769 | D:3      | 3769 ||| Stepping randomly (stuck).
  3771 | D:3      | 3771 ||| Stepping randomly (stuck).
  3773 | D:3      | 3773 ||| Stepping randomly (stuck).
  3775 | D:3      | 3775 ||| Stepping randomly (stuck).
  3777 | D:3      | 3777 ||| Stepping randomly (stuck).
  3779 | D:3      | 3779 ||| Stepping randomly (stuck).
  3781 | D:3      | 3781 ||| Stepping randomly (stuck).
  3783 | D:3      | 3783 ||| Stepping randomly (stuck).
  3785 | D:3      | 3785 ||| Stepping randomly (stuck).
  3787 | D:3      | 3787 ||| Stepping randomly (stuck).
  3789 | D:3      | 3789 ||| Stepping randomly (stuck).
  3791 | D:3      | 3791 ||| Stepping randomly (stuck).
  3793 | D:3      | 3793 ||| Stepping randomly (stuck).
  3795 | D:3      | 3795 ||| Stepping randomly (stuck).
  3797 | D:3      | 3797 ||| Stepping randomly (stuck).
  3799 | D:3      | 3799 ||| Stepping randomly (stuck).
  3801 | D:3      | 3801 ||| Stepping randomly (stuck).
  3803 | D:3      | 3803 ||| Stepping randomly (stuck).
  3805 | D:3      | 3805 ||| Stepping randomly (stuck).
  3807 | D:3      | 3807 ||| Stepping randomly (stuck).
  3809 | D:3      | 3809 ||| Stepping randomly (stuck).
  3811 | D:3      | 3811 ||| Stepping randomly (stuck).
  3813 | D:3      | 3813 ||| Stepping randomly (stuck).
  3815 | D:3      | 3815 ||| Stepping randomly (stuck).
  3817 | D:3      | 3817 ||| Stepping randomly (stuck).
  3819 | D:3      | 3819 ||| Stepping randomly (stuck).
  3821 | D:3      | 3821 ||| Stepping randomly (stuck).
  3823 | D:3      | 3823 ||| Stepping randomly (stuck).
  3825 | D:3      | 3825 ||| Stepping randomly (stuck).
  3827 | D:3      | 3827 ||| Stepping randomly (stuck).
  3829 | D:3      | 3829 ||| Stepping randomly (stuck).
  3831 | D:3      | 3831 ||| Stepping randomly (stuck).
  3833 | D:3      | 3833 ||| Stepping randomly (stuck).
  3835 | D:3      | 3835 ||| Stepping randomly (stuck).
  3837 | D:3      | 3837 ||| Stepping randomly (stuck).
  3839 | D:3      | 3839 ||| Stepping randomly (stuck).
  3841 | D:3      | 3841 ||| Stepping randomly (stuck).
  3843 | D:3      | 3843 ||| Stepping randomly (stuck).
  3845 | D:3      | 3845 ||| Stepping randomly (stuck).
  3847 | D:3      | 3847 ||| Stepping randomly (stuck).
  3849 | D:3      | 3849 ||| Stepping randomly (stuck).
  3851 | D:3      | 3851 ||| Stepping randomly (stuck).
  3853 | D:3      | 3853 ||| Stepping randomly (stuck).
  3855 | D:3      | 3855 ||| Stepping randomly (stuck).
  3857 | D:3      | 3857 ||| Stepping randomly (stuck).
  3859 | D:3      | 3859 ||| Stepping randomly (stuck).
  3861 | D:3      | 3861 ||| Stepping randomly (stuck).
  3863 | D:3      | 3863 ||| Stepping randomly (stuck).
  3865 | D:3      | 3865 ||| Stepping randomly (stuck).
  3867 | D:3      | 3867 ||| Stepping randomly (stuck).
  3869 | D:3      | 3869 ||| Stepping randomly (stuck).
  3871 | D:3      | 3871 ||| Stepping randomly (stuck).
  3873 | D:3      | 3873 ||| Stepping randomly (stuck).
  3875 | D:3      | 3875 ||| Stepping randomly (stuck).
  3877 | D:3      | 3877 ||| Stepping randomly (stuck).
  3879 | D:3      | 3879 ||| Stepping randomly (stuck).
  3881 | D:3      | 3881 ||| Stepping randomly (stuck).
  3883 | D:3      | 3883 ||| Stepping randomly (stuck).
  3885 | D:3      | 3885 ||| Stepping randomly (stuck).
  3887 | D:3      | 3887 ||| Stepping randomly (stuck).
  3889 | D:3      | 3889 ||| Stepping randomly (stuck).
  3891 | D:3      | 3891 ||| Stepping randomly (stuck).
  3893 | D:3      | 3893 ||| Stepping randomly (stuck).
  3895 | D:3      | 3895 ||| Stepping randomly (stuck).
  3897 | D:3      | 3897 ||| Stepping randomly (stuck).
  3899 | D:3      | 3899 ||| Stepping randomly (stuck).
  3901 | D:3      | 3901 ||| Stepping randomly (stuck).
  3903 | D:3      | 3903 ||| Stepping randomly (stuck).
  3905 | D:3      | 3905 ||| Stepping randomly (stuck).
  3907 | D:3      | 3907 ||| Stepping randomly (stuck).
  3909 | D:3      | 3909 ||| Stepping randomly (stuck).
  3911 | D:3      | 3911 ||| Stepping randomly (stuck).
  3913 | D:3      | 3913 ||| Stepping randomly (stuck).
  3915 | D:3      | 3915 ||| Stepping randomly (stuck).
  3917 | D:3      | 3917 ||| Stepping randomly (stuck).
  3919 | D:3      | 3919 ||| Stepping randomly (stuck).
  3921 | D:3      | 3921 ||| Stepping randomly (stuck).
  3923 | D:3      | 3923 ||| Stepping randomly (stuck).
  3925 | D:3      | 3925 ||| Stepping randomly (stuck).
  3927 | D:3      | 3927 ||| Stepping randomly (stuck).
  3929 | D:3      | 3929 ||| Stepping randomly (stuck).
  3931 | D:3      | 3931 ||| Stepping randomly (stuck).
  3933 | D:3      | 3933 ||| Stepping randomly (stuck).
  3935 | D:3      | 3935 ||| Stepping randomly (stuck).
  3937 | D:3      | 3937 ||| Stepping randomly (stuck).
  3939 | D:3      | 3939 ||| Stepping randomly (stuck).
  3941 | D:3      | 3941 ||| Stepping randomly (stuck).
  3943 | D:3      | 3943 ||| Stepping randomly (stuck).
  3945 | D:3      | 3945 ||| Stepping randomly (stuck).
  3947 | D:3      | 3947 ||| Stepping randomly (stuck).
  3949 | D:3      | 3949 ||| Stepping randomly (stuck).
  3951 | D:3      | 3951 ||| Stepping randomly (stuck).
  3953 | D:3      | 3953 ||| Stepping randomly (stuck).
  3955 | D:3      | 3955 ||| Stepping randomly (stuck).
  3957 | D:3      | 3957 ||| Stepping randomly (stuck).
  3959 | D:3      | 3959 ||| Stepping randomly (stuck).
  3961 | D:3      | 3961 ||| Stepping randomly (stuck).
  3963 | D:3      | 3963 ||| Stepping randomly (stuck).
  3965 | D:3      | 3965 ||| Stepping randomly (stuck).
  3967 | D:3      | 3967 ||| Stepping randomly (stuck).
  3969 | D:3      | 3969 ||| Stepping randomly (stuck).
  3971 | D:3      | 3971 ||| Stepping randomly (stuck).
  3973 | D:3      | 3973 ||| Stepping randomly (stuck).
  3975 | D:3      | 3975 ||| Stepping randomly (stuck).
  3977 | D:3      | 3977 ||| Stepping randomly (stuck).
  3979 | D:3      | 3979 ||| Stepping randomly (stuck).
  3981 | D:3      | 3981 ||| Stepping randomly (stuck).
  3983 | D:3      | 3983 ||| Stepping randomly (stuck).
  3985 | D:3      | 3985 ||| Stepping randomly (stuck).
  3987 | D:3      | 3987 ||| Stepping randomly (stuck).
  3989 | D:3      | 3989 ||| Stepping randomly (stuck).
  3991 | D:3      | 3991 ||| Stepping randomly (stuck).
  3993 | D:3      | 3993 ||| Stepping randomly (stuck).
  3995 | D:3      | 3995 ||| Stepping randomly (stuck).
  3997 | D:3      | 3997 ||| Stepping randomly (stuck).
  3999 | D:3      | 3999 ||| Stepping randomly (stuck).
  4001 | D:3      | 4001 ||| Stepping randomly (stuck).
  4003 | D:3      | 4003 ||| Stepping randomly (stuck).
  4005 | D:3      | 4005 ||| Stepping randomly (stuck).
  4007 | D:3      | 4007 ||| Stepping randomly (stuck).
  4009 | D:3      | 4009 ||| Stepping randomly (stuck).
  4011 | D:3      | 4011 ||| Stepping randomly (stuck).
  4013 | D:3      | 4013 ||| Stepping randomly (stuck).
  4015 | D:3      | 4015 ||| Stepping randomly (stuck).
  4017 | D:3      | 4017 ||| Stepping randomly (stuck).
  4019 | D:3      | 4019 ||| Stepping randomly (stuck).
  4021 | D:3      | 4021 ||| Stepping randomly (stuck).
  4023 | D:3      | 4023 ||| Stepping randomly (stuck).
  4025 | D:3      | 4025 ||| Stepping randomly (stuck).
  4027 | D:3      | 4027 ||| Stepping randomly (stuck).
  4029 | D:3      | 4029 ||| Stepping randomly (stuck).
  4031 | D:3      | 4031 ||| Stepping randomly (stuck).
  4033 | D:3      | 4033 ||| Stepping randomly (stuck).
  4035 | D:3      | 4035 ||| Stepping randomly (stuck).
  4037 | D:3      | 4037 ||| Stepping randomly (stuck).
  4039 | D:3      | 4039 ||| Stepping randomly (stuck).
  4041 | D:3      | 4041 ||| Stepping randomly (stuck).
  4043 | D:3      | 4043 ||| Stepping randomly (stuck).
  4045 | D:3      | 4045 ||| Stepping randomly (stuck).
  4047 | D:3      | 4047 ||| Stepping randomly (stuck).
  4049 | D:3      | 4049 ||| Stepping randomly (stuck).
  4051 | D:3      | 4051 ||| Stepping randomly (stuck).
  4053 | D:3      | 4053 ||| Stepping randomly (stuck).
  4055 | D:3      | 4055 ||| Stepping randomly (stuck).
  4057 | D:3      | 4057 ||| Stepping randomly (stuck).
  4059 | D:3      | 4059 ||| Stepping randomly (stuck).
  4061 | D:3      | 4061 ||| Stepping randomly (stuck).
  4063 | D:3      | 4063 ||| Stepping randomly (stuck).
  4065 | D:3      | 4065 ||| Stepping randomly (stuck).
  4067 | D:3      | 4067 ||| Stepping randomly (stuck).
  4069 | D:3      | 4069 ||| Stepping randomly (stuck).
  4071 | D:3      | 4071 ||| Stepping randomly (stuck).
  4073 | D:3      | 4073 ||| Stepping randomly (stuck).
  4075 | D:3      | 4075 ||| Stepping randomly (stuck).
  4077 | D:3      | 4077 ||| Stepping randomly (stuck).
  4079 | D:3      | 4079 ||| Stepping randomly (stuck).
  4081 | D:3      | 4081 ||| Stepping randomly (stuck).
  4083 | D:3      | 4083 ||| Stepping randomly (stuck).
  4085 | D:3      | 4085 ||| Stepping randomly (stuck).
  4087 | D:3      | 4087 ||| Stepping randomly (stuck).
  4089 | D:3      | 4089 ||| Stepping randomly (stuck).
  4091 | D:3      | 4091 ||| Stepping randomly (stuck).
  4093 | D:3      | 4093 ||| Stepping randomly (stuck).
  4095 | D:3      | 4095 ||| Stepping randomly (stuck).
  4097 | D:3      | 4097 ||| Stepping randomly (stuck).
  4099 | D:3      | 4099 ||| Stepping randomly (stuck).
  4101 | D:3      | 4101 ||| Stepping randomly (stuck).
  4103 | D:3      | 4103 ||| Stepping randomly (stuck).
  4105 | D:3      | 4105 ||| Stepping randomly (stuck).
  4107 | D:3      | 4107 ||| Stepping randomly (stuck).
  4109 | D:3      | 4109 ||| Stepping randomly (stuck).
  4111 | D:3      | 4111 ||| Stepping randomly (stuck).
  4113 | D:3      | 4113 ||| Stepping randomly (stuck).
  4115 | D:3      | 4115 ||| Stepping randomly (stuck).
  4117 | D:3      | 4117 ||| Stepping randomly (stuck).
  4119 | D:3      | 4119 ||| Stepping randomly (stuck).
  4121 | D:3      | 4121 ||| Stepping randomly (stuck).
  4123 | D:3      | 4123 ||| Stepping randomly (stuck).
  4125 | D:3      | 4125 ||| Stepping randomly (stuck).
  4127 | D:3      | 4127 ||| Stepping randomly (stuck).
  4129 | D:3      | 4129 ||| Stepping randomly (stuck).
  4131 | D:3      | 4131 ||| Stepping randomly (stuck).
  4133 | D:3      | 4133 ||| Stepping randomly (stuck).
  4135 | D:3      | 4135 ||| Stepping randomly (stuck).
  4137 | D:3      | 4137 ||| Stepping randomly (stuck).
  4139 | D:3      | 4139 ||| Stepping randomly (stuck).
  4141 | D:3      | 4141 ||| Stepping randomly (stuck).
  4143 | D:3      | 4143 ||| Stepping randomly (stuck).
  4145 | D:3      | 4145 ||| Stepping randomly (stuck).
  4147 | D:3      | 4147 ||| Stepping randomly (stuck).
  4149 | D:3      | 4149 ||| Stepping randomly (stuck).
  4151 | D:3      | 4151 ||| Stepping randomly (stuck).
  4153 | D:3      | 4153 ||| Stepping randomly (stuck).
  4155 | D:3      | 4155 ||| Stepping randomly (stuck).
  4157 | D:3      | 4157 ||| Stepping randomly (stuck).
  4159 | D:3      | 4159 ||| Stepping randomly (stuck).
  4161 | D:3      | 4161 ||| Stepping randomly (stuck).
  4163 | D:3      | 4163 ||| Stepping randomly (stuck).
  4165 | D:3      | 4165 ||| Stepping randomly (stuck).
  4167 | D:3      | 4167 ||| Stepping randomly (stuck).
  4169 | D:3      | 4169 ||| Stepping randomly (stuck).
  4171 | D:3      | 4171 ||| Stepping randomly (stuck).
  4173 | D:3      | 4173 ||| Stepping randomly (stuck).
  4175 | D:3      | 4175 ||| Stepping randomly (stuck).
  4177 | D:3      | 4177 ||| Stepping randomly (stuck).
  4179 | D:3      | 4179 ||| Stepping randomly (stuck).
  4181 | D:3      | 4181 ||| Stepping randomly (stuck).
  4183 | D:3      | 4183 ||| Stepping randomly (stuck).
  4185 | D:3      | 4185 ||| Stepping randomly (stuck).
  4187 | D:3      | 4187 ||| Stepping randomly (stuck).
  4189 | D:3      | 4189 ||| Stepping randomly (stuck).
  4191 | D:3      | 4191 ||| Stepping randomly (stuck).
  4193 | D:3      | 4193 ||| Stepping randomly (stuck).
  4195 | D:3      | 4195 ||| Stepping randomly (stuck).
  4197 | D:3      | 4197 ||| Stepping randomly (stuck).
  4199 | D:3      | 4199 ||| Stepping randomly (stuck).
  4201 | D:3      | 4201 ||| Stepping randomly (stuck).
  4203 | D:3      | 4203 ||| Stepping randomly (stuck).
  4205 | D:3      | 4205 ||| Stepping randomly (stuck).
  4207 | D:3      | 4207 ||| Stepping randomly (stuck).
  4209 | D:3      | 4209 ||| Stepping randomly (stuck).
  4211 | D:3      | 4211 ||| Stepping randomly (stuck).
  4213 | D:3      | 4213 ||| Stepping randomly (stuck).
  4215 | D:3      | 4215 ||| Stepping randomly (stuck).
  4217 | D:3      | 4217 ||| Stepping randomly (stuck).
  4219 | D:3      | 4219 ||| Stepping randomly (stuck).
  4221 | D:3      | 4221 ||| Stepping randomly (stuck).
  4223 | D:3      | 4223 ||| Stepping randomly (stuck).
  4225 | D:3      | 4225 ||| Stepping randomly (stuck).
  4227 | D:3      | 4227 ||| Stepping randomly (stuck).
  4229 | D:3      | 4229 ||| Stepping randomly (stuck).
  4231 | D:3      | 4231 ||| Stepping randomly (stuck).
  4233 | D:3      | 4233 ||| Stepping randomly (stuck).
  4235 | D:3      | 4235 ||| Stepping randomly (stuck).
  4237 | D:3      | 4237 ||| Stepping randomly (stuck).
  4239 | D:3      | 4239 ||| Stepping randomly (stuck).
  4241 | D:3      | 4241 ||| Stepping randomly (stuck).
  4243 | D:3      | 4243 ||| Stepping randomly (stuck).
  4245 | D:3      | 4245 ||| Stepping randomly (stuck).
  4247 | D:3      | 4247 ||| Stepping randomly (stuck).
  4249 | D:3      | 4249 ||| Stepping randomly (stuck).
  4251 | D:3      | 4251 ||| Stepping randomly (stuck).
  4253 | D:3      | 4253 ||| Stepping randomly (stuck).
  4255 | D:3      | 4255 ||| Stepping randomly (stuck).
  4257 | D:3      | 4257 ||| Stepping randomly (stuck).
  4259 | D:3      | 4259 ||| Stepping randomly (stuck).
  4261 | D:3      | 4261 ||| Stepping randomly (stuck).
  4263 | D:3      | 4263 ||| Stepping randomly (stuck).
  4265 | D:3      | 4265 ||| Stepping randomly (stuck).
  4267 | D:3      | 4267 ||| Stepping randomly (stuck).
  4269 | D:3      | 4269 ||| Stepping randomly (stuck).
  4271 | D:3      | 4271 ||| Stepping randomly (stuck).
  4273 | D:3      | 4273 ||| Stepping randomly (stuck).
  4275 | D:3      | 4275 ||| Stepping randomly (stuck).
  4277 | D:3      | 4277 ||| Stepping randomly (stuck).
  4279 | D:3      | 4279 ||| Stepping randomly (stuck).
  4281 | D:3      | 4281 ||| Stepping randomly (stuck).
  4283 | D:3      | 4283 ||| Stepping randomly (stuck).
  4285 | D:3      | 4285 ||| Stepping randomly (stuck).
  4287 | D:3      | 4287 ||| Stepping randomly (stuck).
  4289 | D:3      | 4289 ||| Stepping randomly (stuck).
  4291 | D:3      | 4291 ||| Stepping randomly (stuck).
  4293 | D:3      | 4293 ||| Stepping randomly (stuck).
  4295 | D:3      | 4295 ||| Stepping randomly (stuck).
  4297 | D:3      | 4297 ||| Stepping randomly (stuck).
  4299 | D:3      | 4299 ||| Stepping randomly (stuck).
  4301 | D:3      | 4301 ||| Stepping randomly (stuck).
  4303 | D:3      | 4303 ||| Stepping randomly (stuck).
  4305 | D:3      | 4305 ||| Stepping randomly (stuck).
  4307 | D:3      | 4307 ||| Stepping randomly (stuck).
  4309 | D:3      | 4309 ||| Stepping randomly (stuck).
  4311 | D:3      | 4311 ||| Stepping randomly (stuck).
  4313 | D:3      | 4313 ||| Stepping randomly (stuck).
  4315 | D:3      | 4315 ||| Stepping randomly (stuck).
  4317 | D:3      | 4317 ||| Stepping randomly (stuck).
  4319 | D:3      | 4319 ||| Stepping randomly (stuck).
  4321 | D:3      | 4321 ||| Stepping randomly (stuck).
  4323 | D:3      | 4323 ||| Stepping randomly (stuck).
  4325 | D:3      | 4325 ||| Stepping randomly (stuck).
  4327 | D:3      | 4327 ||| Stepping randomly (stuck).
  4329 | D:3      | 4329 ||| Stepping randomly (stuck).
  4331 | D:3      | 4331 ||| Stepping randomly (stuck).
  4333 | D:3      | 4333 ||| Stepping randomly (stuck).
  4335 | D:3      | 4335 ||| Stepping randomly (stuck).
  4337 | D:3      | 4337 ||| Stepping randomly (stuck).
  4339 | D:3      | 4339 ||| Stepping randomly (stuck).
  4341 | D:3      | 4341 ||| Stepping randomly (stuck).
  4343 | D:3      | 4343 ||| Stepping randomly (stuck).
  4345 | D:3      | 4345 ||| Stepping randomly (stuck).
  4347 | D:3      | 4347 ||| Stepping randomly (stuck).
  4349 | D:3      | 4349 ||| Stepping randomly (stuck).
  4351 | D:3      | 4351 ||| Stepping randomly (stuck).
  4353 | D:3      | 4353 ||| Stepping randomly (stuck).
  4355 | D:3      | 4355 ||| Stepping randomly (stuck).
  4357 | D:3      | 4357 ||| Stepping randomly (stuck).
  4359 | D:3      | 4359 ||| Stepping randomly (stuck).
  4361 | D:3      | 4361 ||| Stepping randomly (stuck).
  4363 | D:3      | 4363 ||| Stepping randomly (stuck).
  4365 | D:3      | 4365 ||| Stepping randomly (stuck).
  4367 | D:3      | 4367 ||| Stepping randomly (stuck).
  4369 | D:3      | 4369 ||| Stepping randomly (stuck).
  4371 | D:3      | 4371 ||| Stepping randomly (stuck).
  4373 | D:3      | 4373 ||| Stepping randomly (stuck).
  4375 | D:3      | 4375 ||| Stepping randomly (stuck).
  4377 | D:3      | 4377 ||| Stepping randomly (stuck).
  4379 | D:3      | 4379 ||| Stepping randomly (stuck).
  4381 | D:3      | 4381 ||| Stepping randomly (stuck).
  4383 | D:3      | 4383 ||| Stepping randomly (stuck).
  4385 | D:3      | 4385 ||| Stepping randomly (stuck).
  4387 | D:3      | 4387 ||| Stepping randomly (stuck).
  4389 | D:3      | 4389 ||| Stepping randomly (stuck).
  4391 | D:3      | 4391 ||| Stepping randomly (stuck).
  4393 | D:3      | 4393 ||| Stepping randomly (stuck).
  4395 | D:3      | 4395 ||| Stepping randomly (stuck).
  4397 | D:3      | 4397 ||| Stepping randomly (stuck).
  4399 | D:3      | 4399 ||| Stepping randomly (stuck).
  4401 | D:3      | 4401 ||| Stepping randomly (stuck).
  4403 | D:3      | 4403 ||| Stepping randomly (stuck).
  4405 | D:3      | 4405 ||| Stepping randomly (stuck).
  4407 | D:3      | 4407 ||| Stepping randomly (stuck).
  4409 | D:3      | 4409 ||| Stepping randomly (stuck).
  4411 | D:3      | 4411 ||| Stepping randomly (stuck).
  4413 | D:3      | 4413 ||| Stepping randomly (stuck).
  4415 | D:3      | 4415 ||| Stepping randomly (stuck).
  4417 | D:3      | 4417 ||| Stepping randomly (stuck).
  4419 | D:3      | 4419 ||| Stepping randomly (stuck).
  4421 | D:3      | 4421 ||| Stepping randomly (stuck).
  4423 | D:3      | 4423 ||| Stepping randomly (stuck).
  4425 | D:3      | 4425 ||| Stepping randomly (stuck).
  4427 | D:3      | 4427 ||| Stepping randomly (stuck).
  4429 | D:3      | 4429 ||| Stepping randomly (stuck).
  4431 | D:3      | 4431 ||| Stepping randomly (stuck).
  4433 | D:3      | 4433 ||| Stepping randomly (stuck).
  4435 | D:3      | 4435 ||| Stepping randomly (stuck).
  4437 | D:3      | 4437 ||| Stepping randomly (stuck).
  4439 | D:3      | 4439 ||| Stepping randomly (stuck).
  4441 | D:3      | 4441 ||| Stepping randomly (stuck).
  4443 | D:3      | 4443 ||| Stepping randomly (stuck).
  4445 | D:3      | 4445 ||| Stepping randomly (stuck).
  4447 | D:3      | 4447 ||| Stepping randomly (stuck).
  4449 | D:3      | 4449 ||| Stepping randomly (stuck).
  4451 | D:3      | 4451 ||| Stepping randomly (stuck).
  4453 | D:3      | 4453 ||| Stepping randomly (stuck).
  4455 | D:3      | 4455 ||| Stepping randomly (stuck).
  4457 | D:3      | 4457 ||| Stepping randomly (stuck).
  4459 | D:3      | 4459 ||| Stepping randomly (stuck).
  4461 | D:3      | 4461 ||| Stepping randomly (stuck).
  4463 | D:3      | 4463 ||| Stepping randomly (stuck).
  4465 | D:3      | 4465 ||| Stepping randomly (stuck).
  4467 | D:3      | 4467 ||| Stepping randomly (stuck).
  4469 | D:3      | 4469 ||| Stepping randomly (stuck).
  4471 | D:3      | 4471 ||| Stepping randomly (stuck).
  4473 | D:3      | 4473 ||| Stepping randomly (stuck).
  4475 | D:3      | 4475 ||| Stepping randomly (stuck).
  4477 | D:3      | 4477 ||| Stepping randomly (stuck).
  4479 | D:3      | 4479 ||| Stepping randomly (stuck).
  4481 | D:3      | 4481 ||| Stepping randomly (stuck).
  4483 | D:3      | 4483 ||| Stepping randomly (stuck).
  4485 | D:3      | 4485 ||| Stepping randomly (stuck).
  4487 | D:3      | 4487 ||| Stepping randomly (stuck).
  4489 | D:3      | 4489 ||| Stepping randomly (stuck).
  4491 | D:3      | 4491 ||| Stepping randomly (stuck).
  4493 | D:3      | 4493 ||| Stepping randomly (stuck).
  4495 | D:3      | 4495 ||| Stepping randomly (stuck).
  4497 | D:3      | 4497 ||| Stepping randomly (stuck).
  4499 | D:3      | 4499 ||| Stepping randomly (stuck).
  4501 | D:3      | 4501 ||| Stepping randomly (stuck).
  4503 | D:3      | 4503 ||| Stepping randomly (stuck).
  4505 | D:3      | 4505 ||| Stepping randomly (stuck).
  4507 | D:3      | 4507 ||| Stepping randomly (stuck).
  4509 | D:3      | 4509 ||| Stepping randomly (stuck).
  4511 | D:3      | 4511 ||| Stepping randomly (stuck).
  4513 | D:3      | 4513 ||| Stepping randomly (stuck).
  4515 | D:3      | 4515 ||| Stepping randomly (stuck).
  4517 | D:3      | 4517 ||| Stepping randomly (stuck).
  4519 | D:3      | 4519 ||| Stepping randomly (stuck).
  4521 | D:3      | 4521 ||| Stepping randomly (stuck).
  4523 | D:3      | 4523 ||| Stepping randomly (stuck).
  4525 | D:3      | 4525 ||| Stepping randomly (stuck).
  4527 | D:3      | 4527 ||| Stepping randomly (stuck).
  4529 | D:3      | 4529 ||| Stepping randomly (stuck).
  4531 | D:3      | 4531 ||| Stepping randomly (stuck).
  4533 | D:3      | 4533 ||| Stepping randomly (stuck).
  4535 | D:3      | 4535 ||| Stepping randomly (stuck).
  4537 | D:3      | 4537 ||| Stepping randomly (stuck).
  4539 | D:3      | 4539 ||| Stepping randomly (stuck).
  4541 | D:3      | 4541 ||| Stepping randomly (stuck).
  4543 | D:3      | 4543 ||| Stepping randomly (stuck).
  4545 | D:3      | 4545 ||| Stepping randomly (stuck).
  4547 | D:3      | 4547 ||| Stepping randomly (stuck).
  4549 | D:3      | 4549 ||| Stepping randomly (stuck).
  4551 | D:3      | 4551 ||| Stepping randomly (stuck).
  4553 | D:3      | 4553 ||| Stepping randomly (stuck).
  4555 | D:3      | 4555 ||| Stepping randomly (stuck).
  4557 | D:3      | 4557 ||| Stepping randomly (stuck).
  4559 | D:3      | 4559 ||| Stepping randomly (stuck).
  4561 | D:3      | 4561 ||| Stepping randomly (stuck).
  4563 | D:3      | 4563 ||| Stepping randomly (stuck).
  4565 | D:3      | 4565 ||| Stepping randomly (stuck).
  4567 | D:3      | 4567 ||| Stepping randomly (stuck).
  4569 | D:3      | 4569 ||| Stepping randomly (stuck).
  4571 | D:3      | 4571 ||| Stepping randomly (stuck).
  4573 | D:3      | 4573 ||| Stepping randomly (stuck).
  4575 | D:3      | 4575 ||| Stepping randomly (stuck).
  4577 | D:3      | 4577 ||| Stepping randomly (stuck).
  4579 | D:3      | 4579 ||| Stepping randomly (stuck).
  4581 | D:3      | 4581 ||| Stepping randomly (stuck).
  4583 | D:3      | 4583 ||| Stepping randomly (stuck).
  4585 | D:3      | 4585 ||| Stepping randomly (stuck).
  4587 | D:3      | 4587 ||| Stepping randomly (stuck).
  4589 | D:3      | 4589 ||| Stepping randomly (stuck).
  4591 | D:3      | 4591 ||| Stepping randomly (stuck).
  4593 | D:3      | 4593 ||| Stepping randomly (stuck).
  4595 | D:3      | 4595 ||| Stepping randomly (stuck).
  4597 | D:3      | 4597 ||| Stepping randomly (stuck).
  4599 | D:3      | 4599 ||| Stepping randomly (stuck).
  4601 | D:3      | 4601 ||| Stepping randomly (stuck).
  4603 | D:3      | 4603 ||| Stepping randomly (stuck).
  4605 | D:3      | 4605 ||| Stepping randomly (stuck).
  4607 | D:3      | 4607 ||| Stepping randomly (stuck).
  4609 | D:3      | 4609 ||| Stepping randomly (stuck).
  4611 | D:3      | 4611 ||| Stepping randomly (stuck).
  4613 | D:3      | 4613 ||| Stepping randomly (stuck).
  4615 | D:3      | 4615 ||| Stepping randomly (stuck).
  4617 | D:3      | 4617 ||| Stepping randomly (stuck).
  4619 | D:3      | 4619 ||| Stepping randomly (stuck).
  4621 | D:3      | 4621 ||| Stepping randomly (stuck).
  4623 | D:3      | 4623 ||| Stepping randomly (stuck).
  4625 | D:3      | 4625 ||| Stepping randomly (stuck).
  4627 | D:3      | 4627 ||| Stepping randomly (stuck).
  4629 | D:3      | 4629 ||| Stepping randomly (stuck).
  4631 | D:3      | 4631 ||| Stepping randomly (stuck).
  4633 | D:3      | 4633 ||| Stepping randomly (stuck).
  4635 | D:3      | 4635 ||| Stepping randomly (stuck).
  4637 | D:3      | 4637 ||| Stepping randomly (stuck).
  4639 | D:3      | 4639 ||| Stepping randomly (stuck).
  4641 | D:3      | 4641 ||| Stepping randomly (stuck).
  4643 | D:3      | 4643 ||| Stepping randomly (stuck).
  4645 | D:3      | 4645 ||| Stepping randomly (stuck).
  4647 | D:3      | 4647 ||| Stepping randomly (stuck).
  4649 | D:3      | 4649 ||| Stepping randomly (stuck).
  4651 | D:3      | 4651 ||| Stepping randomly (stuck).
  4653 | D:3      | 4653 ||| Stepping randomly (stuck).
  4655 | D:3      | 4655 ||| Stepping randomly (stuck).
  4657 | D:3      | 4657 ||| Stepping randomly (stuck).
  4659 | D:3      | 4659 ||| Stepping randomly (stuck).
  4661 | D:3      | 4661 ||| Stepping randomly (stuck).
  4663 | D:3      | 4663 ||| Stepping randomly (stuck).
  4665 | D:3      | 4665 ||| Stepping randomly (stuck).
  4667 | D:3      | 4667 ||| Stepping randomly (stuck).
  4669 | D:3      | 4669 ||| Stepping randomly (stuck).
  4671 | D:3      | 4671 ||| Stepping randomly (stuck).
  4673 | D:3      | 4673 ||| Stepping randomly (stuck).
  4675 | D:3      | 4675 ||| Stepping randomly (stuck).
  4677 | D:3      | 4677 ||| Stepping randomly (stuck).
  4679 | D:3      | 4679 ||| Stepping randomly (stuck).
  4681 | D:3      | 4681 ||| Stepping randomly (stuck).
  4683 | D:3      | 4683 ||| Stepping randomly (stuck).
  4685 | D:3      | 4685 ||| Stepping randomly (stuck).
  4687 | D:3      | 4687 ||| Stepping randomly (stuck).
  4689 | D:3      | 4689 ||| Stepping randomly (stuck).
  4691 | D:3      | 4691 ||| Stepping randomly (stuck).
  4693 | D:3      | 4693 ||| Stepping randomly (stuck).
  4695 | D:3      | 4695 ||| Stepping randomly (stuck).
  4697 | D:3      | 4697 ||| Stepping randomly (stuck).
  4699 | D:3      | 4699 ||| Stepping randomly (stuck).
  4701 | D:3      | 4701 ||| Stepping randomly (stuck).
  4703 | D:3      | 4703 ||| Stepping randomly (stuck).
  4705 | D:3      | 4705 ||| Stepping randomly (stuck).
  4707 | D:3      | 4707 ||| Stepping randomly (stuck).
  4709 | D:3      | 4709 ||| Stepping randomly (stuck).
  4711 | D:3      | 4711 ||| Stepping randomly (stuck).
  4713 | D:3      | 4713 ||| Stepping randomly (stuck).
  4715 | D:3      | 4715 ||| Stepping randomly (stuck).
  4717 | D:3      | 4717 ||| Stepping randomly (stuck).
  4719 | D:3      | 4719 ||| Stepping randomly (stuck).
  4721 | D:3      | 4721 ||| Stepping randomly (stuck).
  4723 | D:3      | 4723 ||| Stepping randomly (stuck).
  4725 | D:3      | 4725 ||| Stepping randomly (stuck).
  4727 | D:3      | 4727 ||| Stepping randomly (stuck).
  4729 | D:3      | 4729 ||| Stepping randomly (stuck).
  4731 | D:3      | 4731 ||| Stepping randomly (stuck).
  4733 | D:3      | 4733 ||| Stepping randomly (stuck).
  4735 | D:3      | 4735 ||| Stepping randomly (stuck).
  4737 | D:3      | 4737 ||| Stepping randomly (stuck).
  4739 | D:3      | 4739 ||| Stepping randomly (stuck).
  4741 | D:3      | 4741 ||| Stepping randomly (stuck).
  4743 | D:3      | 4743 ||| Stepping randomly (stuck).
  4745 | D:3      | 4745 ||| Stepping randomly (stuck).
  4747 | D:3      | 4747 ||| Stepping randomly (stuck).
  4749 | D:3      | 4749 ||| Stepping randomly (stuck).
  4751 | D:3      | 4751 ||| Stepping randomly (stuck).
  4753 | D:3      | 4753 ||| Stepping randomly (stuck).
  4755 | D:3      | 4755 ||| Stepping randomly (stuck).
  4757 | D:3      | 4757 ||| Stepping randomly (stuck).
  4759 | D:3      | 4759 ||| Stepping randomly (stuck).
  4761 | D:3      | 4761 ||| Stepping randomly (stuck).
  4763 | D:3      | 4763 ||| Stepping randomly (stuck).
  4765 | D:3      | 4765 ||| Stepping randomly (stuck).
  4767 | D:3      | 4767 ||| Stepping randomly (stuck).
  4769 | D:3      | 4769 ||| Stepping randomly (stuck).
  4771 | D:3      | 4771 ||| Stepping randomly (stuck).
  4773 | D:3      | 4773 ||| Stepping randomly (stuck).
  4775 | D:3      | 4775 ||| Stepping randomly (stuck).
  4777 | D:3      | 4777 ||| Stepping randomly (stuck).
  4779 | D:3      | 4779 ||| Stepping randomly (stuck).
  4781 | D:3      | 4781 ||| Stepping randomly (stuck).
  4783 | D:3      | 4783 ||| Stepping randomly (stuck).
  4785 | D:3      | 4785 ||| Stepping randomly (stuck).
  4787 | D:3      | 4787 ||| Stepping randomly (stuck).
  4789 | D:3      | 4789 ||| Stepping randomly (stuck).
  4791 | D:3      | 4791 ||| Stepping randomly (stuck).
  4793 | D:3      | 4793 ||| Stepping randomly (stuck).
  4795 | D:3      | 4795 ||| Stepping randomly (stuck).
  4797 | D:3      | 4797 ||| Stepping randomly (stuck).
  4799 | D:3      | 4799 ||| Stepping randomly (stuck).
  4801 | D:3      | 4801 ||| Stepping randomly (stuck).
  4803 | D:3      | 4803 ||| Stepping randomly (stuck).
  4805 | D:3      | 4805 ||| Stepping randomly (stuck).
  4807 | D:3      | 4807 ||| Stepping randomly (stuck).
  4809 | D:3      | 4809 ||| Stepping randomly (stuck).
  4811 | D:3      | 4811 ||| Stepping randomly (stuck).
  4813 | D:3      | 4813 ||| Stepping randomly (stuck).
  4815 | D:3      | 4815 ||| Stepping randomly (stuck).
  4817 | D:3      | 4817 ||| Stepping randomly (stuck).
  4819 | D:3      | 4819 ||| Stepping randomly (stuck).
  4821 | D:3      | 4821 ||| Stepping randomly (stuck).
  4823 | D:3      | 4823 ||| Stepping randomly (stuck).
  4825 | D:3      | 4825 ||| Stepping randomly (stuck).
  4827 | D:3      | 4827 ||| Stepping randomly (stuck).
  4829 | D:3      | 4829 ||| Stepping randomly (stuck).
  4831 | D:3      | 4831 ||| Stepping randomly (stuck).
  4833 | D:3      | 4833 ||| Stepping randomly (stuck).
  4835 | D:3      | 4835 ||| Stepping randomly (stuck).
  4837 | D:3      | 4837 ||| Stepping randomly (stuck).
  4839 | D:3      | 4839 ||| Stepping randomly (stuck).
  4841 | D:3      | 4841 ||| Stepping randomly (stuck).
  4843 | D:3      | 4843 ||| Stepping randomly (stuck).
  4845 | D:3      | 4845 ||| Stepping randomly (stuck).
  4847 | D:3      | 4847 ||| Stepping randomly (stuck).
  4849 | D:3      | 4849 ||| Stepping randomly (stuck).
  4851 | D:3      | 4851 ||| Stepping randomly (stuck).
  4853 | D:3      | 4853 ||| Stepping randomly (stuck).
  4855 | D:3      | 4855 ||| Stepping randomly (stuck).
  4857 | D:3      | 4857 ||| Stepping randomly (stuck).
  4859 | D:3      | 4859 ||| Stepping randomly (stuck).
  4861 | D:3      | 4861 ||| Stepping randomly (stuck).
  4863 | D:3      | 4863 ||| Stepping randomly (stuck).
  4865 | D:3      | 4865 ||| Stepping randomly (stuck).
  4867 | D:3      | 4867 ||| Stepping randomly (stuck).
  4869 | D:3      | 4869 ||| Stepping randomly (stuck).
  4871 | D:3      | 4871 ||| Stepping randomly (stuck).
  4873 | D:3      | 4873 ||| Stepping randomly (stuck).
  4875 | D:3      | 4875 ||| Stepping randomly (stuck).
  4877 | D:3      | 4877 ||| Stepping randomly (stuck).
  4879 | D:3      | 4879 ||| Stepping randomly (stuck).
  4881 | D:3      | 4881 ||| Stepping randomly (stuck).
  4883 | D:3      | 4883 ||| Stepping randomly (stuck).
  4885 | D:3      | 4885 ||| Stepping randomly (stuck).
  4887 | D:3      | 4887 ||| Stepping randomly (stuck).
  4889 | D:3      | 4889 ||| Stepping randomly (stuck).
  4891 | D:3      | 4891 ||| Stepping randomly (stuck).
  4893 | D:3      | 4893 ||| Stepping randomly (stuck).
  4895 | D:3      | 4895 ||| Stepping randomly (stuck).
  4897 | D:3      | 4897 ||| Stepping randomly (stuck).
  4899 | D:3      | 4899 ||| Stepping randomly (stuck).
  4901 | D:3      | 4901 ||| Stepping randomly (stuck).
  4903 | D:3      | 4903 ||| Stepping randomly (stuck).
  4905 | D:3      | 4905 ||| Stepping randomly (stuck).
  4907 | D:3      | 4907 ||| Stepping randomly (stuck).
  4909 | D:3      | 4909 ||| Stepping randomly (stuck).
  4911 | D:3      | 4911 ||| Stepping randomly (stuck).
  4913 | D:3      | 4913 ||| Stepping randomly (stuck).
  4915 | D:3      | 4915 ||| Stepping randomly (stuck).
  4917 | D:3      | 4917 ||| Stepping randomly (stuck).
  4919 | D:3      | 4919 ||| Stepping randomly (stuck).
  4921 | D:3      | 4921 ||| Stepping randomly (stuck).
  4923 | D:3      | 4923 ||| Stepping randomly (stuck).
  4925 | D:3      | 4925 ||| Stepping randomly (stuck).
  4927 | D:3      | 4927 ||| Stepping randomly (stuck).
  4929 | D:3      | 4929 ||| Stepping randomly (stuck).
  4931 | D:3      | 4931 ||| Stepping randomly (stuck).
  4933 | D:3      | 4933 ||| Stepping randomly (stuck).
  4935 | D:3      | 4935 ||| Stepping randomly (stuck).
  4937 | D:3      | 4937 ||| Stepping randomly (stuck).
  4939 | D:3      | 4939 ||| Stepping randomly (stuck).
  4941 | D:3      | 4941 ||| Stepping randomly (stuck).
  4943 | D:3      | 4943 ||| Stepping randomly (stuck).
  4945 | D:3      | 4945 ||| Stepping randomly (stuck).
  4947 | D:3      | 4947 ||| Stepping randomly (stuck).
  4949 | D:3      | 4949 ||| Stepping randomly (stuck).
  4951 | D:3      | 4951 ||| Stepping randomly (stuck).
  4953 | D:3      | 4953 ||| Stepping randomly (stuck).
  4955 | D:3      | 4955 ||| Stepping randomly (stuck).
  4957 | D:3      | 4957 ||| Stepping randomly (stuck).
  4959 | D:3      | 4959 ||| Stepping randomly (stuck).
  4961 | D:3      | 4961 ||| Stepping randomly (stuck).
  4963 | D:3      | 4963 ||| Stepping randomly (stuck).
  4965 | D:3      | 4965 ||| Stepping randomly (stuck).
  4967 | D:3      | 4967 ||| Stepping randomly (stuck).
  4969 | D:3      | 4969 ||| Stepping randomly (stuck).
  4971 | D:3      | 4971 ||| Stepping randomly (stuck).
  4973 | D:3      | 4973 ||| Stepping randomly (stuck).
  4975 | D:3      | 4975 ||| Stepping randomly (stuck).
  4977 | D:3      | 4977 ||| Stepping randomly (stuck).
  4979 | D:3      | 4979 ||| Stepping randomly (stuck).
  4981 | D:3      | 4981 ||| Stepping randomly (stuck).
  4983 | D:3      | 4983 ||| Stepping randomly (stuck).
  4985 | D:3      | 4985 ||| Stepping randomly (stuck).
  4987 | D:3      | 4987 ||| Stepping randomly (stuck).
  4989 | D:3      | 4989 ||| Stepping randomly (stuck).
  4991 | D:3      | 4991 ||| Stepping randomly (stuck).
  4993 | D:3      | 4993 ||| Stepping randomly (stuck).
  4995 | D:3      | 4995 ||| Stepping randomly (stuck).
  4997 | D:3      | 4997 ||| Stepping randomly (stuck).
  4999 | D:3      | 4999 ||| Stepping randomly (stuck).
  5001 | D:3      | 5001 ||| Stepping randomly (stuck).
  5003 | D:3      | 5003 ||| Stepping randomly (stuck).
  5005 | D:3      | 5005 ||| Stepping randomly (stuck).
  5007 | D:3      | 5007 ||| Stepping randomly (stuck).
  5009 | D:3      | 5009 ||| Stepping randomly (stuck).
  5011 | D:3      | 5011 ||| Stepping randomly (stuck).
  5013 | D:3      | 5013 ||| Stepping randomly (stuck).
  5015 | D:3      | 5015 ||| Stepping randomly (stuck).
  5017 | D:3      | 5017 ||| Stepping randomly (stuck).
  5019 | D:3      | 5019 ||| Stepping randomly (stuck).
  5021 | D:3      | 5021 ||| Stepping randomly (stuck).
  5023 | D:3      | 5023 ||| Stepping randomly (stuck).
  5025 | D:3      | 5025 ||| Stepping randomly (stuck).
  5027 | D:3      | 5027 ||| Stepping randomly (stuck).
  5029 | D:3      | 5029 ||| Stepping randomly (stuck).
  5031 | D:3      | 5031 ||| Stepping randomly (stuck).
  5033 | D:3      | 5033 ||| Stepping randomly (stuck).
  5035 | D:3      | 5035 ||| Stepping randomly (stuck).
  5037 | D:3      | 5037 ||| Stepping randomly (stuck).
  5039 | D:3      | 5039 ||| Stepping randomly (stuck).
  5041 | D:3      | 5041 ||| Stepping randomly (stuck).
  5043 | D:3      | 5043 ||| Stepping randomly (stuck).
  5045 | D:3      | 5045 ||| Stepping randomly (stuck).
  5047 | D:3      | 5047 ||| Stepping randomly (stuck).
  5049 | D:3      | 5049 ||| Stepping randomly (stuck).
  5051 | D:3      | 5051 ||| Stepping randomly (stuck).
  5053 | D:3      | 5053 ||| Stepping randomly (stuck).
  5055 | D:3      | 5055 ||| Stepping randomly (stuck).
  5057 | D:3      | 5057 ||| Stepping randomly (stuck).
  5059 | D:3      | 5059 ||| Stepping randomly (stuck).
  5061 | D:3      | 5061 ||| Stepping randomly (stuck).
  5063 | D:3      | 5063 ||| Stepping randomly (stuck).
  5065 | D:3      | 5065 ||| Stepping randomly (stuck).
  5067 | D:3      | 5067 ||| Stepping randomly (stuck).
  5069 | D:3      | 5069 ||| Stepping randomly (stuck).
  5071 | D:3      | 5071 ||| Stepping randomly (stuck).
  5073 | D:3      | 5073 ||| Stepping randomly (stuck).
  5075 | D:3      | 5075 ||| Stepping randomly (stuck).
  5077 | D:3      | 5077 ||| Stepping randomly (stuck).
  5079 | D:3      | 5079 ||| Stepping randomly (stuck).
  5081 | D:3      | 5081 ||| Stepping randomly (stuck).
  5083 | D:3      | 5083 ||| Stepping randomly (stuck).
  5085 | D:3      | 5085 ||| Stepping randomly (stuck).
  5087 | D:3      | 5087 ||| Stepping randomly (stuck).
  5089 | D:3      | 5089 ||| Stepping randomly (stuck).
  5091 | D:3      | 5091 ||| Stepping randomly (stuck).
  5093 | D:3      | 5093 ||| Stepping randomly (stuck).
  5095 | D:3      | 5095 ||| Stepping randomly (stuck).
  5097 | D:3      | 5097 ||| Stepping randomly (stuck).
  5099 | D:3      | 5099 ||| Stepping randomly (stuck).
  5101 | D:3      | 5101 ||| Stepping randomly (stuck).
  5103 | D:3      | 5103 ||| Stepping randomly (stuck).
  5105 | D:3      | 5105 ||| Stepping randomly (stuck).
  5107 | D:3      | 5107 ||| Stepping randomly (stuck).
  5109 | D:3      | 5109 ||| Stepping randomly (stuck).
  5111 | D:3      | 5111 ||| Stepping randomly (stuck).
  5113 | D:3      | 5113 ||| Stepping randomly (stuck).
  5115 | D:3      | 5115 ||| Stepping randomly (stuck).
  5117 | D:3      | 5117 ||| Stepping randomly (stuck).
  5119 | D:3      | 5119 ||| Stepping randomly (stuck).
  5121 | D:3      | 5121 ||| Stepping randomly (stuck).
  5123 | D:3      | 5123 ||| Stepping randomly (stuck).
  5125 | D:3      | 5125 ||| Stepping randomly (stuck).
  5127 | D:3      | 5127 ||| Stepping randomly (stuck).
  5129 | D:3      | 5129 ||| Stepping randomly (stuck).
  5131 | D:3      | 5131 ||| Stepping randomly (stuck).
  5133 | D:3      | 5133 ||| Stepping randomly (stuck).
  5135 | D:3      | 5135 ||| Stepping randomly (stuck).
  5137 | D:3      | 5137 ||| Stepping randomly (stuck).
  5139 | D:3      | 5139 ||| Stepping randomly (stuck).
  5141 | D:3      | 5141 ||| Stepping randomly (stuck).
  5143 | D:3      | 5143 ||| Stepping randomly (stuck).
  5145 | D:3      | 5145 ||| Stepping randomly (stuck).
  5147 | D:3      | 5147 ||| Stepping randomly (stuck).
  5149 | D:3      | 5149 ||| Stepping randomly (stuck).
  5151 | D:3      | 5151 ||| Stepping randomly (stuck).
  5153 | D:3      | 5153 ||| Stepping randomly (stuck).
  5155 | D:3      | 5155 ||| Stepping randomly (stuck).
  5157 | D:3      | 5157 ||| Stepping randomly (stuck).
  5159 | D:3      | 5159 ||| Stepping randomly (stuck).
  5161 | D:3      | 5161 ||| Stepping randomly (stuck).
  5163 | D:3      | 5163 ||| Stepping randomly (stuck).
  5165 | D:3      | 5165 ||| Stepping randomly (stuck).
  5167 | D:3      | 5167 ||| Stepping randomly (stuck).
  5169 | D:3      | 5169 ||| Stepping randomly (stuck).
  5171 | D:3      | 5171 ||| Stepping randomly (stuck).
  5173 | D:3      | 5173 ||| Stepping randomly (stuck).
  5175 | D:3      | 5175 ||| Stepping randomly (stuck).
  5177 | D:3      | 5177 ||| Stepping randomly (stuck).
  5179 | D:3      | 5179 ||| Stepping randomly (stuck).
  5181 | D:3      | 5181 ||| Stepping randomly (stuck).
  5183 | D:3      | 5183 ||| Stepping randomly (stuck).
  5185 | D:3      | 5185 ||| Stepping randomly (stuck).
  5187 | D:3      | 5187 ||| Stepping randomly (stuck).
  5189 | D:3      | 5189 ||| Stepping randomly (stuck).
  5191 | D:3      | 5191 ||| Stepping randomly (stuck).
  5193 | D:3      | 5193 ||| Stepping randomly (stuck).
  5195 | D:3      | 5195 ||| Stepping randomly (stuck).
  5197 | D:3      | 5197 ||| Stepping randomly (stuck).
  5199 | D:3      | 5199 ||| Stepping randomly (stuck).
  5201 | D:3      | 5201 ||| Stepping randomly (stuck).
  5203 | D:3      | 5203 ||| Stepping randomly (stuck).
  5205 | D:3      | 5205 ||| Stepping randomly (stuck).
  5207 | D:3      | 5207 ||| Stepping randomly (stuck).
  5209 | D:3      | 5209 ||| Stepping randomly (stuck).
  5211 | D:3      | 5211 ||| Stepping randomly (stuck).
  5213 | D:3      | 5213 ||| Stepping randomly (stuck).
  5215 | D:3      | 5215 ||| Stepping randomly (stuck).
  5217 | D:3      | 5217 ||| Stepping randomly (stuck).
  5219 | D:3      | 5219 ||| Stepping randomly (stuck).
  5221 | D:3      | 5221 ||| Stepping randomly (stuck).
  5223 | D:3      | 5223 ||| Stepping randomly (stuck).
  5225 | D:3      | 5225 ||| Stepping randomly (stuck).
  5227 | D:3      | 5227 ||| Stepping randomly (stuck).
  5229 | D:3      | 5229 ||| Stepping randomly (stuck).
  5231 | D:3      | 5231 ||| Stepping randomly (stuck).
  5233 | D:3      | 5233 ||| Stepping randomly (stuck).
  5235 | D:3      | 5235 ||| Stepping randomly (stuck).
  5237 | D:3      | 5237 ||| Stepping randomly (stuck).
  5239 | D:3      | 5239 ||| Stepping randomly (stuck).
  5241 | D:3      | 5241 ||| Stepping randomly (stuck).
  5243 | D:3      | 5243 ||| Stepping randomly (stuck).
  5245 | D:3      | 5245 ||| Stepping randomly (stuck).
  5247 | D:3      | 5247 ||| Stepping randomly (stuck).
  5249 | D:3      | 5249 ||| Stepping randomly (stuck).
  5251 | D:3      | 5251 ||| Stepping randomly (stuck).
  5253 | D:3      | 5253 ||| Stepping randomly (stuck).
  5255 | D:3      | 5255 ||| Stepping randomly (stuck).
  5257 | D:3      | 5257 ||| Stepping randomly (stuck).
  5259 | D:3      | 5259 ||| Stepping randomly (stuck).
  5261 | D:3      | 5261 ||| Stepping randomly (stuck).
  5263 | D:3      | 5263 ||| Stepping randomly (stuck).
  5265 | D:3      | 5265 ||| Stepping randomly (stuck).
  5267 | D:3      | 5267 ||| Stepping randomly (stuck).
  5269 | D:3      | 5269 ||| Stepping randomly (stuck).
  5271 | D:3      | 5271 ||| Stepping randomly (stuck).
  5273 | D:3      | 5273 ||| Stepping randomly (stuck).
  5275 | D:3      | 5275 ||| Stepping randomly (stuck).
  5277 | D:3      | 5277 ||| Stepping randomly (stuck).
  5279 | D:3      | 5279 ||| Stepping randomly (stuck).
  5281 | D:3      | 5281 ||| Stepping randomly (stuck).
  5283 | D:3      | 5283 ||| Stepping randomly (stuck).
  5285 | D:3      | 5285 ||| Stepping randomly (stuck).
  5287 | D:3      | 5287 ||| Stepping randomly (stuck).
  5289 | D:3      | 5289 ||| Stepping randomly (stuck).
  5291 | D:3      | 5291 ||| Stepping randomly (stuck).
  5293 | D:3      | 5293 ||| Stepping randomly (stuck).
  5295 | D:3      | 5295 ||| Stepping randomly (stuck).
  5297 | D:3      | 5297 ||| Stepping randomly (stuck).
  5299 | D:3      | 5299 ||| Stepping randomly (stuck).
  5301 | D:3      | 5301 ||| Stepping randomly (stuck).
  5303 | D:3      | 5303 ||| Stepping randomly (stuck).
  5305 | D:3      | 5305 ||| Stepping randomly (stuck).
  5307 | D:3      | 5307 ||| Stepping randomly (stuck).
  5309 | D:3      | 5309 ||| Stepping randomly (stuck).
  5311 | D:3      | 5311 ||| Stepping randomly (stuck).
  5313 | D:3      | 5313 ||| Stepping randomly (stuck).
  5315 | D:3      | 5315 ||| Stepping randomly (stuck).
  5317 | D:3      | 5317 ||| Stepping randomly (stuck).
  5319 | D:3      | 5319 ||| Stepping randomly (stuck).
  5321 | D:3      | 5321 ||| Stepping randomly (stuck).
  5323 | D:3      | 5323 ||| Stepping randomly (stuck).
  5325 | D:3      | 5325 ||| Stepping randomly (stuck).
  5327 | D:3      | 5327 ||| Stepping randomly (stuck).
  5329 | D:3      | 5329 ||| Stepping randomly (stuck).
  5331 | D:3      | 5331 ||| Stepping randomly (stuck).
  5333 | D:3      | 5333 ||| Stepping randomly (stuck).
  5335 | D:3      | 5335 ||| Stepping randomly (stuck).
  5337 | D:3      | 5337 ||| Stepping randomly (stuck).
  5339 | D:3      | 5339 ||| Stepping randomly (stuck).
  5341 | D:3      | 5341 ||| Stepping randomly (stuck).
  5343 | D:3      | 5343 ||| Stepping randomly (stuck).
  5345 | D:3      | 5345 ||| Stepping randomly (stuck).
  5347 | D:3      | 5347 ||| Stepping randomly (stuck).
  5349 | D:3      | 5349 ||| Stepping randomly (stuck).
  5351 | D:3      | 5351 ||| Stepping randomly (stuck).
  5353 | D:3      | 5353 ||| Stepping randomly (stuck).
  5355 | D:3      | 5355 ||| Stepping randomly (stuck).
  5357 | D:3      | 5357 ||| Stepping randomly (stuck).
  5359 | D:3      | 5359 ||| Stepping randomly (stuck).
  5361 | D:3      | 5361 ||| Stepping randomly (stuck).
  5363 | D:3      | 5363 ||| Stepping randomly (stuck).
  5365 | D:3      | 5365 ||| Stepping randomly (stuck).
  5367 | D:3      | 5367 ||| Stepping randomly (stuck).
  5369 | D:3      | 5369 ||| Stepping randomly (stuck).
  5371 | D:3      | 5371 ||| Stepping randomly (stuck).
  5373 | D:3      | 5373 ||| Stepping randomly (stuck).
  5375 | D:3      | 5375 ||| Stepping randomly (stuck).
  5377 | D:3      | 5377 ||| Stepping randomly (stuck).
  5379 | D:3      | 5379 ||| Stepping randomly (stuck).
  5381 | D:3      | 5381 ||| Stepping randomly (stuck).
  5383 | D:3      | 5383 ||| Stepping randomly (stuck).
  5385 | D:3      | 5385 ||| Stepping randomly (stuck).
  5387 | D:3      | 5387 ||| Stepping randomly (stuck).
  5389 | D:3      | 5389 ||| Stepping randomly (stuck).
  5391 | D:3      | 5391 ||| Stepping randomly (stuck).
  5393 | D:3      | 5393 ||| Stepping randomly (stuck).
  5395 | D:3      | 5395 ||| Stepping randomly (stuck).
  5397 | D:3      | 5397 ||| Stepping randomly (stuck).
  5399 | D:3      | 5399 ||| Stepping randomly (stuck).
  5401 | D:3      | 5401 ||| Stepping randomly (stuck).
  5403 | D:3      | 5403 ||| Stepping randomly (stuck).
  5405 | D:3      | 5405 ||| Stepping randomly (stuck).
  5407 | D:3      | 5407 ||| Stepping randomly (stuck).
  5409 | D:3      | 5409 ||| Stepping randomly (stuck).
  5411 | D:3      | 5411 ||| Stepping randomly (stuck).
  5413 | D:3      | 5413 ||| Stepping randomly (stuck).
  5415 | D:3      | 5415 ||| Stepping randomly (stuck).
  5417 | D:3      | 5417 ||| Stepping randomly (stuck).
  5419 | D:3      | 5419 ||| Stepping randomly (stuck).
  5421 | D:3      | 5421 ||| Stepping randomly (stuck).
  5423 | D:3      | 5423 ||| Stepping randomly (stuck).
  5425 | D:3      | 5425 ||| Stepping randomly (stuck).
  5427 | D:3      | 5427 ||| Stepping randomly (stuck).
  5429 | D:3      | 5429 ||| Stepping randomly (stuck).
  5431 | D:3      | 5431 ||| Stepping randomly (stuck).
  5433 | D:3      | 5433 ||| Stepping randomly (stuck).
  5435 | D:3      | 5435 ||| Stepping randomly (stuck).
  5437 | D:3      | 5437 ||| Stepping randomly (stuck).
  5439 | D:3      | 5439 ||| Stepping randomly (stuck).
  5441 | D:3      | 5441 ||| Stepping randomly (stuck).
  5443 | D:3      | 5443 ||| Stepping randomly (stuck).
  5445 | D:3      | 5445 ||| Stepping randomly (stuck).
  5447 | D:3      | 5447 ||| Stepping randomly (stuck).
  5449 | D:3      | 5449 ||| Stepping randomly (stuck).
  5451 | D:3      | 5451 ||| Stepping randomly (stuck).
  5453 | D:3      | 5453 ||| Stepping randomly (stuck).
  5455 | D:3      | 5455 ||| Stepping randomly (stuck).
  5457 | D:3      | 5457 ||| Stepping randomly (stuck).
  5459 | D:3      | 5459 ||| Stepping randomly (stuck).
  5461 | D:3      | 5461 ||| Stepping randomly (stuck).
  5463 | D:3      | 5463 ||| Stepping randomly (stuck).
  5465 | D:3      | 5465 ||| Stepping randomly (stuck).
  5467 | D:3      | 5467 ||| Stepping randomly (stuck).
  5469 | D:3      | 5469 ||| Stepping randomly (stuck).
  5471 | D:3      | 5471 ||| Stepping randomly (stuck).
  5473 | D:3      | 5473 ||| Stepping randomly (stuck).
  5475 | D:3      | 5475 ||| Stepping randomly (stuck).
  5477 | D:3      | 5477 ||| Stepping randomly (stuck).
  5479 | D:3      | 5479 ||| Stepping randomly (stuck).
  5481 | D:3      | 5481 ||| Stepping randomly (stuck).
  5483 | D:3      | 5483 ||| Stepping randomly (stuck).
  5485 | D:3      | 5485 ||| Stepping randomly (stuck).
  5487 | D:3      | 5487 ||| Stepping randomly (stuck).
  5489 | D:3      | 5489 ||| Stepping randomly (stuck).
  5491 | D:3      | 5491 ||| Stepping randomly (stuck).
  5493 | D:3      | 5493 ||| Stepping randomly (stuck).
  5495 | D:3      | 5495 ||| Stepping randomly (stuck).
  5497 | D:3      | 5497 ||| Stepping randomly (stuck).
  5499 | D:3      | 5499 ||| Stepping randomly (stuck).
  5501 | D:3      | 5501 ||| Stepping randomly (stuck).
  5503 | D:3      | 5503 ||| Stepping randomly (stuck).
  5505 | D:3      | 5505 ||| Stepping randomly (stuck).
  5507 | D:3      | 5507 ||| Stepping randomly (stuck).
  5509 | D:3      | 5509 ||| Stepping randomly (stuck).
  5511 | D:3      | 5511 ||| Stepping randomly (stuck).
  5513 | D:3      | 5513 ||| Stepping randomly (stuck).
  5515 | D:3      | 5515 ||| Stepping randomly (stuck).
  5517 | D:3      | 5517 ||| Stepping randomly (stuck).
  5519 | D:3      | 5519 ||| Stepping randomly (stuck).
  5521 | D:3      | 5521 ||| Stepping randomly (stuck).
  5523 | D:3      | 5523 ||| Stepping randomly (stuck).
  5525 | D:3      | 5525 ||| Stepping randomly (stuck).
  5527 | D:3      | 5527 ||| Stepping randomly (stuck).
  5529 | D:3      | 5529 ||| Stepping randomly (stuck).
  5531 | D:3      | 5531 ||| Stepping randomly (stuck).
  5533 | D:3      | 5533 ||| Stepping randomly (stuck).
  5535 | D:3      | 5535 ||| Stepping randomly (stuck).
  5537 | D:3      | 5537 ||| Stepping randomly (stuck).
  5539 | D:3      | 5539 ||| Stepping randomly (stuck).
  5541 | D:3      | 5541 ||| Stepping randomly (stuck).
  5543 | D:3      | 5543 ||| Stepping randomly (stuck).
  5545 | D:3      | 5545 ||| Stepping randomly (stuck).
  5547 | D:3      | 5547 ||| Stepping randomly (stuck).
  5549 | D:3      | 5549 ||| Stepping randomly (stuck).
  5551 | D:3      | 5551 ||| Stepping randomly (stuck).
  5553 | D:3      | 5553 ||| Stepping randomly (stuck).
  5555 | D:3      | 5555 ||| Stepping randomly (stuck).
  5557 | D:3      | 5557 ||| Stepping randomly (stuck).
  5559 | D:3      | 5559 ||| Stepping randomly (stuck).
  5561 | D:3      | 5561 ||| Stepping randomly (stuck).
  5563 | D:3      | 5563 ||| Stepping randomly (stuck).
  5565 | D:3      | 5565 ||| Stepping randomly (stuck).
  5567 | D:3      | 5567 ||| Stepping randomly (stuck).
  5569 | D:3      | 5569 ||| Stepping randomly (stuck).
  5571 | D:3      | 5571 ||| Stepping randomly (stuck).
  5573 | D:3      | 5573 ||| Stepping randomly (stuck).
  5575 | D:3      | 5575 ||| Stepping randomly (stuck).
  5577 | D:3      | 5577 ||| Stepping randomly (stuck).
  5579 | D:3      | 5579 ||| Stepping randomly (stuck).
  5581 | D:3      | 5581 ||| Stepping randomly (stuck).
  5583 | D:3      | 5583 ||| Stepping randomly (stuck).
  5585 | D:3      | 5585 ||| Stepping randomly (stuck).
  5587 | D:3      | 5587 ||| Stepping randomly (stuck).
  5589 | D:3      | 5589 ||| Stepping randomly (stuck).
  5591 | D:3      | 5591 ||| Stepping randomly (stuck).
  5593 | D:3      | 5593 ||| Stepping randomly (stuck).
  5595 | D:3      | 5595 ||| Stepping randomly (stuck).
  5597 | D:3      | 5597 ||| Stepping randomly (stuck).
  5599 | D:3      | 5599 ||| Stepping randomly (stuck).
  5601 | D:3      | 5601 ||| Stepping randomly (stuck).
  5603 | D:3      | 5603 ||| Stepping randomly (stuck).
  5605 | D:3      | 5605 ||| Stepping randomly (stuck).
  5607 | D:3      | 5607 ||| Stepping randomly (stuck).
  5609 | D:3      | 5609 ||| Stepping randomly (stuck).
  5611 | D:3      | 5611 ||| Stepping randomly (stuck).
  5613 | D:3      | 5613 ||| Stepping randomly (stuck).
  5615 | D:3      | 5615 ||| Stepping randomly (stuck).
  5617 | D:3      | 5617 ||| Stepping randomly (stuck).
  5619 | D:3      | 5619 ||| Stepping randomly (stuck).
  5621 | D:3      | 5621 ||| Stepping randomly (stuck).
  5623 | D:3      | 5623 ||| Stepping randomly (stuck).
  5625 | D:3      | 5625 ||| Stepping randomly (stuck).
  5627 | D:3      | 5627 ||| Stepping randomly (stuck).
  5629 | D:3      | 5629 ||| Stepping randomly (stuck).
  5631 | D:3      | 5631 ||| Stepping randomly (stuck).
  5633 | D:3      | 5633 ||| Stepping randomly (stuck).
  5635 | D:3      | 5635 ||| Stepping randomly (stuck).
  5637 | D:3      | 5637 ||| Stepping randomly (stuck).
  5639 | D:3      | 5639 ||| Stepping randomly (stuck).
  5641 | D:3      | 5641 ||| Stepping randomly (stuck).
  5643 | D:3      | 5643 ||| Stepping randomly (stuck).
  5645 | D:3      | 5645 ||| Stepping randomly (stuck).
  5647 | D:3      | 5647 ||| Stepping randomly (stuck).
  5649 | D:3      | 5649 ||| Stepping randomly (stuck).
  5651 | D:3      | 5651 ||| Stepping randomly (stuck).
  5653 | D:3      | 5653 ||| Stepping randomly (stuck).
  5655 | D:3      | 5655 ||| Stepping randomly (stuck).
  5657 | D:3      | 5657 ||| Stepping randomly (stuck).
  5659 | D:3      | 5659 ||| Stepping randomly (stuck).
  5661 | D:3      | 5661 ||| Stepping randomly (stuck).
  5663 | D:3      | 5663 ||| Stepping randomly (stuck).
  5665 | D:3      | 5665 ||| Stepping randomly (stuck).
  5667 | D:3      | 5667 ||| Stepping randomly (stuck).
  5669 | D:3      | 5669 ||| Stepping randomly (stuck).
  5671 | D:3      | 5671 ||| Stepping randomly (stuck).
  5673 | D:3      | 5673 ||| Stepping randomly (stuck).
  5675 | D:3      | 5675 ||| Stepping randomly (stuck).
  5677 | D:3      | 5677 ||| Stepping randomly (stuck).
  5679 | D:3      | 5679 ||| Stepping randomly (stuck).
  5681 | D:3      | 5681 ||| Stepping randomly (stuck).
  5683 | D:3      | 5683 ||| Stepping randomly (stuck).
  5685 | D:3      | 5685 ||| Stepping randomly (stuck).
  5687 | D:3      | 5687 ||| Stepping randomly (stuck).
  5689 | D:3      | 5689 ||| Stepping randomly (stuck).
  5691 | D:3      | 5691 ||| Stepping randomly (stuck).
  5693 | D:3      | 5693 ||| Stepping randomly (stuck).
  5695 | D:3      | 5695 ||| Stepping randomly (stuck).
  5697 | D:3      | 5697 ||| Stepping randomly (stuck).
  5699 | D:3      | 5699 ||| Stepping randomly (stuck).
  5701 | D:3      | 5701 ||| Stepping randomly (stuck).
  5703 | D:3      | 5703 ||| Stepping randomly (stuck).
  5705 | D:3      | 5705 ||| Stepping randomly (stuck).
  5707 | D:3      | 5707 ||| Stepping randomly (stuck).
  5709 | D:3      | 5709 ||| Stepping randomly (stuck).
  5711 | D:3      | 5711 ||| Stepping randomly (stuck).
  5713 | D:3      | 5713 ||| Stepping randomly (stuck).
  5715 | D:3      | 5715 ||| Stepping randomly (stuck).
  5717 | D:3      | 5717 ||| Stepping randomly (stuck).
  5719 | D:3      | 5719 ||| Stepping randomly (stuck).
  5721 | D:3      | 5721 ||| Stepping randomly (stuck).
  5723 | D:3      | 5723 ||| Stepping randomly (stuck).
  5725 | D:3      | 5725 ||| Stepping randomly (stuck).
  5727 | D:3      | 5727 ||| Stepping randomly (stuck).
  5729 | D:3      | 5729 ||| Stepping randomly (stuck).
  5731 | D:3      | 5731 ||| Stepping randomly (stuck).
  5733 | D:3      | 5733 ||| Stepping randomly (stuck).
  5735 | D:3      | 5735 ||| Stepping randomly (stuck).
  5737 | D:3      | 5737 ||| Stepping randomly (stuck).
  5739 | D:3      | 5739 ||| Stepping randomly (stuck).
  5741 | D:3      | 5741 ||| Stepping randomly (stuck).
  5743 | D:3      | 5743 ||| Stepping randomly (stuck).
  5745 | D:3      | 5745 ||| Stepping randomly (stuck).
  5747 | D:3      | 5747 ||| Stepping randomly (stuck).
  5749 | D:3      | 5749 ||| Stepping randomly (stuck).
  5751 | D:3      | 5751 ||| Stepping randomly (stuck).
  5753 | D:3      | 5753 ||| Stepping randomly (stuck).
  5755 | D:3      | 5755 ||| Stepping randomly (stuck).
  5757 | D:3      | 5757 ||| Stepping randomly (stuck).
  5759 | D:3      | 5759 ||| Stepping randomly (stuck).
  5761 | D:3      | 5761 ||| Stepping randomly (stuck).
  5763 | D:3      | 5763 ||| Stepping randomly (stuck).
  5765 | D:3      | 5765 ||| Stepping randomly (stuck).
  5767 | D:3      | 5767 ||| Stepping randomly (stuck).
  5769 | D:3      | 5769 ||| Stepping randomly (stuck).
  5771 | D:3      | 5771 ||| Stepping randomly (stuck).
  5773 | D:3      | 5773 ||| Stepping randomly (stuck).
  5775 | D:3      | 5775 ||| Stepping randomly (stuck).
  5777 | D:3      | 5777 ||| Stepping randomly (stuck).
  5779 | D:3      | 5779 ||| Stepping randomly (stuck).
  5781 | D:3      | 5781 ||| Stepping randomly (stuck).
  5783 | D:3      | 5783 ||| Stepping randomly (stuck).
  5785 | D:3      | 5785 ||| Stepping randomly (stuck).
  5787 | D:3      | 5787 ||| Stepping randomly (stuck).
  5789 | D:3      | 5789 ||| Stepping randomly (stuck).
  5791 | D:3      | 5791 ||| Stepping randomly (stuck).
  5793 | D:3      | 5793 ||| Stepping randomly (stuck).
  5795 | D:3      | 5795 ||| Stepping randomly (stuck).
  5797 | D:3      | 5797 ||| Stepping randomly (stuck).
  5799 | D:3      | 5799 ||| Stepping randomly (stuck).
  5801 | D:3      | 5801 ||| Stepping randomly (stuck).
  5803 | D:3      | 5803 ||| Stepping randomly (stuck).
  5805 | D:3      | 5805 ||| Stepping randomly (stuck).
  5807 | D:3      | 5807 ||| Stepping randomly (stuck).
  5809 | D:3      | 5809 ||| Stepping randomly (stuck).
  5811 | D:3      | 5811 ||| Stepping randomly (stuck).
  5813 | D:3      | 5813 ||| Stepping randomly (stuck).
  5815 | D:3      | 5815 ||| Stepping randomly (stuck).
  5817 | D:3      | 5817 ||| Stepping randomly (stuck).
  5819 | D:3      | 5819 ||| Stepping randomly (stuck).
  5821 | D:3      | 5821 ||| Stepping randomly (stuck).
  5823 | D:3      | 5823 ||| Stepping randomly (stuck).
  5825 | D:3      | 5825 ||| Stepping randomly (stuck).
  5827 | D:3      | 5827 ||| Stepping randomly (stuck).
  5829 | D:3      | 5829 ||| Stepping randomly (stuck).
  5831 | D:3      | 5831 ||| Stepping randomly (stuck).
  5833 | D:3      | 5833 ||| Stepping randomly (stuck).
  5835 | D:3      | 5835 ||| Stepping randomly (stuck).
  5837 | D:3      | 5837 ||| Stepping randomly (stuck).
  5839 | D:3      | 5839 ||| Stepping randomly (stuck).
  5841 | D:3      | 5841 ||| Stepping randomly (stuck).
  5843 | D:3      | 5843 ||| Stepping randomly (stuck).
  5845 | D:3      | 5845 ||| Stepping randomly (stuck).
  5847 | D:3      | 5847 ||| Stepping randomly (stuck).
  5849 | D:3      | 5849 ||| Stepping randomly (stuck).
  5851 | D:3      | 5851 ||| Stepping randomly (stuck).
  5853 | D:3      | 5853 ||| Stepping randomly (stuck).
  5855 | D:3      | 5855 ||| Stepping randomly (stuck).
  5857 | D:3      | 5857 ||| Stepping randomly (stuck).
  5859 | D:3      | 5859 ||| Stepping randomly (stuck).
  5861 | D:3      | 5861 ||| Stepping randomly (stuck).
  5863 | D:3      | 5863 ||| Stepping randomly (stuck).
  5865 | D:3      | 5865 ||| Stepping randomly (stuck).
  5867 | D:3      | 5867 ||| Stepping randomly (stuck).
  5869 | D:3      | 5869 ||| Stepping randomly (stuck).
  5871 | D:3      | 5871 ||| Stepping randomly (stuck).
  5873 | D:3      | 5873 ||| Stepping randomly (stuck).
  5875 | D:3      | 5875 ||| Stepping randomly (stuck).
  5877 | D:3      | 5877 ||| Stepping randomly (stuck).
  5879 | D:3      | 5879 ||| Stepping randomly (stuck).
  5881 | D:3      | 5881 ||| Stepping randomly (stuck).
  5883 | D:3      | 5883 ||| Stepping randomly (stuck).
  5885 | D:3      | 5885 ||| Stepping randomly (stuck).
  5887 | D:3      | 5887 ||| Stepping randomly (stuck).
  5889 | D:3      | 5889 ||| Stepping randomly (stuck).
  5891 | D:3      | 5891 ||| Stepping randomly (stuck).
  5893 | D:3      | 5893 ||| Stepping randomly (stuck).
  5895 | D:3      | 5895 ||| Stepping randomly (stuck).
  5897 | D:3      | 5897 ||| Stepping randomly (stuck).
  5899 | D:3      | 5899 ||| Stepping randomly (stuck).
  5901 | D:3      | 5901 ||| Stepping randomly (stuck).
  5903 | D:3      | 5903 ||| Stepping randomly (stuck).
  5905 | D:3      | 5905 ||| Stepping randomly (stuck).
  5907 | D:3      | 5907 ||| Stepping randomly (stuck).
  5909 | D:3      | 5909 ||| Stepping randomly (stuck).
  5911 | D:3      | 5911 ||| Stepping randomly (stuck).
  5913 | D:3      | 5913 ||| Stepping randomly (stuck).
  5915 | D:3      | 5915 ||| Stepping randomly (stuck).
  5917 | D:3      | 5917 ||| Stepping randomly (stuck).
  5919 | D:3      | 5919 ||| Stepping randomly (stuck).
  5921 | D:3      | 5921 ||| Stepping randomly (stuck).
  5923 | D:3      | 5923 ||| Stepping randomly (stuck).
  5925 | D:3      | 5925 ||| Stepping randomly (stuck).
  5927 | D:3      | 5927 ||| Stepping randomly (stuck).
  5929 | D:3      | 5929 ||| Stepping randomly (stuck).
  5931 | D:3      | 5931 ||| Stepping randomly (stuck).
  5933 | D:3      | 5933 ||| Stepping randomly (stuck).
  5935 | D:3      | 5935 ||| Stepping randomly (stuck).
  5937 | D:3      | 5937 ||| Stepping randomly (stuck).
  5939 | D:3      | 5939 ||| Stepping randomly (stuck).
  5941 | D:3      | 5941 ||| Stepping randomly (stuck).
  5943 | D:3      | 5943 ||| Stepping randomly (stuck).
  5945 | D:3      | 5945 ||| Stepping randomly (stuck).
  5947 | D:3      | 5947 ||| Stepping randomly (stuck).
  5949 | D:3      | 5949 ||| Stepping randomly (stuck).
  5951 | D:3      | 5951 ||| Stepping randomly (stuck).
  5953 | D:3      | 5953 ||| Stepping randomly (stuck).
  5955 | D:3      | 5955 ||| Stepping randomly (stuck).
  5957 | D:3      | 5957 ||| Stepping randomly (stuck).
  5959 | D:3      | 5959 ||| Stepping randomly (stuck).
  5961 | D:3      | 5961 ||| Stepping randomly (stuck).
  5963 | D:3      | 5963 ||| Stepping randomly (stuck).
  5965 | D:3      | 5965 ||| Stepping randomly (stuck).
  5967 | D:3      | 5967 ||| Stepping randomly (stuck).
  5969 | D:3      | 5969 ||| Stepping randomly (stuck).
  5971 | D:3      | 5971 ||| Stepping randomly (stuck).
  5973 | D:3      | 5973 ||| Stepping randomly (stuck).
  5975 | D:3      | 5975 ||| Stepping randomly (stuck).
  5977 | D:3      | 5977 ||| Stepping randomly (stuck).
  5979 | D:3      | 5979 ||| Stepping randomly (stuck).
  5981 | D:3      | 5981 ||| Stepping randomly (stuck).
  5983 | D:3      | 5983 ||| Stepping randomly (stuck).
  5985 | D:3      | 5985 ||| Stepping randomly (stuck).
  5987 | D:3      | 5987 ||| Stepping randomly (stuck).
  5989 | D:3      | 5989 ||| Stepping randomly (stuck).
  5991 | D:3      | 5991 ||| Stepping randomly (stuck).
  5993 | D:3      | 5993 ||| Stepping randomly (stuck).
  5995 | D:3      | 5995 ||| Stepping randomly (stuck).
  5997 | D:3      | 5997 ||| Stepping randomly (stuck).
  5999 | D:3      | 5999 ||| Stepping randomly (stuck).
  6001 | D:3      | 6001 ||| Stepping randomly (stuck).
  6003 | D:3      | 6003 ||| Stepping randomly (stuck).
  6005 | D:3      | 6005 ||| Stepping randomly (stuck).
  6007 | D:3      | 6007 ||| Stepping randomly (stuck).
  6009 | D:3      | 6009 ||| Stepping randomly (stuck).
  6011 | D:3      | 6011 ||| Stepping randomly (stuck).
  6013 | D:3      | 6013 ||| Stepping randomly (stuck).
  6015 | D:3      | 6015 ||| Stepping randomly (stuck).
  6017 | D:3      | 6017 ||| Stepping randomly (stuck).
  6019 | D:3      | 6019 ||| Stepping randomly (stuck).
  6021 | D:3      | 6021 ||| Stepping randomly (stuck).
  6023 | D:3      | 6023 ||| Stepping randomly (stuck).
  6025 | D:3      | 6025 ||| Stepping randomly (stuck).
  6027 | D:3      | 6027 ||| Stepping randomly (stuck).
  6029 | D:3      | 6029 ||| Stepping randomly (stuck).
  6031 | D:3      | 6031 ||| Stepping randomly (stuck).
  6033 | D:3      | 6033 ||| Stepping randomly (stuck).
  6035 | D:3      | 6035 ||| Stepping randomly (stuck).
  6037 | D:3      | 6037 ||| Stepping randomly (stuck).
  6039 | D:3      | 6039 ||| Stepping randomly (stuck).
  6041 | D:3      | 6041 ||| Stepping randomly (stuck).
  6043 | D:3      | 6043 ||| Stepping randomly (stuck).
  6045 | D:3      | 6045 ||| Stepping randomly (stuck).
  6047 | D:3      | 6047 ||| Stepping randomly (stuck).
  6049 | D:3      | 6049 ||| Stepping randomly (stuck).
  6051 | D:3      | 6051 ||| Stepping randomly (stuck).
  6053 | D:3      | 6053 ||| Stepping randomly (stuck).
  6055 | D:3      | 6055 ||| Stepping randomly (stuck).
  6057 | D:3      | 6057 ||| Stepping randomly (stuck).
  6059 | D:3      | 6059 ||| Stepping randomly (stuck).
  6061 | D:3      | 6061 ||| Stepping randomly (stuck).
  6063 | D:3      | 6063 ||| Stepping randomly (stuck).
  6065 | D:3      | 6065 ||| Stepping randomly (stuck).
  6067 | D:3      | 6067 ||| Stepping randomly (stuck).
  6069 | D:3      | 6069 ||| Stepping randomly (stuck).
  6071 | D:3      | 6071 ||| Stepping randomly (stuck).
  6073 | D:3      | 6073 ||| Stepping randomly (stuck).
  6075 | D:3      | 6075 ||| Stepping randomly (stuck).
  6077 | D:3      | 6077 ||| Stepping randomly (stuck).
  6079 | D:3      | 6079 ||| Stepping randomly (stuck).
  6081 | D:3      | 6081 ||| Stepping randomly (stuck).
  6083 | D:3      | 6083 ||| Stepping randomly (stuck).
  6085 | D:3      | 6085 ||| Stepping randomly (stuck).
  6087 | D:3      | 6087 ||| Stepping randomly (stuck).
  6089 | D:3      | 6089 ||| Stepping randomly (stuck).
  6091 | D:3      | 6091 ||| Stepping randomly (stuck).
  6093 | D:3      | 6093 ||| Stepping randomly (stuck).
  6095 | D:3      | 6095 ||| Stepping randomly (stuck).
  6097 | D:3      | 6097 ||| Stepping randomly (stuck).
  6099 | D:3      | 6099 ||| Stepping randomly (stuck).
  6101 | D:3      | 6101 ||| Stepping randomly (stuck).
  6103 | D:3      | 6103 ||| Stepping randomly (stuck).
  6105 | D:3      | 6105 ||| Stepping randomly (stuck).
  6107 | D:3      | 6107 ||| Stepping randomly (stuck).
  6109 | D:3      | 6109 ||| Stepping randomly (stuck).
  6111 | D:3      | 6111 ||| Stepping randomly (stuck).
  6113 | D:3      | 6113 ||| Stepping randomly (stuck).
  6115 | D:3      | 6115 ||| Stepping randomly (stuck).
  6117 | D:3      | 6117 ||| Stepping randomly (stuck).
  6119 | D:3      | 6119 ||| Stepping randomly (stuck).
  6121 | D:3      | 6121 ||| Stepping randomly (stuck).
  6123 | D:3      | 6123 ||| Stepping randomly (stuck).
  6125 | D:3      | 6125 ||| Stepping randomly (stuck).
  6127 | D:3      | 6127 ||| Stepping randomly (stuck).
  6129 | D:3      | 6129 ||| Stepping randomly (stuck).
  6131 | D:3      | 6131 ||| Stepping randomly (stuck).
  6133 | D:3      | 6133 ||| Stepping randomly (stuck).
  6135 | D:3      | 6135 ||| Stepping randomly (stuck).
  6137 | D:3      | 6137 ||| Stepping randomly (stuck).
  6139 | D:3      | 6139 ||| Stepping randomly (stuck).
  6141 | D:3      | 6141 ||| Stepping randomly (stuck).
  6143 | D:3      | 6143 ||| Stepping randomly (stuck).
  6145 | D:3      | 6145 ||| Stepping randomly (stuck).
  6147 | D:3      | 6147 ||| Stepping randomly (stuck).
  6149 | D:3      | 6149 ||| Stepping randomly (stuck).
  6151 | D:3      | 6151 ||| Stepping randomly (stuck).
  6153 | D:3      | 6153 ||| Stepping randomly (stuck).
  6155 | D:3      | 6155 ||| Stepping randomly (stuck).
  6157 | D:3      | 6157 ||| Stepping randomly (stuck).
  6159 | D:3      | 6159 ||| Stepping randomly (stuck).
  6161 | D:3      | 6161 ||| Stepping randomly (stuck).
  6163 | D:3      | 6163 ||| Stepping randomly (stuck).
  6165 | D:3      | 6165 ||| Stepping randomly (stuck).
  6167 | D:3      | 6167 ||| Stepping randomly (stuck).
  6169 | D:3      | 6169 ||| Stepping randomly (stuck).
  6171 | D:3      | 6171 ||| Stepping randomly (stuck).
  6173 | D:3      | 6173 ||| Stepping randomly (stuck).
  6175 | D:3      | 6175 ||| Stepping randomly (stuck).
  6177 | D:3      | 6177 ||| Stepping randomly (stuck).
  6179 | D:3      | 6179 ||| Stepping randomly (stuck).
  6181 | D:3      | 6181 ||| Stepping randomly (stuck).
  6183 | D:3      | 6183 ||| Stepping randomly (stuck).
  6185 | D:3      | 6185 ||| Stepping randomly (stuck).
  6187 | D:3      | 6187 ||| Stepping randomly (stuck).
  6189 | D:3      | 6189 ||| Stepping randomly (stuck).
  6191 | D:3      | 6191 ||| Stepping randomly (stuck).
  6193 | D:3      | 6193 ||| Stepping randomly (stuck).
  6195 | D:3      | 6195 ||| Stepping randomly (stuck).
  6197 | D:3      | 6197 ||| Stepping randomly (stuck).
  6199 | D:3      | 6199 ||| Stepping randomly (stuck).
  6201 | D:3      | 6201 ||| Stepping randomly (stuck).
  6203 | D:3      | 6203 ||| Stepping randomly (stuck).
  6205 | D:3      | 6205 ||| Stepping randomly (stuck).
  6207 | D:3      | 6207 ||| Stepping randomly (stuck).
  6209 | D:3      | 6209 ||| Stepping randomly (stuck).
  6211 | D:3      | 6211 ||| Stepping randomly (stuck).
  6213 | D:3      | 6213 ||| Stepping randomly (stuck).
  6215 | D:3      | 6215 ||| Stepping randomly (stuck).
  6217 | D:3      | 6217 ||| Stepping randomly (stuck).
  6219 | D:3      | 6219 ||| Stepping randomly (stuck).
  6221 | D:3      | 6221 ||| Stepping randomly (stuck).
  6223 | D:3      | 6223 ||| Stepping randomly (stuck).
  6225 | D:3      | 6225 ||| Stepping randomly (stuck).
  6227 | D:3      | 6227 ||| Stepping randomly (stuck).
  6229 | D:3      | 6229 ||| Stepping randomly (stuck).
  6231 | D:3      | 6231 ||| Stepping randomly (stuck).
  6233 | D:3      | 6233 ||| Stepping randomly (stuck).
  6235 | D:3      | 6235 ||| Stepping randomly (stuck).
  6237 | D:3      | 6237 ||| Stepping randomly (stuck).
  6239 | D:3      | 6239 ||| Stepping randomly (stuck).
  6241 | D:3      | 6241 ||| Stepping randomly (stuck).
  6243 | D:3      | 6243 ||| Stepping randomly (stuck).
  6245 | D:3      | 6245 ||| Stepping randomly (stuck).
  6247 | D:3      | 6247 ||| Stepping randomly (stuck).
  6249 | D:3      | 6249 ||| Stepping randomly (stuck).
  6251 | D:3      | 6251 ||| Stepping randomly (stuck).
  6253 | D:3      | 6253 ||| Stepping randomly (stuck).
  6255 | D:3      | 6255 ||| Stepping randomly (stuck).
  6257 | D:3      | 6257 ||| Stepping randomly (stuck).
  6259 | D:3      | 6259 ||| Stepping randomly (stuck).
  6261 | D:3      | 6261 ||| Stepping randomly (stuck).
  6263 | D:3      | 6263 ||| Stepping randomly (stuck).
  6265 | D:3      | 6265 ||| Stepping randomly (stuck).
  6267 | D:3      | 6267 ||| Stepping randomly (stuck).
  6269 | D:3      | 6269 ||| Stepping randomly (stuck).
  6271 | D:3      | 6271 ||| Stepping randomly (stuck).
  6273 | D:3      | 6273 ||| Stepping randomly (stuck).
  6275 | D:3      | 6275 ||| Stepping randomly (stuck).
  6277 | D:3      | 6277 ||| Stepping randomly (stuck).
  6279 | D:3      | 6279 ||| Stepping randomly (stuck).
  6281 | D:3      | 6281 ||| Stepping randomly (stuck).
  6283 | D:3      | 6283 ||| Stepping randomly (stuck).
  6285 | D:3      | 6285 ||| Stepping randomly (stuck).
  6287 | D:3      | 6287 ||| Stepping randomly (stuck).
  6289 | D:3      | 6289 ||| Stepping randomly (stuck).
  6291 | D:3      | 6291 ||| Stepping randomly (stuck).
  6293 | D:3      | 6293 ||| Stepping randomly (stuck).
  6295 | D:3      | 6295 ||| Stepping randomly (stuck).
  6297 | D:3      | 6297 ||| Stepping randomly (stuck).
  6299 | D:3      | 6299 ||| Stepping randomly (stuck).
  6301 | D:3      | 6301 ||| Stepping randomly (stuck).
  6303 | D:3      | 6303 ||| Stepping randomly (stuck).
  6305 | D:3      | 6305 ||| Stepping randomly (stuck).
  6307 | D:3      | 6307 ||| Stepping randomly (stuck).
  6309 | D:3      | 6309 ||| Stepping randomly (stuck).
  6311 | D:3      | 6311 ||| Stepping randomly (stuck).
  6313 | D:3      | 6313 ||| Stepping randomly (stuck).
  6315 | D:3      | 6315 ||| Stepping randomly (stuck).
  6317 | D:3      | 6317 ||| Stepping randomly (stuck).
  6319 | D:3      | 6319 ||| Stepping randomly (stuck).
  6321 | D:3      | 6321 ||| Stepping randomly (stuck).
  6323 | D:3      | 6323 ||| Stepping randomly (stuck).
  6325 | D:3      | 6325 ||| Stepping randomly (stuck).
  6327 | D:3      | 6327 ||| Stepping randomly (stuck).
  6329 | D:3      | 6329 ||| Stepping randomly (stuck).
  6331 | D:3      | 6331 ||| Stepping randomly (stuck).
  6333 | D:3      | 6333 ||| Stepping randomly (stuck).
  6335 | D:3      | 6335 ||| Stepping randomly (stuck).
  6337 | D:3      | 6337 ||| Stepping randomly (stuck).
  6339 | D:3      | 6339 ||| Stepping randomly (stuck).
  6341 | D:3      | 6341 ||| Stepping randomly (stuck).
  6343 | D:3      | 6343 ||| Stepping randomly (stuck).
  6345 | D:3      | 6345 ||| Stepping randomly (stuck).
  6347 | D:3      | 6347 ||| Stepping randomly (stuck).
  6349 | D:3      | 6349 ||| Stepping randomly (stuck).
  6351 | D:3      | 6351 ||| Stepping randomly (stuck).
  6353 | D:3      | 6353 ||| Stepping randomly (stuck).
  6355 | D:3      | 6355 ||| Stepping randomly (stuck).
  6357 | D:3      | 6357 ||| Stepping randomly (stuck).
  6359 | D:3      | 6359 ||| Stepping randomly (stuck).
  6361 | D:3      | 6361 ||| Stepping randomly (stuck).
  6363 | D:3      | 6363 ||| Stepping randomly (stuck).
  6365 | D:3      | 6365 ||| Stepping randomly (stuck).
  6367 | D:3      | 6367 ||| Stepping randomly (stuck).
  6369 | D:3      | 6369 ||| Stepping randomly (stuck).
  6371 | D:3      | 6371 ||| Stepping randomly (stuck).
  6373 | D:3      | 6373 ||| Stepping randomly (stuck).
  6375 | D:3      | 6375 ||| Stepping randomly (stuck).
  6377 | D:3      | 6377 ||| Stepping randomly (stuck).
  6379 | D:3      | 6379 ||| Stepping randomly (stuck).
  6381 | D:3      | 6381 ||| Stepping randomly (stuck).
  6383 | D:3      | 6383 ||| Stepping randomly (stuck).
  6385 | D:3      | 6385 ||| Stepping randomly (stuck).
  6387 | D:3      | 6387 ||| Stepping randomly (stuck).
  6389 | D:3      | 6389 ||| Stepping randomly (stuck).
  6391 | D:3      | 6391 ||| Stepping randomly (stuck).
  6393 | D:3      | 6393 ||| Stepping randomly (stuck).
  6395 | D:3      | 6395 ||| Stepping randomly (stuck).
  6397 | D:3      | 6397 ||| Stepping randomly (stuck).
  6399 | D:3      | 6399 ||| Stepping randomly (stuck).
  6401 | D:3      | 6401 ||| Stepping randomly (stuck).
  6403 | D:3      | 6403 ||| Stepping randomly (stuck).
  6405 | D:3      | 6405 ||| Stepping randomly (stuck).
  6407 | D:3      | 6407 ||| Stepping randomly (stuck).
  6409 | D:3      | 6409 ||| Stepping randomly (stuck).
  6411 | D:3      | 6411 ||| Stepping randomly (stuck).
  6413 | D:3      | 6413 ||| Stepping randomly (stuck).
  6415 | D:3      | 6415 ||| Stepping randomly (stuck).
  6417 | D:3      | 6417 ||| Stepping randomly (stuck).
  6419 | D:3      | 6419 ||| Stepping randomly (stuck).
  6421 | D:3      | 6421 ||| Stepping randomly (stuck).
  6423 | D:3      | 6423 ||| Stepping randomly (stuck).
  6425 | D:3      | 6425 ||| Stepping randomly (stuck).
  6427 | D:3      | 6427 ||| Stepping randomly (stuck).
  6429 | D:3      | 6429 ||| Stepping randomly (stuck).
  6431 | D:3      | 6431 ||| Stepping randomly (stuck).
  6433 | D:3      | 6433 ||| Stepping randomly (stuck).
  6435 | D:3      | 6435 ||| Stepping randomly (stuck).
  6437 | D:3      | 6437 ||| Stepping randomly (stuck).
  6439 | D:3      | 6439 ||| Stepping randomly (stuck).
  6441 | D:3      | 6441 ||| Stepping randomly (stuck).
  6443 | D:3      | 6443 ||| Stepping randomly (stuck).
  6445 | D:3      | 6445 ||| Stepping randomly (stuck).
  6447 | D:3      | 6447 ||| Stepping randomly (stuck).
  6449 | D:3      | 6449 ||| Stepping randomly (stuck).
  6451 | D:3      | 6451 ||| Stepping randomly (stuck).
  6453 | D:3      | 6453 ||| Stepping randomly (stuck).
  6455 | D:3      | 6455 ||| Stepping randomly (stuck).
  6457 | D:3      | 6457 ||| Stepping randomly (stuck).
  6459 | D:3      | 6459 ||| Stepping randomly (stuck).
  6461 | D:3      | 6461 ||| Stepping randomly (stuck).
  6463 | D:3      | 6463 ||| Stepping randomly (stuck).
  6465 | D:3      | 6465 ||| Stepping randomly (stuck).
  6467 | D:3      | 6467 ||| Stepping randomly (stuck).
  6469 | D:3      | 6469 ||| Stepping randomly (stuck).
  6471 | D:3      | 6471 ||| Stepping randomly (stuck).
  6473 | D:3      | 6473 ||| Stepping randomly (stuck).
  6475 | D:3      | 6475 ||| Stepping randomly (stuck).
  6477 | D:3      | 6477 ||| Stepping randomly (stuck).
  6479 | D:3      | 6479 ||| Stepping randomly (stuck).
  6481 | D:3      | 6481 ||| Stepping randomly (stuck).
  6483 | D:3      | 6483 ||| Stepping randomly (stuck).
  6485 | D:3      | 6485 ||| Stepping randomly (stuck).
  6487 | D:3      | 6487 ||| Stepping randomly (stuck).
  6489 | D:3      | 6489 ||| Stepping randomly (stuck).
  6491 | D:3      | 6491 ||| Stepping randomly (stuck).
  6493 | D:3      | 6493 ||| Stepping randomly (stuck).
  6495 | D:3      | 6495 ||| Stepping randomly (stuck).
  6497 | D:3      | 6497 ||| Stepping randomly (stuck).
  6499 | D:3      | 6499 ||| Stepping randomly (stuck).
  6501 | D:3      | 6501 ||| Stepping randomly (stuck).
  6503 | D:3      | 6503 ||| Stepping randomly (stuck).
  6505 | D:3      | 6505 ||| Stepping randomly (stuck).
  6507 | D:3      | 6507 ||| Stepping randomly (stuck).
  6509 | D:3      | 6509 ||| Stepping randomly (stuck).
  6511 | D:3      | 6511 ||| Stepping randomly (stuck).
  6513 | D:3      | 6513 ||| Stepping randomly (stuck).
  6515 | D:3      | 6515 ||| Stepping randomly (stuck).
  6517 | D:3      | 6517 ||| Stepping randomly (stuck).
  6519 | D:3      | 6519 ||| Stepping randomly (stuck).
  6521 | D:3      | 6521 ||| Stepping randomly (stuck).
  6523 | D:3      | 6523 ||| Stepping randomly (stuck).
  6525 | D:3      | 6525 ||| Stepping randomly (stuck).
  6527 | D:3      | 6527 ||| Stepping randomly (stuck).
  6529 | D:3      | 6529 ||| Stepping randomly (stuck).
  6531 | D:3      | 6531 ||| Stepping randomly (stuck).
  6533 | D:3      | 6533 ||| Stepping randomly (stuck).
  6535 | D:3      | 6535 ||| Stepping randomly (stuck).
  6537 | D:3      | 6537 ||| Stepping randomly (stuck).
  6539 | D:3      | 6539 ||| Stepping randomly (stuck).
  6541 | D:3      | 6541 ||| Stepping randomly (stuck).
  6543 | D:3      | 6543 ||| Stepping randomly (stuck).
  6545 | D:3      | 6545 ||| Stepping randomly (stuck).
  6547 | D:3      | 6547 ||| Stepping randomly (stuck).
  6549 | D:3      | 6549 ||| Stepping randomly (stuck).
  6551 | D:3      | 6551 ||| Stepping randomly (stuck).
  6553 | D:3      | 6553 ||| Stepping randomly (stuck).
  6555 | D:3      | 6555 ||| Stepping randomly (stuck).
  6557 | D:3      | 6557 ||| Stepping randomly (stuck).
  6559 | D:3      | 6559 ||| Stepping randomly (stuck).
  6561 | D:3      | 6561 ||| Stepping randomly (stuck).
  6563 | D:3      | 6563 ||| Stepping randomly (stuck).
  6565 | D:3      | 6565 ||| Stepping randomly (stuck).
  6567 | D:3      | 6567 ||| Stepping randomly (stuck).
  6569 | D:3      | 6569 ||| Stepping randomly (stuck).
  6571 | D:3      | 6571 ||| Stepping randomly (stuck).
  6573 | D:3      | 6573 ||| Stepping randomly (stuck).
  6575 | D:3      | 6575 ||| Stepping randomly (stuck).
  6577 | D:3      | 6577 ||| Stepping randomly (stuck).
  6579 | D:3      | 6579 ||| Stepping randomly (stuck).
  6581 | D:3      | 6581 ||| Stepping randomly (stuck).
  6583 | D:3      | 6583 ||| Stepping randomly (stuck).
  6585 | D:3      | 6585 ||| Stepping randomly (stuck).
  6587 | D:3      | 6587 ||| Stepping randomly (stuck).
  6589 | D:3      | 6589 ||| Stepping randomly (stuck).
  6591 | D:3      | 6591 ||| Stepping randomly (stuck).
  6593 | D:3      | 6593 ||| Stepping randomly (stuck).
  6595 | D:3      | 6595 ||| Stepping randomly (stuck).
  6597 | D:3      | 6597 ||| Stepping randomly (stuck).
  6599 | D:3      | 6599 ||| Stepping randomly (stuck).
  6601 | D:3      | 6601 ||| Stepping randomly (stuck).
  6603 | D:3      | 6603 ||| Stepping randomly (stuck).
  6605 | D:3      | 6605 ||| Stepping randomly (stuck).
  6607 | D:3      | 6607 ||| Stepping randomly (stuck).
  6609 | D:3      | 6609 ||| Stepping randomly (stuck).
  6611 | D:3      | 6611 ||| Stepping randomly (stuck).
  6613 | D:3      | 6613 ||| Stepping randomly (stuck).
  6615 | D:3      | 6615 ||| Stepping randomly (stuck).
  6617 | D:3      | 6617 ||| Stepping randomly (stuck).
  6619 | D:3      | 6619 ||| Stepping randomly (stuck).
  6621 | D:3      | 6621 ||| Stepping randomly (stuck).
  6623 | D:3      | 6623 ||| Stepping randomly (stuck).
  6625 | D:3      | 6625 ||| Stepping randomly (stuck).
  6627 | D:3      | 6627 ||| Stepping randomly (stuck).
  6629 | D:3      | 6629 ||| Stepping randomly (stuck).
  6631 | D:3      | 6631 ||| Stepping randomly (stuck).
  6633 | D:3      | 6633 ||| Stepping randomly (stuck).
  6635 | D:3      | 6635 ||| Stepping randomly (stuck).
  6637 | D:3      | 6637 ||| Stepping randomly (stuck).
  6639 | D:3      | 6639 ||| Stepping randomly (stuck).
  6641 | D:3      | 6641 ||| Stepping randomly (stuck).
  6643 | D:3      | 6643 ||| Stepping randomly (stuck).
  6645 | D:3      | 6645 ||| Stepping randomly (stuck).
  6647 | D:3      | 6647 ||| Stepping randomly (stuck).
  6649 | D:3      | 6649 ||| Stepping randomly (stuck).
  6651 | D:3      | 6651 ||| Stepping randomly (stuck).
  6653 | D:3      | 6653 ||| Stepping randomly (stuck).
  6655 | D:3      | 6655 ||| Stepping randomly (stuck).
  6657 | D:3      | 6657 ||| Stepping randomly (stuck).
  6659 | D:3      | 6659 ||| Stepping randomly (stuck).
  6661 | D:3      | 6661 ||| Stepping randomly (stuck).
  6663 | D:3      | 6663 ||| Stepping randomly (stuck).
  6665 | D:3      | 6665 ||| Stepping randomly (stuck).
  6667 | D:3      | 6667 ||| Stepping randomly (stuck).
  6669 | D:3      | 6669 ||| Stepping randomly (stuck).
  6671 | D:3      | 6671 ||| Stepping randomly (stuck).
  6673 | D:3      | 6673 ||| Stepping randomly (stuck).
  6675 | D:3      | 6675 ||| Stepping randomly (stuck).
  6677 | D:3      | 6677 ||| Stepping randomly (stuck).
  6679 | D:3      | 6679 ||| Stepping randomly (stuck).
  6681 | D:3      | 6681 ||| Stepping randomly (stuck).
  6683 | D:3      | 6683 ||| Stepping randomly (stuck).
  6685 | D:3      | 6685 ||| Stepping randomly (stuck).
  6687 | D:3      | 6687 ||| Stepping randomly (stuck).
  6689 | D:3      | 6689 ||| Stepping randomly (stuck).
  6691 | D:3      | 6691 ||| Stepping randomly (stuck).
  6693 | D:3      | 6693 ||| Stepping randomly (stuck).
  6695 | D:3      | 6695 ||| Stepping randomly (stuck).
  6697 | D:3      | 6697 ||| Stepping randomly (stuck).
  6699 | D:3      | 6699 ||| Stepping randomly (stuck).
  6701 | D:3      | 6701 ||| Stepping randomly (stuck).
  6703 | D:3      | 6703 ||| Stepping randomly (stuck).
  6705 | D:3      | 6705 ||| Stepping randomly (stuck).
  6707 | D:3      | 6707 ||| Stepping randomly (stuck).
  6709 | D:3      | 6709 ||| Stepping randomly (stuck).
  6711 | D:3      | 6711 ||| Stepping randomly (stuck).
  6713 | D:3      | 6713 ||| Stepping randomly (stuck).
  6715 | D:3      | 6715 ||| Stepping randomly (stuck).
  6717 | D:3      | 6717 ||| Stepping randomly (stuck).
  6719 | D:3      | 6719 ||| Stepping randomly (stuck).
  6721 | D:3      | 6721 ||| Stepping randomly (stuck).
  6723 | D:3      | 6723 ||| Stepping randomly (stuck).
  6725 | D:3      | 6725 ||| Stepping randomly (stuck).
  6727 | D:3      | 6727 ||| Stepping randomly (stuck).
  6729 | D:3      | 6729 ||| Stepping randomly (stuck).
  6731 | D:3      | 6731 ||| Stepping randomly (stuck).
  6733 | D:3      | 6733 ||| Stepping randomly (stuck).
  6735 | D:3      | 6735 ||| Stepping randomly (stuck).
  6737 | D:3      | 6737 ||| Stepping randomly (stuck).
  6739 | D:3      | 6739 ||| Stepping randomly (stuck).
  6741 | D:3      | 6741 ||| Stepping randomly (stuck).
  6743 | D:3      | 6743 ||| Stepping randomly (stuck).
  6745 | D:3      | 6745 ||| Stepping randomly (stuck).
  6747 | D:3      | 6747 ||| Stepping randomly (stuck).
  6749 | D:3      | 6749 ||| Stepping randomly (stuck).
  6751 | D:3      | 6751 ||| Stepping randomly (stuck).
  6753 | D:3      | 6753 ||| Stepping randomly (stuck).
  6755 | D:3      | 6755 ||| Stepping randomly (stuck).
  6757 | D:3      | 6757 ||| Stepping randomly (stuck).
  6759 | D:3      | 6759 ||| Stepping randomly (stuck).
  6761 | D:3      | 6761 ||| Stepping randomly (stuck).
  6763 | D:3      | 6763 ||| Stepping randomly (stuck).
  6765 | D:3      | 6765 ||| Stepping randomly (stuck).
  6767 | D:3      | 6767 ||| Stepping randomly (stuck).
  6769 | D:3      | 6769 ||| Stepping randomly (stuck).
  6771 | D:3      | 6771 ||| Stepping randomly (stuck).
  6773 | D:3      | 6773 ||| Stepping randomly (stuck).
  6775 | D:3      | 6775 ||| Stepping randomly (stuck).
  6777 | D:3      | 6777 ||| Stepping randomly (stuck).
  6779 | D:3      | 6779 ||| Stepping randomly (stuck).
  6781 | D:3      | 6781 ||| Stepping randomly (stuck).
  6783 | D:3      | 6783 ||| Stepping randomly (stuck).
  6785 | D:3      | 6785 ||| Stepping randomly (stuck).
  6787 | D:3      | 6787 ||| Stepping randomly (stuck).
  6789 | D:3      | 6789 ||| Stepping randomly (stuck).
  6791 | D:3      | 6791 ||| Stepping randomly (stuck).
  6793 | D:3      | 6793 ||| Stepping randomly (stuck).
  6795 | D:3      | 6795 ||| Stepping randomly (stuck).
  6797 | D:3      | 6797 ||| Stepping randomly (stuck).
  6799 | D:3      | 6799 ||| Stepping randomly (stuck).
  6801 | D:3      | 6801 ||| Stepping randomly (stuck).
  6803 | D:3      | 6803 ||| Stepping randomly (stuck).
  6805 | D:3      | 6805 ||| Stepping randomly (stuck).
  6807 | D:3      | 6807 ||| Stepping randomly (stuck).
  6809 | D:3      | 6809 ||| Stepping randomly (stuck).
  6811 | D:3      | 6811 ||| Stepping randomly (stuck).
  6813 | D:3      | 6813 ||| Stepping randomly (stuck).
  6815 | D:3      | 6815 ||| Stepping randomly (stuck).
  6817 | D:3      | 6817 ||| Stepping randomly (stuck).
  6819 | D:3      | 6819 ||| Stepping randomly (stuck).
  6821 | D:3      | 6821 ||| Stepping randomly (stuck).
  6823 | D:3      | 6823 ||| Stepping randomly (stuck).
  6825 | D:3      | 6825 ||| Stepping randomly (stuck).
  6827 | D:3      | 6827 ||| Stepping randomly (stuck).
  6829 | D:3      | 6829 ||| Stepping randomly (stuck).
  6831 | D:3      | 6831 ||| Stepping randomly (stuck).
  6833 | D:3      | 6833 ||| Stepping randomly (stuck).
  6835 | D:3      | 6835 ||| Stepping randomly (stuck).
  6837 | D:3      | 6837 ||| Stepping randomly (stuck).
  6839 | D:3      | 6839 ||| Stepping randomly (stuck).
  6841 | D:3      | 6841 ||| Stepping randomly (stuck).
  6843 | D:3      | 6843 ||| Stepping randomly (stuck).
  6845 | D:3      | 6845 ||| Stepping randomly (stuck).
  6847 | D:3      | 6847 ||| Stepping randomly (stuck).
  6849 | D:3      | 6849 ||| Stepping randomly (stuck).
  6851 | D:3      | 6851 ||| Stepping randomly (stuck).
  6853 | D:3      | 6853 ||| Stepping randomly (stuck).
  6855 | D:3      | 6855 ||| Stepping randomly (stuck).
  6857 | D:3      | 6857 ||| Stepping randomly (stuck).
  6859 | D:3      | 6859 ||| Stepping randomly (stuck).
  6861 | D:3      | 6861 ||| Stepping randomly (stuck).
  6863 | D:3      | 6863 ||| Stepping randomly (stuck).
  6865 | D:3      | 6865 ||| Stepping randomly (stuck).
  6867 | D:3      | 6867 ||| Stepping randomly (stuck).
  6869 | D:3      | 6869 ||| Stepping randomly (stuck).
  6871 | D:3      | 6871 ||| Stepping randomly (stuck).
  6873 | D:3      | 6873 ||| Stepping randomly (stuck).
  6875 | D:3      | 6875 ||| Stepping randomly (stuck).
  6877 | D:3      | 6877 ||| Stepping randomly (stuck).
  6879 | D:3      | 6879 ||| Stepping randomly (stuck).
  6881 | D:3      | 6881 ||| Stepping randomly (stuck).
  6883 | D:3      | 6883 ||| Stepping randomly (stuck).
  6885 | D:3      | 6885 ||| Stepping randomly (stuck).
  6887 | D:3      | 6887 ||| Stepping randomly (stuck).
  6889 | D:3      | 6889 ||| Stepping randomly (stuck).
  6891 | D:3      | 6891 ||| Stepping randomly (stuck).
  6893 | D:3      | 6893 ||| Stepping randomly (stuck).
  6895 | D:3      | 6895 ||| Stepping randomly (stuck).
  6897 | D:3      | 6897 ||| Stepping randomly (stuck).
  6899 | D:3      | 6899 ||| Stepping randomly (stuck).
  6901 | D:3      | 6901 ||| Stepping randomly (stuck).
  6903 | D:3      | 6903 ||| Stepping randomly (stuck).
  6905 | D:3      | 6905 ||| Stepping randomly (stuck).
  6907 | D:3      | 6907 ||| Stepping randomly (stuck).
  6909 | D:3      | 6909 ||| Stepping randomly (stuck).
  6911 | D:3      | 6911 ||| Stepping randomly (stuck).
  6913 | D:3      | 6913 ||| Stepping randomly (stuck).
  6915 | D:3      | 6915 ||| Stepping randomly (stuck).
  6917 | D:3      | 6917 ||| Stepping randomly (stuck).
  6919 | D:3      | 6919 ||| Stepping randomly (stuck).
  6921 | D:3      | 6921 ||| Stepping randomly (stuck).
  6923 | D:3      | 6923 ||| Stepping randomly (stuck).
  6925 | D:3      | 6925 ||| Stepping randomly (stuck).
  6927 | D:3      | 6927 ||| Stepping randomly (stuck).
  6929 | D:3      | 6929 ||| Stepping randomly (stuck).
  6931 | D:3      | 6931 ||| Stepping randomly (stuck).
  6933 | D:3      | 6933 ||| Stepping randomly (stuck).
  6935 | D:3      | 6935 ||| Stepping randomly (stuck).
  6937 | D:3      | 6937 ||| Stepping randomly (stuck).
  6939 | D:3      | 6939 ||| Stepping randomly (stuck).
  6941 | D:3      | 6941 ||| Stepping randomly (stuck).
  6943 | D:3      | 6943 ||| Stepping randomly (stuck).
  6945 | D:3      | 6945 ||| Stepping randomly (stuck).
  6947 | D:3      | 6947 ||| Stepping randomly (stuck).
  6949 | D:3      | 6949 ||| Stepping randomly (stuck).
  6951 | D:3      | 6951 ||| Stepping randomly (stuck).
  6953 | D:3      | 6953 ||| Stepping randomly (stuck).
  6955 | D:3      | 6955 ||| Stepping randomly (stuck).
  6957 | D:3      | 6957 ||| Stepping randomly (stuck).
  6959 | D:3      | 6959 ||| Stepping randomly (stuck).
  6961 | D:3      | 6961 ||| Stepping randomly (stuck).
  6963 | D:3      | 6963 ||| Stepping randomly (stuck).
  6965 | D:3      | 6965 ||| Stepping randomly (stuck).
  6967 | D:3      | 6967 ||| Stepping randomly (stuck).
  6969 | D:3      | 6969 ||| Stepping randomly (stuck).
  6971 | D:3      | 6971 ||| Stepping randomly (stuck).
  6973 | D:3      | 6973 ||| Stepping randomly (stuck).
  6975 | D:3      | 6975 ||| Stepping randomly (stuck).
  6977 | D:3      | 6977 ||| Stepping randomly (stuck).
  6979 | D:3      | 6979 ||| Stepping randomly (stuck).
  6981 | D:3      | 6981 ||| Stepping randomly (stuck).
  6983 | D:3      | 6983 ||| Stepping randomly (stuck).
  6985 | D:3      | 6985 ||| Stepping randomly (stuck).
  6987 | D:3      | 6987 ||| Stepping randomly (stuck).
  6989 | D:3      | 6989 ||| Stepping randomly (stuck).
  6991 | D:3      | 6991 ||| Stepping randomly (stuck).
  6993 | D:3      | 6993 ||| Stepping randomly (stuck).
  6995 | D:3      | 6995 ||| Stepping randomly (stuck).
  6997 | D:3      | 6997 ||| Stepping randomly (stuck).
  6999 | D:3      | 6999 ||| Stepping randomly (stuck).
  7001 | D:3      | 7001 ||| Stepping randomly (stuck).
  7003 | D:3      | 7003 ||| Stepping randomly (stuck).
  7005 | D:3      | 7005 ||| Stepping randomly (stuck).
  7007 | D:3      | 7007 ||| Stepping randomly (stuck).
  7009 | D:3      | 7009 ||| Stepping randomly (stuck).
  7011 | D:3      | 7011 ||| Stepping randomly (stuck).
  7013 | D:3      | 7013 ||| Stepping randomly (stuck).
  7015 | D:3      | 7015 ||| Stepping randomly (stuck).
  7017 | D:3      | 7017 ||| Stepping randomly (stuck).
  7019 | D:3      | 7019 ||| Stepping randomly (stuck).
  7021 | D:3      | 7021 ||| Stepping randomly (stuck).
  7023 | D:3      | 7023 ||| Stepping randomly (stuck).
  7025 | D:3      | 7025 ||| Stepping randomly (stuck).
  7027 | D:3      | 7027 ||| Stepping randomly (stuck).
  7029 | D:3      | 7029 ||| Stepping randomly (stuck).
  7031 | D:3      | 7031 ||| Stepping randomly (stuck).
  7033 | D:3      | 7033 ||| Stepping randomly (stuck).
  7035 | D:3      | 7035 ||| Stepping randomly (stuck).
  7037 | D:3      | 7037 ||| Stepping randomly (stuck).
  7039 | D:3      | 7039 ||| Stepping randomly (stuck).
  7041 | D:3      | 7041 ||| Stepping randomly (stuck).
  7043 | D:3      | 7043 ||| Stepping randomly (stuck).
  7045 | D:3      | 7045 ||| Stepping randomly (stuck).
  7047 | D:3      | 7047 ||| Stepping randomly (stuck).
  7049 | D:3      | 7049 ||| Stepping randomly (stuck).
  7051 | D:3      | 7051 ||| Stepping randomly (stuck).
  7053 | D:3      | 7053 ||| Stepping randomly (stuck).
  7055 | D:3      | 7055 ||| Stepping randomly (stuck).
  7057 | D:3      | 7057 ||| Stepping randomly (stuck).
  7059 | D:3      | 7059 ||| Stepping randomly (stuck).
  7061 | D:3      | 7061 ||| Stepping randomly (stuck).
  7063 | D:3      | 7063 ||| Stepping randomly (stuck).
  7065 | D:3      | 7065 ||| Stepping randomly (stuck).
  7067 | D:3      | 7067 ||| Stepping randomly (stuck).
  7069 | D:3      | 7069 ||| Stepping randomly (stuck).
  7071 | D:3      | 7071 ||| Stepping randomly (stuck).
  7073 | D:3      | 7073 ||| Stepping randomly (stuck).
  7075 | D:3      | 7075 ||| Stepping randomly (stuck).
  7077 | D:3      | 7077 ||| Stepping randomly (stuck).
  7079 | D:3      | 7079 ||| Stepping randomly (stuck).
  7081 | D:3      | 7081 ||| Stepping randomly (stuck).
  7083 | D:3      | 7083 ||| Stepping randomly (stuck).
  7085 | D:3      | 7085 ||| Stepping randomly (stuck).
  7087 | D:3      | 7087 ||| Stepping randomly (stuck).
  7089 | D:3      | 7089 ||| Stepping randomly (stuck).
  7091 | D:3      | 7091 ||| Stepping randomly (stuck).
  7093 | D:3      | 7093 ||| Stepping randomly (stuck).
  7095 | D:3      | 7095 ||| Stepping randomly (stuck).
  7097 | D:3      | 7097 ||| Stepping randomly (stuck).
  7099 | D:3      | 7099 ||| Stepping randomly (stuck).
  7101 | D:3      | 7101 ||| Stepping randomly (stuck).
  7103 | D:3      | 7103 ||| Stepping randomly (stuck).
  7105 | D:3      | 7105 ||| Stepping randomly (stuck).
  7107 | D:3      | 7107 ||| Stepping randomly (stuck).
  7109 | D:3      | 7109 ||| Stepping randomly (stuck).
  7111 | D:3      | 7111 ||| Stepping randomly (stuck).
  7113 | D:3      | 7113 ||| Stepping randomly (stuck).
  7115 | D:3      | 7115 ||| Stepping randomly (stuck).
  7117 | D:3      | 7117 ||| Stepping randomly (stuck).
  7119 | D:3      | 7119 ||| Stepping randomly (stuck).
  7121 | D:3      | 7121 ||| Stepping randomly (stuck).
  7123 | D:3      | 7123 ||| Stepping randomly (stuck).
  7125 | D:3      | 7125 ||| Stepping randomly (stuck).
  7127 | D:3      | 7127 ||| Stepping randomly (stuck).
  7129 | D:3      | 7129 ||| Stepping randomly (stuck).
  7131 | D:3      | 7131 ||| Stepping randomly (stuck).
  7133 | D:3      | 7133 ||| Stepping randomly (stuck).
  7135 | D:3      | 7135 ||| Stepping randomly (stuck).
  7137 | D:3      | 7137 ||| Stepping randomly (stuck).
  7139 | D:3      | 7139 ||| Stepping randomly (stuck).
  7141 | D:3      | 7141 ||| Stepping randomly (stuck).
  7143 | D:3      | 7143 ||| Stepping randomly (stuck).
  7145 | D:3      | 7145 ||| Stepping randomly (stuck).
  7147 | D:3      | 7147 ||| Stepping randomly (stuck).
  7149 | D:3      | 7149 ||| Stepping randomly (stuck).
  7151 | D:3      | 7151 ||| Stepping randomly (stuck).
  7153 | D:3      | 7153 ||| Stepping randomly (stuck).
  7155 | D:3      | 7155 ||| Stepping randomly (stuck).
  7157 | D:3      | 7157 ||| Stepping randomly (stuck).
  7159 | D:3      | 7159 ||| Stepping randomly (stuck).
  7161 | D:3      | 7161 ||| Stepping randomly (stuck).
  7163 | D:3      | 7163 ||| Stepping randomly (stuck).
  7165 | D:3      | 7165 ||| Stepping randomly (stuck).
  7167 | D:3      | 7167 ||| Stepping randomly (stuck).
  7169 | D:3      | 7169 ||| Stepping randomly (stuck).
  7171 | D:3      | 7171 ||| Stepping randomly (stuck).
  7173 | D:3      | 7173 ||| Stepping randomly (stuck).
  7175 | D:3      | 7175 ||| Stepping randomly (stuck).
  7177 | D:3      | 7177 ||| Stepping randomly (stuck).
  7179 | D:3      | 7179 ||| Stepping randomly (stuck).
  7181 | D:3      | 7181 ||| Stepping randomly (stuck).
  7183 | D:3      | 7183 ||| Stepping randomly (stuck).
  7185 | D:3      | 7185 ||| Stepping randomly (stuck).
  7187 | D:3      | 7187 ||| Stepping randomly (stuck).
  7189 | D:3      | 7189 ||| Stepping randomly (stuck).
  7191 | D:3      | 7191 ||| Stepping randomly (stuck).
  7193 | D:3      | 7193 ||| Stepping randomly (stuck).
  7195 | D:3      | 7195 ||| Stepping randomly (stuck).
  7197 | D:3      | 7197 ||| Stepping randomly (stuck).
  7199 | D:3      | 7199 ||| Stepping randomly (stuck).
  7201 | D:3      | 7201 ||| Stepping randomly (stuck).
  7203 | D:3      | 7203 ||| Stepping randomly (stuck).
  7205 | D:3      | 7205 ||| Stepping randomly (stuck).
  7207 | D:3      | 7207 ||| Stepping randomly (stuck).
  7209 | D:3      | 7209 ||| Stepping randomly (stuck).
  7211 | D:3      | 7211 ||| Stepping randomly (stuck).
  7213 | D:3      | 7213 ||| Stepping randomly (stuck).
  7215 | D:3      | 7215 ||| Stepping randomly (stuck).
  7217 | D:3      | 7217 ||| Stepping randomly (stuck).
  7219 | D:3      | 7219 ||| Stepping randomly (stuck).
  7221 | D:3      | 7221 ||| Stepping randomly (stuck).
  7223 | D:3      | 7223 ||| Stepping randomly (stuck).
  7225 | D:3      | 7225 ||| Stepping randomly (stuck).
  7227 | D:3      | 7227 ||| Stepping randomly (stuck).
  7229 | D:3      | 7229 ||| Stepping randomly (stuck).
  7231 | D:3      | 7231 ||| Stepping randomly (stuck).
  7233 | D:3      | 7233 ||| Stepping randomly (stuck).
  7235 | D:3      | 7235 ||| Stepping randomly (stuck).
  7237 | D:3      | 7237 ||| Stepping randomly (stuck).
  7239 | D:3      | 7239 ||| Stepping randomly (stuck).
  7241 | D:3      | 7241 ||| Stepping randomly (stuck).
  7243 | D:3      | 7243 ||| Stepping randomly (stuck).
  7245 | D:3      | 7245 ||| Stepping randomly (stuck).
  7247 | D:3      | 7247 ||| Stepping randomly (stuck).
  7249 | D:3      | 7249 ||| Stepping randomly (stuck).
  7251 | D:3      | 7251 ||| Stepping randomly (stuck).
  7253 | D:3      | 7253 ||| Stepping randomly (stuck).
  7255 | D:3      | 7255 ||| Stepping randomly (stuck).
  7257 | D:3      | 7257 ||| Stepping randomly (stuck).
  7259 | D:3      | 7259 ||| Stepping randomly (stuck).
  7261 | D:3      | 7261 ||| Stepping randomly (stuck).
  7263 | D:3      | 7263 ||| Stepping randomly (stuck).
  7265 | D:3      | 7265 ||| Stepping randomly (stuck).
  7267 | D:3      | 7267 ||| Stepping randomly (stuck).
  7269 | D:3      | 7269 ||| Stepping randomly (stuck).
  7271 | D:3      | 7271 ||| Stepping randomly (stuck).
  7273 | D:3      | 7273 ||| Stepping randomly (stuck).
  7275 | D:3      | 7275 ||| Stepping randomly (stuck).
  7277 | D:3      | 7277 ||| Stepping randomly (stuck).
  7279 | D:3      | 7279 ||| Stepping randomly (stuck).
  7281 | D:3      | 7281 ||| Stepping randomly (stuck).
  7283 | D:3      | 7283 ||| Stepping randomly (stuck).
  7285 | D:3      | 7285 ||| Stepping randomly (stuck).
  7287 | D:3      | 7287 ||| Stepping randomly (stuck).
  7289 | D:3      | 7289 ||| Stepping randomly (stuck).
  7291 | D:3      | 7291 ||| Stepping randomly (stuck).
  7293 | D:3      | 7293 ||| Stepping randomly (stuck).
  7295 | D:3      | 7295 ||| Stepping randomly (stuck).
  7297 | D:3      | 7297 ||| Stepping randomly (stuck).
  7299 | D:3      | 7299 ||| Stepping randomly (stuck).
  7301 | D:3      | 7301 ||| Stepping randomly (stuck).
  7303 | D:3      | 7303 ||| Stepping randomly (stuck).
  7305 | D:3      | 7305 ||| Stepping randomly (stuck).
  7307 | D:3      | 7307 ||| Stepping randomly (stuck).
  7309 | D:3      | 7309 ||| Stepping randomly (stuck).
  7311 | D:3      | 7311 ||| Stepping randomly (stuck).
  7313 | D:3      | 7313 ||| Stepping randomly (stuck).
  7315 | D:3      | 7315 ||| Stepping randomly (stuck).
  7317 | D:3      | 7317 ||| Stepping randomly (stuck).
  7319 | D:3      | 7319 ||| Stepping randomly (stuck).
  7321 | D:3      | 7321 ||| Stepping randomly (stuck).
  7323 | D:3      | 7323 ||| Stepping randomly (stuck).
  7325 | D:3      | 7325 ||| Stepping randomly (stuck).
  7327 | D:3      | 7327 ||| Stepping randomly (stuck).
  7329 | D:3      | 7329 ||| Stepping randomly (stuck).
  7331 | D:3      | 7331 ||| Stepping randomly (stuck).
  7333 | D:3      | 7333 ||| Stepping randomly (stuck).
  7335 | D:3      | 7335 ||| Stepping randomly (stuck).
  7337 | D:3      | 7337 ||| Stepping randomly (stuck).
  7339 | D:3      | 7339 ||| Stepping randomly (stuck).
  7341 | D:3      | 7341 ||| Stepping randomly (stuck).
  7343 | D:3      | 7343 ||| Stepping randomly (stuck).
  7345 | D:3      | 7345 ||| Stepping randomly (stuck).
  7347 | D:3      | 7347 ||| Stepping randomly (stuck).
  7349 | D:3      | 7349 ||| Stepping randomly (stuck).
  7351 | D:3      | 7351 ||| Stepping randomly (stuck).
  7353 | D:3      | 7353 ||| Stepping randomly (stuck).
  7355 | D:3      | 7355 ||| Stepping randomly (stuck).
  7357 | D:3      | 7357 ||| Stepping randomly (stuck).
  7359 | D:3      | 7359 ||| Stepping randomly (stuck).
  7361 | D:3      | 7361 ||| Stepping randomly (stuck).
  7363 | D:3      | 7363 ||| Stepping randomly (stuck).
  7365 | D:3      | 7365 ||| Stepping randomly (stuck).
  7367 | D:3      | 7367 ||| Stepping randomly (stuck).
  7369 | D:3      | 7369 ||| Stepping randomly (stuck).
  7371 | D:3      | 7371 ||| Stepping randomly (stuck).
  7373 | D:3      | 7373 ||| Stepping randomly (stuck).
  7375 | D:3      | 7375 ||| Stepping randomly (stuck).
  7377 | D:3      | 7377 ||| Stepping randomly (stuck).
  7379 | D:3      | 7379 ||| Stepping randomly (stuck).
  7381 | D:3      | 7381 ||| Stepping randomly (stuck).
  7383 | D:3      | 7383 ||| Stepping randomly (stuck).
  7385 | D:3      | 7385 ||| Stepping randomly (stuck).
  7387 | D:3      | 7387 ||| Stepping randomly (stuck).
  7389 | D:3      | 7389 ||| Stepping randomly (stuck).
  7391 | D:3      | 7391 ||| Stepping randomly (stuck).
  7393 | D:3      | 7393 ||| Stepping randomly (stuck).
  7395 | D:3      | 7395 ||| Stepping randomly (stuck).
  7397 | D:3      | 7397 ||| Stepping randomly (stuck).
  7399 | D:3      | 7399 ||| Stepping randomly (stuck).
  7401 | D:3      | 7401 ||| Stepping randomly (stuck).
  7403 | D:3      | 7403 ||| Stepping randomly (stuck).
  7405 | D:3      | 7405 ||| Stepping randomly (stuck).
  7407 | D:3      | 7407 ||| Stepping randomly (stuck).
  7409 | D:3      | 7409 ||| Stepping randomly (stuck).
  7411 | D:3      | 7411 ||| Stepping randomly (stuck).
  7413 | D:3      | 7413 ||| Stepping randomly (stuck).
  7415 | D:3      | 7415 ||| Stepping randomly (stuck).
  7417 | D:3      | 7417 ||| Stepping randomly (stuck).
  7419 | D:3      | 7419 ||| Stepping randomly (stuck).
  7421 | D:3      | 7421 ||| Stepping randomly (stuck).
  7423 | D:3      | 7423 ||| Stepping randomly (stuck).
  7425 | D:3      | 7425 ||| Stepping randomly (stuck).
  7427 | D:3      | 7427 ||| Stepping randomly (stuck).
  7429 | D:3      | 7429 ||| Stepping randomly (stuck).
  7431 | D:3      | 7431 ||| Stepping randomly (stuck).
  7433 | D:3      | 7433 ||| Stepping randomly (stuck).
  7435 | D:3      | 7435 ||| Stepping randomly (stuck).
  7437 | D:3      | 7437 ||| Stepping randomly (stuck).
  7439 | D:3      | 7439 ||| Stepping randomly (stuck).
  7441 | D:3      | 7441 ||| Stepping randomly (stuck).
  7443 | D:3      | 7443 ||| Stepping randomly (stuck).
  7445 | D:3      | 7445 ||| Stepping randomly (stuck).
  7447 | D:3      | 7447 ||| Stepping randomly (stuck).
  7449 | D:3      | 7449 ||| Stepping randomly (stuck).
  7451 | D:3      | 7451 ||| Stepping randomly (stuck).
  7453 | D:3      | 7453 ||| Stepping randomly (stuck).
  7455 | D:3      | 7455 ||| Stepping randomly (stuck).
  7457 | D:3      | 7457 ||| Stepping randomly (stuck).
  7459 | D:3      | 7459 ||| Stepping randomly (stuck).
  7461 | D:3      | 7461 ||| Stepping randomly (stuck).
  7463 | D:3      | 7463 ||| Stepping randomly (stuck).
  7465 | D:3      | 7465 ||| Stepping randomly (stuck).
  7467 | D:3      | 7467 ||| Stepping randomly (stuck).
  7469 | D:3      | 7469 ||| Stepping randomly (stuck).
  7471 | D:3      | 7471 ||| Stepping randomly (stuck).
  7473 | D:3      | 7473 ||| Stepping randomly (stuck).
  7475 | D:3      | 7475 ||| Stepping randomly (stuck).
  7477 | D:3      | 7477 ||| Stepping randomly (stuck).
  7479 | D:3      | 7479 ||| Stepping randomly (stuck).
  7481 | D:3      | 7481 ||| Stepping randomly (stuck).
  7483 | D:3      | 7483 ||| Stepping randomly (stuck).
  7485 | D:3      | 7485 ||| Stepping randomly (stuck).
  7487 | D:3      | 7487 ||| Stepping randomly (stuck).
  7489 | D:3      | 7489 ||| Stepping randomly (stuck).
  7491 | D:3      | 7491 ||| Stepping randomly (stuck).
  7493 | D:3      | 7493 ||| Stepping randomly (stuck).
  7495 | D:3      | 7495 ||| Stepping randomly (stuck).
  7497 | D:3      | 7497 ||| Stepping randomly (stuck).
  7499 | D:3      | 7499 ||| Stepping randomly (stuck).
  7501 | D:3      | 7501 ||| Stepping randomly (stuck).
  7503 | D:3      | 7503 ||| Stepping randomly (stuck).
  7505 | D:3      | 7505 ||| Stepping randomly (stuck).
  7507 | D:3      | 7507 ||| Stepping randomly (stuck).
  7509 | D:3      | 7509 ||| Stepping randomly (stuck).
  7511 | D:3      | 7511 ||| Stepping randomly (stuck).
  7513 | D:3      | 7513 ||| Stepping randomly (stuck).
  7515 | D:3      | 7515 ||| Stepping randomly (stuck).
  7517 | D:3      | 7517 ||| Stepping randomly (stuck).
  7519 | D:3      | 7519 ||| Stepping randomly (stuck).
  7521 | D:3      | 7521 ||| Stepping randomly (stuck).
  7523 | D:3      | 7523 ||| Stepping randomly (stuck).
  7525 | D:3      | 7525 ||| Stepping randomly (stuck).
  7527 | D:3      | 7527 ||| Stepping randomly (stuck).
  7529 | D:3      | 7529 ||| Stepping randomly (stuck).
  7531 | D:3      | 7531 ||| Stepping randomly (stuck).
  7533 | D:3      | 7533 ||| Stepping randomly (stuck).
  7535 | D:3      | 7535 ||| Stepping randomly (stuck).
  7537 | D:3      | 7537 ||| Stepping randomly (stuck).
  7539 | D:3      | 7539 ||| Stepping randomly (stuck).
  7541 | D:3      | 7541 ||| Stepping randomly (stuck).
  7543 | D:3      | 7543 ||| Stepping randomly (stuck).
  7545 | D:3      | 7545 ||| Stepping randomly (stuck).
  7547 | D:3      | 7547 ||| Stepping randomly (stuck).
  7549 | D:3      | 7549 ||| Stepping randomly (stuck).
  7551 | D:3      | 7551 ||| Stepping randomly (stuck).
  7553 | D:3      | 7553 ||| Stepping randomly (stuck).
  7555 | D:3      | 7555 ||| Stepping randomly (stuck).
  7557 | D:3      | 7557 ||| Stepping randomly (stuck).
  7559 | D:3      | 7559 ||| Stepping randomly (stuck).
  7561 | D:3      | 7561 ||| Stepping randomly (stuck).
  7563 | D:3      | 7563 ||| Stepping randomly (stuck).
  7565 | D:3      | 7565 ||| Stepping randomly (stuck).
  7567 | D:3      | 7567 ||| Stepping randomly (stuck).
  7569 | D:3      | 7569 ||| Stepping randomly (stuck).
  7571 | D:3      | 7571 ||| Stepping randomly (stuck).
  7573 | D:3      | 7573 ||| Stepping randomly (stuck).
  7575 | D:3      | 7575 ||| Stepping randomly (stuck).
  7577 | D:3      | 7577 ||| Stepping randomly (stuck).
  7579 | D:3      | 7579 ||| Stepping randomly (stuck).
  7581 | D:3      | 7581 ||| Stepping randomly (stuck).
  7583 | D:3      | 7583 ||| Stepping randomly (stuck).
  7585 | D:3      | 7585 ||| Stepping randomly (stuck).
  7587 | D:3      | 7587 ||| Stepping randomly (stuck).
  7589 | D:3      | 7589 ||| Stepping randomly (stuck).
  7591 | D:3      | 7591 ||| Stepping randomly (stuck).
  7593 | D:3      | 7593 ||| Stepping randomly (stuck).
  7595 | D:3      | 7595 ||| Stepping randomly (stuck).
  7597 | D:3      | 7597 ||| Stepping randomly (stuck).
  7599 | D:3      | 7599 ||| Stepping randomly (stuck).
  7601 | D:3      | 7601 ||| Stepping randomly (stuck).
  7603 | D:3      | 7603 ||| Stepping randomly (stuck).
  7605 | D:3      | 7605 ||| Stepping randomly (stuck).
  7607 | D:3      | 7607 ||| Stepping randomly (stuck).
  7609 | D:3      | 7609 ||| Stepping randomly (stuck).
  7611 | D:3      | 7611 ||| Stepping randomly (stuck).
  7613 | D:3      | 7613 ||| Stepping randomly (stuck).
  7615 | D:3      | 7615 ||| Stepping randomly (stuck).
  7617 | D:3      | 7617 ||| Stepping randomly (stuck).
  7619 | D:3      | 7619 ||| Stepping randomly (stuck).
  7621 | D:3      | 7621 ||| Stepping randomly (stuck).
  7623 | D:3      | 7623 ||| Stepping randomly (stuck).
  7625 | D:3      | 7625 ||| Stepping randomly (stuck).
  7627 | D:3      | 7627 ||| Stepping randomly (stuck).
  7629 | D:3      | 7629 ||| Stepping randomly (stuck).
  7631 | D:3      | 7631 ||| Stepping randomly (stuck).
  7633 | D:3      | 7633 ||| Stepping randomly (stuck).
  7635 | D:3      | 7635 ||| Stepping randomly (stuck).
  7637 | D:3      | 7637 ||| Stepping randomly (stuck).
  7639 | D:3      | 7639 ||| Stepping randomly (stuck).
  7641 | D:3      | 7641 ||| Stepping randomly (stuck).
  7643 | D:3      | 7643 ||| Stepping randomly (stuck).
  7645 | D:3      | 7645 ||| Stepping randomly (stuck).
  7647 | D:3      | 7647 ||| Stepping randomly (stuck).
  7649 | D:3      | 7649 ||| Stepping randomly (stuck).
  7651 | D:3      | 7651 ||| Stepping randomly (stuck).
  7653 | D:3      | 7653 ||| Stepping randomly (stuck).
  7655 | D:3      | 7655 ||| Stepping randomly (stuck).
  7657 | D:3      | 7657 ||| Stepping randomly (stuck).
  7659 | D:3      | 7659 ||| Stepping randomly (stuck).
  7661 | D:3      | 7661 ||| Stepping randomly (stuck).
  7663 | D:3      | 7663 ||| Stepping randomly (stuck).
  7665 | D:3      | 7665 ||| Stepping randomly (stuck).
  7667 | D:3      | 7667 ||| Stepping randomly (stuck).
  7669 | D:3      | 7669 ||| Stepping randomly (stuck).
  7671 | D:3      | 7671 ||| Stepping randomly (stuck).
  7673 | D:3      | 7673 ||| Stepping randomly (stuck).
  7675 | D:3      | 7675 ||| Stepping randomly (stuck).
  7677 | D:3      | 7677 ||| Stepping randomly (stuck).
  7679 | D:3      | 7679 ||| Stepping randomly (stuck).
  7681 | D:3      | 7681 ||| Stepping randomly (stuck).
  7683 | D:3      | 7683 ||| Stepping randomly (stuck).
  7685 | D:3      | 7685 ||| Stepping randomly (stuck).
  7687 | D:3      | 7687 ||| Stepping randomly (stuck).
  7689 | D:3      | 7689 ||| Stepping randomly (stuck).
  7691 | D:3      | 7691 ||| Stepping randomly (stuck).
  7693 | D:3      | 7693 ||| Stepping randomly (stuck).
  7695 | D:3      | 7695 ||| Stepping randomly (stuck).
  7697 | D:3      | 7697 ||| Stepping randomly (stuck).
  7699 | D:3      | 7699 ||| Stepping randomly (stuck).
  7701 | D:3      | 7701 ||| Stepping randomly (stuck).
  7703 | D:3      | 7703 ||| Stepping randomly (stuck).
  7705 | D:3      | 7705 ||| Stepping randomly (stuck).
  7707 | D:3      | 7707 ||| Stepping randomly (stuck).
  7709 | D:3      | 7709 ||| Stepping randomly (stuck).
  7711 | D:3      | 7711 ||| Stepping randomly (stuck).
  7713 | D:3      | 7713 ||| Stepping randomly (stuck).
  7715 | D:3      | 7715 ||| Stepping randomly (stuck).
  7717 | D:3      | 7717 ||| Stepping randomly (stuck).
  7719 | D:3      | 7719 ||| Stepping randomly (stuck).
  7721 | D:3      | 7721 ||| Stepping randomly (stuck).
  7723 | D:3      | 7723 ||| Stepping randomly (stuck).
  7725 | D:3      | 7725 ||| Stepping randomly (stuck).
  7727 | D:3      | 7727 ||| Stepping randomly (stuck).
  7729 | D:3      | 7729 ||| Stepping randomly (stuck).
  7731 | D:3      | 7731 ||| Stepping randomly (stuck).
  7733 | D:3      | 7733 ||| Stepping randomly (stuck).
  7735 | D:3      | 7735 ||| Stepping randomly (stuck).
  7737 | D:3      | 7737 ||| Stepping randomly (stuck).
  7739 | D:3      | 7739 ||| Stepping randomly (stuck).
  7741 | D:3      | 7741 ||| Stepping randomly (stuck).
  7743 | D:3      | 7743 ||| Stepping randomly (stuck).
  7745 | D:3      | 7745 ||| Stepping randomly (stuck).
  7747 | D:3      | 7747 ||| Stepping randomly (stuck).
  7749 | D:3      | 7749 ||| Stepping randomly (stuck).
  7751 | D:3      | 7751 ||| Stepping randomly (stuck).
  7753 | D:3      | 7753 ||| Stepping randomly (stuck).
  7755 | D:3      | 7755 ||| Stepping randomly (stuck).
  7757 | D:3      | 7757 ||| Stepping randomly (stuck).
  7759 | D:3      | 7759 ||| Stepping randomly (stuck).
  7761 | D:3      | 7761 ||| Stepping randomly (stuck).
  7763 | D:3      | 7763 ||| Stepping randomly (stuck).
  7765 | D:3      | 7765 ||| Stepping randomly (stuck).
  7767 | D:3      | 7767 ||| Stepping randomly (stuck).
  7769 | D:3      | 7769 ||| Stepping randomly (stuck).
  7771 | D:3      | 7771 ||| Stepping randomly (stuck).
  7773 | D:3      | 7773 ||| Stepping randomly (stuck).
  7775 | D:3      | 7775 ||| Stepping randomly (stuck).
  7777 | D:3      | 7777 ||| Stepping randomly (stuck).
  7779 | D:3      | 7779 ||| Stepping randomly (stuck).
  7781 | D:3      | 7781 ||| Stepping randomly (stuck).
  7783 | D:3      | 7783 ||| Stepping randomly (stuck).
  7785 | D:3      | 7785 ||| Stepping randomly (stuck).
  7787 | D:3      | 7787 ||| Stepping randomly (stuck).
  7789 | D:3      | 7789 ||| Stepping randomly (stuck).
  7791 | D:3      | 7791 ||| Stepping randomly (stuck).
  7793 | D:3      | 7793 ||| Stepping randomly (stuck).
  7795 | D:3      | 7795 ||| Stepping randomly (stuck).
  7797 | D:3      | 7797 ||| Stepping randomly (stuck).
  7799 | D:3      | 7799 ||| Stepping randomly (stuck).
  7801 | D:3      | 7801 ||| Stepping randomly (stuck).
  7803 | D:3      | 7803 ||| Stepping randomly (stuck).
  7805 | D:3      | 7805 ||| Stepping randomly (stuck).
  7807 | D:3      | 7807 ||| Stepping randomly (stuck).
  7809 | D:3      | 7809 ||| Stepping randomly (stuck).
  7811 | D:3      | 7811 ||| Stepping randomly (stuck).
  7813 | D:3      | 7813 ||| Stepping randomly (stuck).
  7815 | D:3      | 7815 ||| Stepping randomly (stuck).
  7817 | D:3      | 7817 ||| Stepping randomly (stuck).
  7819 | D:3      | 7819 ||| Stepping randomly (stuck).
  7821 | D:3      | 7821 ||| Stepping randomly (stuck).
  7823 | D:3      | 7823 ||| Stepping randomly (stuck).
  7825 | D:3      | 7825 ||| Stepping randomly (stuck).
  7827 | D:3      | 7827 ||| Stepping randomly (stuck).
  7829 | D:3      | 7829 ||| Stepping randomly (stuck).
  7831 | D:3      | 7831 ||| Stepping randomly (stuck).
  7833 | D:3      | 7833 ||| Stepping randomly (stuck).
  7835 | D:3      | 7835 ||| Stepping randomly (stuck).
  7837 | D:3      | 7837 ||| Stepping randomly (stuck).
  7839 | D:3      | 7839 ||| Stepping randomly (stuck).
  7841 | D:3      | 7841 ||| Stepping randomly (stuck).
  7843 | D:3      | 7843 ||| Stepping randomly (stuck).
  7845 | D:3      | 7845 ||| Stepping randomly (stuck).
  7847 | D:3      | 7847 ||| Stepping randomly (stuck).
  7849 | D:3      | 7849 ||| Stepping randomly (stuck).
  7851 | D:3      | 7851 ||| Stepping randomly (stuck).
  7853 | D:3      | 7853 ||| Stepping randomly (stuck).
  7855 | D:3      | 7855 ||| Stepping randomly (stuck).
  7857 | D:3      | 7857 ||| Stepping randomly (stuck).
  7859 | D:3      | 7859 ||| Stepping randomly (stuck).
  7861 | D:3      | 7861 ||| Stepping randomly (stuck).
  7863 | D:3      | 7863 ||| Stepping randomly (stuck).
  7865 | D:3      | 7865 ||| Stepping randomly (stuck).
  7867 | D:3      | 7867 ||| Stepping randomly (stuck).
  7869 | D:3      | 7869 ||| Stepping randomly (stuck).
  7871 | D:3      | 7871 ||| Stepping randomly (stuck).
  7873 | D:3      | 7873 ||| Stepping randomly (stuck).
  7875 | D:3      | 7875 ||| Stepping randomly (stuck).
  7877 | D:3      | 7877 ||| Stepping randomly (stuck).
  7879 | D:3      | 7879 ||| Stepping randomly (stuck).
  7881 | D:3      | 7881 ||| Stepping randomly (stuck).
  7883 | D:3      | 7883 ||| Stepping randomly (stuck).
  7885 | D:3      | 7885 ||| Stepping randomly (stuck).
  7887 | D:3      | 7887 ||| Stepping randomly (stuck).
  7889 | D:3      | 7889 ||| Stepping randomly (stuck).
  7891 | D:3      | 7891 ||| Stepping randomly (stuck).
  7893 | D:3      | 7893 ||| Stepping randomly (stuck).
  7895 | D:3      | 7895 ||| Stepping randomly (stuck).
  7897 | D:3      | 7897 ||| Stepping randomly (stuck).
  7899 | D:3      | 7899 ||| Stepping randomly (stuck).
  7901 | D:3      | 7901 ||| Stepping randomly (stuck).
  7903 | D:3      | 7903 ||| Stepping randomly (stuck).
  7905 | D:3      | 7905 ||| Stepping randomly (stuck).
  7907 | D:3      | 7907 ||| Stepping randomly (stuck).
  7909 | D:3      | 7909 ||| Stepping randomly (stuck).
  7911 | D:3      | 7911 ||| Stepping randomly (stuck).
  7913 | D:3      | 7913 ||| Stepping randomly (stuck).
  7915 | D:3      | 7915 ||| Stepping randomly (stuck).
  7917 | D:3      | 7917 ||| Stepping randomly (stuck).
  7919 | D:3      | 7919 ||| Stepping randomly (stuck).
  7921 | D:3      | 7921 ||| Stepping randomly (stuck).
  7923 | D:3      | 7923 ||| Stepping randomly (stuck).
  7925 | D:3      | 7925 ||| Stepping randomly (stuck).
  7927 | D:3      | 7927 ||| Stepping randomly (stuck).
  7929 | D:3      | 7929 ||| Stepping randomly (stuck).
  7931 | D:3      | 7931 ||| Stepping randomly (stuck).
  7933 | D:3      | 7933 ||| Stepping randomly (stuck).
  7935 | D:3      | 7935 ||| Stepping randomly (stuck).
  7937 | D:3      | 7937 ||| Stepping randomly (stuck).
  7939 | D:3      | 7939 ||| Stepping randomly (stuck).
  7941 | D:3      | 7941 ||| Stepping randomly (stuck).
  7943 | D:3      | 7943 ||| Stepping randomly (stuck).
  7945 | D:3      | 7945 ||| Stepping randomly (stuck).
  7947 | D:3      | 7947 ||| Stepping randomly (stuck).
  7949 | D:3      | 7949 ||| Stepping randomly (stuck).
  7951 | D:3      | 7951 ||| Stepping randomly (stuck).
  7953 | D:3      | 7953 ||| Stepping randomly (stuck).
  7955 | D:3      | 7955 ||| Stepping randomly (stuck).
  7957 | D:3      | 7957 ||| Stepping randomly (stuck).
  7959 | D:3      | 7959 ||| Stepping randomly (stuck).
  7961 | D:3      | 7961 ||| Stepping randomly (stuck).
  7963 | D:3      | 7963 ||| Stepping randomly (stuck).
  7965 | D:3      | 7965 ||| Stepping randomly (stuck).
  7967 | D:3      | 7967 ||| Stepping randomly (stuck).
  7969 | D:3      | 7969 ||| Stepping randomly (stuck).
  7971 | D:3      | 7971 ||| Stepping randomly (stuck).
  7973 | D:3      | 7973 ||| Stepping randomly (stuck).
  7975 | D:3      | 7975 ||| Stepping randomly (stuck).
  7977 | D:3      | 7977 ||| Stepping randomly (stuck).
  7979 | D:3      | 7979 ||| Stepping randomly (stuck).
  7981 | D:3      | 7981 ||| Stepping randomly (stuck).
  7983 | D:3      | 7983 ||| Stepping randomly (stuck).
  7985 | D:3      | 7985 ||| Stepping randomly (stuck).
  7987 | D:3      | 7987 ||| Stepping randomly (stuck).
  7989 | D:3      | 7989 ||| Stepping randomly (stuck).
  7991 | D:3      | 7991 ||| Stepping randomly (stuck).
  7993 | D:3      | 7993 ||| Stepping randomly (stuck).
  7995 | D:3      | 7995 ||| Stepping randomly (stuck).
  7997 | D:3      | 7997 ||| Stepping randomly (stuck).
  7999 | D:3      | 7999 ||| Stepping randomly (stuck).
  8001 | D:3      | 8001 ||| Stepping randomly (stuck).
  8003 | D:3      | 8003 ||| Stepping randomly (stuck).
  8005 | D:3      | 8005 ||| Stepping randomly (stuck).
  8007 | D:3      | 8007 ||| Stepping randomly (stuck).
  8009 | D:3      | 8009 ||| Stepping randomly (stuck).
  8011 | D:3      | 8011 ||| Stepping randomly (stuck).
  8013 | D:3      | 8013 ||| Stepping randomly (stuck).
  8015 | D:3      | 8015 ||| Stepping randomly (stuck).
  8017 | D:3      | 8017 ||| Stepping randomly (stuck).
  8019 | D:3      | 8019 ||| Stepping randomly (stuck).
  8021 | D:3      | 8021 ||| Stepping randomly (stuck).
  8023 | D:3      | 8023 ||| Stepping randomly (stuck).
  8025 | D:3      | 8025 ||| Stepping randomly (stuck).
  8027 | D:3      | 8027 ||| Stepping randomly (stuck).
  8029 | D:3      | 8029 ||| Stepping randomly (stuck).
  8031 | D:3      | 8031 ||| Stepping randomly (stuck).
  8033 | D:3      | 8033 ||| Stepping randomly (stuck).
  8035 | D:3      | 8035 ||| Stepping randomly (stuck).
  8037 | D:3      | 8037 ||| Stepping randomly (stuck).
  8039 | D:3      | 8039 ||| Stepping randomly (stuck).
  8041 | D:3      | 8041 ||| Stepping randomly (stuck).
  8043 | D:3      | 8043 ||| Stepping randomly (stuck).
  8045 | D:3      | 8045 ||| Stepping randomly (stuck).
  8047 | D:3      | 8047 ||| Stepping randomly (stuck).
  8049 | D:3      | 8049 ||| Stepping randomly (stuck).
  8051 | D:3      | 8051 ||| Stepping randomly (stuck).
  8053 | D:3      | 8053 ||| Stepping randomly (stuck).
  8055 | D:3      | 8055 ||| Stepping randomly (stuck).
  8057 | D:3      | 8057 ||| Stepping randomly (stuck).
  8059 | D:3      | 8059 ||| Stepping randomly (stuck).
  8061 | D:3      | 8061 ||| Stepping randomly (stuck).
  8063 | D:3      | 8063 ||| Stepping randomly (stuck).
  8065 | D:3      | 8065 ||| Stepping randomly (stuck).
  8067 | D:3      | 8067 ||| Stepping randomly (stuck).
  8069 | D:3      | 8069 ||| Stepping randomly (stuck).
  8071 | D:3      | 8071 ||| Stepping randomly (stuck).
  8073 | D:3      | 8073 ||| Stepping randomly (stuck).
  8075 | D:3      | 8075 ||| Stepping randomly (stuck).
  8077 | D:3      | 8077 ||| Stepping randomly (stuck).
  8079 | D:3      | 8079 ||| Stepping randomly (stuck).
  8081 | D:3      | 8081 ||| Stepping randomly (stuck).
  8083 | D:3      | 8083 ||| Stepping randomly (stuck).
  8085 | D:3      | 8085 ||| Stepping randomly (stuck).
  8087 | D:3      | 8087 ||| Stepping randomly (stuck).
  8089 | D:3      | 8089 ||| Stepping randomly (stuck).
  8091 | D:3      | 8091 ||| Stepping randomly (stuck).
  8093 | D:3      | 8093 ||| Stepping randomly (stuck).
  8095 | D:3      | 8095 ||| Stepping randomly (stuck).
  8097 | D:3      | 8097 ||| Stepping randomly (stuck).
  8099 | D:3      | 8099 ||| Stepping randomly (stuck).
  8101 | D:3      | 8101 ||| Stepping randomly (stuck).
  8103 | D:3      | 8103 ||| Stepping randomly (stuck).
  8105 | D:3      | 8105 ||| Stepping randomly (stuck).
  8107 | D:3      | 8107 ||| Stepping randomly (stuck).
  8109 | D:3      | 8109 ||| Stepping randomly (stuck).
  8111 | D:3      | 8111 ||| Stepping randomly (stuck).
  8113 | D:3      | 8113 ||| Stepping randomly (stuck).
  8115 | D:3      | 8115 ||| Stepping randomly (stuck).
  8117 | D:3      | 8117 ||| Stepping randomly (stuck).
  8119 | D:3      | 8119 ||| Stepping randomly (stuck).
  8121 | D:3      | 8121 ||| Stepping randomly (stuck).
  8123 | D:3      | 8123 ||| Stepping randomly (stuck).
  8125 | D:3      | 8125 ||| Stepping randomly (stuck).
  8127 | D:3      | 8127 ||| Stepping randomly (stuck).
  8129 | D:3      | 8129 ||| Stepping randomly (stuck).
  8131 | D:3      | 8131 ||| Stepping randomly (stuck).
  8133 | D:3      | 8133 ||| Stepping randomly (stuck).
  8135 | D:3      | 8135 ||| Stepping randomly (stuck).
  8137 | D:3      | 8137 ||| Stepping randomly (stuck).
  8139 | D:3      | 8139 ||| Stepping randomly (stuck).
  8141 | D:3      | 8141 ||| Stepping randomly (stuck).
  8143 | D:3      | 8143 ||| Stepping randomly (stuck).
  8145 | D:3      | 8145 ||| Stepping randomly (stuck).
  8147 | D:3      | 8147 ||| Stepping randomly (stuck).
  8149 | D:3      | 8149 ||| Stepping randomly (stuck).
  8151 | D:3      | 8151 ||| Stepping randomly (stuck).
  8153 | D:3      | 8153 ||| Stepping randomly (stuck).
  8155 | D:3      | 8155 ||| Stepping randomly (stuck).
  8157 | D:3      | 8157 ||| Stepping randomly (stuck).
  8159 | D:3      | 8159 ||| Stepping randomly (stuck).
  8161 | D:3      | 8161 ||| Stepping randomly (stuck).
  8163 | D:3      | 8163 ||| Stepping randomly (stuck).
  8165 | D:3      | 8165 ||| Stepping randomly (stuck).
  8167 | D:3      | 8167 ||| Stepping randomly (stuck).
  8169 | D:3      | 8169 ||| Stepping randomly (stuck).
  8171 | D:3      | 8171 ||| Stepping randomly (stuck).
  8173 | D:3      | 8173 ||| Stepping randomly (stuck).
  8175 | D:3      | 8175 ||| Stepping randomly (stuck).
  8177 | D:3      | 8177 ||| Stepping randomly (stuck).
  8179 | D:3      | 8179 ||| Stepping randomly (stuck).
  8181 | D:3      | 8181 ||| Stepping randomly (stuck).
  8183 | D:3      | 8183 ||| Stepping randomly (stuck).
  8185 | D:3      | 8185 ||| Stepping randomly (stuck).
  8187 | D:3      | 8187 ||| Stepping randomly (stuck).
  8189 | D:3      | 8189 ||| Stepping randomly (stuck).
  8191 | D:3      | 8191 ||| Stepping randomly (stuck).
  8193 | D:3      | 8193 ||| Stepping randomly (stuck).
  8195 | D:3      | 8195 ||| Stepping randomly (stuck).
  8197 | D:3      | 8197 ||| Stepping randomly (stuck).
  8199 | D:3      | 8199 ||| Stepping randomly (stuck).
  8201 | D:3      | 8201 ||| Stepping randomly (stuck).
  8203 | D:3      | 8203 ||| Stepping randomly (stuck).
  8205 | D:3      | 8205 ||| Stepping randomly (stuck).
  8207 | D:3      | 8207 ||| Stepping randomly (stuck).
  8209 | D:3      | 8209 ||| Stepping randomly (stuck).
  8211 | D:3      | 8211 ||| Stepping randomly (stuck).
  8213 | D:3      | 8213 ||| Stepping randomly (stuck).
  8215 | D:3      | 8215 ||| Stepping randomly (stuck).
  8217 | D:3      | 8217 ||| Stepping randomly (stuck).
  8219 | D:3      | 8219 ||| Stepping randomly (stuck).
  8221 | D:3      | 8221 ||| Stepping randomly (stuck).
  8223 | D:3      | 8223 ||| Stepping randomly (stuck).
  8225 | D:3      | 8225 ||| Stepping randomly (stuck).
  8227 | D:3      | 8227 ||| Stepping randomly (stuck).
  8229 | D:3      | 8229 ||| Stepping randomly (stuck).
  8231 | D:3      | 8231 ||| Stepping randomly (stuck).
  8233 | D:3      | 8233 ||| Stepping randomly (stuck).
  8235 | D:3      | 8235 ||| Stepping randomly (stuck).
  8237 | D:3      | 8237 ||| Stepping randomly (stuck).
  8239 | D:3      | 8239 ||| Stepping randomly (stuck).
  8241 | D:3      | 8241 ||| Stepping randomly (stuck).
  8243 | D:3      | 8243 ||| Stepping randomly (stuck).
  8245 | D:3      | 8245 ||| Stepping randomly (stuck).
  8247 | D:3      | 8247 ||| Stepping randomly (stuck).
  8249 | D:3      | 8249 ||| Stepping randomly (stuck).
  8251 | D:3      | 8251 ||| Stepping randomly (stuck).
  8253 | D:3      | 8253 ||| Stepping randomly (stuck).
  8255 | D:3      | 8255 ||| Stepping randomly (stuck).
  8257 | D:3      | 8257 ||| Stepping randomly (stuck).
  8259 | D:3      | 8259 ||| Stepping randomly (stuck).
  8261 | D:3      | 8261 ||| Stepping randomly (stuck).
  8263 | D:3      | 8263 ||| Stepping randomly (stuck).
  8265 | D:3      | 8265 ||| Stepping randomly (stuck).
  8267 | D:3      | 8267 ||| Stepping randomly (stuck).
  8269 | D:3      | 8269 ||| Stepping randomly (stuck).
  8271 | D:3      | 8271 ||| Stepping randomly (stuck).
  8273 | D:3      | 8273 ||| Stepping randomly (stuck).
  8275 | D:3      | 8275 ||| Stepping randomly (stuck).
  8277 | D:3      | 8277 ||| Stepping randomly (stuck).
  8279 | D:3      | 8279 ||| Stepping randomly (stuck).
  8281 | D:3      | 8281 ||| Stepping randomly (stuck).
  8283 | D:3      | 8283 ||| Stepping randomly (stuck).
  8285 | D:3      | 8285 ||| Stepping randomly (stuck).
  8287 | D:3      | 8287 ||| Stepping randomly (stuck).
  8289 | D:3      | 8289 ||| Stepping randomly (stuck).
  8291 | D:3      | 8291 ||| Stepping randomly (stuck).
  8293 | D:3      | 8293 ||| Stepping randomly (stuck).
  8295 | D:3      | 8295 ||| Stepping randomly (stuck).
  8297 | D:3      | 8297 ||| Stepping randomly (stuck).
  8299 | D:3      | 8299 ||| Stepping randomly (stuck).
  8301 | D:3      | 8301 ||| Stepping randomly (stuck).
  8303 | D:3      | 8303 ||| Stepping randomly (stuck).
  8305 | D:3      | 8305 ||| Stepping randomly (stuck).
  8307 | D:3      | 8307 ||| Stepping randomly (stuck).
  8309 | D:3      | 8309 ||| Stepping randomly (stuck).
  8311 | D:3      | 8311 ||| Stepping randomly (stuck).
  8313 | D:3      | 8313 ||| Stepping randomly (stuck).
  8315 | D:3      | 8315 ||| Stepping randomly (stuck).
  8317 | D:3      | 8317 ||| Stepping randomly (stuck).
  8319 | D:3      | 8319 ||| Stepping randomly (stuck).
  8321 | D:3      | 8321 ||| Stepping randomly (stuck).
  8323 | D:3      | 8323 ||| Stepping randomly (stuck).
  8325 | D:3      | 8325 ||| Stepping randomly (stuck).
  8327 | D:3      | 8327 ||| Stepping randomly (stuck).
  8329 | D:3      | 8329 ||| Stepping randomly (stuck).
  8331 | D:3      | 8331 ||| Stepping randomly (stuck).
  8333 | D:3      | 8333 ||| Stepping randomly (stuck).
  8335 | D:3      | 8335 ||| Stepping randomly (stuck).
  8337 | D:3      | 8337 ||| Stepping randomly (stuck).
  8339 | D:3      | 8339 ||| Stepping randomly (stuck).
  8341 | D:3      | 8341 ||| Stepping randomly (stuck).
  8343 | D:3      | 8343 ||| Stepping randomly (stuck).
  8345 | D:3      | 8345 ||| Stepping randomly (stuck).
  8347 | D:3      | 8347 ||| Stepping randomly (stuck).
  8349 | D:3      | 8349 ||| Stepping randomly (stuck).
  8351 | D:3      | 8351 ||| Stepping randomly (stuck).
  8353 | D:3      | 8353 ||| Stepping randomly (stuck).
  8355 | D:3      | 8355 ||| Stepping randomly (stuck).
  8357 | D:3      | 8357 ||| Stepping randomly (stuck).
  8359 | D:3      | 8359 ||| Stepping randomly (stuck).
  8361 | D:3      | 8361 ||| Stepping randomly (stuck).
  8363 | D:3      | 8363 ||| Stepping randomly (stuck).
  8365 | D:3      | 8365 ||| Stepping randomly (stuck).
  8367 | D:3      | 8367 ||| Stepping randomly (stuck).
  8369 | D:3      | 8369 ||| Stepping randomly (stuck).
  8371 | D:3      | 8371 ||| Stepping randomly (stuck).
  8373 | D:3      | 8373 ||| Stepping randomly (stuck).
  8375 | D:3      | 8375 ||| Stepping randomly (stuck).
  8377 | D:3      | 8377 ||| Stepping randomly (stuck).
  8379 | D:3      | 8379 ||| Stepping randomly (stuck).
  8381 | D:3      | 8381 ||| Stepping randomly (stuck).
  8383 | D:3      | 8383 ||| Stepping randomly (stuck).
  8385 | D:3      | 8385 ||| Stepping randomly (stuck).
  8387 | D:3      | 8387 ||| Stepping randomly (stuck).
  8389 | D:3      | 8389 ||| Stepping randomly (stuck).
  8391 | D:3      | 8391 ||| Stepping randomly (stuck).
  8393 | D:3      | 8393 ||| Stepping randomly (stuck).
  8395 | D:3      | 8395 ||| Stepping randomly (stuck).
  8397 | D:3      | 8397 ||| Stepping randomly (stuck).
  8399 | D:3      | 8399 ||| Stepping randomly (stuck).
  8401 | D:3      | 8401 ||| Stepping randomly (stuck).
  8403 | D:3      | 8403 ||| Stepping randomly (stuck).
  8405 | D:3      | 8405 ||| Stepping randomly (stuck).
  8407 | D:3      | 8407 ||| Stepping randomly (stuck).
  8409 | D:3      | 8409 ||| Stepping randomly (stuck).
  8411 | D:3      | 8411 ||| Stepping randomly (stuck).
  8413 | D:3      | 8413 ||| Stepping randomly (stuck).
  8415 | D:3      | 8415 ||| Stepping randomly (stuck).
  8417 | D:3      | 8417 ||| Stepping randomly (stuck).
  8419 | D:3      | 8419 ||| Stepping randomly (stuck).
  8421 | D:3      | 8421 ||| Stepping randomly (stuck).
  8423 | D:3      | 8423 ||| Stepping randomly (stuck).
  8425 | D:3      | 8425 ||| Stepping randomly (stuck).
  8427 | D:3      | 8427 ||| Stepping randomly (stuck).
  8429 | D:3      | 8429 ||| Stepping randomly (stuck).
  8431 | D:3      | 8431 ||| Stepping randomly (stuck).
  8433 | D:3      | 8433 ||| Stepping randomly (stuck).
  8435 | D:3      | 8435 ||| Stepping randomly (stuck).
  8437 | D:3      | 8437 ||| Stepping randomly (stuck).
  8439 | D:3      | 8439 ||| Stepping randomly (stuck).
  8441 | D:3      | 8441 ||| Stepping randomly (stuck).
  8443 | D:3      | 8443 ||| Stepping randomly (stuck).
  8445 | D:3      | 8445 ||| Stepping randomly (stuck).
  8447 | D:3      | 8447 ||| Stepping randomly (stuck).
  8449 | D:3      | 8449 ||| Stepping randomly (stuck).
  8451 | D:3      | 8451 ||| Stepping randomly (stuck).
  8453 | D:3      | 8453 ||| Stepping randomly (stuck).
  8455 | D:3      | 8455 ||| Stepping randomly (stuck).
  8457 | D:3      | 8457 ||| Stepping randomly (stuck).
  8459 | D:3      | 8459 ||| Stepping randomly (stuck).
  8461 | D:3      | 8461 ||| Stepping randomly (stuck).
  8463 | D:3      | 8463 ||| Stepping randomly (stuck).
  8465 | D:3      | 8465 ||| Stepping randomly (stuck).
  8467 | D:3      | 8467 ||| Stepping randomly (stuck).
  8469 | D:3      | 8469 ||| Stepping randomly (stuck).
  8471 | D:3      | 8471 ||| Stepping randomly (stuck).
  8473 | D:3      | 8473 ||| Stepping randomly (stuck).
  8475 | D:3      | 8475 ||| Stepping randomly (stuck).
  8477 | D:3      | 8477 ||| Stepping randomly (stuck).
  8479 | D:3      | 8479 ||| Stepping randomly (stuck).
  8481 | D:3      | 8481 ||| Stepping randomly (stuck).
  8483 | D:3      | 8483 ||| Stepping randomly (stuck).
  8485 | D:3      | 8485 ||| Stepping randomly (stuck).
  8487 | D:3      | 8487 ||| Stepping randomly (stuck).
  8489 | D:3      | 8489 ||| Stepping randomly (stuck).
  8491 | D:3      | 8491 ||| Stepping randomly (stuck).
  8493 | D:3      | 8493 ||| Stepping randomly (stuck).
  8495 | D:3      | 8495 ||| Stepping randomly (stuck).
  8497 | D:3      | 8497 ||| Stepping randomly (stuck).
  8499 | D:3      | 8499 ||| Stepping randomly (stuck).
  8501 | D:3      | 8501 ||| Stepping randomly (stuck).
  8503 | D:3      | 8503 ||| Stepping randomly (stuck).
  8505 | D:3      | 8505 ||| Stepping randomly (stuck).
  8507 | D:3      | 8507 ||| Stepping randomly (stuck).
  8509 | D:3      | 8509 ||| Stepping randomly (stuck).
  8511 | D:3      | 8511 ||| Stepping randomly (stuck).
  8513 | D:3      | 8513 ||| Stepping randomly (stuck).
  8515 | D:3      | 8515 ||| Stepping randomly (stuck).
  8517 | D:3      | 8517 ||| Stepping randomly (stuck).
  8519 | D:3      | 8519 ||| Stepping randomly (stuck).
  8521 | D:3      | 8521 ||| Stepping randomly (stuck).
  8523 | D:3      | 8523 ||| Stepping randomly (stuck).
  8525 | D:3      | 8525 ||| Stepping randomly (stuck).
  8527 | D:3      | 8527 ||| Stepping randomly (stuck).
  8529 | D:3      | 8529 ||| Stepping randomly (stuck).
  8531 | D:3      | 8531 ||| Stepping randomly (stuck).
  8533 | D:3      | 8533 ||| Stepping randomly (stuck).
  8535 | D:3      | 8535 ||| Stepping randomly (stuck).
  8537 | D:3      | 8537 ||| Stepping randomly (stuck).
  8539 | D:3      | 8539 ||| Stepping randomly (stuck).
  8541 | D:3      | 8541 ||| Stepping randomly (stuck).
  8543 | D:3      | 8543 ||| Stepping randomly (stuck).
  8545 | D:3      | 8545 ||| Stepping randomly (stuck).
  8547 | D:3      | 8547 ||| Stepping randomly (stuck).
  8549 | D:3      | 8549 ||| Stepping randomly (stuck).
  8551 | D:3      | 8551 ||| Stepping randomly (stuck).
  8553 | D:3      | 8553 ||| Stepping randomly (stuck).
  8555 | D:3      | 8555 ||| Stepping randomly (stuck).
  8557 | D:3      | 8557 ||| Stepping randomly (stuck).
  8559 | D:3      | 8559 ||| Stepping randomly (stuck).
  8561 | D:3      | 8561 ||| Stepping randomly (stuck).
  8563 | D:3      | 8563 ||| Stepping randomly (stuck).
  8565 | D:3      | 8565 ||| Stepping randomly (stuck).
  8567 | D:3      | 8567 ||| Stepping randomly (stuck).
  8569 | D:3      | 8569 ||| Stepping randomly (stuck).
  8571 | D:3      | 8571 ||| Stepping randomly (stuck).
  8573 | D:3      | 8573 ||| Stepping randomly (stuck).
  8575 | D:3      | 8575 ||| Stepping randomly (stuck).
  8577 | D:3      | 8577 ||| Stepping randomly (stuck).
  8579 | D:3      | 8579 ||| Stepping randomly (stuck).
  8581 | D:3      | 8581 ||| Stepping randomly (stuck).
  8583 | D:3      | 8583 ||| Stepping randomly (stuck).
  8585 | D:3      | 8585 ||| Stepping randomly (stuck).
  8587 | D:3      | 8587 ||| Stepping randomly (stuck).
  8589 | D:3      | 8589 ||| Stepping randomly (stuck).
  8591 | D:3      | 8591 ||| Stepping randomly (stuck).
  8593 | D:3      | 8593 ||| Stepping randomly (stuck).
  8595 | D:3      | 8595 ||| Stepping randomly (stuck).
  8597 | D:3      | 8597 ||| Stepping randomly (stuck).
  8599 | D:3      | 8599 ||| Stepping randomly (stuck).
  8601 | D:3      | 8601 ||| Stepping randomly (stuck).
  8603 | D:3      | 8603 ||| Stepping randomly (stuck).
  8605 | D:3      | 8605 ||| Stepping randomly (stuck).
  8607 | D:3      | 8607 ||| Stepping randomly (stuck).
  8609 | D:3      | 8609 ||| Stepping randomly (stuck).
  8611 | D:3      | 8611 ||| Stepping randomly (stuck).
  8613 | D:3      | 8613 ||| Stepping randomly (stuck).
  8615 | D:3      | 8615 ||| Stepping randomly (stuck).
  8617 | D:3      | 8617 ||| Stepping randomly (stuck).
  8619 | D:3      | 8619 ||| Stepping randomly (stuck).
  8621 | D:3      | 8621 ||| Stepping randomly (stuck).
  8623 | D:3      | 8623 ||| Stepping randomly (stuck).
  8625 | D:3      | 8625 ||| Stepping randomly (stuck).
  8627 | D:3      | 8627 ||| Stepping randomly (stuck).
  8629 | D:3      | 8629 ||| Stepping randomly (stuck).
  8631 | D:3      | 8631 ||| Stepping randomly (stuck).
  8633 | D:3      | 8633 ||| Stepping randomly (stuck).
  8635 | D:3      | 8635 ||| Stepping randomly (stuck).
  8637 | D:3      | 8637 ||| Stepping randomly (stuck).
  8639 | D:3      | 8639 ||| Stepping randomly (stuck).
  8641 | D:3      | 8641 ||| Stepping randomly (stuck).
  8643 | D:3      | 8643 ||| Stepping randomly (stuck).
  8645 | D:3      | 8645 ||| Stepping randomly (stuck).
  8647 | D:3      | 8647 ||| Stepping randomly (stuck).
  8649 | D:3      | 8649 ||| Stepping randomly (stuck).
  8651 | D:3      | 8651 ||| Stepping randomly (stuck).
  8653 | D:3      | 8653 ||| Stepping randomly (stuck).
  8655 | D:3      | 8655 ||| Stepping randomly (stuck).
  8657 | D:3      | 8657 ||| Stepping randomly (stuck).
  8659 | D:3      | 8659 ||| Stepping randomly (stuck).
  8661 | D:3      | 8661 ||| Stepping randomly (stuck).
  8663 | D:3      | 8663 ||| Stepping randomly (stuck).
  8665 | D:3      | 8665 ||| Stepping randomly (stuck).
  8667 | D:3      | 8667 ||| Stepping randomly (stuck).
  8669 | D:3      | 8669 ||| Stepping randomly (stuck).
  8671 | D:3      | 8671 ||| Stepping randomly (stuck).
  8673 | D:3      | 8673 ||| Stepping randomly (stuck).
  8675 | D:3      | 8675 ||| Stepping randomly (stuck).
  8677 | D:3      | 8677 ||| Stepping randomly (stuck).
  8679 | D:3      | 8679 ||| Stepping randomly (stuck).
  8681 | D:3      | 8681 ||| Stepping randomly (stuck).
  8683 | D:3      | 8683 ||| Stepping randomly (stuck).
  8685 | D:3      | 8685 ||| Stepping randomly (stuck).
  8687 | D:3      | 8687 ||| Stepping randomly (stuck).
  8689 | D:3      | 8689 ||| Stepping randomly (stuck).
  8691 | D:3      | 8691 ||| Stepping randomly (stuck).
  8693 | D:3      | 8693 ||| Stepping randomly (stuck).
  8695 | D:3      | 8695 ||| Stepping randomly (stuck).
  8697 | D:3      | 8697 ||| Stepping randomly (stuck).
  8699 | D:3      | 8699 ||| Stepping randomly (stuck).
  8701 | D:3      | 8701 ||| Stepping randomly (stuck).
  8703 | D:3      | 8703 ||| Stepping randomly (stuck).
  8705 | D:3      | 8705 ||| Stepping randomly (stuck).
  8707 | D:3      | 8707 ||| Stepping randomly (stuck).
  8709 | D:3      | 8709 ||| Stepping randomly (stuck).
  8711 | D:3      | 8711 ||| Stepping randomly (stuck).
  8713 | D:3      | 8713 ||| Stepping randomly (stuck).
  8715 | D:3      | 8715 ||| Stepping randomly (stuck).
  8717 | D:3      | 8717 ||| Stepping randomly (stuck).
  8719 | D:3      | 8719 ||| Stepping randomly (stuck).
  8721 | D:3      | 8721 ||| Stepping randomly (stuck).
  8723 | D:3      | 8723 ||| Stepping randomly (stuck).
  8725 | D:3      | 8725 ||| Stepping randomly (stuck).
  8727 | D:3      | 8727 ||| Stepping randomly (stuck).
  8729 | D:3      | 8729 ||| Stepping randomly (stuck).
  8731 | D:3      | 8731 ||| Stepping randomly (stuck).
  8733 | D:3      | 8733 ||| Stepping randomly (stuck).
  8735 | D:3      | 8735 ||| Stepping randomly (stuck).
  8737 | D:3      | 8737 ||| Stepping randomly (stuck).
  8739 | D:3      | 8739 ||| Stepping randomly (stuck).
  8741 | D:3      | 8741 ||| Stepping randomly (stuck).
  8743 | D:3      | 8743 ||| Stepping randomly (stuck).
  8745 | D:3      | 8745 ||| Stepping randomly (stuck).
  8747 | D:3      | 8747 ||| Stepping randomly (stuck).
  8749 | D:3      | 8749 ||| Stepping randomly (stuck).
  8751 | D:3      | 8751 ||| Stepping randomly (stuck).
  8753 | D:3      | 8753 ||| Stepping randomly (stuck).
  8755 | D:3      | 8755 ||| Stepping randomly (stuck).
  8757 | D:3      | 8757 ||| Stepping randomly (stuck).
  8759 | D:3      | 8759 ||| Stepping randomly (stuck).
  8761 | D:3      | 8761 ||| Stepping randomly (stuck).
  8763 | D:3      | 8763 ||| Stepping randomly (stuck).
  8765 | D:3      | 8765 ||| Stepping randomly (stuck).
  8767 | D:3      | 8767 ||| Stepping randomly (stuck).
  8769 | D:3      | 8769 ||| Stepping randomly (stuck).
  8771 | D:3      | 8771 ||| Stepping randomly (stuck).
  8773 | D:3      | 8773 ||| Stepping randomly (stuck).
  8775 | D:3      | 8775 ||| Stepping randomly (stuck).
  8777 | D:3      | 8777 ||| Stepping randomly (stuck).
  8779 | D:3      | 8779 ||| Stepping randomly (stuck).
  8781 | D:3      | 8781 ||| Stepping randomly (stuck).
  8783 | D:3      | 8783 ||| Stepping randomly (stuck).
  8785 | D:3      | 8785 ||| Stepping randomly (stuck).
  8787 | D:3      | 8787 ||| Stepping randomly (stuck).
  8789 | D:3      | 8789 ||| Stepping randomly (stuck).
  8791 | D:3      | 8791 ||| Stepping randomly (stuck).
  8793 | D:3      | 8793 ||| Stepping randomly (stuck).
  8795 | D:3      | 8795 ||| Stepping randomly (stuck).
  8797 | D:3      | 8797 ||| Stepping randomly (stuck).
  8799 | D:3      | 8799 ||| Stepping randomly (stuck).
  8801 | D:3      | 8801 ||| Stepping randomly (stuck).
  8803 | D:3      | 8803 ||| Stepping randomly (stuck).
  8805 | D:3      | 8805 ||| Stepping randomly (stuck).
  8807 | D:3      | 8807 ||| Stepping randomly (stuck).
  8809 | D:3      | 8809 ||| Stepping randomly (stuck).
  8811 | D:3      | 8811 ||| Stepping randomly (stuck).
  8813 | D:3      | 8813 ||| Stepping randomly (stuck).
  8815 | D:3      | 8815 ||| Stepping randomly (stuck).
  8817 | D:3      | 8817 ||| Stepping randomly (stuck).
  8819 | D:3      | 8819 ||| Stepping randomly (stuck).
  8821 | D:3      | 8821 ||| Stepping randomly (stuck).
  8823 | D:3      | 8823 ||| Stepping randomly (stuck).
  8825 | D:3      | 8825 ||| Stepping randomly (stuck).
  8827 | D:3      | 8827 ||| Stepping randomly (stuck).
  8829 | D:3      | 8829 ||| Stepping randomly (stuck).
  8831 | D:3      | 8831 ||| Stepping randomly (stuck).
  8833 | D:3      | 8833 ||| Stepping randomly (stuck).
  8835 | D:3      | 8835 ||| Stepping randomly (stuck).
  8837 | D:3      | 8837 ||| Stepping randomly (stuck).
  8839 | D:3      | 8839 ||| Stepping randomly (stuck).
  8841 | D:3      | 8841 ||| Stepping randomly (stuck).
  8843 | D:3      | 8843 ||| Stepping randomly (stuck).
  8845 | D:3      | 8845 ||| Stepping randomly (stuck).
  8847 | D:3      | 8847 ||| Stepping randomly (stuck).
  8849 | D:3      | 8849 ||| Stepping randomly (stuck).
  8851 | D:3      | 8851 ||| Stepping randomly (stuck).
  8853 | D:3      | 8853 ||| Stepping randomly (stuck).
  8855 | D:3      | 8855 ||| Stepping randomly (stuck).
  8857 | D:3      | 8857 ||| Stepping randomly (stuck).
  8859 | D:3      | 8859 ||| Stepping randomly (stuck).
  8861 | D:3      | 8861 ||| Stepping randomly (stuck).
  8863 | D:3      | 8863 ||| Stepping randomly (stuck).
  8865 | D:3      | 8865 ||| Stepping randomly (stuck).
  8867 | D:3      | 8867 ||| Stepping randomly (stuck).
  8869 | D:3      | 8869 ||| Stepping randomly (stuck).
  8871 | D:3      | 8871 ||| Stepping randomly (stuck).
  8873 | D:3      | 8873 ||| Stepping randomly (stuck).
  8875 | D:3      | 8875 ||| Stepping randomly (stuck).
  8877 | D:3      | 8877 ||| Stepping randomly (stuck).
  8879 | D:3      | 8879 ||| Stepping randomly (stuck).
  8881 | D:3      | 8881 ||| Stepping randomly (stuck).
  8883 | D:3      | 8883 ||| Stepping randomly (stuck).
  8885 | D:3      | 8885 ||| Stepping randomly (stuck).
  8887 | D:3      | 8887 ||| Stepping randomly (stuck).
  8889 | D:3      | 8889 ||| Stepping randomly (stuck).
  8891 | D:3      | 8891 ||| Stepping randomly (stuck).
  8893 | D:3      | 8893 ||| Stepping randomly (stuck).
  8895 | D:3      | 8895 ||| Stepping randomly (stuck).
  8897 | D:3      | 8897 ||| Stepping randomly (stuck).
  8899 | D:3      | 8899 ||| Stepping randomly (stuck).
  8901 | D:3      | 8901 ||| Stepping randomly (stuck).
  8903 | D:3      | 8903 ||| Stepping randomly (stuck).
  8905 | D:3      | 8905 ||| Stepping randomly (stuck).
  8907 | D:3      | 8907 ||| Stepping randomly (stuck).
  8909 | D:3      | 8909 ||| Stepping randomly (stuck).
  8911 | D:3      | 8911 ||| Stepping randomly (stuck).
  8913 | D:3      | 8913 ||| Stepping randomly (stuck).
  8915 | D:3      | 8915 ||| Stepping randomly (stuck).
  8917 | D:3      | 8917 ||| Stepping randomly (stuck).
  8919 | D:3      | 8919 ||| Stepping randomly (stuck).
  8921 | D:3      | 8921 ||| Stepping randomly (stuck).
  8923 | D:3      | 8923 ||| Stepping randomly (stuck).
  8925 | D:3      | 8925 ||| Stepping randomly (stuck).
  8927 | D:3      | 8927 ||| Stepping randomly (stuck).
  8929 | D:3      | 8929 ||| Stepping randomly (stuck).
  8931 | D:3      | 8931 ||| Stepping randomly (stuck).
  8933 | D:3      | 8933 ||| Stepping randomly (stuck).
  8935 | D:3      | 8935 ||| Stepping randomly (stuck).
  8937 | D:3      | 8937 ||| Stepping randomly (stuck).
  8939 | D:3      | 8939 ||| Stepping randomly (stuck).
  8941 | D:3      | 8941 ||| Stepping randomly (stuck).
  8943 | D:3      | 8943 ||| Stepping randomly (stuck).
  8945 | D:3      | 8945 ||| Stepping randomly (stuck).
  8947 | D:3      | 8947 ||| Stepping randomly (stuck).
  8949 | D:3      | 8949 ||| Stepping randomly (stuck).
  8951 | D:3      | 8951 ||| Stepping randomly (stuck).
  8953 | D:3      | 8953 ||| Stepping randomly (stuck).
  8955 | D:3      | 8955 ||| Stepping randomly (stuck).
  8957 | D:3      | 8957 ||| Stepping randomly (stuck).
  8959 | D:3      | 8959 ||| Stepping randomly (stuck).
  8961 | D:3      | 8961 ||| Stepping randomly (stuck).
  8963 | D:3      | 8963 ||| Stepping randomly (stuck).
  8965 | D:3      | 8965 ||| Stepping randomly (stuck).
  8967 | D:3      | 8967 ||| Stepping randomly (stuck).
  8969 | D:3      | 8969 ||| Stepping randomly (stuck).
  8971 | D:3      | 8971 ||| Stepping randomly (stuck).
  8973 | D:3      | 8973 ||| Stepping randomly (stuck).
  8975 | D:3      | 8975 ||| Stepping randomly (stuck).
  8977 | D:3      | 8977 ||| Stepping randomly (stuck).
  8979 | D:3      | 8979 ||| Stepping randomly (stuck).
  8981 | D:3      | 8981 ||| Stepping randomly (stuck).
  8983 | D:3      | 8983 ||| Stepping randomly (stuck).
  8985 | D:3      | 8985 ||| Stepping randomly (stuck).
  8987 | D:3      | 8987 ||| Stepping randomly (stuck).
  8989 | D:3      | 8989 ||| Stepping randomly (stuck).
  8991 | D:3      | 8991 ||| Stepping randomly (stuck).
  8993 | D:3      | 8993 ||| Stepping randomly (stuck).
  8995 | D:3      | 8995 ||| Stepping randomly (stuck).
  8997 | D:3      | 8997 ||| Stepping randomly (stuck).
  8999 | D:3      | 8999 ||| Stepping randomly (stuck).
  9001 | D:3      | 9001 ||| Stepping randomly (stuck).
  9003 | D:3      | 9003 ||| Stepping randomly (stuck).
  9005 | D:3      | 9005 ||| Stepping randomly (stuck).
  9007 | D:3      | 9007 ||| Stepping randomly (stuck).
  9009 | D:3      | 9009 ||| Stepping randomly (stuck).
  9011 | D:3      | 9011 ||| Stepping randomly (stuck).
  9013 | D:3      | 9013 ||| Stepping randomly (stuck).
  9015 | D:3      | 9015 ||| Stepping randomly (stuck).
  9017 | D:3      | 9017 ||| Stepping randomly (stuck).
  9019 | D:3      | 9019 ||| Stepping randomly (stuck).
  9021 | D:3      | 9021 ||| Stepping randomly (stuck).
  9023 | D:3      | 9023 ||| Stepping randomly (stuck).
  9025 | D:3      | 9025 ||| Stepping randomly (stuck).
  9027 | D:3      | 9027 ||| Stepping randomly (stuck).
  9029 | D:3      | 9029 ||| Stepping randomly (stuck).
  9031 | D:3      | 9031 ||| Stepping randomly (stuck).
  9033 | D:3      | 9033 ||| Stepping randomly (stuck).
  9035 | D:3      | 9035 ||| Stepping randomly (stuck).
  9037 | D:3      | 9037 ||| Stepping randomly (stuck).
  9039 | D:3      | 9039 ||| Stepping randomly (stuck).
  9041 | D:3      | 9041 ||| Stepping randomly (stuck).
  9043 | D:3      | 9043 ||| Stepping randomly (stuck).
  9045 | D:3      | 9045 ||| Stepping randomly (stuck).
  9047 | D:3      | 9047 ||| Stepping randomly (stuck).
  9049 | D:3      | 9049 ||| Stepping randomly (stuck).
  9051 | D:3      | 9051 ||| Stepping randomly (stuck).
  9053 | D:3      | 9053 ||| Stepping randomly (stuck).
  9055 | D:3      | 9055 ||| Stepping randomly (stuck).
  9057 | D:3      | 9057 ||| Stepping randomly (stuck).
  9059 | D:3      | 9059 ||| Stepping randomly (stuck).
  9061 | D:3      | 9061 ||| Stepping randomly (stuck).
  9063 | D:3      | 9063 ||| Stepping randomly (stuck).
  9065 | D:3      | 9065 ||| Stepping randomly (stuck).
  9067 | D:3      | 9067 ||| Stepping randomly (stuck).
  9069 | D:3      | 9069 ||| Stepping randomly (stuck).
  9071 | D:3      | 9071 ||| Stepping randomly (stuck).
  9073 | D:3      | 9073 ||| Stepping randomly (stuck).
  9075 | D:3      | 9075 ||| Stepping randomly (stuck).
  9077 | D:3      | 9077 ||| Stepping randomly (stuck).
  9079 | D:3      | 9079 ||| Stepping randomly (stuck).
  9081 | D:3      | 9081 ||| Stepping randomly (stuck).
  9083 | D:3      | 9083 ||| Stepping randomly (stuck).
  9085 | D:3      | 9085 ||| Stepping randomly (stuck).
  9087 | D:3      | 9087 ||| Stepping randomly (stuck).
  9089 | D:3      | 9089 ||| Stepping randomly (stuck).
  9091 | D:3      | 9091 ||| Stepping randomly (stuck).
  9093 | D:3      | 9093 ||| Stepping randomly (stuck).
  9095 | D:3      | 9095 ||| Stepping randomly (stuck).
  9097 | D:3      | 9097 ||| Stepping randomly (stuck).
  9099 | D:3      | 9099 ||| Stepping randomly (stuck).
  9101 | D:3      | 9101 ||| Stepping randomly (stuck).
  9103 | D:3      | 9103 ||| Stepping randomly (stuck).
  9105 | D:3      | 9105 ||| Stepping randomly (stuck).
  9107 | D:3      | 9107 ||| Stepping randomly (stuck).
  9109 | D:3      | 9109 ||| Stepping randomly (stuck).
  9111 | D:3      | 9111 ||| Stepping randomly (stuck).
  9113 | D:3      | 9113 ||| Stepping randomly (stuck).
  9115 | D:3      | 9115 ||| Stepping randomly (stuck).
  9117 | D:3      | 9117 ||| Stepping randomly (stuck).
  9119 | D:3      | 9119 ||| Stepping randomly (stuck).
  9121 | D:3      | 9121 ||| Stepping randomly (stuck).
  9123 | D:3      | 9123 ||| Stepping randomly (stuck).
  9125 | D:3      | 9125 ||| Stepping randomly (stuck).
  9127 | D:3      | 9127 ||| Stepping randomly (stuck).
  9129 | D:3      | 9129 ||| Stepping randomly (stuck).
  9131 | D:3      | 9131 ||| Stepping randomly (stuck).
  9133 | D:3      | 9133 ||| Stepping randomly (stuck).
  9135 | D:3      | 9135 ||| Stepping randomly (stuck).
  9137 | D:3      | 9137 ||| Stepping randomly (stuck).
  9139 | D:3      | 9139 ||| Stepping randomly (stuck).
  9141 | D:3      | 9141 ||| Stepping randomly (stuck).
  9143 | D:3      | 9143 ||| Stepping randomly (stuck).
  9145 | D:3      | 9145 ||| Stepping randomly (stuck).
  9147 | D:3      | 9147 ||| Stepping randomly (stuck).
  9149 | D:3      | 9149 ||| Stepping randomly (stuck).
  9151 | D:3      | 9151 ||| Stepping randomly (stuck).
  9153 | D:3      | 9153 ||| Stepping randomly (stuck).
  9155 | D:3      | 9155 ||| Stepping randomly (stuck).
  9157 | D:3      | 9157 ||| Stepping randomly (stuck).
  9159 | D:3      | 9159 ||| Stepping randomly (stuck).
  9161 | D:3      | 9161 ||| Stepping randomly (stuck).
  9163 | D:3      | 9163 ||| Stepping randomly (stuck).
  9165 | D:3      | 9165 ||| Stepping randomly (stuck).
  9167 | D:3      | 9167 ||| Stepping randomly (stuck).
  9169 | D:3      | 9169 ||| Stepping randomly (stuck).
  9171 | D:3      | 9171 ||| Stepping randomly (stuck).
  9173 | D:3      | 9173 ||| Stepping randomly (stuck).
  9175 | D:3      | 9175 ||| Stepping randomly (stuck).
  9177 | D:3      | 9177 ||| Stepping randomly (stuck).
  9179 | D:3      | 9179 ||| Stepping randomly (stuck).
  9181 | D:3      | 9181 ||| Stepping randomly (stuck).
  9183 | D:3      | 9183 ||| Stepping randomly (stuck).
  9185 | D:3      | 9185 ||| Stepping randomly (stuck).
  9187 | D:3      | 9187 ||| Stepping randomly (stuck).
  9189 | D:3      | 9189 ||| Stepping randomly (stuck).
  9191 | D:3      | 9191 ||| Stepping randomly (stuck).
  9193 | D:3      | 9193 ||| Stepping randomly (stuck).
  9195 | D:3      | 9195 ||| Stepping randomly (stuck).
  9197 | D:3      | 9197 ||| Stepping randomly (stuck).
  9199 | D:3      | 9199 ||| Stepping randomly (stuck).
  9201 | D:3      | 9201 ||| Stepping randomly (stuck).
  9203 | D:3      | 9203 ||| Stepping randomly (stuck).
  9205 | D:3      | 9205 ||| Stepping randomly (stuck).
  9207 | D:3      | 9207 ||| Stepping randomly (stuck).
  9209 | D:3      | 9209 ||| Stepping randomly (stuck).
  9211 | D:3      | 9211 ||| Stepping randomly (stuck).
  9213 | D:3      | 9213 ||| Stepping randomly (stuck).
  9215 | D:3      | 9215 ||| Stepping randomly (stuck).
  9217 | D:3      | 9217 ||| Stepping randomly (stuck).
  9219 | D:3      | 9219 ||| Stepping randomly (stuck).
  9221 | D:3      | 9221 ||| Stepping randomly (stuck).
  9223 | D:3      | 9223 ||| Stepping randomly (stuck).
  9225 | D:3      | 9225 ||| Stepping randomly (stuck).
  9227 | D:3      | 9227 ||| Stepping randomly (stuck).
  9229 | D:3      | 9229 ||| Stepping randomly (stuck).
  9231 | D:3      | 9231 ||| Stepping randomly (stuck).
  9233 | D:3      | 9233 ||| Stepping randomly (stuck).
  9235 | D:3      | 9235 ||| Stepping randomly (stuck).
  9237 | D:3      | 9237 ||| Stepping randomly (stuck).
  9239 | D:3      | 9239 ||| Stepping randomly (stuck).
  9241 | D:3      | 9241 ||| Stepping randomly (stuck).
  9243 | D:3      | 9243 ||| Stepping randomly (stuck).
  9245 | D:3      | 9245 ||| Stepping randomly (stuck).
  9247 | D:3      | 9247 ||| Stepping randomly (stuck).
  9249 | D:3      | 9249 ||| Stepping randomly (stuck).
  9251 | D:3      | 9251 ||| Stepping randomly (stuck).
  9253 | D:3      | 9253 ||| Stepping randomly (stuck).
  9255 | D:3      | 9255 ||| Stepping randomly (stuck).
  9257 | D:3      | 9257 ||| Stepping randomly (stuck).
  9259 | D:3      | 9259 ||| Stepping randomly (stuck).
  9261 | D:3      | 9261 ||| Stepping randomly (stuck).
  9263 | D:3      | 9263 ||| Stepping randomly (stuck).
  9265 | D:3      | 9265 ||| Stepping randomly (stuck).
  9267 | D:3      | 9267 ||| Stepping randomly (stuck).
  9269 | D:3      | 9269 ||| Stepping randomly (stuck).
  9271 | D:3      | 9271 ||| Stepping randomly (stuck).
  9273 | D:3      | 9273 ||| Stepping randomly (stuck).
  9275 | D:3      | 9275 ||| Stepping randomly (stuck).
  9277 | D:3      | 9277 ||| Stepping randomly (stuck).
  9279 | D:3      | 9279 ||| Stepping randomly (stuck).
  9281 | D:3      | 9281 ||| Stepping randomly (stuck).
  9283 | D:3      | 9283 ||| Stepping randomly (stuck).
  9285 | D:3      | 9285 ||| Stepping randomly (stuck).
  9287 | D:3      | 9287 ||| Stepping randomly (stuck).
  9289 | D:3      | 9289 ||| Stepping randomly (stuck).
  9291 | D:3      | 9291 ||| Stepping randomly (stuck).
  9293 | D:3      | 9293 ||| Stepping randomly (stuck).
  9295 | D:3      | 9295 ||| Stepping randomly (stuck).
  9297 | D:3      | 9297 ||| Stepping randomly (stuck).
  9299 | D:3      | 9299 ||| Stepping randomly (stuck).
  9301 | D:3      | 9301 ||| Stepping randomly (stuck).
  9303 | D:3      | 9303 ||| Stepping randomly (stuck).
  9305 | D:3      | 9305 ||| Stepping randomly (stuck).
  9307 | D:3      | 9307 ||| Stepping randomly (stuck).
  9309 | D:3      | 9309 ||| Stepping randomly (stuck).
  9311 | D:3      | 9311 ||| Stepping randomly (stuck).
  9313 | D:3      | 9313 ||| Stepping randomly (stuck).
  9315 | D:3      | 9315 ||| Stepping randomly (stuck).
  9317 | D:3      | 9317 ||| Stepping randomly (stuck).
  9319 | D:3      | 9319 ||| Stepping randomly (stuck).
  9321 | D:3      | 9321 ||| Stepping randomly (stuck).
  9323 | D:3      | 9323 ||| Stepping randomly (stuck).
  9325 | D:3      | 9325 ||| Stepping randomly (stuck).
  9327 | D:3      | 9327 ||| Stepping randomly (stuck).
  9329 | D:3      | 9329 ||| Stepping randomly (stuck).
  9331 | D:3      | 9331 ||| Stepping randomly (stuck).
  9333 | D:3      | 9333 ||| Stepping randomly (stuck).
  9335 | D:3      | 9335 ||| Stepping randomly (stuck).
  9337 | D:3      | 9337 ||| Stepping randomly (stuck).
  9339 | D:3      | 9339 ||| Stepping randomly (stuck).
  9341 | D:3      | 9341 ||| Stepping randomly (stuck).
  9343 | D:3      | 9343 ||| Stepping randomly (stuck).
  9345 | D:3      | 9345 ||| Stepping randomly (stuck).
  9347 | D:3      | 9347 ||| Stepping randomly (stuck).
  9349 | D:3      | 9349 ||| Stepping randomly (stuck).
  9351 | D:3      | 9351 ||| Stepping randomly (stuck).
  9353 | D:3      | 9353 ||| Stepping randomly (stuck).
  9355 | D:3      | 9355 ||| Stepping randomly (stuck).
  9357 | D:3      | 9357 ||| Stepping randomly (stuck).
  9359 | D:3      | 9359 ||| Stepping randomly (stuck).
  9361 | D:3      | 9361 ||| Stepping randomly (stuck).
  9363 | D:3      | 9363 ||| Stepping randomly (stuck).
  9365 | D:3      | 9365 ||| Stepping randomly (stuck).
  9367 | D:3      | 9367 ||| Stepping randomly (stuck).
  9369 | D:3      | 9369 ||| Stepping randomly (stuck).
  9371 | D:3      | 9371 ||| Stepping randomly (stuck).
  9373 | D:3      | 9373 ||| Stepping randomly (stuck).
  9375 | D:3      | 9375 ||| Stepping randomly (stuck).
  9377 | D:3      | 9377 ||| Stepping randomly (stuck).
  9379 | D:3      | 9379 ||| Stepping randomly (stuck).
  9381 | D:3      | 9381 ||| Stepping randomly (stuck).
  9383 | D:3      | 9383 ||| Stepping randomly (stuck).
  9385 | D:3      | 9385 ||| Stepping randomly (stuck).
  9387 | D:3      | 9387 ||| Stepping randomly (stuck).
  9389 | D:3      | 9389 ||| Stepping randomly (stuck).
  9391 | D:3      | 9391 ||| Stepping randomly (stuck).
  9393 | D:3      | 9393 ||| Stepping randomly (stuck).
  9395 | D:3      | 9395 ||| Stepping randomly (stuck).
  9397 | D:3      | 9397 ||| Stepping randomly (stuck).
  9399 | D:3      | 9399 ||| Stepping randomly (stuck).
  9401 | D:3      | 9401 ||| Stepping randomly (stuck).
  9403 | D:3      | 9403 ||| Stepping randomly (stuck).
  9405 | D:3      | 9405 ||| Stepping randomly (stuck).
  9407 | D:3      | 9407 ||| Stepping randomly (stuck).
  9409 | D:3      | 9409 ||| Stepping randomly (stuck).
  9411 | D:3      | 9411 ||| Stepping randomly (stuck).
  9413 | D:3      | 9413 ||| Stepping randomly (stuck).
  9415 | D:3      | 9415 ||| Stepping randomly (stuck).
  9417 | D:3      | 9417 ||| Stepping randomly (stuck).
  9419 | D:3      | 9419 ||| Stepping randomly (stuck).
  9421 | D:3      | 9421 ||| Stepping randomly (stuck).
  9423 | D:3      | 9423 ||| Stepping randomly (stuck).
  9425 | D:3      | 9425 ||| Stepping randomly (stuck).
  9427 | D:3      | 9427 ||| Stepping randomly (stuck).
  9429 | D:3      | 9429 ||| Stepping randomly (stuck).
  9431 | D:3      | 9431 ||| Stepping randomly (stuck).
  9433 | D:3      | 9433 ||| Stepping randomly (stuck).
  9435 | D:3      | 9435 ||| Stepping randomly (stuck).
  9437 | D:3      | 9437 ||| Stepping randomly (stuck).
  9439 | D:3      | 9439 ||| Stepping randomly (stuck).
  9441 | D:3      | 9441 ||| Stepping randomly (stuck).
  9443 | D:3      | 9443 ||| Stepping randomly (stuck).
  9445 | D:3      | 9445 ||| Stepping randomly (stuck).
  9447 | D:3      | 9447 ||| Stepping randomly (stuck).
  9449 | D:3      | 9449 ||| Stepping randomly (stuck).
  9451 | D:3      | 9451 ||| Stepping randomly (stuck).
  9453 | D:3      | 9453 ||| Stepping randomly (stuck).
  9455 | D:3      | 9455 ||| Stepping randomly (stuck).
  9457 | D:3      | 9457 ||| Stepping randomly (stuck).
  9459 | D:3      | 9459 ||| Stepping randomly (stuck).
  9461 | D:3      | 9461 ||| Stepping randomly (stuck).
  9463 | D:3      | 9463 ||| Stepping randomly (stuck).
  9465 | D:3      | 9465 ||| Stepping randomly (stuck).
  9467 | D:3      | 9467 ||| Stepping randomly (stuck).
  9469 | D:3      | 9469 ||| Stepping randomly (stuck).
  9471 | D:3      | 9471 ||| Stepping randomly (stuck).
  9473 | D:3      | 9473 ||| Stepping randomly (stuck).
  9475 | D:3      | 9475 ||| Stepping randomly (stuck).
  9477 | D:3      | 9477 ||| Stepping randomly (stuck).
  9479 | D:3      | 9479 ||| Stepping randomly (stuck).
  9481 | D:3      | 9481 ||| Stepping randomly (stuck).
  9483 | D:3      | 9483 ||| Stepping randomly (stuck).
  9485 | D:3      | 9485 ||| Stepping randomly (stuck).
  9487 | D:3      | 9487 ||| Stepping randomly (stuck).
  9489 | D:3      | 9489 ||| Stepping randomly (stuck).
  9491 | D:3      | 9491 ||| Stepping randomly (stuck).
  9493 | D:3      | 9493 ||| Stepping randomly (stuck).
  9495 | D:3      | 9495 ||| Stepping randomly (stuck).
  9497 | D:3      | 9497 ||| Stepping randomly (stuck).
  9499 | D:3      | 9499 ||| Stepping randomly (stuck).
  9501 | D:3      | 9501 ||| Stepping randomly (stuck).
  9503 | D:3      | 9503 ||| Stepping randomly (stuck).
  9505 | D:3      | 9505 ||| Stepping randomly (stuck).
  9507 | D:3      | 9507 ||| Stepping randomly (stuck).
  9509 | D:3      | 9509 ||| Stepping randomly (stuck).
  9511 | D:3      | 9511 ||| Stepping randomly (stuck).
  9513 | D:3      | 9513 ||| Stepping randomly (stuck).
  9515 | D:3      | 9515 ||| Stepping randomly (stuck).
  9517 | D:3      | 9517 ||| Stepping randomly (stuck).
  9519 | D:3      | 9519 ||| Stepping randomly (stuck).
  9521 | D:3      | 9521 ||| Stepping randomly (stuck).
  9523 | D:3      | 9523 ||| Stepping randomly (stuck).
  9525 | D:3      | 9525 ||| Stepping randomly (stuck).
  9527 | D:3      | 9527 ||| Stepping randomly (stuck).
  9529 | D:3      | 9529 ||| Stepping randomly (stuck).
  9531 | D:3      | 9531 ||| Stepping randomly (stuck).
  9533 | D:3      | 9533 ||| Stepping randomly (stuck).
  9535 | D:3      | 9535 ||| Stepping randomly (stuck).
  9537 | D:3      | 9537 ||| Stepping randomly (stuck).
  9539 | D:3      | 9539 ||| Stepping randomly (stuck).
  9541 | D:3      | 9541 ||| Stepping randomly (stuck).
  9543 | D:3      | 9543 ||| Stepping randomly (stuck).
  9545 | D:3      | 9545 ||| Stepping randomly (stuck).
  9547 | D:3      | 9547 ||| Stepping randomly (stuck).
  9549 | D:3      | 9549 ||| Stepping randomly (stuck).
  9551 | D:3      | 9551 ||| Stepping randomly (stuck).
  9553 | D:3      | 9553 ||| Stepping randomly (stuck).
  9555 | D:3      | 9555 ||| Stepping randomly (stuck).
  9557 | D:3      | 9557 ||| Stepping randomly (stuck).
  9559 | D:3      | 9559 ||| Stepping randomly (stuck).
  9561 | D:3      | 9561 ||| Stepping randomly (stuck).
  9563 | D:3      | 9563 ||| Stepping randomly (stuck).
  9565 | D:3      | 9565 ||| Stepping randomly (stuck).
  9567 | D:3      | 9567 ||| Stepping randomly (stuck).
  9569 | D:3      | 9569 ||| Stepping randomly (stuck).
  9571 | D:3      | 9571 ||| Stepping randomly (stuck).
  9573 | D:3      | 9573 ||| Stepping randomly (stuck).
  9575 | D:3      | 9575 ||| Stepping randomly (stuck).
  9577 | D:3      | 9577 ||| Stepping randomly (stuck).
  9579 | D:3      | 9579 ||| Stepping randomly (stuck).
  9581 | D:3      | 9581 ||| Stepping randomly (stuck).
  9583 | D:3      | 9583 ||| Stepping randomly (stuck).
  9585 | D:3      | 9585 ||| Stepping randomly (stuck).
  9587 | D:3      | 9587 ||| Stepping randomly (stuck).
  9589 | D:3      | 9589 ||| Stepping randomly (stuck).
  9591 | D:3      | 9591 ||| Stepping randomly (stuck).
  9593 | D:3      | 9593 ||| Stepping randomly (stuck).
  9595 | D:3      | 9595 ||| Stepping randomly (stuck).
  9597 | D:3      | 9597 ||| Stepping randomly (stuck).
  9599 | D:3      | 9599 ||| Stepping randomly (stuck).
  9601 | D:3      | 9601 ||| Stepping randomly (stuck).
  9603 | D:3      | 9603 ||| Stepping randomly (stuck).
  9605 | D:3      | 9605 ||| Stepping randomly (stuck).
  9607 | D:3      | 9607 ||| Stepping randomly (stuck).
  9609 | D:3      | 9609 ||| Stepping randomly (stuck).
  9611 | D:3      | 9611 ||| Stepping randomly (stuck).
  9613 | D:3      | 9613 ||| Stepping randomly (stuck).
  9615 | D:3      | 9615 ||| Stepping randomly (stuck).
  9617 | D:3      | 9617 ||| Stepping randomly (stuck).
  9619 | D:3      | 9619 ||| Stepping randomly (stuck).
  9621 | D:3      | 9621 ||| Stepping randomly (stuck).
  9623 | D:3      | 9623 ||| Stepping randomly (stuck).
  9625 | D:3      | 9625 ||| Stepping randomly (stuck).
  9627 | D:3      | 9627 ||| Stepping randomly (stuck).
  9629 | D:3      | 9629 ||| Stepping randomly (stuck).
  9631 | D:3      | 9631 ||| Stepping randomly (stuck).
  9633 | D:3      | 9633 ||| Stepping randomly (stuck).
  9635 | D:3      | 9635 ||| Stepping randomly (stuck).
  9637 | D:3      | 9637 ||| Stepping randomly (stuck).
  9639 | D:3      | 9639 ||| Stepping randomly (stuck).
  9641 | D:3      | 9641 ||| Stepping randomly (stuck).
  9643 | D:3      | 9643 ||| Stepping randomly (stuck).
  9645 | D:3      | 9645 ||| Stepping randomly (stuck).
  9647 | D:3      | 9647 ||| Stepping randomly (stuck).
  9649 | D:3      | 9649 ||| Stepping randomly (stuck).
  9651 | D:3      | 9651 ||| Stepping randomly (stuck).
  9653 | D:3      | 9653 ||| Stepping randomly (stuck).
  9655 | D:3      | 9655 ||| Stepping randomly (stuck).
  9657 | D:3      | 9657 ||| Stepping randomly (stuck).
  9659 | D:3      | 9659 ||| Stepping randomly (stuck).
  9661 | D:3      | 9661 ||| Stepping randomly (stuck).
  9663 | D:3      | 9663 ||| Stepping randomly (stuck).
  9665 | D:3      | 9665 ||| Stepping randomly (stuck).
  9667 | D:3      | 9667 ||| Stepping randomly (stuck).
  9669 | D:3      | 9669 ||| Stepping randomly (stuck).
  9671 | D:3      | 9671 ||| Stepping randomly (stuck).
  9673 | D:3      | 9673 ||| Stepping randomly (stuck).
  9675 | D:3      | 9675 ||| Stepping randomly (stuck).
  9677 | D:3      | 9677 ||| Stepping randomly (stuck).
  9679 | D:3      | 9679 ||| Stepping randomly (stuck).
  9681 | D:3      | 9681 ||| Stepping randomly (stuck).
  9683 | D:3      | 9683 ||| Stepping randomly (stuck).
  9685 | D:3      | 9685 ||| Stepping randomly (stuck).
  9687 | D:3      | 9687 ||| Stepping randomly (stuck).
  9689 | D:3      | 9689 ||| Stepping randomly (stuck).
  9691 | D:3      | 9691 ||| Stepping randomly (stuck).
  9693 | D:3      | 9693 ||| Stepping randomly (stuck).
  9695 | D:3      | 9695 ||| Stepping randomly (stuck).
  9697 | D:3      | 9697 ||| Stepping randomly (stuck).
  9699 | D:3      | 9699 ||| Stepping randomly (stuck).
  9701 | D:3      | 9701 ||| Stepping randomly (stuck).
  9703 | D:3      | 9703 ||| Stepping randomly (stuck).
  9705 | D:3      | 9705 ||| Stepping randomly (stuck).
  9707 | D:3      | 9707 ||| Stepping randomly (stuck).
  9709 | D:3      | 9709 ||| Stepping randomly (stuck).
  9711 | D:3      | 9711 ||| Stepping randomly (stuck).
  9713 | D:3      | 9713 ||| Stepping randomly (stuck).
  9715 | D:3      | 9715 ||| Stepping randomly (stuck).
  9717 | D:3      | 9717 ||| Stepping randomly (stuck).
  9719 | D:3      | 9719 ||| Stepping randomly (stuck).
  9721 | D:3      | 9721 ||| Stepping randomly (stuck).
  9723 | D:3      | 9723 ||| Stepping randomly (stuck).
  9725 | D:3      | 9725 ||| Stepping randomly (stuck).
  9727 | D:3      | 9727 ||| Stepping randomly (stuck).
  9729 | D:3      | 9729 ||| Stepping randomly (stuck).
  9731 | D:3      | 9731 ||| Stepping randomly (stuck).
  9733 | D:3      | 9733 ||| Stepping randomly (stuck).
  9735 | D:3      | 9735 ||| Stepping randomly (stuck).
  9737 | D:3      | 9737 ||| Stepping randomly (stuck).
  9739 | D:3      | 9739 ||| Stepping randomly (stuck).
  9741 | D:3      | 9741 ||| Stepping randomly (stuck).
  9743 | D:3      | 9743 ||| Stepping randomly (stuck).
  9745 | D:3      | 9745 ||| Stepping randomly (stuck).
  9747 | D:3      | 9747 ||| Stepping randomly (stuck).
  9749 | D:3      | 9749 ||| Stepping randomly (stuck).
  9751 | D:3      | 9751 ||| Stepping randomly (stuck).
  9753 | D:3      | 9753 ||| Stepping randomly (stuck).
  9755 | D:3      | 9755 ||| Stepping randomly (stuck).
  9757 | D:3      | 9757 ||| Stepping randomly (stuck).
  9759 | D:3      | 9759 ||| Stepping randomly (stuck).
  9761 | D:3      | 9761 ||| Stepping randomly (stuck).
  9763 | D:3      | 9763 ||| Stepping randomly (stuck).
  9765 | D:3      | 9765 ||| Stepping randomly (stuck).
  9767 | D:3      | 9767 ||| Stepping randomly (stuck).
  9769 | D:3      | 9769 ||| Stepping randomly (stuck).
  9771 | D:3      | 9771 ||| Stepping randomly (stuck).
  9773 | D:3      | 9773 ||| Stepping randomly (stuck).
  9775 | D:3      | 9775 ||| Stepping randomly (stuck).
  9777 | D:3      | 9777 ||| Stepping randomly (stuck).
  9779 | D:3      | 9779 ||| Stepping randomly (stuck).
  9781 | D:3      | 9781 ||| Stepping randomly (stuck).
  9783 | D:3      | 9783 ||| Stepping randomly (stuck).
  9785 | D:3      | 9785 ||| Stepping randomly (stuck).
  9787 | D:3      | 9787 ||| Stepping randomly (stuck).
  9789 | D:3      | 9789 ||| Stepping randomly (stuck).
  9791 | D:3      | 9791 ||| Stepping randomly (stuck).
  9793 | D:3      | 9793 ||| Stepping randomly (stuck).
  9795 | D:3      | 9795 ||| Stepping randomly (stuck).
  9797 | D:3      | 9797 ||| Stepping randomly (stuck).
  9799 | D:3      | 9799 ||| Stepping randomly (stuck).
  9801 | D:3      | 9801 ||| Stepping randomly (stuck).
  9803 | D:3      | 9803 ||| Stepping randomly (stuck).
  9805 | D:3      | 9805 ||| Stepping randomly (stuck).
  9807 | D:3      | 9807 ||| Stepping randomly (stuck).
  9809 | D:3      | 9809 ||| Stepping randomly (stuck).
  9811 | D:3      | 9811 ||| Stepping randomly (stuck).
  9813 | D:3      | 9813 ||| Stepping randomly (stuck).
  9815 | D:3      | 9815 ||| Stepping randomly (stuck).
  9817 | D:3      | 9817 ||| Stepping randomly (stuck).
  9819 | D:3      | 9819 ||| Stepping randomly (stuck).
  9821 | D:3      | 9821 ||| Stepping randomly (stuck).
  9823 | D:3      | 9823 ||| Stepping randomly (stuck).
  9825 | D:3      | 9825 ||| Stepping randomly (stuck).
  9827 | D:3      | 9827 ||| Stepping randomly (stuck).
  9829 | D:3      | 9829 ||| Stepping randomly (stuck).
  9831 | D:3      | 9831 ||| Stepping randomly (stuck).
  9833 | D:3      | 9833 ||| Stepping randomly (stuck).
  9835 | D:3      | 9835 ||| Stepping randomly (stuck).
  9837 | D:3      | 9837 ||| Stepping randomly (stuck).
  9839 | D:3      | 9839 ||| Stepping randomly (stuck).
  9841 | D:3      | 9841 ||| Stepping randomly (stuck).
  9843 | D:3      | 9843 ||| Stepping randomly (stuck).
  9845 | D:3      | 9845 ||| Stepping randomly (stuck).
  9847 | D:3      | 9847 ||| Stepping randomly (stuck).
  9849 | D:3      | 9849 ||| Stepping randomly (stuck).
  9851 | D:3      | 9851 ||| Stepping randomly (stuck).
  9853 | D:3      | 9853 ||| Stepping randomly (stuck).
  9855 | D:3      | 9855 ||| Stepping randomly (stuck).
  9857 | D:3      | 9857 ||| Stepping randomly (stuck).
  9859 | D:3      | 9859 ||| Stepping randomly (stuck).
  9861 | D:3      | 9861 ||| Stepping randomly (stuck).
  9863 | D:3      | 9863 ||| Stepping randomly (stuck).
  9865 | D:3      | 9865 ||| Stepping randomly (stuck).
  9867 | D:3      | 9867 ||| Stepping randomly (stuck).
  9869 | D:3      | 9869 ||| Stepping randomly (stuck).
  9871 | D:3      | 9871 ||| Stepping randomly (stuck).
  9873 | D:3      | 9873 ||| Stepping randomly (stuck).
  9875 | D:3      | 9875 ||| Stepping randomly (stuck).
  9877 | D:3      | 9877 ||| Stepping randomly (stuck).
  9879 | D:3      | 9879 ||| Stepping randomly (stuck).
  9881 | D:3      | 9881 ||| Stepping randomly (stuck).
  9883 | D:3      | 9883 ||| Stepping randomly (stuck).
  9885 | D:3      | 9885 ||| Stepping randomly (stuck).
  9887 | D:3      | 9887 ||| Stepping randomly (stuck).
  9889 | D:3      | 9889 ||| Stepping randomly (stuck).
  9891 | D:3      | 9891 ||| Stepping randomly (stuck).
  9893 | D:3      | 9893 ||| Stepping randomly (stuck).
  9895 | D:3      | 9895 ||| Stepping randomly (stuck).
  9897 | D:3      | 9897 ||| Stepping randomly (stuck).
  9899 | D:3      | 9899 ||| Stepping randomly (stuck).
  9901 | D:3      | 9901 ||| Stepping randomly (stuck).
  9903 | D:3      | 9903 ||| Stepping randomly (stuck).
  9905 | D:3      | 9905 ||| Stepping randomly (stuck).
  9907 | D:3      | 9907 ||| Stepping randomly (stuck).
  9909 | D:3      | 9909 ||| Stepping randomly (stuck).
  9911 | D:3      | 9911 ||| Stepping randomly (stuck).
  9913 | D:3      | 9913 ||| Stepping randomly (stuck).
  9915 | D:3      | 9915 ||| Stepping randomly (stuck).
  9917 | D:3      | 9917 ||| Stepping randomly (stuck).
  9919 | D:3      | 9919 ||| Stepping randomly (stuck).
  9921 | D:3      | 9921 ||| Stepping randomly (stuck).
  9923 | D:3      | 9923 ||| Stepping randomly (stuck).
  9925 | D:3      | 9925 ||| Stepping randomly (stuck).
  9927 | D:3      | 9927 ||| Stepping randomly (stuck).
  9929 | D:3      | 9929 ||| Stepping randomly (stuck).
  9931 | D:3      | 9931 ||| Stepping randomly (stuck).
  9933 | D:3      | 9933 ||| Stepping randomly (stuck).
  9935 | D:3      | 9935 ||| Stepping randomly (stuck).
  9937 | D:3      | 9937 ||| Stepping randomly (stuck).
  9939 | D:3      | 9939 ||| Stepping randomly (stuck).
  9941 | D:3      | 9941 ||| Stepping randomly (stuck).
  9943 | D:3      | 9943 ||| Stepping randomly (stuck).
  9945 | D:3      | 9945 ||| Stepping randomly (stuck).
  9947 | D:3      | 9947 ||| Stepping randomly (stuck).
  9949 | D:3      | 9949 ||| Stepping randomly (stuck).
  9951 | D:3      | 9951 ||| Stepping randomly (stuck).
  9953 | D:3      | 9953 ||| Stepping randomly (stuck).
  9955 | D:3      | 9955 ||| Stepping randomly (stuck).
  9957 | D:3      | 9957 ||| Stepping randomly (stuck).
  9959 | D:3      | 9959 ||| Stepping randomly (stuck).
  9961 | D:3      | 9961 ||| Stepping randomly (stuck).
  9963 | D:3      | 9963 ||| Stepping randomly (stuck).
  9965 | D:3      | 9965 ||| Stepping randomly (stuck).
  9967 | D:3      | 9967 ||| Stepping randomly (stuck).
  9969 | D:3      | 9969 ||| Stepping randomly (stuck).
  9971 | D:3      | 9971 ||| Stepping randomly (stuck).
  9973 | D:3      | 9973 ||| Stepping randomly (stuck).
  9975 | D:3      | 9975 ||| Stepping randomly (stuck).
  9977 | D:3      | 9977 ||| Stepping randomly (stuck).
  9979 | D:3      | 9979 ||| Stepping randomly (stuck).
  9981 | D:3      | 9981 ||| Stepping randomly (stuck).
  9983 | D:3      | 9983 ||| Stepping randomly (stuck).
  9985 | D:3      | 9985 ||| Stepping randomly (stuck).
  9987 | D:3      | 9987 ||| Stepping randomly (stuck).
  9989 | D:3      | 9989 ||| Stepping randomly (stuck).
  9991 | D:3      | 9991 ||| Stepping randomly (stuck).
  9993 | D:3      | 9993 ||| Stepping randomly (stuck).
  9995 | D:3      | 9995 ||| Stepping randomly (stuck).
  9997 | D:3      | 9997 ||| Stepping randomly (stuck).
  9999 | D:3      | 9999 ||| Stepping randomly (stuck).
 10001 | D:3      | 10001 ||| Stepping randomly (stuck).
 10003 | D:3      | 10003 ||| Stepping randomly (stuck).
 10005 | D:3      | 10005 ||| Stepping randomly (stuck).
 10007 | D:3      | 10007 ||| Stepping randomly (stuck).
 10009 | D:3      | 10009 ||| Stepping randomly (stuck).
 10011 | D:3      | 10011 ||| Stepping randomly (stuck).
 10013 | D:3      | 10013 ||| Stepping randomly (stuck).
 10015 | D:3      | 10015 ||| Stepping randomly (stuck).
 10017 | D:3      | 10017 ||| Stepping randomly (stuck).
 10019 | D:3      | 10019 ||| Stepping randomly (stuck).
 10021 | D:3      | 10021 ||| Stepping randomly (stuck).
 10023 | D:3      | 10023 ||| Stepping randomly (stuck).
 10025 | D:3      | 10025 ||| Stepping randomly (stuck).
 10027 | D:3      | 10027 ||| Stepping randomly (stuck).
 10029 | D:3      | 10029 ||| Stepping randomly (stuck).
 10031 | D:3      | 10031 ||| Stepping randomly (stuck).
 10033 | D:3      | 10033 ||| Stepping randomly (stuck).
 10035 | D:3      | 10035 ||| Stepping randomly (stuck).
 10037 | D:3      | 10037 ||| Stepping randomly (stuck).
 10039 | D:3      | 10039 ||| Stepping randomly (stuck).
 10041 | D:3      | 10041 ||| Stepping randomly (stuck).
 10043 | D:3      | 10043 ||| Stepping randomly (stuck).
 10045 | D:3      | 10045 ||| Stepping randomly (stuck).
 10047 | D:3      | 10047 ||| Stepping randomly (stuck).
 10049 | D:3      | 10049 ||| Stepping randomly (stuck).
 10051 | D:3      | 10051 ||| Stepping randomly (stuck).
 10053 | D:3      | 10053 ||| Stepping randomly (stuck).
 10055 | D:3      | 10055 ||| Stepping randomly (stuck).
 10057 | D:3      | 10057 ||| Stepping randomly (stuck).
 10059 | D:3      | 10059 ||| Stepping randomly (stuck).
 10061 | D:3      | 10061 ||| Stepping randomly (stuck).
 10063 | D:3      | 10063 ||| Stepping randomly (stuck).
 10065 | D:3      | 10065 ||| Stepping randomly (stuck).
 10067 | D:3      | 10067 ||| Stepping randomly (stuck).
 10069 | D:3      | 10069 ||| Stepping randomly (stuck).
 10071 | D:3      | 10071 ||| Stepping randomly (stuck).
 10073 | D:3      | 10073 ||| Stepping randomly (stuck).
 10075 | D:3      | 10075 ||| Stepping randomly (stuck).
 10077 | D:3      | 10077 ||| Stepping randomly (stuck).
 10079 | D:3      | 10079 ||| Stepping randomly (stuck).
 10081 | D:3      | 10081 ||| Stepping randomly (stuck).
 10083 | D:3      | 10083 ||| Stepping randomly (stuck).
 10085 | D:3      | 10085 ||| Stepping randomly (stuck).
 10087 | D:3      | 10087 ||| Stepping randomly (stuck).
 10089 | D:3      | 10089 ||| Stepping randomly (stuck).
 10091 | D:3      | 10091 ||| Stepping randomly (stuck).
 10093 | D:3      | 10093 ||| Stepping randomly (stuck).
 10095 | D:3      | 10095 ||| Stepping randomly (stuck).
 10097 | D:3      | 10097 ||| Stepping randomly (stuck).
 10099 | D:3      | 10099 ||| Stepping randomly (stuck).
 10101 | D:3      | 10101 ||| Stepping randomly (stuck).
 10103 | D:3      | 10103 ||| Stepping randomly (stuck).
 10105 | D:3      | 10105 ||| Stepping randomly (stuck).
 10107 | D:3      | 10107 ||| Stepping randomly (stuck).
 10109 | D:3      | 10109 ||| Stepping randomly (stuck).
 10111 | D:3      | 10111 ||| Stepping randomly (stuck).
 10113 | D:3      | 10113 ||| Stepping randomly (stuck).
 10115 | D:3      | 10115 ||| Stepping randomly (stuck).
 10117 | D:3      | 10117 ||| Stepping randomly (stuck).
 10119 | D:3      | 10119 ||| Stepping randomly (stuck).
 10121 | D:3      | 10121 ||| Stepping randomly (stuck).
 10123 | D:3      | 10123 ||| Stepping randomly (stuck).
 10125 | D:3      | 10125 ||| Stepping randomly (stuck).
 10127 | D:3      | 10127 ||| Stepping randomly (stuck).
 10129 | D:3      | 10129 ||| Stepping randomly (stuck).
 10131 | D:3      | 10131 ||| Stepping randomly (stuck).
 10133 | D:3      | 10133 ||| Stepping randomly (stuck).
 10135 | D:3      | 10135 ||| Stepping randomly (stuck).
 10137 | D:3      | 10137 ||| Stepping randomly (stuck).
 10139 | D:3      | 10139 ||| Stepping randomly (stuck).
 10141 | D:3      | 10141 ||| Stepping randomly (stuck).
 10143 | D:3      | 10143 ||| Stepping randomly (stuck).
 10145 | D:3      | 10145 ||| Stepping randomly (stuck).
 10147 | D:3      | 10147 ||| Stepping randomly (stuck).
 10149 | D:3      | 10149 ||| Stepping randomly (stuck).
 10151 | D:3      | 10151 ||| Stepping randomly (stuck).
 10153 | D:3      | 10153 ||| Stepping randomly (stuck).
 10155 | D:3      | 10155 ||| Stepping randomly (stuck).
 10157 | D:3      | 10157 ||| Stepping randomly (stuck).
 10159 | D:3      | 10159 ||| Stepping randomly (stuck).
 10161 | D:3      | 10161 ||| Stepping randomly (stuck).
 10163 | D:3      | 10163 ||| Stepping randomly (stuck).
 10165 | D:3      | 10165 ||| Stepping randomly (stuck).
 10167 | D:3      | 10167 ||| Stepping randomly (stuck).
 10169 | D:3      | 10169 ||| Stepping randomly (stuck).
 10171 | D:3      | 10171 ||| Stepping randomly (stuck).
 10173 | D:3      | 10173 ||| Stepping randomly (stuck).
 10175 | D:3      | 10175 ||| Stepping randomly (stuck).
 10177 | D:3      | 10177 ||| Stepping randomly (stuck).
 10179 | D:3      | 10179 ||| Stepping randomly (stuck).
 10181 | D:3      | 10181 ||| Stepping randomly (stuck).
 10183 | D:3      | 10183 ||| Stepping randomly (stuck).
 10185 | D:3      | 10185 ||| Stepping randomly (stuck).
 10187 | D:3      | 10187 ||| Stepping randomly (stuck).
 10189 | D:3      | 10189 ||| Stepping randomly (stuck).
 10191 | D:3      | 10191 ||| Stepping randomly (stuck).
 10193 | D:3      | 10193 ||| Stepping randomly (stuck).
 10195 | D:3      | 10195 ||| Stepping randomly (stuck).
 10197 | D:3      | 10197 ||| Stepping randomly (stuck).
 10199 | D:3      | 10199 ||| Stepping randomly (stuck).
 10201 | D:3      | 10201 ||| Stepping randomly (stuck).
 10203 | D:3      | 10203 ||| Stepping randomly (stuck).
 10205 | D:3      | 10205 ||| Stepping randomly (stuck).
 10207 | D:3      | 10207 ||| Stepping randomly (stuck).
 10209 | D:3      | 10209 ||| Stepping randomly (stuck).
 10211 | D:3      | 10211 ||| Stepping randomly (stuck).
 10213 | D:3      | 10213 ||| Stepping randomly (stuck).
 10215 | D:3      | 10215 ||| Stepping randomly (stuck).
 10217 | D:3      | 10217 ||| Stepping randomly (stuck).
 10219 | D:3      | 10219 ||| Stepping randomly (stuck).
 10221 | D:3      | 10221 ||| Stepping randomly (stuck).
 10223 | D:3      | 10223 ||| Stepping randomly (stuck).
 10225 | D:3      | 10225 ||| Stepping randomly (stuck).
 10227 | D:3      | 10227 ||| Stepping randomly (stuck).
 10229 | D:3      | 10229 ||| Stepping randomly (stuck).
 10231 | D:3      | 10231 ||| Stepping randomly (stuck).
 10233 | D:3      | 10233 ||| Stepping randomly (stuck).
 10235 | D:3      | 10235 ||| Stepping randomly (stuck).
 10237 | D:3      | 10237 ||| Stepping randomly (stuck).
 10239 | D:3      | 10239 ||| Stepping randomly (stuck).
 10241 | D:3      | 10241 ||| Stepping randomly (stuck).
 10243 | D:3      | 10243 ||| Stepping randomly (stuck).
 10245 | D:3      | 10245 ||| Stepping randomly (stuck).
 10247 | D:3      | 10247 ||| Stepping randomly (stuck).
 10249 | D:3      | 10249 ||| Stepping randomly (stuck).
 10251 | D:3      | 10251 ||| Stepping randomly (stuck).
 10253 | D:3      | 10253 ||| Stepping randomly (stuck).
 10255 | D:3      | 10255 ||| Stepping randomly (stuck).
 10257 | D:3      | 10257 ||| Stepping randomly (stuck).
 10259 | D:3      | 10259 ||| Stepping randomly (stuck).
 10261 | D:3      | 10261 ||| Stepping randomly (stuck).
 10263 | D:3      | 10263 ||| Stepping randomly (stuck).
 10265 | D:3      | 10265 ||| Stepping randomly (stuck).
 10267 | D:3      | 10267 ||| Stepping randomly (stuck).
 10269 | D:3      | 10269 ||| Stepping randomly (stuck).
 10271 | D:3      | 10271 ||| Stepping randomly (stuck).
 10273 | D:3      | 10273 ||| Stepping randomly (stuck).
 10275 | D:3      | 10275 ||| Stepping randomly (stuck).
 10277 | D:3      | 10277 ||| Stepping randomly (stuck).
 10279 | D:3      | 10279 ||| Stepping randomly (stuck).
 10281 | D:3      | 10281 ||| Stepping randomly (stuck).
 10283 | D:3      | 10283 ||| Stepping randomly (stuck).
 10285 | D:3      | 10285 ||| Stepping randomly (stuck).
 10287 | D:3      | 10287 ||| Stepping randomly (stuck).
 10289 | D:3      | 10289 ||| Stepping randomly (stuck).
 10291 | D:3      | 10291 ||| Stepping randomly (stuck).
 10293 | D:3      | 10293 ||| Stepping randomly (stuck).
 10295 | D:3      | 10295 ||| Stepping randomly (stuck).
 10297 | D:3      | 10297 ||| Stepping randomly (stuck).
 10299 | D:3      | 10299 ||| Stepping randomly (stuck).
 10301 | D:3      | 10301 ||| Stepping randomly (stuck).
 10303 | D:3      | 10303 ||| Stepping randomly (stuck).
 10305 | D:3      | 10305 ||| Stepping randomly (stuck).
 10307 | D:3      | 10307 ||| Stepping randomly (stuck).
 10309 | D:3      | 10309 ||| Stepping randomly (stuck).
 10311 | D:3      | 10311 ||| Stepping randomly (stuck).
 10313 | D:3      | 10313 ||| Stepping randomly (stuck).
 10315 | D:3      | 10315 ||| Stepping randomly (stuck).
 10317 | D:3      | 10317 ||| Stepping randomly (stuck).
 10319 | D:3      | 10319 ||| Stepping randomly (stuck).
 10321 | D:3      | 10321 ||| Stepping randomly (stuck).
 10323 | D:3      | 10323 ||| Stepping randomly (stuck).
 10325 | D:3      | 10325 ||| Stepping randomly (stuck).
 10327 | D:3      | 10327 ||| Stepping randomly (stuck).
 10329 | D:3      | 10329 ||| Stepping randomly (stuck).
 10331 | D:3      | 10331 ||| Stepping randomly (stuck).
 10333 | D:3      | 10333 ||| Stepping randomly (stuck).
 10335 | D:3      | 10335 ||| Stepping randomly (stuck).
 10337 | D:3      | 10337 ||| Stepping randomly (stuck).
 10339 | D:3      | 10339 ||| Stepping randomly (stuck).
 10341 | D:3      | 10341 ||| Stepping randomly (stuck).
 10343 | D:3      | 10343 ||| Stepping randomly (stuck).
 10345 | D:3      | 10345 ||| Stepping randomly (stuck).
 10347 | D:3      | 10347 ||| Stepping randomly (stuck).
 10349 | D:3      | 10349 ||| Stepping randomly (stuck).
 10351 | D:3      | 10351 ||| Stepping randomly (stuck).
 10353 | D:3      | 10353 ||| Stepping randomly (stuck).
 10355 | D:3      | 10355 ||| Stepping randomly (stuck).
 10357 | D:3      | 10357 ||| Stepping randomly (stuck).
 10359 | D:3      | 10359 ||| Stepping randomly (stuck).
 10361 | D:3      | 10361 ||| Stepping randomly (stuck).
 10363 | D:3      | 10363 ||| Stepping randomly (stuck).
 10365 | D:3      | 10365 ||| Stepping randomly (stuck).
 10367 | D:3      | 10367 ||| Stepping randomly (stuck).
 10369 | D:3      | 10369 ||| Stepping randomly (stuck).
 10371 | D:3      | 10371 ||| Stepping randomly (stuck).
 10373 | D:3      | 10373 ||| Stepping randomly (stuck).
 10375 | D:3      | 10375 ||| Stepping randomly (stuck).
 10377 | D:3      | 10377 ||| Stepping randomly (stuck).
 10379 | D:3      | 10379 ||| Stepping randomly (stuck).
 10381 | D:3      | 10381 ||| Stepping randomly (stuck).
 10383 | D:3      | 10383 ||| Stepping randomly (stuck).
 10385 | D:3      | 10385 ||| Stepping randomly (stuck).
 10387 | D:3      | 10387 ||| Stepping randomly (stuck).
 10389 | D:3      | 10389 ||| Stepping randomly (stuck).
 10391 | D:3      | 10391 ||| Stepping randomly (stuck).
 10393 | D:3      | 10393 ||| Stepping randomly (stuck).
 10395 | D:3      | 10395 ||| Stepping randomly (stuck).
 10397 | D:3      | 10397 ||| Stepping randomly (stuck).
 10399 | D:3      | 10399 ||| Stepping randomly (stuck).
 10401 | D:3      | 10401 ||| Stepping randomly (stuck).
 10403 | D:3      | 10403 ||| Stepping randomly (stuck).
 10405 | D:3      | 10405 ||| Stepping randomly (stuck).
 10407 | D:3      | 10407 ||| Stepping randomly (stuck).
 10409 | D:3      | 10409 ||| Stepping randomly (stuck).
 10411 | D:3      | 10411 ||| Stepping randomly (stuck).
 10413 | D:3      | 10413 ||| Stepping randomly (stuck).
 10415 | D:3      | 10415 ||| Stepping randomly (stuck).
 10417 | D:3      | 10417 ||| Stepping randomly (stuck).
 10419 | D:3      | 10419 ||| Stepping randomly (stuck).
 10421 | D:3      | 10421 ||| Stepping randomly (stuck).
 10423 | D:3      | 10423 ||| Stepping randomly (stuck).
 10425 | D:3      | 10425 ||| Stepping randomly (stuck).
 10427 | D:3      | 10427 ||| Stepping randomly (stuck).
 10429 | D:3      | 10429 ||| Stepping randomly (stuck).
 10431 | D:3      | 10431 ||| Stepping randomly (stuck).
 10433 | D:3      | 10433 ||| Stepping randomly (stuck).
 10435 | D:3      | 10435 ||| Stepping randomly (stuck).
 10437 | D:3      | 10437 ||| Stepping randomly (stuck).
 10439 | D:3      | 10439 ||| Stepping randomly (stuck).
 10441 | D:3      | 10441 ||| Stepping randomly (stuck).
 10443 | D:3      | 10443 ||| Stepping randomly (stuck).
 10445 | D:3      | 10445 ||| Stepping randomly (stuck).
 10447 | D:3      | 10447 ||| Stepping randomly (stuck).
 10449 | D:3      | 10449 ||| Stepping randomly (stuck).
 10451 | D:3      | 10451 ||| Stepping randomly (stuck).
 10453 | D:3      | 10453 ||| Stepping randomly (stuck).
 10455 | D:3      | 10455 ||| Stepping randomly (stuck).
 10457 | D:3      | 10457 ||| Stepping randomly (stuck).
 10459 | D:3      | 10459 ||| Stepping randomly (stuck).
 10461 | D:3      | 10461 ||| Stepping randomly (stuck).
 10463 | D:3      | 10463 ||| Stepping randomly (stuck).
 10465 | D:3      | 10465 ||| Stepping randomly (stuck).
 10467 | D:3      | 10467 ||| Stepping randomly (stuck).
 10469 | D:3      | 10469 ||| Stepping randomly (stuck).
 10471 | D:3      | 10471 ||| Stepping randomly (stuck).
 10473 | D:3      | 10473 ||| Stepping randomly (stuck).
 10475 | D:3      | 10475 ||| Stepping randomly (stuck).
 10477 | D:3      | 10477 ||| Stepping randomly (stuck).
 10479 | D:3      | 10479 ||| Stepping randomly (stuck).
 10481 | D:3      | 10481 ||| Stepping randomly (stuck).
 10483 | D:3      | 10483 ||| Stepping randomly (stuck).
 10485 | D:3      | 10485 ||| Stepping randomly (stuck).
 10487 | D:3      | 10487 ||| Stepping randomly (stuck).
 10489 | D:3      | 10489 ||| Stepping randomly (stuck).
 10491 | D:3      | 10491 ||| Stepping randomly (stuck).
 10493 | D:3      | 10493 ||| Stepping randomly (stuck).
 10495 | D:3      | 10495 ||| Stepping randomly (stuck).
 10497 | D:3      | 10497 ||| Stepping randomly (stuck).
 10499 | D:3      | 10499 ||| Stepping randomly (stuck).
 10501 | D:3      | 10501 ||| Stepping randomly (stuck).
 10503 | D:3      | 10503 ||| Stepping randomly (stuck).
 10505 | D:3      | 10505 ||| Stepping randomly (stuck).
 10507 | D:3      | 10507 ||| Stepping randomly (stuck).
 10509 | D:3      | 10509 ||| Stepping randomly (stuck).
 10511 | D:3      | 10511 ||| Stepping randomly (stuck).
 10513 | D:3      | 10513 ||| Stepping randomly (stuck).
 10515 | D:3      | 10515 ||| Stepping randomly (stuck).
 10517 | D:3      | 10517 ||| Stepping randomly (stuck).
 10519 | D:3      | 10519 ||| Stepping randomly (stuck).
 10521 | D:3      | 10521 ||| Stepping randomly (stuck).
 10523 | D:3      | 10523 ||| Stepping randomly (stuck).
 10525 | D:3      | 10525 ||| Stepping randomly (stuck).
 10527 | D:3      | 10527 ||| Stepping randomly (stuck).
 10529 | D:3      | 10529 ||| Stepping randomly (stuck).
 10531 | D:3      | 10531 ||| Stepping randomly (stuck).
 10533 | D:3      | 10533 ||| Stepping randomly (stuck).
 10535 | D:3      | 10535 ||| Stepping randomly (stuck).
 10537 | D:3      | 10537 ||| Stepping randomly (stuck).
 10539 | D:3      | 10539 ||| Stepping randomly (stuck).
 10541 | D:3      | 10541 ||| Stepping randomly (stuck).
 10543 | D:3      | 10543 ||| Stepping randomly (stuck).
 10545 | D:3      | 10545 ||| Stepping randomly (stuck).
 10547 | D:3      | 10547 ||| Stepping randomly (stuck).
 10549 | D:3      | 10549 ||| Stepping randomly (stuck).
 10551 | D:3      | 10551 ||| Stepping randomly (stuck).
 10553 | D:3      | 10553 ||| Stepping randomly (stuck).
 10555 | D:3      | 10555 ||| Stepping randomly (stuck).
 10557 | D:3      | 10557 ||| Stepping randomly (stuck).
 10559 | D:3      | 10559 ||| Stepping randomly (stuck).
 10561 | D:3      | 10561 ||| Stepping randomly (stuck).
 10563 | D:3      | 10563 ||| Stepping randomly (stuck).
 10565 | D:3      | 10565 ||| Stepping randomly (stuck).
 10567 | D:3      | 10567 ||| Stepping randomly (stuck).
 10569 | D:3      | 10569 ||| Stepping randomly (stuck).
 10571 | D:3      | 10571 ||| Stepping randomly (stuck).
 10573 | D:3      | 10573 ||| Stepping randomly (stuck).
 10575 | D:3      | 10575 ||| Stepping randomly (stuck).
 10577 | D:3      | 10577 ||| Stepping randomly (stuck).
 10579 | D:3      | 10579 ||| Stepping randomly (stuck).
 10581 | D:3      | 10581 ||| Stepping randomly (stuck).
 10583 | D:3      | 10583 ||| Stepping randomly (stuck).
 10585 | D:3      | 10585 ||| Stepping randomly (stuck).
 10587 | D:3      | 10587 ||| Stepping randomly (stuck).
 10589 | D:3      | 10589 ||| Stepping randomly (stuck).
 10591 | D:3      | 10591 ||| Stepping randomly (stuck).
 10593 | D:3      | 10593 ||| Stepping randomly (stuck).
 10595 | D:3      | 10595 ||| Stepping randomly (stuck).
 10597 | D:3      | 10597 ||| Stepping randomly (stuck).
 10599 | D:3      | 10599 ||| Stepping randomly (stuck).
 10601 | D:3      | 10601 ||| Stepping randomly (stuck).
 10603 | D:3      | 10603 ||| Stepping randomly (stuck).
 10605 | D:3      | 10605 ||| Stepping randomly (stuck).
 10607 | D:3      | 10607 ||| Stepping randomly (stuck).
 10609 | D:3      | 10609 ||| Stepping randomly (stuck).
 10611 | D:3      | 10611 ||| Stepping randomly (stuck).
 10613 | D:3      | 10613 ||| Stepping randomly (stuck).
 10615 | D:3      | 10615 ||| Stepping randomly (stuck).
 10617 | D:3      | 10617 ||| Stepping randomly (stuck).
 10619 | D:3      | 10619 ||| Stepping randomly (stuck).
 10621 | D:3      | 10621 ||| Stepping randomly (stuck).
 10623 | D:3      | 10623 ||| Stepping randomly (stuck).
 10625 | D:3      | 10625 ||| Stepping randomly (stuck).
 10627 | D:3      | 10627 ||| Stepping randomly (stuck).
 10629 | D:3      | 10629 ||| Stepping randomly (stuck).
 10631 | D:3      | 10631 ||| Stepping randomly (stuck).
 10633 | D:3      | 10633 ||| Stepping randomly (stuck).
 10635 | D:3      | 10635 ||| Stepping randomly (stuck).
 10637 | D:3      | 10637 ||| Stepping randomly (stuck).
 10639 | D:3      | 10639 ||| Stepping randomly (stuck).
 10641 | D:3      | 10641 ||| Stepping randomly (stuck).
 10643 | D:3      | 10643 ||| Stepping randomly (stuck).
 10645 | D:3      | 10645 ||| Stepping randomly (stuck).
 10647 | D:3      | 10647 ||| Stepping randomly (stuck).
 10649 | D:3      | 10649 ||| Stepping randomly (stuck).
 10651 | D:3      | 10651 ||| Stepping randomly (stuck).
 10653 | D:3      | 10653 ||| Stepping randomly (stuck).
 10655 | D:3      | 10655 ||| Stepping randomly (stuck).
 10657 | D:3      | 10657 ||| Stepping randomly (stuck).
 10659 | D:3      | 10659 ||| Stepping randomly (stuck).
 10661 | D:3      | 10661 ||| Stepping randomly (stuck).
 10663 | D:3      | 10663 ||| Stepping randomly (stuck).
 10665 | D:3      | 10665 ||| Stepping randomly (stuck).
 10667 | D:3      | 10667 ||| Stepping randomly (stuck).
 10669 | D:3      | 10669 ||| Stepping randomly (stuck).
 10671 | D:3      | 10671 ||| Stepping randomly (stuck).
 10673 | D:3      | 10673 ||| Stepping randomly (stuck).
 10675 | D:3      | 10675 ||| Stepping randomly (stuck).
 10677 | D:3      | 10677 ||| Stepping randomly (stuck).
 10679 | D:3      | 10679 ||| Stepping randomly (stuck).
 10681 | D:3      | 10681 ||| Stepping randomly (stuck).
 10683 | D:3      | 10683 ||| Stepping randomly (stuck).
 10685 | D:3      | 10685 ||| Stepping randomly (stuck).
 10687 | D:3      | 10687 ||| Stepping randomly (stuck).
 10689 | D:3      | 10689 ||| Stepping randomly (stuck).
 10691 | D:3      | 10691 ||| Stepping randomly (stuck).
 10693 | D:3      | 10693 ||| Stepping randomly (stuck).
 10695 | D:3      | 10695 ||| Stepping randomly (stuck).
 10697 | D:3      | 10697 ||| Stepping randomly (stuck).
 10699 | D:3      | 10699 ||| Stepping randomly (stuck).
 10701 | D:3      | 10701 ||| Stepping randomly (stuck).
 10703 | D:3      | 10703 ||| Stepping randomly (stuck).
 10705 | D:3      | 10705 ||| Stepping randomly (stuck).
 10707 | D:3      | 10707 ||| Stepping randomly (stuck).
 10709 | D:3      | 10709 ||| Stepping randomly (stuck).
 10711 | D:3      | 10711 ||| Stepping randomly (stuck).
 10713 | D:3      | 10713 ||| Stepping randomly (stuck).
 10715 | D:3      | 10715 ||| Stepping randomly (stuck).
 10717 | D:3      | 10717 ||| Stepping randomly (stuck).
 10719 | D:3      | 10719 ||| Stepping randomly (stuck).
 10721 | D:3      | 10721 ||| Stepping randomly (stuck).
 10723 | D:3      | 10723 ||| Stepping randomly (stuck).
 10725 | D:3      | 10725 ||| Stepping randomly (stuck).
 10727 | D:3      | 10727 ||| Stepping randomly (stuck).
 10729 | D:3      | 10729 ||| Stepping randomly (stuck).
 10731 | D:3      | 10731 ||| Stepping randomly (stuck).
 10733 | D:3      | 10733 ||| Stepping randomly (stuck).
 10735 | D:3      | 10735 ||| Stepping randomly (stuck).
 10737 | D:3      | 10737 ||| Stepping randomly (stuck).
 10739 | D:3      | 10739 ||| Stepping randomly (stuck).
 10741 | D:3      | 10741 ||| Stepping randomly (stuck).
 10743 | D:3      | 10743 ||| Stepping randomly (stuck).
 10745 | D:3      | 10745 ||| Stepping randomly (stuck).
 10747 | D:3      | 10747 ||| Stepping randomly (stuck).
 10749 | D:3      | 10749 ||| Stepping randomly (stuck).
 10751 | D:3      | 10751 ||| Stepping randomly (stuck).
 10753 | D:3      | 10753 ||| Stepping randomly (stuck).
 10755 | D:3      | 10755 ||| Stepping randomly (stuck).
 10757 | D:3      | 10757 ||| Stepping randomly (stuck).
 10759 | D:3      | 10759 ||| Stepping randomly (stuck).
 10761 | D:3      | 10761 ||| Stepping randomly (stuck).
 10763 | D:3      | 10763 ||| Stepping randomly (stuck).
 10765 | D:3      | 10765 ||| Stepping randomly (stuck).
 10767 | D:3      | 10767 ||| Stepping randomly (stuck).
 10769 | D:3      | 10769 ||| Stepping randomly (stuck).
 10771 | D:3      | 10771 ||| Stepping randomly (stuck).
 10773 | D:3      | 10773 ||| Stepping randomly (stuck).
 10775 | D:3      | 10775 ||| Stepping randomly (stuck).
 10777 | D:3      | 10777 ||| Stepping randomly (stuck).
 10779 | D:3      | 10779 ||| Stepping randomly (stuck).
 10781 | D:3      | 10781 ||| Stepping randomly (stuck).
 10783 | D:3      | 10783 ||| Stepping randomly (stuck).
 10785 | D:3      | 10785 ||| Stepping randomly (stuck).
 10787 | D:3      | 10787 ||| Stepping randomly (stuck).
 10789 | D:3      | 10789 ||| Stepping randomly (stuck).
 10791 | D:3      | 10791 ||| Stepping randomly (stuck).
 10793 | D:3      | 10793 ||| Stepping randomly (stuck).
 10795 | D:3      | 10795 ||| Stepping randomly (stuck).
 10797 | D:3      | 10797 ||| Stepping randomly (stuck).
 10799 | D:3      | 10799 ||| Stepping randomly (stuck).
 10801 | D:3      | 10801 ||| Stepping randomly (stuck).
 10803 | D:3      | 10803 ||| Stepping randomly (stuck).
 10805 | D:3      | 10805 ||| Stepping randomly (stuck).
 10807 | D:3      | 10807 ||| Stepping randomly (stuck).
 10809 | D:3      | 10809 ||| Stepping randomly (stuck).
 10811 | D:3      | 10811 ||| Stepping randomly (stuck).
 10813 | D:3      | 10813 ||| Stepping randomly (stuck).
 10815 | D:3      | 10815 ||| Stepping randomly (stuck).
 10817 | D:3      | 10817 ||| Stepping randomly (stuck).
 10819 | D:3      | 10819 ||| Stepping randomly (stuck).
 10821 | D:3      | 10821 ||| Stepping randomly (stuck).
 10823 | D:3      | 10823 ||| Stepping randomly (stuck).
 10825 | D:3      | 10825 ||| Stepping randomly (stuck).
 10827 | D:3      | 10827 ||| Stepping randomly (stuck).
 10829 | D:3      | 10829 ||| Stepping randomly (stuck).
 10831 | D:3      | 10831 ||| Stepping randomly (stuck).
 10833 | D:3      | 10833 ||| Stepping randomly (stuck).
 10835 | D:3      | 10835 ||| Stepping randomly (stuck).
 10837 | D:3      | 10837 ||| Stepping randomly (stuck).
 10839 | D:3      | 10839 ||| Stepping randomly (stuck).
 10841 | D:3      | 10841 ||| Stepping randomly (stuck).
 10843 | D:3      | 10843 ||| Stepping randomly (stuck).
 10845 | D:3      | 10845 ||| Stepping randomly (stuck).
 10847 | D:3      | 10847 ||| Stepping randomly (stuck).
 10849 | D:3      | 10849 ||| Stepping randomly (stuck).
 10851 | D:3      | 10851 ||| Stepping randomly (stuck).
 10853 | D:3      | 10853 ||| Stepping randomly (stuck).
 10855 | D:3      | 10855 ||| Stepping randomly (stuck).
 10857 | D:3      | 10857 ||| Stepping randomly (stuck).
 10859 | D:3      | 10859 ||| Stepping randomly (stuck).
 10861 | D:3      | 10861 ||| Stepping randomly (stuck).
 10863 | D:3      | 10863 ||| Stepping randomly (stuck).
 10865 | D:3      | 10865 ||| Stepping randomly (stuck).
 10867 | D:3      | 10867 ||| Stepping randomly (stuck).
 10869 | D:3      | 10869 ||| Stepping randomly (stuck).
 10871 | D:3      | 10871 ||| Stepping randomly (stuck).
 10873 | D:3      | 10873 ||| Stepping randomly (stuck).
 10875 | D:3      | 10875 ||| Stepping randomly (stuck).
 10877 | D:3      | 10877 ||| Stepping randomly (stuck).
 10879 | D:3      | 10879 ||| Stepping randomly (stuck).
 10881 | D:3      | 10881 ||| Stepping randomly (stuck).
 10883 | D:3      | 10883 ||| Stepping randomly (stuck).
 10885 | D:3      | 10885 ||| Stepping randomly (stuck).
 10887 | D:3      | 10887 ||| Stepping randomly (stuck).
 10889 | D:3      | 10889 ||| Stepping randomly (stuck).
 10891 | D:3      | 10891 ||| Stepping randomly (stuck).
 10893 | D:3      | 10893 ||| Stepping randomly (stuck).
 10895 | D:3      | 10895 ||| Stepping randomly (stuck).
 10897 | D:3      | 10897 ||| Stepping randomly (stuck).
 10899 | D:3      | 10899 ||| Stepping randomly (stuck).
 10901 | D:3      | 10901 ||| Stepping randomly (stuck).
 10903 | D:3      | 10903 ||| Stepping randomly (stuck).
 10905 | D:3      | 10905 ||| Stepping randomly (stuck).
 10907 | D:3      | 10907 ||| Stepping randomly (stuck).
 10909 | D:3      | 10909 ||| Stepping randomly (stuck).
 10911 | D:3      | 10911 ||| Stepping randomly (stuck).
 10913 | D:3      | 10913 ||| Stepping randomly (stuck).
 10915 | D:3      | 10915 ||| Stepping randomly (stuck).
 10917 | D:3      | 10917 ||| Stepping randomly (stuck).
 10919 | D:3      | 10919 ||| Stepping randomly (stuck).
 10921 | D:3      | 10921 ||| Stepping randomly (stuck).
 10923 | D:3      | 10923 ||| Stepping randomly (stuck).
 10925 | D:3      | 10925 ||| Stepping randomly (stuck).
 10927 | D:3      | 10927 ||| Stepping randomly (stuck).
 10929 | D:3      | 10929 ||| Stepping randomly (stuck).
 10931 | D:3      | 10931 ||| Stepping randomly (stuck).
 10933 | D:3      | 10933 ||| Stepping randomly (stuck).
 10935 | D:3      | 10935 ||| Stepping randomly (stuck).
 10937 | D:3      | 10937 ||| Stepping randomly (stuck).
 10939 | D:3      | 10939 ||| Stepping randomly (stuck).
 10941 | D:3      | 10941 ||| Stepping randomly (stuck).
 10943 | D:3      | 10943 ||| Stepping randomly (stuck).
 10945 | D:3      | 10945 ||| Stepping randomly (stuck).
 10947 | D:3      | 10947 ||| Stepping randomly (stuck).
 10949 | D:3      | 10949 ||| Stepping randomly (stuck).
 10951 | D:3      | 10951 ||| Stepping randomly (stuck).
 10953 | D:3      | 10953 ||| Stepping randomly (stuck).
 10955 | D:3      | 10955 ||| Stepping randomly (stuck).
 10957 | D:3      | 10957 ||| Stepping randomly (stuck).
 10959 | D:3      | 10959 ||| Stepping randomly (stuck).
 10961 | D:3      | 10961 ||| Stepping randomly (stuck).
 10963 | D:3      | 10963 ||| Stepping randomly (stuck).
 10965 | D:3      | 10965 ||| Stepping randomly (stuck).
 10967 | D:3      | 10967 ||| Stepping randomly (stuck).
 10969 | D:3      | 10969 ||| Stepping randomly (stuck).
 10971 | D:3      | 10971 ||| Stepping randomly (stuck).
 10973 | D:3      | 10973 ||| Stepping randomly (stuck).
 10975 | D:3      | 10975 ||| Stepping randomly (stuck).
 10977 | D:3      | 10977 ||| Stepping randomly (stuck).
 10979 | D:3      | 10979 ||| Stepping randomly (stuck).
 10981 | D:3      | 10981 ||| Stepping randomly (stuck).
 10983 | D:3      | 10983 ||| Stepping randomly (stuck).
 10985 | D:3      | 10985 ||| Stepping randomly (stuck).
 10987 | D:3      | 10987 ||| Stepping randomly (stuck).
 10989 | D:3      | 10989 ||| Stepping randomly (stuck).
 10991 | D:3      | 10991 ||| Stepping randomly (stuck).
 10993 | D:3      | 10993 ||| Stepping randomly (stuck).
 10995 | D:3      | 10995 ||| Stepping randomly (stuck).
 10997 | D:3      | 10997 ||| Stepping randomly (stuck).
 10999 | D:3      | 10999 ||| Stepping randomly (stuck).
 11001 | D:3      | 11001 ||| Stepping randomly (stuck).
 11003 | D:3      | 11003 ||| Stepping randomly (stuck).
 11005 | D:3      | 11005 ||| Stepping randomly (stuck).
 11007 | D:3      | 11007 ||| Stepping randomly (stuck).
 11009 | D:3      | 11009 ||| Stepping randomly (stuck).
 11011 | D:3      | 11011 ||| Stepping randomly (stuck).
 11013 | D:3      | 11013 ||| Stepping randomly (stuck).
 11015 | D:3      | 11015 ||| Stepping randomly (stuck).
 11017 | D:3      | 11017 ||| Stepping randomly (stuck).
 11019 | D:3      | 11019 ||| Stepping randomly (stuck).
 11021 | D:3      | 11021 ||| Stepping randomly (stuck).
 11023 | D:3      | 11023 ||| Stepping randomly (stuck).
 11025 | D:3      | 11025 ||| Stepping randomly (stuck).
 11027 | D:3      | 11027 ||| Stepping randomly (stuck).
 11029 | D:3      | 11029 ||| Stepping randomly (stuck).
 11031 | D:3      | 11031 ||| Stepping randomly (stuck).
 11033 | D:3      | 11033 ||| Stepping randomly (stuck).
 11035 | D:3      | 11035 ||| Stepping randomly (stuck).
 11037 | D:3      | 11037 ||| Stepping randomly (stuck).
 11039 | D:3      | 11039 ||| Stepping randomly (stuck).
 11041 | D:3      | 11041 ||| Stepping randomly (stuck).
 11043 | D:3      | 11043 ||| Stepping randomly (stuck).
 11045 | D:3      | 11045 ||| Stepping randomly (stuck).
 11047 | D:3      | 11047 ||| Stepping randomly (stuck).
 11049 | D:3      | 11049 ||| Stepping randomly (stuck).
 11051 | D:3      | 11051 ||| Stepping randomly (stuck).
 11053 | D:3      | 11053 ||| Stepping randomly (stuck).
 11055 | D:3      | 11055 ||| Stepping randomly (stuck).
 11057 | D:3      | 11057 ||| Stepping randomly (stuck).
 11059 | D:3      | 11059 ||| Stepping randomly (stuck).
 11061 | D:3      | 11061 ||| Stepping randomly (stuck).
 11063 | D:3      | 11063 ||| Stepping randomly (stuck).
 11065 | D:3      | 11065 ||| Stepping randomly (stuck).
 11067 | D:3      | 11067 ||| Stepping randomly (stuck).
 11069 | D:3      | 11069 ||| Stepping randomly (stuck).
 11071 | D:3      | 11071 ||| Stepping randomly (stuck).
 11073 | D:3      | 11073 ||| Stepping randomly (stuck).
 11075 | D:3      | 11075 ||| Stepping randomly (stuck).
 11077 | D:3      | 11077 ||| Stepping randomly (stuck).
 11079 | D:3      | 11079 ||| Stepping randomly (stuck).
 11081 | D:3      | 11081 ||| Stepping randomly (stuck).
 11083 | D:3      | 11083 ||| Stepping randomly (stuck).
 11085 | D:3      | 11085 ||| Stepping randomly (stuck).
 11087 | D:3      | 11087 ||| Stepping randomly (stuck).
 11089 | D:3      | 11089 ||| Stepping randomly (stuck).
 11091 | D:3      | 11091 ||| Stepping randomly (stuck).
 11093 | D:3      | 11093 ||| Stepping randomly (stuck).
 11095 | D:3      | 11095 ||| Stepping randomly (stuck).
 11097 | D:3      | 11097 ||| Stepping randomly (stuck).
 11099 | D:3      | 11099 ||| Stepping randomly (stuck).
 11101 | D:3      | 11101 ||| Stepping randomly (stuck).
 11103 | D:3      | 11103 ||| Stepping randomly (stuck).
 11105 | D:3      | 11105 ||| Stepping randomly (stuck).
 11107 | D:3      | 11107 ||| Stepping randomly (stuck).
 11109 | D:3      | 11109 ||| Stepping randomly (stuck).
 11111 | D:3      | 11111 ||| Stepping randomly (stuck).
 11113 | D:3      | 11113 ||| Stepping randomly (stuck).
 11115 | D:3      | 11115 ||| Stepping randomly (stuck).
 11117 | D:3      | 11117 ||| Stepping randomly (stuck).
 11119 | D:3      | 11119 ||| Stepping randomly (stuck).
 11121 | D:3      | 11121 ||| Stepping randomly (stuck).
 11123 | D:3      | 11123 ||| Stepping randomly (stuck).
 11125 | D:3      | 11125 ||| Stepping randomly (stuck).
 11127 | D:3      | 11127 ||| Stepping randomly (stuck).
 11129 | D:3      | 11129 ||| Stepping randomly (stuck).
 11131 | D:3      | 11131 ||| Stepping randomly (stuck).
 11133 | D:3      | 11133 ||| Stepping randomly (stuck).
 11135 | D:3      | 11135 ||| Stepping randomly (stuck).
 11137 | D:3      | 11137 ||| Stepping randomly (stuck).
 11139 | D:3      | 11139 ||| Stepping randomly (stuck).
 11141 | D:3      | 11141 ||| Stepping randomly (stuck).
 11143 | D:3      | 11143 ||| Stepping randomly (stuck).
 11145 | D:3      | 11145 ||| Stepping randomly (stuck).
 11147 | D:3      | 11147 ||| Stepping randomly (stuck).
 11149 | D:3      | 11149 ||| Stepping randomly (stuck).
 11151 | D:3      | 11151 ||| Stepping randomly (stuck).
 11153 | D:3      | 11153 ||| Stepping randomly (stuck).
 11155 | D:3      | 11155 ||| Stepping randomly (stuck).
 11157 | D:3      | 11157 ||| Stepping randomly (stuck).
 11159 | D:3      | 11159 ||| Stepping randomly (stuck).
 11161 | D:3      | 11161 ||| Stepping randomly (stuck).
 11163 | D:3      | 11163 ||| Stepping randomly (stuck).
 11165 | D:3      | 11165 ||| Stepping randomly (stuck).
 11167 | D:3      | 11167 ||| Stepping randomly (stuck).
 11169 | D:3      | 11169 ||| Stepping randomly (stuck).
 11171 | D:3      | 11171 ||| Stepping randomly (stuck).
 11173 | D:3      | 11173 ||| Stepping randomly (stuck).
 11175 | D:3      | 11175 ||| Stepping randomly (stuck).
 11177 | D:3      | 11177 ||| Stepping randomly (stuck).
 11179 | D:3      | 11179 ||| Stepping randomly (stuck).
 11181 | D:3      | 11181 ||| Stepping randomly (stuck).
 11183 | D:3      | 11183 ||| Stepping randomly (stuck).
 11185 | D:3      | 11185 ||| Stepping randomly (stuck).
 11187 | D:3      | 11187 ||| Stepping randomly (stuck).
 11189 | D:3      | 11189 ||| Stepping randomly (stuck).
 11191 | D:3      | 11191 ||| Stepping randomly (stuck).
 11193 | D:3      | 11193 ||| Stepping randomly (stuck).
 11195 | D:3      | 11195 ||| Stepping randomly (stuck).
 11197 | D:3      | 11197 ||| Stepping randomly (stuck).
 11199 | D:3      | 11199 ||| Stepping randomly (stuck).
 11201 | D:3      | 11201 ||| Stepping randomly (stuck).
 11203 | D:3      | 11203 ||| Stepping randomly (stuck).
 11205 | D:3      | 11205 ||| Stepping randomly (stuck).
 11207 | D:3      | 11207 ||| Stepping randomly (stuck).
 11209 | D:3      | 11209 ||| Stepping randomly (stuck).
 11211 | D:3      | 11211 ||| Stepping randomly (stuck).
 11213 | D:3      | 11213 ||| Stepping randomly (stuck).
 11215 | D:3      | 11215 ||| Stepping randomly (stuck).
 11217 | D:3      | 11217 ||| Stepping randomly (stuck).
 11219 | D:3      | 11219 ||| Stepping randomly (stuck).
 11221 | D:3      | 11221 ||| Stepping randomly (stuck).
 11223 | D:3      | 11223 ||| Stepping randomly (stuck).
 11225 | D:3      | 11225 ||| Stepping randomly (stuck).
 11227 | D:3      | 11227 ||| Stepping randomly (stuck).
 11229 | D:3      | 11229 ||| Stepping randomly (stuck).
 11231 | D:3      | 11231 ||| Stepping randomly (stuck).
 11233 | D:3      | 11233 ||| Stepping randomly (stuck).
 11235 | D:3      | 11235 ||| Stepping randomly (stuck).
 11237 | D:3      | 11237 ||| Stepping randomly (stuck).
 11239 | D:3      | 11239 ||| Stepping randomly (stuck).
 11241 | D:3      | 11241 ||| Stepping randomly (stuck).
 11243 | D:3      | 11243 ||| Stepping randomly (stuck).
 11245 | D:3      | 11245 ||| Stepping randomly (stuck).
 11247 | D:3      | 11247 ||| Stepping randomly (stuck).
 11249 | D:3      | 11249 ||| Stepping randomly (stuck).
 11251 | D:3      | 11251 ||| Stepping randomly (stuck).
 11253 | D:3      | 11253 ||| Stepping randomly (stuck).
 11255 | D:3      | 11255 ||| Stepping randomly (stuck).
 11257 | D:3      | 11257 ||| Stepping randomly (stuck).
 11259 | D:3      | 11259 ||| Stepping randomly (stuck).
 11261 | D:3      | 11261 ||| Stepping randomly (stuck).
 11263 | D:3      | 11263 ||| Stepping randomly (stuck).
 11265 | D:3      | 11265 ||| Stepping randomly (stuck).
 11267 | D:3      | 11267 ||| Stepping randomly (stuck).
 11269 | D:3      | 11269 ||| Stepping randomly (stuck).
 11271 | D:3      | 11271 ||| Stepping randomly (stuck).
 11273 | D:3      | 11273 ||| Stepping randomly (stuck).
 11275 | D:3      | 11275 ||| Stepping randomly (stuck).
 11277 | D:3      | 11277 ||| Stepping randomly (stuck).
 11279 | D:3      | 11279 ||| Stepping randomly (stuck).
 11281 | D:3      | 11281 ||| Stepping randomly (stuck).
 11283 | D:3      | 11283 ||| Stepping randomly (stuck).
 11285 | D:3      | 11285 ||| Stepping randomly (stuck).
 11287 | D:3      | 11287 ||| Stepping randomly (stuck).
 11289 | D:3      | 11289 ||| Stepping randomly (stuck).
 11291 | D:3      | 11291 ||| Stepping randomly (stuck).
 11293 | D:3      | 11293 ||| Stepping randomly (stuck).
 11295 | D:3      | 11295 ||| Stepping randomly (stuck).
 11297 | D:3      | 11297 ||| Stepping randomly (stuck).
 11299 | D:3      | 11299 ||| Stepping randomly (stuck).
 11301 | D:3      | 11301 ||| Stepping randomly (stuck).
 11303 | D:3      | 11303 ||| Stepping randomly (stuck).
 11305 | D:3      | 11305 ||| Stepping randomly (stuck).
 11307 | D:3      | 11307 ||| Stepping randomly (stuck).
 11309 | D:3      | 11309 ||| Stepping randomly (stuck).
 11311 | D:3      | 11311 ||| Stepping randomly (stuck).
 11313 | D:3      | 11313 ||| Stepping randomly (stuck).
 11315 | D:3      | 11315 ||| Stepping randomly (stuck).
 11317 | D:3      | 11317 ||| Stepping randomly (stuck).
 11319 | D:3      | 11319 ||| Stepping randomly (stuck).
 11321 | D:3      | 11321 ||| Stepping randomly (stuck).
 11323 | D:3      | 11323 ||| Stepping randomly (stuck).
 11325 | D:3      | 11325 ||| Stepping randomly (stuck).
 11327 | D:3      | 11327 ||| Stepping randomly (stuck).
 11329 | D:3      | 11329 ||| Stepping randomly (stuck).
 11331 | D:3      | 11331 ||| Stepping randomly (stuck).
 11333 | D:3      | 11333 ||| Stepping randomly (stuck).
 11335 | D:3      | 11335 ||| Stepping randomly (stuck).
 11337 | D:3      | 11337 ||| Stepping randomly (stuck).
 11339 | D:3      | 11339 ||| Stepping randomly (stuck).
 11341 | D:3      | 11341 ||| Stepping randomly (stuck).
 11343 | D:3      | 11343 ||| Stepping randomly (stuck).
 11345 | D:3      | 11345 ||| Stepping randomly (stuck).
 11347 | D:3      | 11347 ||| Stepping randomly (stuck).
 11349 | D:3      | 11349 ||| Stepping randomly (stuck).
 11351 | D:3      | 11351 ||| Stepping randomly (stuck).
 11353 | D:3      | 11353 ||| Stepping randomly (stuck).
 11355 | D:3      | 11355 ||| Stepping randomly (stuck).
 11357 | D:3      | 11357 ||| Stepping randomly (stuck).
 11359 | D:3      | 11359 ||| Stepping randomly (stuck).
 11361 | D:3      | 11361 ||| Stepping randomly (stuck).
 11363 | D:3      | 11363 ||| Stepping randomly (stuck).
 11365 | D:3      | 11365 ||| Stepping randomly (stuck).
 11367 | D:3      | 11367 ||| Stepping randomly (stuck).
 11369 | D:3      | 11369 ||| Stepping randomly (stuck).
 11371 | D:3      | 11371 ||| Stepping randomly (stuck).
 11373 | D:3      | 11373 ||| Stepping randomly (stuck).
 11375 | D:3      | 11375 ||| Stepping randomly (stuck).
 11377 | D:3      | 11377 ||| Stepping randomly (stuck).
 11379 | D:3      | 11379 ||| Stepping randomly (stuck).
 11381 | D:3      | 11381 ||| Stepping randomly (stuck).
 11383 | D:3      | 11383 ||| Stepping randomly (stuck).
 11385 | D:3      | 11385 ||| Stepping randomly (stuck).
 11387 | D:3      | 11387 ||| Stepping randomly (stuck).
 11389 | D:3      | 11389 ||| Stepping randomly (stuck).
 11391 | D:3      | 11391 ||| Stepping randomly (stuck).
 11393 | D:3      | 11393 ||| Stepping randomly (stuck).
 11395 | D:3      | 11395 ||| Stepping randomly (stuck).
 11397 | D:3      | 11397 ||| Stepping randomly (stuck).
 11399 | D:3      | 11399 ||| Stepping randomly (stuck).
 11401 | D:3      | 11401 ||| Stepping randomly (stuck).
 11403 | D:3      | 11403 ||| Stepping randomly (stuck).
 11405 | D:3      | 11405 ||| Stepping randomly (stuck).
 11407 | D:3      | 11407 ||| Stepping randomly (stuck).
 11409 | D:3      | 11409 ||| Stepping randomly (stuck).
 11411 | D:3      | 11411 ||| Stepping randomly (stuck).
 11413 | D:3      | 11413 ||| Stepping randomly (stuck).
 11415 | D:3      | 11415 ||| Stepping randomly (stuck).
 11417 | D:3      | 11417 ||| Stepping randomly (stuck).
 11419 | D:3      | 11419 ||| Stepping randomly (stuck).
 11421 | D:3      | 11421 ||| Stepping randomly (stuck).
 11423 | D:3      | 11423 ||| Stepping randomly (stuck).
 11425 | D:3      | 11425 ||| Stepping randomly (stuck).
 11427 | D:3      | 11427 ||| Stepping randomly (stuck).
 11429 | D:3      | 11429 ||| Stepping randomly (stuck).
 11431 | D:3      | 11431 ||| Stepping randomly (stuck).
 11433 | D:3      | 11433 ||| Stepping randomly (stuck).
 11435 | D:3      | 11435 ||| Stepping randomly (stuck).
 11437 | D:3      | 11437 ||| Stepping randomly (stuck).
 11439 | D:3      | 11439 ||| Stepping randomly (stuck).
 11441 | D:3      | 11441 ||| Stepping randomly (stuck).
 11443 | D:3      | 11443 ||| Stepping randomly (stuck).
 11445 | D:3      | 11445 ||| Stepping randomly (stuck).
 11447 | D:3      | 11447 ||| Stepping randomly (stuck).
 11449 | D:3      | 11449 ||| Stepping randomly (stuck).
 11451 | D:3      | 11451 ||| Stepping randomly (stuck).
 11453 | D:3      | 11453 ||| Stepping randomly (stuck).
 11455 | D:3      | 11455 ||| Stepping randomly (stuck).
 11457 | D:3      | 11457 ||| Stepping randomly (stuck).
 11459 | D:3      | 11459 ||| Stepping randomly (stuck).
 11461 | D:3      | 11461 ||| Stepping randomly (stuck).
 11463 | D:3      | 11463 ||| Stepping randomly (stuck).
 11465 | D:3      | 11465 ||| Stepping randomly (stuck).
 11467 | D:3      | 11467 ||| Stepping randomly (stuck).
 11469 | D:3      | 11469 ||| Stepping randomly (stuck).
 11471 | D:3      | 11471 ||| Stepping randomly (stuck).
 11473 | D:3      | 11473 ||| Stepping randomly (stuck).
 11475 | D:3      | 11475 ||| Stepping randomly (stuck).
 11477 | D:3      | 11477 ||| Stepping randomly (stuck).
 11479 | D:3      | 11479 ||| Stepping randomly (stuck).
 11481 | D:3      | 11481 ||| Stepping randomly (stuck).
 11483 | D:3      | 11483 ||| Stepping randomly (stuck).
 11485 | D:3      | 11485 ||| Stepping randomly (stuck).
 11487 | D:3      | 11487 ||| Stepping randomly (stuck).
 11489 | D:3      | 11489 ||| Stepping randomly (stuck).
 11491 | D:3      | 11491 ||| Stepping randomly (stuck).
 11493 | D:3      | 11493 ||| Stepping randomly (stuck).
 11495 | D:3      | 11495 ||| Stepping randomly (stuck).
 11497 | D:3      | 11497 ||| Stepping randomly (stuck).
 11499 | D:3      | 11499 ||| Stepping randomly (stuck).
 11501 | D:3      | 11501 ||| Stepping randomly (stuck).
 11503 | D:3      | 11503 ||| Stepping randomly (stuck).
 11505 | D:3      | 11505 ||| Stepping randomly (stuck).
 11507 | D:3      | 11507 ||| Stepping randomly (stuck).
 11509 | D:3      | 11509 ||| Stepping randomly (stuck).
 11511 | D:3      | 11511 ||| Stepping randomly (stuck).
 11513 | D:3      | 11513 ||| Stepping randomly (stuck).
 11515 | D:3      | 11515 ||| Stepping randomly (stuck).
 11517 | D:3      | 11517 ||| Stepping randomly (stuck).
 11519 | D:3      | 11519 ||| Stepping randomly (stuck).
 11521 | D:3      | 11521 ||| Stepping randomly (stuck).
 11523 | D:3      | 11523 ||| Stepping randomly (stuck).
 11525 | D:3      | 11525 ||| Stepping randomly (stuck).
 11527 | D:3      | 11527 ||| Stepping randomly (stuck).
 11529 | D:3      | 11529 ||| Stepping randomly (stuck).
 11531 | D:3      | 11531 ||| Stepping randomly (stuck).
 11533 | D:3      | 11533 ||| Stepping randomly (stuck).
 11535 | D:3      | 11535 ||| Stepping randomly (stuck).
 11537 | D:3      | 11537 ||| Stepping randomly (stuck).
 11539 | D:3      | 11539 ||| Stepping randomly (stuck).
 11541 | D:3      | 11541 ||| Stepping randomly (stuck).
 11543 | D:3      | 11543 ||| Stepping randomly (stuck).
 11545 | D:3      | 11545 ||| Stepping randomly (stuck).
 11547 | D:3      | 11547 ||| Stepping randomly (stuck).
 11549 | D:3      | 11549 ||| Stepping randomly (stuck).
 11551 | D:3      | 11551 ||| Stepping randomly (stuck).
 11553 | D:3      | 11553 ||| Stepping randomly (stuck).
 11555 | D:3      | 11555 ||| Stepping randomly (stuck).
 11557 | D:3      | 11557 ||| Stepping randomly (stuck).
 11559 | D:3      | 11559 ||| Stepping randomly (stuck).
 11561 | D:3      | 11561 ||| Stepping randomly (stuck).
 11563 | D:3      | 11563 ||| Stepping randomly (stuck).
 11565 | D:3      | 11565 ||| Stepping randomly (stuck).
 11567 | D:3      | 11567 ||| Stepping randomly (stuck).
 11569 | D:3      | 11569 ||| Stepping randomly (stuck).
 11571 | D:3      | 11571 ||| Stepping randomly (stuck).
 11573 | D:3      | 11573 ||| Stepping randomly (stuck).
 11575 | D:3      | 11575 ||| Stepping randomly (stuck).
 11577 | D:3      | 11577 ||| Stepping randomly (stuck).
 11579 | D:3      | 11579 ||| Stepping randomly (stuck).
 11581 | D:3      | 11581 ||| Stepping randomly (stuck).
 11583 | D:3      | 11583 ||| Stepping randomly (stuck).
 11585 | D:3      | 11585 ||| Stepping randomly (stuck).
 11587 | D:3      | 11587 ||| Stepping randomly (stuck).
 11589 | D:3      | 11589 ||| Stepping randomly (stuck).
 11591 | D:3      | 11591 ||| Stepping randomly (stuck).
 11593 | D:3      | 11593 ||| Stepping randomly (stuck).
 11595 | D:3      | 11595 ||| Stepping randomly (stuck).
 11597 | D:3      | 11597 ||| Stepping randomly (stuck).
 11599 | D:3      | 11599 ||| Stepping randomly (stuck).
 11601 | D:3      | 11601 ||| Stepping randomly (stuck).
 11603 | D:3      | 11603 ||| Stepping randomly (stuck).
 11605 | D:3      | 11605 ||| Stepping randomly (stuck).
 11607 | D:3      | 11607 ||| Stepping randomly (stuck).
 11609 | D:3      | 11609 ||| Stepping randomly (stuck).
 11611 | D:3      | 11611 ||| Stepping randomly (stuck).
 11613 | D:3      | 11613 ||| Stepping randomly (stuck).
 11615 | D:3      | 11615 ||| Stepping randomly (stuck).
 11617 | D:3      | 11617 ||| Stepping randomly (stuck).
 11619 | D:3      | 11619 ||| Stepping randomly (stuck).
 11621 | D:3      | 11621 ||| Stepping randomly (stuck).
 11623 | D:3      | 11623 ||| Stepping randomly (stuck).
 11625 | D:3      | 11625 ||| Stepping randomly (stuck).
 11627 | D:3      | 11627 ||| Stepping randomly (stuck).
 11629 | D:3      | 11629 ||| Stepping randomly (stuck).
 11631 | D:3      | 11631 ||| Stepping randomly (stuck).
 11633 | D:3      | 11633 ||| Stepping randomly (stuck).
 11635 | D:3      | 11635 ||| Stepping randomly (stuck).
 11637 | D:3      | 11637 ||| Stepping randomly (stuck).
 11639 | D:3      | 11639 ||| Stepping randomly (stuck).
 11641 | D:3      | 11641 ||| Stepping randomly (stuck).
 11643 | D:3      | 11643 ||| Stepping randomly (stuck).
 11645 | D:3      | 11645 ||| Stepping randomly (stuck).
 11647 | D:3      | 11647 ||| Stepping randomly (stuck).
 11649 | D:3      | 11649 ||| Stepping randomly (stuck).
 11651 | D:3      | 11651 ||| Stepping randomly (stuck).
 11653 | D:3      | 11653 ||| Stepping randomly (stuck).
 11655 | D:3      | 11655 ||| Stepping randomly (stuck).
 11657 | D:3      | 11657 ||| Stepping randomly (stuck).
 11659 | D:3      | 11659 ||| Stepping randomly (stuck).
 11661 | D:3      | 11661 ||| Stepping randomly (stuck).
 11663 | D:3      | 11663 ||| Stepping randomly (stuck).
 11665 | D:3      | 11665 ||| Stepping randomly (stuck).
 11667 | D:3      | 11667 ||| Stepping randomly (stuck).
 11669 | D:3      | 11669 ||| Stepping randomly (stuck).
 11671 | D:3      | 11671 ||| Stepping randomly (stuck).
 11673 | D:3      | 11673 ||| Stepping randomly (stuck).
 11675 | D:3      | 11675 ||| Stepping randomly (stuck).
 11677 | D:3      | 11677 ||| Stepping randomly (stuck).
 11679 | D:3      | 11679 ||| Stepping randomly (stuck).
 11681 | D:3      | 11681 ||| Stepping randomly (stuck).
 11683 | D:3      | 11683 ||| Stepping randomly (stuck).
 11685 | D:3      | 11685 ||| Stepping randomly (stuck).
 11687 | D:3      | 11687 ||| Stepping randomly (stuck).
 11689 | D:3      | 11689 ||| Stepping randomly (stuck).
 11691 | D:3      | 11691 ||| Stepping randomly (stuck).
 11693 | D:3      | 11693 ||| Stepping randomly (stuck).
 11695 | D:3      | 11695 ||| Stepping randomly (stuck).
 11697 | D:3      | 11697 ||| Stepping randomly (stuck).
 11699 | D:3      | 11699 ||| Stepping randomly (stuck).
 11701 | D:3      | 11701 ||| Stepping randomly (stuck).
 11703 | D:3      | 11703 ||| Stepping randomly (stuck).
 11705 | D:3      | 11705 ||| Stepping randomly (stuck).
 11707 | D:3      | 11707 ||| Stepping randomly (stuck).
 11709 | D:3      | 11709 ||| Stepping randomly (stuck).
 11711 | D:3      | 11711 ||| Stepping randomly (stuck).
 11713 | D:3      | 11713 ||| Stepping randomly (stuck).
 11715 | D:3      | 11715 ||| Stepping randomly (stuck).
 11717 | D:3      | 11717 ||| Stepping randomly (stuck).
 11719 | D:3      | 11719 ||| Stepping randomly (stuck).
 11721 | D:3      | 11721 ||| Stepping randomly (stuck).
 11723 | D:3      | 11723 ||| Stepping randomly (stuck).
 11725 | D:3      | 11725 ||| Stepping randomly (stuck).
 11727 | D:3      | 11727 ||| Stepping randomly (stuck).
 11729 | D:3      | 11729 ||| Stepping randomly (stuck).
 11731 | D:3      | 11731 ||| Stepping randomly (stuck).
 11733 | D:3      | 11733 ||| Stepping randomly (stuck).
 11735 | D:3      | 11735 ||| Stepping randomly (stuck).
 11737 | D:3      | 11737 ||| Stepping randomly (stuck).
 11739 | D:3      | 11739 ||| Stepping randomly (stuck).
 11741 | D:3      | 11741 ||| Stepping randomly (stuck).
 11743 | D:3      | 11743 ||| Stepping randomly (stuck).
 11745 | D:3      | 11745 ||| Stepping randomly (stuck).
 11747 | D:3      | 11747 ||| Stepping randomly (stuck).
 11749 | D:3      | 11749 ||| Stepping randomly (stuck).
 11751 | D:3      | 11751 ||| Stepping randomly (stuck).
 11753 | D:3      | 11753 ||| Stepping randomly (stuck).
 11755 | D:3      | 11755 ||| Stepping randomly (stuck).
 11757 | D:3      | 11757 ||| Stepping randomly (stuck).
 11759 | D:3      | 11759 ||| Stepping randomly (stuck).
 11761 | D:3      | 11761 ||| Stepping randomly (stuck).
 11763 | D:3      | 11763 ||| Stepping randomly (stuck).
 11765 | D:3      | 11765 ||| Stepping randomly (stuck).
 11767 | D:3      | 11767 ||| Stepping randomly (stuck).
 11769 | D:3      | 11769 ||| Stepping randomly (stuck).
 11771 | D:3      | 11771 ||| Stepping randomly (stuck).
 11773 | D:3      | 11773 ||| Stepping randomly (stuck).
 11775 | D:3      | 11775 ||| Stepping randomly (stuck).
 11777 | D:3      | 11777 ||| Stepping randomly (stuck).
 11779 | D:3      | 11779 ||| Stepping randomly (stuck).
 11781 | D:3      | 11781 ||| Stepping randomly (stuck).
 11783 | D:3      | 11783 ||| Stepping randomly (stuck).
 11785 | D:3      | 11785 ||| Stepping randomly (stuck).
 11787 | D:3      | 11787 ||| Stepping randomly (stuck).
 11789 | D:3      | 11789 ||| Stepping randomly (stuck).
 11791 | D:3      | 11791 ||| Stepping randomly (stuck).
 11793 | D:3      | 11793 ||| Stepping randomly (stuck).
 11795 | D:3      | 11795 ||| Stepping randomly (stuck).
 11797 | D:3      | 11797 ||| Stepping randomly (stuck).
 11799 | D:3      | 11799 ||| Stepping randomly (stuck).
 11801 | D:3      | 11801 ||| Stepping randomly (stuck).
 11803 | D:3      | 11803 ||| Stepping randomly (stuck).
 11805 | D:3      | 11805 ||| Stepping randomly (stuck).
 11807 | D:3      | 11807 ||| Stepping randomly (stuck).
 11809 | D:3      | 11809 ||| Stepping randomly (stuck).
 11811 | D:3      | 11811 ||| Stepping randomly (stuck).
 11813 | D:3      | 11813 ||| Stepping randomly (stuck).
 11815 | D:3      | 11815 ||| Stepping randomly (stuck).
 11817 | D:3      | 11817 ||| Stepping randomly (stuck).
 11819 | D:3      | 11819 ||| Stepping randomly (stuck).
 11821 | D:3      | 11821 ||| Stepping randomly (stuck).
 11823 | D:3      | 11823 ||| Stepping randomly (stuck).
 11825 | D:3      | 11825 ||| Stepping randomly (stuck).
 11827 | D:3      | 11827 ||| Stepping randomly (stuck).
 11829 | D:3      | 11829 ||| Stepping randomly (stuck).
 11831 | D:3      | 11831 ||| Stepping randomly (stuck).
 11833 | D:3      | 11833 ||| Stepping randomly (stuck).
 11835 | D:3      | 11835 ||| Stepping randomly (stuck).
 11837 | D:3      | 11837 ||| Stepping randomly (stuck).
 11839 | D:3      | 11839 ||| Stepping randomly (stuck).
 11841 | D:3      | 11841 ||| Stepping randomly (stuck).
 11843 | D:3      | 11843 ||| Stepping randomly (stuck).
 11845 | D:3      | 11845 ||| Stepping randomly (stuck).
 11847 | D:3      | 11847 ||| Stepping randomly (stuck).
 11849 | D:3      | 11849 ||| Stepping randomly (stuck).
 11851 | D:3      | 11851 ||| Stepping randomly (stuck).
 11853 | D:3      | 11853 ||| Stepping randomly (stuck).
 11855 | D:3      | 11855 ||| Stepping randomly (stuck).
 11857 | D:3      | 11857 ||| Stepping randomly (stuck).
 11859 | D:3      | 11859 ||| Stepping randomly (stuck).
 11861 | D:3      | 11861 ||| Stepping randomly (stuck).
 11863 | D:3      | 11863 ||| Stepping randomly (stuck).
 11865 | D:3      | 11865 ||| Stepping randomly (stuck).
 11867 | D:3      | 11867 ||| Stepping randomly (stuck).
 11869 | D:3      | 11869 ||| Stepping randomly (stuck).
 11871 | D:3      | 11871 ||| Stepping randomly (stuck).
 11873 | D:3      | 11873 ||| Stepping randomly (stuck).
 11875 | D:3      | 11875 ||| Stepping randomly (stuck).
 11877 | D:3      | 11877 ||| Stepping randomly (stuck).
 11879 | D:3      | 11879 ||| Stepping randomly (stuck).
 11881 | D:3      | 11881 ||| Stepping randomly (stuck).
 11883 | D:3      | 11883 ||| Stepping randomly (stuck).
 11885 | D:3      | 11885 ||| Stepping randomly (stuck).
 11887 | D:3      | 11887 ||| Stepping randomly (stuck).
 11889 | D:3      | 11889 ||| Stepping randomly (stuck).
 11891 | D:3      | 11891 ||| Stepping randomly (stuck).
 11893 | D:3      | 11893 ||| Stepping randomly (stuck).
 11895 | D:3      | 11895 ||| Stepping randomly (stuck).
 11897 | D:3      | 11897 ||| Stepping randomly (stuck).
 11899 | D:3      | 11899 ||| Stepping randomly (stuck).
 11901 | D:3      | 11901 ||| Stepping randomly (stuck).
 11903 | D:3      | 11903 ||| Stepping randomly (stuck).
 11905 | D:3      | 11905 ||| Stepping randomly (stuck).
 11907 | D:3      | 11907 ||| Stepping randomly (stuck).
 11909 | D:3      | 11909 ||| Stepping randomly (stuck).
 11911 | D:3      | 11911 ||| Stepping randomly (stuck).
 11913 | D:3      | 11913 ||| Stepping randomly (stuck).
 11915 | D:3      | 11915 ||| Stepping randomly (stuck).
 11917 | D:3      | 11917 ||| Stepping randomly (stuck).
 11919 | D:3      | 11919 ||| Stepping randomly (stuck).
 11921 | D:3      | 11921 ||| Stepping randomly (stuck).
 11923 | D:3      | 11923 ||| Stepping randomly (stuck).
 11925 | D:3      | 11925 ||| Stepping randomly (stuck).
 11927 | D:3      | 11927 ||| Stepping randomly (stuck).
 11929 | D:3      | 11929 ||| Stepping randomly (stuck).
 11931 | D:3      | 11931 ||| Stepping randomly (stuck).
 11933 | D:3      | 11933 ||| Stepping randomly (stuck).
 11935 | D:3      | 11935 ||| Stepping randomly (stuck).
 11937 | D:3      | 11937 ||| Stepping randomly (stuck).
 11939 | D:3      | 11939 ||| Stepping randomly (stuck).
 11941 | D:3      | 11941 ||| Stepping randomly (stuck).
 11943 | D:3      | 11943 ||| Stepping randomly (stuck).
 11945 | D:3      | 11945 ||| Stepping randomly (stuck).
 11947 | D:3      | 11947 ||| Stepping randomly (stuck).
 11949 | D:3      | 11949 ||| Stepping randomly (stuck).
 11951 | D:3      | 11951 ||| Stepping randomly (stuck).
 11953 | D:3      | 11953 ||| Stepping randomly (stuck).
 11955 | D:3      | 11955 ||| Stepping randomly (stuck).
 11957 | D:3      | 11957 ||| Stepping randomly (stuck).
 11959 | D:3      | 11959 ||| Stepping randomly (stuck).
 11961 | D:3      | 11961 ||| Stepping randomly (stuck).
 11963 | D:3      | 11963 ||| Stepping randomly (stuck).
 11965 | D:3      | 11965 ||| Stepping randomly (stuck).
 11967 | D:3      | 11967 ||| Stepping randomly (stuck).
 11969 | D:3      | 11969 ||| Stepping randomly (stuck).
 11971 | D:3      | 11971 ||| Stepping randomly (stuck).
 11973 | D:3      | 11973 ||| Stepping randomly (stuck).
 11975 | D:3      | 11975 ||| Stepping randomly (stuck).
 11977 | D:3      | 11977 ||| Stepping randomly (stuck).
 11979 | D:3      | 11979 ||| Stepping randomly (stuck).
 11981 | D:3      | 11981 ||| Stepping randomly (stuck).
 11983 | D:3      | 11983 ||| Stepping randomly (stuck).
 11985 | D:3      | 11985 ||| Stepping randomly (stuck).
 11987 | D:3      | 11987 ||| Stepping randomly (stuck).
 11989 | D:3      | 11989 ||| Stepping randomly (stuck).
 11991 | D:3      | 11991 ||| Stepping randomly (stuck).
 11993 | D:3      | 11993 ||| Stepping randomly (stuck).
 11995 | D:3      | 11995 ||| Stepping randomly (stuck).
 11997 | D:3      | 11997 ||| Stepping randomly (stuck).
 11999 | D:3      | 11999 ||| Stepping randomly (stuck).
 12001 | D:3      | 12001 ||| Stepping randomly (stuck).
 12003 | D:3      | 12003 ||| Stepping randomly (stuck).
 12005 | D:3      | 12005 ||| Stepping randomly (stuck).
 12007 | D:3      | 12007 ||| Stepping randomly (stuck).
 12009 | D:3      | 12009 ||| Stepping randomly (stuck).
 12011 | D:3      | 12011 ||| Stepping randomly (stuck).
 12013 | D:3      | 12013 ||| Stepping randomly (stuck).
 12015 | D:3      | 12015 ||| Stepping randomly (stuck).
 12017 | D:3      | 12017 ||| Stepping randomly (stuck).
 12019 | D:3      | 12019 ||| Stepping randomly (stuck).
 12021 | D:3      | 12021 ||| Stepping randomly (stuck).
 12023 | D:3      | 12023 ||| Stepping randomly (stuck).
 12025 | D:3      | 12025 ||| Stepping randomly (stuck).
 12027 | D:3      | 12027 ||| Stepping randomly (stuck).
 12029 | D:3      | 12029 ||| Stepping randomly (stuck).
 12031 | D:3      | 12031 ||| Stepping randomly (stuck).
 12033 | D:3      | 12033 ||| Stepping randomly (stuck).
 12035 | D:3      | 12035 ||| Stepping randomly (stuck).
 12037 | D:3      | 12037 ||| Stepping randomly (stuck).
 12039 | D:3      | 12039 ||| Stepping randomly (stuck).
 12041 | D:3      | 12041 ||| Stepping randomly (stuck).
 12043 | D:3      | 12043 ||| Stepping randomly (stuck).
 12045 | D:3      | 12045 ||| Stepping randomly (stuck).
 12047 | D:3      | 12047 ||| Stepping randomly (stuck).
 12049 | D:3      | 12049 ||| Stepping randomly (stuck).
 12051 | D:3      | 12051 ||| Stepping randomly (stuck).
 12053 | D:3      | 12053 ||| Stepping randomly (stuck).
 12055 | D:3      | 12055 ||| Stepping randomly (stuck).
 12057 | D:3      | 12057 ||| Stepping randomly (stuck).
 12059 | D:3      | 12059 ||| Stepping randomly (stuck).
 12061 | D:3      | 12061 ||| Stepping randomly (stuck).
 12063 | D:3      | 12063 ||| Stepping randomly (stuck).
 12065 | D:3      | 12065 ||| Stepping randomly (stuck).
 12067 | D:3      | 12067 ||| Stepping randomly (stuck).
 12069 | D:3      | 12069 ||| Stepping randomly (stuck).
 12071 | D:3      | 12071 ||| Stepping randomly (stuck).
 12073 | D:3      | 12073 ||| Stepping randomly (stuck).
 12075 | D:3      | 12075 ||| Stepping randomly (stuck).
 12077 | D:3      | 12077 ||| Stepping randomly (stuck).
 12079 | D:3      | 12079 ||| Stepping randomly (stuck).
 12081 | D:3      | 12081 ||| Stepping randomly (stuck).
 12083 | D:3      | 12083 ||| Stepping randomly (stuck).
 12085 | D:3      | 12085 ||| Stepping randomly (stuck).
 12087 | D:3      | 12087 ||| Stepping randomly (stuck).
 12089 | D:3      | 12089 ||| Stepping randomly (stuck).
 12091 | D:3      | 12091 ||| Stepping randomly (stuck).
 12093 | D:3      | 12093 ||| Stepping randomly (stuck).
 12095 | D:3      | 12095 ||| Stepping randomly (stuck).
 12097 | D:3      | 12097 ||| Stepping randomly (stuck).
 12099 | D:3      | 12099 ||| Stepping randomly (stuck).
 12101 | D:3      | 12101 ||| Stepping randomly (stuck).
 12103 | D:3      | 12103 ||| Stepping randomly (stuck).
 12105 | D:3      | 12105 ||| Stepping randomly (stuck).
 12107 | D:3      | 12107 ||| Stepping randomly (stuck).
 12109 | D:3      | 12109 ||| Stepping randomly (stuck).
 12111 | D:3      | 12111 ||| Stepping randomly (stuck).
 12113 | D:3      | 12113 ||| Stepping randomly (stuck).
 12115 | D:3      | 12115 ||| Stepping randomly (stuck).
 12117 | D:3      | 12117 ||| Stepping randomly (stuck).
 12119 | D:3      | 12119 ||| Stepping randomly (stuck).
 12121 | D:3      | 12121 ||| Stepping randomly (stuck).
 12123 | D:3      | 12123 ||| Stepping randomly (stuck).
 12125 | D:3      | 12125 ||| Stepping randomly (stuck).
 12127 | D:3      | 12127 ||| Stepping randomly (stuck).
 12129 | D:3      | 12129 ||| Stepping randomly (stuck).
 12131 | D:3      | 12131 ||| Stepping randomly (stuck).
 12133 | D:3      | 12133 ||| Stepping randomly (stuck).
 12135 | D:3      | 12135 ||| Stepping randomly (stuck).
 12137 | D:3      | 12137 ||| Stepping randomly (stuck).
 12139 | D:3      | 12139 ||| Stepping randomly (stuck).
 12141 | D:3      | 12141 ||| Stepping randomly (stuck).
 12143 | D:3      | 12143 ||| Stepping randomly (stuck).
 12145 | D:3      | 12145 ||| Stepping randomly (stuck).
 12147 | D:3      | 12147 ||| Stepping randomly (stuck).
 12149 | D:3      | 12149 ||| Stepping randomly (stuck).
 12151 | D:3      | 12151 ||| Stepping randomly (stuck).
 12153 | D:3      | 12153 ||| Stepping randomly (stuck).
 12155 | D:3      | 12155 ||| Stepping randomly (stuck).
 12157 | D:3      | 12157 ||| Stepping randomly (stuck).
 12159 | D:3      | 12159 ||| Stepping randomly (stuck).
 12161 | D:3      | 12161 ||| Stepping randomly (stuck).
 12163 | D:3      | 12163 ||| Stepping randomly (stuck).
 12165 | D:3      | 12165 ||| Stepping randomly (stuck).
 12167 | D:3      | 12167 ||| Stepping randomly (stuck).
 12169 | D:3      | 12169 ||| Stepping randomly (stuck).
 12171 | D:3      | 12171 ||| Stepping randomly (stuck).
 12173 | D:3      | 12173 ||| Stepping randomly (stuck).
 12175 | D:3      | 12175 ||| Stepping randomly (stuck).
 12177 | D:3      | 12177 ||| Stepping randomly (stuck).
 12179 | D:3      | 12179 ||| Stepping randomly (stuck).
 12181 | D:3      | 12181 ||| Stepping randomly (stuck).
 12183 | D:3      | 12183 ||| Stepping randomly (stuck).
 12185 | D:3      | 12185 ||| Stepping randomly (stuck).
 12187 | D:3      | 12187 ||| Stepping randomly (stuck).
 12189 | D:3      | 12189 ||| Stepping randomly (stuck).
 12191 | D:3      | 12191 ||| Stepping randomly (stuck).
 12193 | D:3      | 12193 ||| Stepping randomly (stuck).
 12195 | D:3      | 12195 ||| Stepping randomly (stuck).
 12197 | D:3      | 12197 ||| Stepping randomly (stuck).
 12199 | D:3      | 12199 ||| Stepping randomly (stuck).
 12201 | D:3      | 12201 ||| Stepping randomly (stuck).
 12203 | D:3      | 12203 ||| Stepping randomly (stuck).
 12205 | D:3      | 12205 ||| Stepping randomly (stuck).
 12207 | D:3      | 12207 ||| Stepping randomly (stuck).
 12209 | D:3      | 12209 ||| Stepping randomly (stuck).
 12211 | D:3      | 12211 ||| Stepping randomly (stuck).
 12213 | D:3      | 12213 ||| Stepping randomly (stuck).
 12215 | D:3      | 12215 ||| Stepping randomly (stuck).
 12217 | D:3      | 12217 ||| Stepping randomly (stuck).
 12219 | D:3      | 12219 ||| Stepping randomly (stuck).
 12221 | D:3      | 12221 ||| Stepping randomly (stuck).
 12223 | D:3      | 12223 ||| Stepping randomly (stuck).
 12225 | D:3      | 12225 ||| Stepping randomly (stuck).
 12227 | D:3      | 12227 ||| Stepping randomly (stuck).
 12229 | D:3      | 12229 ||| Stepping randomly (stuck).
 12231 | D:3      | 12231 ||| Stepping randomly (stuck).
 12233 | D:3      | 12233 ||| Stepping randomly (stuck).
 12235 | D:3      | 12235 ||| Stepping randomly (stuck).
 12237 | D:3      | 12237 ||| Stepping randomly (stuck).
 12239 | D:3      | 12239 ||| Stepping randomly (stuck).
 12241 | D:3      | 12241 ||| Stepping randomly (stuck).
 12243 | D:3      | 12243 ||| Stepping randomly (stuck).
 12245 | D:3      | 12245 ||| Stepping randomly (stuck).
 12247 | D:3      | 12247 ||| Stepping randomly (stuck).
 12249 | D:3      | 12249 ||| Stepping randomly (stuck).
 12251 | D:3      | 12251 ||| Stepping randomly (stuck).
 12253 | D:3      | 12253 ||| Stepping randomly (stuck).
 12255 | D:3      | 12255 ||| Stepping randomly (stuck).
 12257 | D:3      | 12257 ||| Stepping randomly (stuck).
 12259 | D:3      | 12259 ||| Stepping randomly (stuck).
 12261 | D:3      | 12261 ||| Stepping randomly (stuck).
 12263 | D:3      | 12263 ||| Stepping randomly (stuck).
 12265 | D:3      | 12265 ||| Stepping randomly (stuck).
 12267 | D:3      | 12267 ||| Stepping randomly (stuck).
 12269 | D:3      | 12269 ||| Stepping randomly (stuck).
 12271 | D:3      | 12271 ||| Stepping randomly (stuck).
 12273 | D:3      | 12273 ||| Stepping randomly (stuck).
 12275 | D:3      | 12275 ||| Stepping randomly (stuck).
 12277 | D:3      | 12277 ||| Stepping randomly (stuck).
 12279 | D:3      | 12279 ||| Stepping randomly (stuck).
 12281 | D:3      | 12281 ||| Stepping randomly (stuck).
 12283 | D:3      | 12283 ||| Stepping randomly (stuck).
 12285 | D:3      | 12285 ||| Stepping randomly (stuck).
 12287 | D:3      | 12287 ||| Stepping randomly (stuck).
 12289 | D:3      | 12289 ||| Stepping randomly (stuck).
 12291 | D:3      | 12291 ||| Stepping randomly (stuck).
 12293 | D:3      | 12293 ||| Stepping randomly (stuck).
 12295 | D:3      | 12295 ||| Stepping randomly (stuck).
 12297 | D:3      | 12297 ||| Stepping randomly (stuck).
 12299 | D:3      | 12299 ||| Stepping randomly (stuck).
 12301 | D:3      | 12301 ||| Stepping randomly (stuck).
 12303 | D:3      | 12303 ||| Stepping randomly (stuck).
 12305 | D:3      | 12305 ||| Stepping randomly (stuck).
 12307 | D:3      | 12307 ||| Stepping randomly (stuck).
 12309 | D:3      | 12309 ||| Stepping randomly (stuck).
 12311 | D:3      | 12311 ||| Stepping randomly (stuck).
 12313 | D:3      | 12313 ||| Stepping randomly (stuck).
 12315 | D:3      | 12315 ||| Stepping randomly (stuck).
 12317 | D:3      | 12317 ||| Stepping randomly (stuck).
 12319 | D:3      | 12319 ||| Stepping randomly (stuck).
 12321 | D:3      | 12321 ||| Stepping randomly (stuck).
 12323 | D:3      | 12323 ||| Stepping randomly (stuck).
 12325 | D:3      | 12325 ||| Stepping randomly (stuck).
 12327 | D:3      | 12327 ||| Stepping randomly (stuck).
 12329 | D:3      | 12329 ||| Stepping randomly (stuck).
 12331 | D:3      | 12331 ||| Stepping randomly (stuck).
 12333 | D:3      | 12333 ||| Stepping randomly (stuck).
 12335 | D:3      | 12335 ||| Stepping randomly (stuck).
 12337 | D:3      | 12337 ||| Stepping randomly (stuck).
 12339 | D:3      | 12339 ||| Stepping randomly (stuck).
 12341 | D:3      | 12341 ||| Stepping randomly (stuck).
 12343 | D:3      | 12343 ||| Stepping randomly (stuck).
 12345 | D:3      | 12345 ||| Stepping randomly (stuck).
 12347 | D:3      | 12347 ||| Stepping randomly (stuck).
 12349 | D:3      | 12349 ||| Stepping randomly (stuck).
 12351 | D:3      | 12351 ||| Stepping randomly (stuck).
 12353 | D:3      | 12353 ||| Stepping randomly (stuck).
 12355 | D:3      | 12355 ||| Stepping randomly (stuck).
 12357 | D:3      | 12357 ||| Stepping randomly (stuck).
 12359 | D:3      | 12359 ||| Stepping randomly (stuck).
 12361 | D:3      | 12361 ||| Stepping randomly (stuck).
 12363 | D:3      | 12363 ||| Stepping randomly (stuck).
 12365 | D:3      | 12365 ||| Stepping randomly (stuck).
 12367 | D:3      | 12367 ||| Stepping randomly (stuck).
 12369 | D:3      | 12369 ||| Stepping randomly (stuck).
 12371 | D:3      | 12371 ||| Stepping randomly (stuck).
 12373 | D:3      | 12373 ||| Stepping randomly (stuck).
 12375 | D:3      | 12375 ||| Stepping randomly (stuck).
 12377 | D:3      | 12377 ||| Stepping randomly (stuck).
 12379 | D:3      | 12379 ||| Stepping randomly (stuck).
 12381 | D:3      | 12381 ||| Stepping randomly (stuck).
 12383 | D:3      | 12383 ||| Stepping randomly (stuck).
 12385 | D:3      | 12385 ||| Stepping randomly (stuck).
 12387 | D:3      | 12387 ||| Stepping randomly (stuck).
 12389 | D:3      | 12389 ||| Stepping randomly (stuck).
 12391 | D:3      | 12391 ||| Stepping randomly (stuck).
 12393 | D:3      | 12393 ||| Stepping randomly (stuck).
 12395 | D:3      | 12395 ||| Stepping randomly (stuck).
 12397 | D:3      | 12397 ||| Stepping randomly (stuck).
 12399 | D:3      | 12399 ||| Stepping randomly (stuck).
 12401 | D:3      | 12401 ||| Stepping randomly (stuck).
 12403 | D:3      | 12403 ||| Stepping randomly (stuck).
 12405 | D:3      | 12405 ||| Stepping randomly (stuck).
 12407 | D:3      | 12407 ||| Stepping randomly (stuck).
 12409 | D:3      | 12409 ||| Stepping randomly (stuck).
 12411 | D:3      | 12411 ||| Stepping randomly (stuck).
 12413 | D:3      | 12413 ||| Stepping randomly (stuck).
 12415 | D:3      | 12415 ||| Stepping randomly (stuck).
 12417 | D:3      | 12417 ||| Stepping randomly (stuck).
 12419 | D:3      | 12419 ||| Stepping randomly (stuck).
 12421 | D:3      | 12421 ||| Stepping randomly (stuck).
 12423 | D:3      | 12423 ||| Stepping randomly (stuck).
 12425 | D:3      | 12425 ||| Stepping randomly (stuck).
 12427 | D:3      | 12427 ||| Stepping randomly (stuck).
 12429 | D:3      | 12429 ||| Stepping randomly (stuck).
 12431 | D:3      | 12431 ||| Stepping randomly (stuck).
 12433 | D:3      | 12433 ||| Stepping randomly (stuck).
 12435 | D:3      | 12435 ||| Stepping randomly (stuck).
 12437 | D:3      | 12437 ||| Stepping randomly (stuck).
 12439 | D:3      | 12439 ||| Stepping randomly (stuck).
 12441 | D:3      | 12441 ||| Stepping randomly (stuck).
 12443 | D:3      | 12443 ||| Stepping randomly (stuck).
 12445 | D:3      | 12445 ||| Stepping randomly (stuck).
 12447 | D:3      | 12447 ||| Stepping randomly (stuck).
 12449 | D:3      | 12449 ||| Stepping randomly (stuck).
 12451 | D:3      | 12451 ||| Stepping randomly (stuck).
 12453 | D:3      | 12453 ||| Stepping randomly (stuck).
 12455 | D:3      | 12455 ||| Stepping randomly (stuck).
 12457 | D:3      | 12457 ||| Stepping randomly (stuck).
 12459 | D:3      | 12459 ||| Stepping randomly (stuck).
 12461 | D:3      | 12461 ||| Stepping randomly (stuck).
 12463 | D:3      | 12463 ||| Stepping randomly (stuck).
 12465 | D:3      | 12465 ||| Stepping randomly (stuck).
 12467 | D:3      | 12467 ||| Stepping randomly (stuck).
 12469 | D:3      | 12469 ||| Stepping randomly (stuck).
 12471 | D:3      | 12471 ||| Stepping randomly (stuck).
 12473 | D:3      | 12473 ||| Stepping randomly (stuck).
 12475 | D:3      | 12475 ||| Stepping randomly (stuck).
 12477 | D:3      | 12477 ||| Stepping randomly (stuck).
 12479 | D:3      | 12479 ||| Stepping randomly (stuck).
 12481 | D:3      | 12481 ||| Stepping randomly (stuck).
 12483 | D:3      | 12483 ||| Stepping randomly (stuck).
 12485 | D:3      | 12485 ||| Stepping randomly (stuck).
 12487 | D:3      | 12487 ||| Stepping randomly (stuck).
 12489 | D:3      | 12489 ||| Stepping randomly (stuck).
 12491 | D:3      | 12491 ||| Stepping randomly (stuck).
 12493 | D:3      | 12493 ||| Stepping randomly (stuck).
 12495 | D:3      | 12495 ||| Stepping randomly (stuck).
 12497 | D:3      | 12497 ||| Stepping randomly (stuck).
 12499 | D:3      | 12499 ||| Stepping randomly (stuck).
 12501 | D:3      | 12501 ||| Stepping randomly (stuck).
 12503 | D:3      | 12503 ||| Stepping randomly (stuck).
 12505 | D:3      | 12505 ||| Stepping randomly (stuck).
 12507 | D:3      | 12507 ||| Stepping randomly (stuck).
 12509 | D:3      | 12509 ||| Stepping randomly (stuck).
 12511 | D:3      | 12511 ||| Stepping randomly (stuck).
 12513 | D:3      | 12513 ||| Stepping randomly (stuck).
 12515 | D:3      | 12515 ||| Stepping randomly (stuck).
 12517 | D:3      | 12517 ||| Stepping randomly (stuck).
 12519 | D:3      | 12519 ||| Stepping randomly (stuck).
 12521 | D:3      | 12521 ||| Stepping randomly (stuck).
 12523 | D:3      | 12523 ||| Stepping randomly (stuck).
 12525 | D:3      | 12525 ||| Stepping randomly (stuck).
 12527 | D:3      | 12527 ||| Stepping randomly (stuck).
 12529 | D:3      | 12529 ||| Stepping randomly (stuck).
 12531 | D:3      | 12531 ||| Stepping randomly (stuck).
 12533 | D:3      | 12533 ||| Stepping randomly (stuck).
 12535 | D:3      | 12535 ||| Stepping randomly (stuck).
 12537 | D:3      | 12537 ||| Stepping randomly (stuck).
 12539 | D:3      | 12539 ||| Stepping randomly (stuck).
 12541 | D:3      | 12541 ||| Stepping randomly (stuck).
 12543 | D:3      | 12543 ||| Stepping randomly (stuck).
 12545 | D:3      | 12545 ||| Stepping randomly (stuck).
 12547 | D:3      | 12547 ||| Stepping randomly (stuck).
 12549 | D:3      | 12549 ||| Stepping randomly (stuck).
 12551 | D:3      | 12551 ||| Stepping randomly (stuck).
 12553 | D:3      | 12553 ||| Stepping randomly (stuck).
 12555 | D:3      | 12555 ||| Stepping randomly (stuck).
 12557 | D:3      | 12557 ||| Stepping randomly (stuck).
 12559 | D:3      | 12559 ||| Stepping randomly (stuck).
 12561 | D:3      | 12561 ||| Stepping randomly (stuck).
 12563 | D:3      | 12563 ||| Stepping randomly (stuck).
 12565 | D:3      | 12565 ||| Stepping randomly (stuck).
 12567 | D:3      | 12567 ||| Stepping randomly (stuck).
 12569 | D:3      | 12569 ||| Stepping randomly (stuck).
 12571 | D:3      | 12571 ||| Stepping randomly (stuck).
 12573 | D:3      | 12573 ||| Stepping randomly (stuck).
 12575 | D:3      | 12575 ||| Stepping randomly (stuck).
 12577 | D:3      | 12577 ||| Stepping randomly (stuck).
 12579 | D:3      | 12579 ||| Stepping randomly (stuck).
 12581 | D:3      | 12581 ||| Stepping randomly (stuck).
 12583 | D:3      | 12583 ||| Stepping randomly (stuck).
 12585 | D:3      | 12585 ||| Stepping randomly (stuck).
 12587 | D:3      | 12587 ||| Stepping randomly (stuck).
 12589 | D:3      | 12589 ||| Stepping randomly (stuck).
 12591 | D:3      | 12591 ||| Stepping randomly (stuck).
 12593 | D:3      | 12593 ||| Stepping randomly (stuck).
 12595 | D:3      | 12595 ||| Stepping randomly (stuck).
 12597 | D:3      | 12597 ||| Stepping randomly (stuck).
 12599 | D:3      | 12599 ||| Stepping randomly (stuck).
 12601 | D:3      | 12601 ||| Stepping randomly (stuck).
 12603 | D:3      | 12603 ||| Stepping randomly (stuck).
 12605 | D:3      | 12605 ||| Stepping randomly (stuck).
 12607 | D:3      | 12607 ||| Stepping randomly (stuck).
 12609 | D:3      | 12609 ||| Stepping randomly (stuck).
 12611 | D:3      | 12611 ||| Stepping randomly (stuck).
 12613 | D:3      | 12613 ||| Stepping randomly (stuck).
 12615 | D:3      | 12615 ||| Stepping randomly (stuck).
 12617 | D:3      | 12617 ||| Stepping randomly (stuck).
 12619 | D:3      | 12619 ||| Stepping randomly (stuck).
 12621 | D:3      | 12621 ||| Stepping randomly (stuck).
 12623 | D:3      | 12623 ||| Stepping randomly (stuck).
 12625 | D:3      | 12625 ||| Stepping randomly (stuck).
 12627 | D:3      | 12627 ||| Stepping randomly (stuck).
 12629 | D:3      | 12629 ||| Stepping randomly (stuck).
 12631 | D:3      | 12631 ||| Stepping randomly (stuck).
 12633 | D:3      | 12633 ||| Stepping randomly (stuck).
 12635 | D:3      | 12635 ||| Stepping randomly (stuck).
 12637 | D:3      | 12637 ||| Stepping randomly (stuck).
 12639 | D:3      | 12639 ||| Stepping randomly (stuck).
 12641 | D:3      | 12641 ||| Stepping randomly (stuck).
 12643 | D:3      | 12643 ||| Stepping randomly (stuck).
 12645 | D:3      | 12645 ||| Stepping randomly (stuck).
 12647 | D:3      | 12647 ||| Stepping randomly (stuck).
 12649 | D:3      | 12649 ||| Stepping randomly (stuck).
 12651 | D:3      | 12651 ||| Stepping randomly (stuck).
 12653 | D:3      | 12653 ||| Stepping randomly (stuck).
 12655 | D:3      | 12655 ||| Stepping randomly (stuck).
 12657 | D:3      | 12657 ||| Stepping randomly (stuck).
 12659 | D:3      | 12659 ||| Stepping randomly (stuck).
 12661 | D:3      | 12661 ||| Stepping randomly (stuck).
 12663 | D:3      | 12663 ||| Stepping randomly (stuck).
 12665 | D:3      | 12665 ||| Stepping randomly (stuck).
 12667 | D:3      | 12667 ||| Stepping randomly (stuck).
 12669 | D:3      | 12669 ||| Stepping randomly (stuck).
 12671 | D:3      | 12671 ||| Stepping randomly (stuck).
 12673 | D:3      | 12673 ||| Stepping randomly (stuck).
 12675 | D:3      | 12675 ||| Stepping randomly (stuck).
 12677 | D:3      | 12677 ||| Stepping randomly (stuck).
 12679 | D:3      | 12679 ||| Stepping randomly (stuck).
 12681 | D:3      | 12681 ||| Stepping randomly (stuck).
 12683 | D:3      | 12683 ||| Stepping randomly (stuck).
 12685 | D:3      | 12685 ||| Stepping randomly (stuck).
 12687 | D:3      | 12687 ||| Stepping randomly (stuck).
 12689 | D:3      | 12689 ||| Stepping randomly (stuck).
 12691 | D:3      | 12691 ||| Stepping randomly (stuck).
 12693 | D:3      | 12693 ||| Stepping randomly (stuck).
 12695 | D:3      | 12695 ||| Stepping randomly (stuck).
 12697 | D:3      | 12697 ||| Stepping randomly (stuck).
 12699 | D:3      | 12699 ||| Stepping randomly (stuck).
 12701 | D:3      | 12701 ||| Stepping randomly (stuck).
 12703 | D:3      | 12703 ||| Stepping randomly (stuck).
 12705 | D:3      | 12705 ||| Stepping randomly (stuck).
 12707 | D:3      | 12707 ||| Stepping randomly (stuck).
 12709 | D:3      | 12709 ||| Stepping randomly (stuck).
 12711 | D:3      | 12711 ||| Stepping randomly (stuck).
 12713 | D:3      | 12713 ||| Stepping randomly (stuck).
 12715 | D:3      | 12715 ||| Stepping randomly (stuck).
 12717 | D:3      | 12717 ||| Stepping randomly (stuck).
 12719 | D:3      | 12719 ||| Stepping randomly (stuck).
 12721 | D:3      | 12721 ||| Stepping randomly (stuck).
 12723 | D:3      | 12723 ||| Stepping randomly (stuck).
 12725 | D:3      | 12725 ||| Stepping randomly (stuck).
 12727 | D:3      | 12727 ||| Stepping randomly (stuck).
 12729 | D:3      | 12729 ||| Stepping randomly (stuck).
 12731 | D:3      | 12731 ||| Stepping randomly (stuck).
 12733 | D:3      | 12733 ||| Stepping randomly (stuck).
 12735 | D:3      | 12735 ||| Stepping randomly (stuck).
 12737 | D:3      | 12737 ||| Stepping randomly (stuck).
 12739 | D:3      | 12739 ||| Stepping randomly (stuck).
 12741 | D:3      | 12741 ||| Stepping randomly (stuck).
 12743 | D:3      | 12743 ||| Stepping randomly (stuck).
 12745 | D:3      | 12745 ||| Stepping randomly (stuck).
 12747 | D:3      | 12747 ||| Stepping randomly (stuck).
 12749 | D:3      | 12749 ||| Stepping randomly (stuck).
 12751 | D:3      | 12751 ||| Stepping randomly (stuck).
 12753 | D:3      | 12753 ||| Stepping randomly (stuck).
 12755 | D:3      | 12755 ||| Stepping randomly (stuck).
 12757 | D:3      | 12757 ||| Stepping randomly (stuck).
 12759 | D:3      | 12759 ||| Stepping randomly (stuck).
 12761 | D:3      | 12761 ||| Stepping randomly (stuck).
 12763 | D:3      | 12763 ||| Stepping randomly (stuck).
 12765 | D:3      | 12765 ||| Stepping randomly (stuck).
 12767 | D:3      | 12767 ||| Stepping randomly (stuck).
 12769 | D:3      | 12769 ||| Stepping randomly (stuck).
 12771 | D:3      | 12771 ||| Stepping randomly (stuck).
 12773 | D:3      | 12773 ||| Stepping randomly (stuck).
 12775 | D:3      | 12775 ||| Stepping randomly (stuck).
 12777 | D:3      | 12777 ||| Stepping randomly (stuck).
 12779 | D:3      | 12779 ||| Stepping randomly (stuck).
 12781 | D:3      | 12781 ||| Stepping randomly (stuck).
 12783 | D:3      | 12783 ||| Stepping randomly (stuck).
 12785 | D:3      | 12785 ||| Stepping randomly (stuck).
 12787 | D:3      | 12787 ||| Stepping randomly (stuck).
 12789 | D:3      | 12789 ||| Stepping randomly (stuck).
 12791 | D:3      | 12791 ||| Stepping randomly (stuck).
 12793 | D:3      | 12793 ||| Stepping randomly (stuck).
 12795 | D:3      | 12795 ||| Stepping randomly (stuck).
 12797 | D:3      | 12797 ||| Stepping randomly (stuck).
 12799 | D:3      | 12799 ||| Stepping randomly (stuck).
 12801 | D:3      | 12801 ||| Stepping randomly (stuck).
 12803 | D:3      | 12803 ||| Stepping randomly (stuck).
 12805 | D:3      | 12805 ||| Stepping randomly (stuck).
 12807 | D:3      | 12807 ||| Stepping randomly (stuck).
 12809 | D:3      | 12809 ||| Stepping randomly (stuck).
 12811 | D:3      | 12811 ||| Stepping randomly (stuck).
 12813 | D:3      | 12813 ||| Stepping randomly (stuck).
 12815 | D:3      | 12815 ||| Stepping randomly (stuck).
 12817 | D:3      | 12817 ||| Stepping randomly (stuck).
 12819 | D:3      | 12819 ||| Stepping randomly (stuck).
 12821 | D:3      | 12821 ||| Stepping randomly (stuck).
 12823 | D:3      | 12823 ||| Stepping randomly (stuck).
 12825 | D:3      | 12825 ||| Stepping randomly (stuck).
 12827 | D:3      | 12827 ||| Stepping randomly (stuck).
 12829 | D:3      | 12829 ||| Stepping randomly (stuck).
 12831 | D:3      | 12831 ||| Stepping randomly (stuck).
 12833 | D:3      | 12833 ||| Stepping randomly (stuck).
 12835 | D:3      | 12835 ||| Stepping randomly (stuck).
 12837 | D:3      | 12837 ||| Stepping randomly (stuck).
 12839 | D:3      | 12839 ||| Stepping randomly (stuck).
 12841 | D:3      | 12841 ||| Stepping randomly (stuck).
 12843 | D:3      | 12843 ||| Stepping randomly (stuck).
 12845 | D:3      | 12845 ||| Stepping randomly (stuck).
 12847 | D:3      | 12847 ||| Stepping randomly (stuck).
 12849 | D:3      | 12849 ||| Stepping randomly (stuck).
 12851 | D:3      | 12851 ||| Stepping randomly (stuck).
 12853 | D:3      | 12853 ||| Stepping randomly (stuck).
 12855 | D:3      | 12855 ||| Stepping randomly (stuck).
 12857 | D:3      | 12857 ||| Stepping randomly (stuck).
 12859 | D:3      | 12859 ||| Stepping randomly (stuck).
 12861 | D:3      | 12861 ||| Stepping randomly (stuck).
 12863 | D:3      | 12863 ||| Stepping randomly (stuck).
 12865 | D:3      | 12865 ||| Stepping randomly (stuck).
 12867 | D:3      | 12867 ||| Stepping randomly (stuck).
 12869 | D:3      | 12869 ||| Stepping randomly (stuck).
 12871 | D:3      | 12871 ||| Stepping randomly (stuck).
 12873 | D:3      | 12873 ||| Stepping randomly (stuck).
 12875 | D:3      | 12875 ||| Stepping randomly (stuck).
 12877 | D:3      | 12877 ||| Stepping randomly (stuck).
 12879 | D:3      | 12879 ||| Stepping randomly (stuck).
 12881 | D:3      | 12881 ||| Stepping randomly (stuck).
 12883 | D:3      | 12883 ||| Stepping randomly (stuck).
 12885 | D:3      | 12885 ||| Stepping randomly (stuck).
 12887 | D:3      | 12887 ||| Stepping randomly (stuck).
 12889 | D:3      | 12889 ||| Stepping randomly (stuck).
 12891 | D:3      | 12891 ||| Stepping randomly (stuck).
 12893 | D:3      | 12893 ||| Stepping randomly (stuck).
 12895 | D:3      | 12895 ||| Stepping randomly (stuck).
 12897 | D:3      | 12897 ||| Stepping randomly (stuck).
 12899 | D:3      | 12899 ||| Stepping randomly (stuck).
 12901 | D:3      | 12901 ||| Stepping randomly (stuck).
 12903 | D:3      | 12903 ||| Stepping randomly (stuck).
 12905 | D:3      | 12905 ||| Stepping randomly (stuck).
 12907 | D:3      | 12907 ||| Stepping randomly (stuck).
 12909 | D:3      | 12909 ||| Stepping randomly (stuck).
 12911 | D:3      | 12911 ||| Stepping randomly (stuck).
 12913 | D:3      | 12913 ||| Stepping randomly (stuck).
 12915 | D:3      | 12915 ||| Stepping randomly (stuck).
 12917 | D:3      | 12917 ||| Stepping randomly (stuck).
 12919 | D:3      | 12919 ||| Stepping randomly (stuck).
 12921 | D:3      | 12921 ||| Stepping randomly (stuck).
 12923 | D:3      | 12923 ||| Stepping randomly (stuck).
 12925 | D:3      | 12925 ||| Stepping randomly (stuck).
 12927 | D:3      | 12927 ||| Stepping randomly (stuck).
 12929 | D:3      | 12929 ||| Stepping randomly (stuck).
 12931 | D:3      | 12931 ||| Stepping randomly (stuck).
 12933 | D:3      | 12933 ||| Stepping randomly (stuck).
 12935 | D:3      | 12935 ||| Stepping randomly (stuck).
 12937 | D:3      | 12937 ||| Stepping randomly (stuck).
 12939 | D:3      | 12939 ||| Stepping randomly (stuck).
 12941 | D:3      | 12941 ||| Stepping randomly (stuck).
 12943 | D:3      | 12943 ||| Stepping randomly (stuck).
 12945 | D:3      | 12945 ||| Stepping randomly (stuck).
 12947 | D:3      | 12947 ||| Stepping randomly (stuck).
 12949 | D:3      | 12949 ||| Stepping randomly (stuck).
 12951 | D:3      | 12951 ||| Stepping randomly (stuck).
 12953 | D:3      | 12953 ||| Stepping randomly (stuck).
 12955 | D:3      | 12955 ||| Stepping randomly (stuck).
 12957 | D:3      | 12957 ||| Stepping randomly (stuck).
 12959 | D:3      | 12959 ||| Stepping randomly (stuck).
 12961 | D:3      | 12961 ||| Stepping randomly (stuck).
 12963 | D:3      | 12963 ||| Stepping randomly (stuck).
 12965 | D:3      | 12965 ||| Stepping randomly (stuck).
 12967 | D:3      | 12967 ||| Stepping randomly (stuck).
 12969 | D:3      | 12969 ||| Stepping randomly (stuck).
 12971 | D:3      | 12971 ||| Stepping randomly (stuck).
 12973 | D:3      | 12973 ||| Stepping randomly (stuck).
 12975 | D:3      | 12975 ||| Stepping randomly (stuck).
 12977 | D:3      | 12977 ||| Stepping randomly (stuck).
 12979 | D:3      | 12979 ||| Stepping randomly (stuck).
 12981 | D:3      | 12981 ||| Stepping randomly (stuck).
 12983 | D:3      | 12983 ||| Stepping randomly (stuck).
 12985 | D:3      | 12985 ||| Stepping randomly (stuck).
 12987 | D:3      | 12987 ||| Stepping randomly (stuck).
 12989 | D:3      | 12989 ||| Stepping randomly (stuck).
 12991 | D:3      | 12991 ||| Stepping randomly (stuck).
 12993 | D:3      | 12993 ||| Stepping randomly (stuck).
 12995 | D:3      | 12995 ||| Stepping randomly (stuck).
 12997 | D:3      | 12997 ||| Stepping randomly (stuck).
 12999 | D:3      | 12999 ||| Stepping randomly (stuck).
 13001 | D:3      | 13001 ||| Stepping randomly (stuck).
 13003 | D:3      | 13003 ||| Stepping randomly (stuck).
 13005 | D:3      | 13005 ||| Stepping randomly (stuck).
 13007 | D:3      | 13007 ||| Stepping randomly (stuck).
 13009 | D:3      | 13009 ||| Stepping randomly (stuck).
 13011 | D:3      | 13011 ||| Stepping randomly (stuck).
 13013 | D:3      | 13013 ||| Stepping randomly (stuck).
 13015 | D:3      | 13015 ||| Stepping randomly (stuck).
 13017 | D:3      | 13017 ||| Stepping randomly (stuck).
 13019 | D:3      | 13019 ||| Stepping randomly (stuck).
 13021 | D:3      | 13021 ||| Stepping randomly (stuck).
 13023 | D:3      | 13023 ||| Stepping randomly (stuck).
 13025 | D:3      | 13025 ||| Stepping randomly (stuck).
 13027 | D:3      | 13027 ||| Stepping randomly (stuck).
 13029 | D:3      | 13029 ||| Stepping randomly (stuck).
 13031 | D:3      | 13031 ||| Stepping randomly (stuck).
 13033 | D:3      | 13033 ||| Stepping randomly (stuck).
 13035 | D:3      | 13035 ||| Stepping randomly (stuck).
 13037 | D:3      | 13037 ||| Stepping randomly (stuck).
 13039 | D:3      | 13039 ||| Stepping randomly (stuck).
 13041 | D:3      | 13041 ||| Stepping randomly (stuck).
 13043 | D:3      | 13043 ||| Stepping randomly (stuck).
 13045 | D:3      | 13045 ||| Stepping randomly (stuck).
 13047 | D:3      | 13047 ||| Stepping randomly (stuck).
 13049 | D:3      | 13049 ||| Stepping randomly (stuck).
 13051 | D:3      | 13051 ||| Stepping randomly (stuck).
 13053 | D:3      | 13053 ||| Stepping randomly (stuck).
 13055 | D:3      | 13055 ||| Stepping randomly (stuck).
 13057 | D:3      | 13057 ||| Stepping randomly (stuck).
 13059 | D:3      | 13059 ||| Stepping randomly (stuck).
 13061 | D:3      | 13061 ||| Stepping randomly (stuck).
 13063 | D:3      | 13063 ||| Stepping randomly (stuck).
 13065 | D:3      | 13065 ||| Stepping randomly (stuck).
 13067 | D:3      | 13067 ||| Stepping randomly (stuck).
 13069 | D:3      | 13069 ||| Stepping randomly (stuck).
 13071 | D:3      | 13071 ||| Stepping randomly (stuck).
 13073 | D:3      | 13073 ||| Stepping randomly (stuck).
 13075 | D:3      | 13075 ||| Stepping randomly (stuck).
 13077 | D:3      | 13077 ||| Stepping randomly (stuck).
 13079 | D:3      | 13079 ||| Stepping randomly (stuck).
 13081 | D:3      | 13081 ||| Stepping randomly (stuck).
 13083 | D:3      | 13083 ||| Stepping randomly (stuck).
 13085 | D:3      | 13085 ||| Stepping randomly (stuck).
 13087 | D:3      | 13087 ||| Stepping randomly (stuck).
 13089 | D:3      | 13089 ||| Stepping randomly (stuck).
 13091 | D:3      | 13091 ||| Stepping randomly (stuck).
 13093 | D:3      | 13093 ||| Stepping randomly (stuck).
 13095 | D:3      | 13095 ||| Stepping randomly (stuck).
 13097 | D:3      | 13097 ||| Stepping randomly (stuck).
 13099 | D:3      | 13099 ||| Stepping randomly (stuck).
 13101 | D:3      | 13101 ||| Stepping randomly (stuck).
 13103 | D:3      | 13103 ||| Stepping randomly (stuck).
 13105 | D:3      | 13105 ||| Stepping randomly (stuck).
 13107 | D:3      | 13107 ||| Stepping randomly (stuck).
 13109 | D:3      | 13109 ||| Stepping randomly (stuck).
 13111 | D:3      | 13111 ||| Stepping randomly (stuck).
 13113 | D:3      | 13113 ||| Stepping randomly (stuck).
 13115 | D:3      | 13115 ||| Stepping randomly (stuck).
 13117 | D:3      | 13117 ||| Stepping randomly (stuck).
 13119 | D:3      | 13119 ||| Stepping randomly (stuck).
 13121 | D:3      | 13121 ||| Stepping randomly (stuck).
 13123 | D:3      | 13123 ||| Stepping randomly (stuck).
 13125 | D:3      | 13125 ||| Stepping randomly (stuck).
 13127 | D:3      | 13127 ||| Stepping randomly (stuck).
 13129 | D:3      | 13129 ||| Stepping randomly (stuck).
 13131 | D:3      | 13131 ||| Stepping randomly (stuck).
 13133 | D:3      | 13133 ||| Stepping randomly (stuck).
 13135 | D:3      | 13135 ||| Stepping randomly (stuck).
 13137 | D:3      | 13137 ||| Stepping randomly (stuck).
 13139 | D:3      | 13139 ||| Stepping randomly (stuck).
 13141 | D:3      | 13141 ||| Stepping randomly (stuck).
 13143 | D:3      | 13143 ||| Stepping randomly (stuck).
 13145 | D:3      | 13145 ||| Stepping randomly (stuck).
 13147 | D:3      | 13147 ||| Stepping randomly (stuck).
 13149 | D:3      | 13149 ||| Stepping randomly (stuck).
 13151 | D:3      | 13151 ||| Stepping randomly (stuck).
 13153 | D:3      | 13153 ||| Stepping randomly (stuck).
 13155 | D:3      | 13155 ||| Stepping randomly (stuck).
 13157 | D:3      | 13157 ||| Stepping randomly (stuck).
 13159 | D:3      | 13159 ||| Stepping randomly (stuck).
 13161 | D:3      | 13161 ||| Stepping randomly (stuck).
 13163 | D:3      | 13163 ||| Stepping randomly (stuck).
 13165 | D:3      | 13165 ||| Stepping randomly (stuck).
 13167 | D:3      | 13167 ||| Stepping randomly (stuck).
 13169 | D:3      | 13169 ||| Stepping randomly (stuck).
 13171 | D:3      | 13171 ||| Stepping randomly (stuck).
 13173 | D:3      | 13173 ||| Stepping randomly (stuck).
 13175 | D:3      | 13175 ||| Stepping randomly (stuck).
 13177 | D:3      | 13177 ||| Stepping randomly (stuck).
 13179 | D:3      | 13179 ||| Stepping randomly (stuck).
 13181 | D:3      | 13181 ||| Stepping randomly (stuck).
 13183 | D:3      | 13183 ||| Stepping randomly (stuck).
 13185 | D:3      | 13185 ||| Stepping randomly (stuck).
 13187 | D:3      | 13187 ||| Stepping randomly (stuck).
 13189 | D:3      | 13189 ||| Stepping randomly (stuck).
 13191 | D:3      | 13191 ||| Stepping randomly (stuck).
 13193 | D:3      | 13193 ||| Stepping randomly (stuck).
 13195 | D:3      | 13195 ||| Stepping randomly (stuck).
 13197 | D:3      | 13197 ||| Stepping randomly (stuck).
 13199 | D:3      | 13199 ||| Stepping randomly (stuck).
 13201 | D:3      | 13201 ||| Stepping randomly (stuck).
 13203 | D:3      | 13203 ||| Stepping randomly (stuck).
 13205 | D:3      | 13205 ||| Stepping randomly (stuck).
 13207 | D:3      | 13207 ||| Stepping randomly (stuck).
 13209 | D:3      | 13209 ||| Stepping randomly (stuck).
 13211 | D:3      | 13211 ||| Stepping randomly (stuck).
 13213 | D:3      | 13213 ||| Stepping randomly (stuck).
 13215 | D:3      | 13215 ||| Stepping randomly (stuck).
 13217 | D:3      | 13217 ||| Stepping randomly (stuck).
 13219 | D:3      | 13219 ||| Stepping randomly (stuck).
 13221 | D:3      | 13221 ||| Stepping randomly (stuck).
 13223 | D:3      | 13223 ||| Stepping randomly (stuck).
 13225 | D:3      | 13225 ||| Stepping randomly (stuck).
 13227 | D:3      | 13227 ||| Stepping randomly (stuck).
 13229 | D:3      | 13229 ||| Stepping randomly (stuck).
 13231 | D:3      | 13231 ||| Stepping randomly (stuck).
 13233 | D:3      | 13233 ||| Stepping randomly (stuck).
 13235 | D:3      | 13235 ||| Stepping randomly (stuck).
 13237 | D:3      | 13237 ||| Stepping randomly (stuck).
 13239 | D:3      | 13239 ||| Stepping randomly (stuck).
 13241 | D:3      | 13241 ||| Stepping randomly (stuck).
 13243 | D:3      | 13243 ||| Stepping randomly (stuck).
 13245 | D:3      | 13245 ||| Stepping randomly (stuck).
 13247 | D:3      | 13247 ||| Stepping randomly (stuck).
 13249 | D:3      | 13249 ||| Stepping randomly (stuck).
 13251 | D:3      | 13251 ||| Stepping randomly (stuck).
 13253 | D:3      | 13253 ||| Stepping randomly (stuck).
 13255 | D:3      | 13255 ||| Stepping randomly (stuck).
 13257 | D:3      | 13257 ||| Stepping randomly (stuck).
 13259 | D:3      | 13259 ||| Stepping randomly (stuck).
 13261 | D:3      | 13261 ||| Stepping randomly (stuck).
 13263 | D:3      | 13263 ||| Stepping randomly (stuck).
 13265 | D:3      | 13265 ||| Stepping randomly (stuck).
 13267 | D:3      | 13267 ||| Stepping randomly (stuck).
 13269 | D:3      | 13269 ||| Stepping randomly (stuck).
 13271 | D:3      | 13271 ||| Stepping randomly (stuck).
 13273 | D:3      | 13273 ||| Stepping randomly (stuck).
 13275 | D:3      | 13275 ||| Stepping randomly (stuck).
 13277 | D:3      | 13277 ||| Stepping randomly (stuck).
 13279 | D:3      | 13279 ||| Stepping randomly (stuck).
 13281 | D:3      | 13281 ||| Stepping randomly (stuck).
 13283 | D:3      | 13283 ||| Stepping randomly (stuck).
 13285 | D:3      | 13285 ||| Stepping randomly (stuck).
 13287 | D:3      | 13287 ||| Stepping randomly (stuck).
 13289 | D:3      | 13289 ||| Stepping randomly (stuck).
 13291 | D:3      | 13291 ||| Stepping randomly (stuck).
 13293 | D:3      | 13293 ||| Stepping randomly (stuck).
 13295 | D:3      | 13295 ||| Stepping randomly (stuck).
 13297 | D:3      | 13297 ||| Stepping randomly (stuck).
 13299 | D:3      | 13299 ||| Stepping randomly (stuck).
 13301 | D:3      | 13301 ||| Stepping randomly (stuck).
 13303 | D:3      | 13303 ||| Stepping randomly (stuck).
 13305 | D:3      | 13305 ||| Stepping randomly (stuck).
 13307 | D:3      | 13307 ||| Stepping randomly (stuck).
 13309 | D:3      | 13309 ||| Stepping randomly (stuck).
 13311 | D:3      | 13311 ||| Stepping randomly (stuck).
 13313 | D:3      | 13313 ||| Stepping randomly (stuck).
 13315 | D:3      | 13315 ||| Stepping randomly (stuck).
 13317 | D:3      | 13317 ||| Stepping randomly (stuck).
 13319 | D:3      | 13319 ||| Stepping randomly (stuck).
 13321 | D:3      | 13321 ||| Stepping randomly (stuck).
 13323 | D:3      | 13323 ||| Stepping randomly (stuck).
 13325 | D:3      | 13325 ||| Stepping randomly (stuck).
 13327 | D:3      | 13327 ||| Stepping randomly (stuck).
 13329 | D:3      | 13329 ||| Stepping randomly (stuck).
 13331 | D:3      | 13331 ||| Stepping randomly (stuck).
 13333 | D:3      | 13333 ||| Stepping randomly (stuck).
 13335 | D:3      | 13335 ||| Stepping randomly (stuck).
 13337 | D:3      | 13337 ||| Stepping randomly (stuck).
 13339 | D:3      | 13339 ||| Stepping randomly (stuck).
 13341 | D:3      | 13341 ||| Stepping randomly (stuck).
 13343 | D:3      | 13343 ||| Stepping randomly (stuck).
 13345 | D:3      | 13345 ||| Stepping randomly (stuck).
 13347 | D:3      | 13347 ||| Stepping randomly (stuck).
 13349 | D:3      | 13349 ||| Stepping randomly (stuck).
 13351 | D:3      | 13351 ||| Stepping randomly (stuck).
 13353 | D:3      | 13353 ||| Stepping randomly (stuck).
 13355 | D:3      | 13355 ||| Stepping randomly (stuck).
 13357 | D:3      | 13357 ||| Stepping randomly (stuck).
 13359 | D:3      | 13359 ||| Stepping randomly (stuck).
 13361 | D:3      | 13361 ||| Stepping randomly (stuck).
 13363 | D:3      | 13363 ||| Stepping randomly (stuck).
 13365 | D:3      | 13365 ||| Stepping randomly (stuck).
 13367 | D:3      | 13367 ||| Stepping randomly (stuck).
 13369 | D:3      | 13369 ||| Stepping randomly (stuck).
 13371 | D:3      | 13371 ||| Stepping randomly (stuck).
 13373 | D:3      | 13373 ||| Stepping randomly (stuck).
 13375 | D:3      | 13375 ||| Stepping randomly (stuck).
 13377 | D:3      | 13377 ||| Stepping randomly (stuck).
 13379 | D:3      | 13379 ||| Stepping randomly (stuck).
 13381 | D:3      | 13381 ||| Stepping randomly (stuck).
 13383 | D:3      | 13383 ||| Stepping randomly (stuck).
 13385 | D:3      | 13385 ||| Stepping randomly (stuck).
 13387 | D:3      | 13387 ||| Stepping randomly (stuck).
 13389 | D:3      | 13389 ||| Stepping randomly (stuck).
 13391 | D:3      | 13391 ||| Stepping randomly (stuck).
 13393 | D:3      | 13393 ||| Stepping randomly (stuck).
 13395 | D:3      | 13395 ||| Stepping randomly (stuck).
 13397 | D:3      | 13397 ||| Stepping randomly (stuck).
 13399 | D:3      | 13399 ||| Stepping randomly (stuck).
 13401 | D:3      | 13401 ||| Stepping randomly (stuck).
 13403 | D:3      | 13403 ||| Stepping randomly (stuck).
 13405 | D:3      | 13405 ||| Stepping randomly (stuck).
 13407 | D:3      | 13407 ||| Stepping randomly (stuck).
 13409 | D:3      | 13409 ||| Stepping randomly (stuck).
 13411 | D:3      | 13411 ||| Stepping randomly (stuck).
 13413 | D:3      | 13413 ||| Stepping randomly (stuck).
 13415 | D:3      | 13415 ||| Stepping randomly (stuck).
 13417 | D:3      | 13417 ||| Stepping randomly (stuck).
 13419 | D:3      | 13419 ||| Stepping randomly (stuck).
 13421 | D:3      | 13421 ||| Stepping randomly (stuck).
 13423 | D:3      | 13423 ||| Stepping randomly (stuck).
 13425 | D:3      | 13425 ||| Stepping randomly (stuck).
 13427 | D:3      | 13427 ||| Stepping randomly (stuck).
 13429 | D:3      | 13429 ||| Stepping randomly (stuck).
 13431 | D:3      | 13431 ||| Stepping randomly (stuck).
 13433 | D:3      | 13433 ||| Stepping randomly (stuck).
 13435 | D:3      | 13435 ||| Stepping randomly (stuck).
 13437 | D:3      | 13437 ||| Stepping randomly (stuck).
 13439 | D:3      | 13439 ||| Stepping randomly (stuck).
 13441 | D:3      | 13441 ||| Stepping randomly (stuck).
 13443 | D:3      | 13443 ||| Stepping randomly (stuck).
 13445 | D:3      | 13445 ||| Stepping randomly (stuck).
 13447 | D:3      | 13447 ||| Stepping randomly (stuck).
 13449 | D:3      | 13449 ||| Stepping randomly (stuck).
 13451 | D:3      | 13451 ||| Stepping randomly (stuck).
 13453 | D:3      | 13453 ||| Stepping randomly (stuck).
 13455 | D:3      | 13455 ||| Stepping randomly (stuck).
 13457 | D:3      | 13457 ||| Stepping randomly (stuck).
 13459 | D:3      | 13459 ||| Stepping randomly (stuck).
 13461 | D:3      | 13461 ||| Stepping randomly (stuck).
 13463 | D:3      | 13463 ||| Stepping randomly (stuck).
 13465 | D:3      | 13465 ||| Stepping randomly (stuck).
 13467 | D:3      | 13467 ||| Stepping randomly (stuck).
 13469 | D:3      | 13469 ||| Stepping randomly (stuck).
 13471 | D:3      | 13471 ||| Stepping randomly (stuck).
 13473 | D:3      | 13473 ||| Stepping randomly (stuck).
 13475 | D:3      | 13475 ||| Stepping randomly (stuck).
 13477 | D:3      | 13477 ||| Stepping randomly (stuck).
 13479 | D:3      | 13479 ||| Stepping randomly (stuck).
 13481 | D:3      | 13481 ||| Stepping randomly (stuck).
 13483 | D:3      | 13483 ||| Stepping randomly (stuck).
 13485 | D:3      | 13485 ||| Stepping randomly (stuck).
 13487 | D:3      | 13487 ||| Stepping randomly (stuck).
 13489 | D:3      | 13489 ||| Stepping randomly (stuck).
 13491 | D:3      | 13491 ||| Stepping randomly (stuck).
 13493 | D:3      | 13493 ||| Stepping randomly (stuck).
 13495 | D:3      | 13495 ||| Stepping randomly (stuck).
 13497 | D:3      | 13497 ||| Stepping randomly (stuck).
 13499 | D:3      | 13499 ||| Stepping randomly (stuck).
 13501 | D:3      | 13501 ||| Stepping randomly (stuck).
 13503 | D:3      | 13503 ||| Stepping randomly (stuck).
 13505 | D:3      | 13505 ||| Stepping randomly (stuck).
 13507 | D:3      | 13507 ||| Stepping randomly (stuck).
 13509 | D:3      | 13509 ||| Stepping randomly (stuck).
 13511 | D:3      | 13511 ||| Stepping randomly (stuck).
 13513 | D:3      | 13513 ||| Stepping randomly (stuck).
 13515 | D:3      | 13515 ||| Stepping randomly (stuck).
 13517 | D:3      | 13517 ||| Stepping randomly (stuck).
 13519 | D:3      | 13519 ||| Stepping randomly (stuck).
 13521 | D:3      | 13521 ||| Stepping randomly (stuck).
 13523 | D:3      | 13523 ||| Stepping randomly (stuck).
 13525 | D:3      | 13525 ||| Stepping randomly (stuck).
 13527 | D:3      | 13527 ||| Stepping randomly (stuck).
 13529 | D:3      | 13529 ||| Stepping randomly (stuck).
 13531 | D:3      | 13531 ||| Stepping randomly (stuck).
 13533 | D:3      | 13533 ||| Stepping randomly (stuck).
 13535 | D:3      | 13535 ||| Stepping randomly (stuck).
 13537 | D:3      | 13537 ||| Stepping randomly (stuck).
 13539 | D:3      | 13539 ||| Stepping randomly (stuck).
 13541 | D:3      | 13541 ||| Stepping randomly (stuck).
 13543 | D:3      | 13543 ||| Stepping randomly (stuck).
 13545 | D:3      | 13545 ||| Stepping randomly (stuck).
 13547 | D:3      | 13547 ||| Stepping randomly (stuck).
 13549 | D:3      | 13549 ||| Stepping randomly (stuck).
 13551 | D:3      | 13551 ||| Stepping randomly (stuck).
 13553 | D:3      | 13553 ||| Stepping randomly (stuck).
 13555 | D:3      | 13555 ||| Stepping randomly (stuck).
 13557 | D:3      | 13557 ||| Stepping randomly (stuck).
 13559 | D:3      | 13559 ||| Stepping randomly (stuck).
 13561 | D:3      | 13561 ||| Stepping randomly (stuck).
 13563 | D:3      | 13563 ||| Stepping randomly (stuck).
 13565 | D:3      | 13565 ||| Stepping randomly (stuck).
 13567 | D:3      | 13567 ||| Stepping randomly (stuck).
 13569 | D:3      | 13569 ||| Stepping randomly (stuck).
 13571 | D:3      | 13571 ||| Stepping randomly (stuck).
 13573 | D:3      | 13573 ||| Stepping randomly (stuck).
 13575 | D:3      | 13575 ||| Stepping randomly (stuck).
 13577 | D:3      | 13577 ||| Stepping randomly (stuck).
 13579 | D:3      | 13579 ||| Stepping randomly (stuck).
 13581 | D:3      | 13581 ||| Stepping randomly (stuck).
 13583 | D:3      | 13583 ||| Stepping randomly (stuck).
 13585 | D:3      | 13585 ||| Stepping randomly (stuck).
 13587 | D:3      | 13587 ||| Stepping randomly (stuck).
 13589 | D:3      | 13589 ||| Stepping randomly (stuck).
 13591 | D:3      | 13591 ||| Stepping randomly (stuck).
 13593 | D:3      | 13593 ||| Stepping randomly (stuck).
 13595 | D:3      | 13595 ||| Stepping randomly (stuck).
 13597 | D:3      | 13597 ||| Stepping randomly (stuck).
 13599 | D:3      | 13599 ||| Stepping randomly (stuck).
 13601 | D:3      | 13601 ||| Stepping randomly (stuck).
 13603 | D:3      | 13603 ||| Stepping randomly (stuck).
 13605 | D:3      | 13605 ||| Stepping randomly (stuck).
 13607 | D:3      | 13607 ||| Stepping randomly (stuck).
 13609 | D:3      | 13609 ||| Stepping randomly (stuck).
 13611 | D:3      | 13611 ||| Stepping randomly (stuck).
 13613 | D:3      | 13613 ||| Stepping randomly (stuck).
 13615 | D:3      | 13615 ||| Stepping randomly (stuck).
 13617 | D:3      | 13617 ||| Stepping randomly (stuck).
 13619 | D:3      | 13619 ||| Stepping randomly (stuck).
 13621 | D:3      | 13621 ||| Stepping randomly (stuck).
 13623 | D:3      | 13623 ||| Stepping randomly (stuck).
 13625 | D:3      | 13625 ||| Stepping randomly (stuck).
 13627 | D:3      | 13627 ||| Stepping randomly (stuck).
 13629 | D:3      | 13629 ||| Stepping randomly (stuck).
 13631 | D:3      | 13631 ||| Stepping randomly (stuck).
 13633 | D:3      | 13633 ||| Stepping randomly (stuck).
 13635 | D:3      | 13635 ||| Stepping randomly (stuck).
 13637 | D:3      | 13637 ||| Stepping randomly (stuck).
 13639 | D:3      | 13639 ||| Stepping randomly (stuck).
 13641 | D:3      | 13641 ||| Stepping randomly (stuck).
 13643 | D:3      | 13643 ||| Stepping randomly (stuck).
 13645 | D:3      | 13645 ||| Stepping randomly (stuck).
 13647 | D:3      | 13647 ||| Stepping randomly (stuck).
 13649 | D:3      | 13649 ||| Stepping randomly (stuck).
 13651 | D:3      | 13651 ||| Stepping randomly (stuck).
 13653 | D:3      | 13653 ||| Stepping randomly (stuck).
 13655 | D:3      | 13655 ||| Stepping randomly (stuck).
 13657 | D:3      | 13657 ||| Stepping randomly (stuck).
 13659 | D:3      | 13659 ||| Stepping randomly (stuck).
 13661 | D:3      | 13661 ||| Stepping randomly (stuck).
 13663 | D:3      | 13663 ||| Stepping randomly (stuck).
 13665 | D:3      | 13665 ||| Stepping randomly (stuck).
 13667 | D:3      | 13667 ||| Stepping randomly (stuck).
 13669 | D:3      | 13669 ||| Stepping randomly (stuck).
 13671 | D:3      | 13671 ||| Stepping randomly (stuck).
 13673 | D:3      | 13673 ||| Stepping randomly (stuck).
 13675 | D:3      | 13675 ||| Stepping randomly (stuck).
 13677 | D:3      | 13677 ||| Stepping randomly (stuck).
 13679 | D:3      | 13679 ||| Stepping randomly (stuck).
 13681 | D:3      | 13681 ||| Stepping randomly (stuck).
 13683 | D:3      | 13683 ||| Stepping randomly (stuck).
 13685 | D:3      | 13685 ||| Stepping randomly (stuck).
 13687 | D:3      | 13687 ||| Stepping randomly (stuck).
 13689 | D:3      | 13689 ||| Stepping randomly (stuck).
 13691 | D:3      | 13691 ||| Stepping randomly (stuck).
 13693 | D:3      | 13693 ||| Stepping randomly (stuck).
 13695 | D:3      | 13695 ||| Stepping randomly (stuck).
 13697 | D:3      | 13697 ||| Stepping randomly (stuck).
 13699 | D:3      | 13699 ||| Stepping randomly (stuck).
 13701 | D:3      | 13701 ||| Stepping randomly (stuck).
 13703 | D:3      | 13703 ||| Stepping randomly (stuck).
 13705 | D:3      | 13705 ||| Stepping randomly (stuck).
 13707 | D:3      | 13707 ||| Stepping randomly (stuck).
 13709 | D:3      | 13709 ||| Stepping randomly (stuck).
 13711 | D:3      | 13711 ||| Stepping randomly (stuck).
 13713 | D:3      | 13713 ||| Stepping randomly (stuck).
 13715 | D:3      | 13715 ||| Stepping randomly (stuck).
 13717 | D:3      | 13717 ||| Stepping randomly (stuck).
 13719 | D:3      | 13719 ||| Stepping randomly (stuck).
 13721 | D:3      | 13721 ||| Stepping randomly (stuck).
 13723 | D:3      | 13723 ||| Stepping randomly (stuck).
 13725 | D:3      | 13725 ||| Stepping randomly (stuck).
 13727 | D:3      | 13727 ||| Stepping randomly (stuck).
 13729 | D:3      | 13729 ||| Stepping randomly (stuck).
 13731 | D:3      | 13731 ||| Stepping randomly (stuck).
 13733 | D:3      | 13733 ||| Stepping randomly (stuck).
 13735 | D:3      | 13735 ||| Stepping randomly (stuck).
 13737 | D:3      | 13737 ||| Stepping randomly (stuck).
 13739 | D:3      | 13739 ||| Stepping randomly (stuck).
 13741 | D:3      | 13741 ||| Stepping randomly (stuck).
 13743 | D:3      | 13743 ||| Stepping randomly (stuck).
 13745 | D:3      | 13745 ||| Stepping randomly (stuck).
 13747 | D:3      | 13747 ||| Stepping randomly (stuck).
 13749 | D:3      | 13749 ||| Stepping randomly (stuck).
 13751 | D:3      | 13751 ||| Stepping randomly (stuck).
 13753 | D:3      | 13753 ||| Stepping randomly (stuck).
 13755 | D:3      | 13755 ||| Stepping randomly (stuck).
 13757 | D:3      | 13757 ||| Stepping randomly (stuck).
 13759 | D:3      | 13759 ||| Stepping randomly (stuck).
 13761 | D:3      | 13761 ||| Stepping randomly (stuck).
 13763 | D:3      | 13763 ||| Stepping randomly (stuck).
 13765 | D:3      | 13765 ||| Stepping randomly (stuck).
 13767 | D:3      | 13767 ||| Stepping randomly (stuck).
 13769 | D:3      | 13769 ||| Stepping randomly (stuck).
 13771 | D:3      | 13771 ||| Stepping randomly (stuck).
 13773 | D:3      | 13773 ||| Stepping randomly (stuck).
 13775 | D:3      | 13775 ||| Stepping randomly (stuck).
 13777 | D:3      | 13777 ||| Stepping randomly (stuck).
 13779 | D:3      | 13779 ||| Stepping randomly (stuck).
 13781 | D:3      | 13781 ||| Stepping randomly (stuck).
 13783 | D:3      | 13783 ||| Stepping randomly (stuck).
 13785 | D:3      | 13785 ||| Stepping randomly (stuck).
 13787 | D:3      | 13787 ||| Stepping randomly (stuck).
 13789 | D:3      | 13789 ||| Stepping randomly (stuck).
 13791 | D:3      | 13791 ||| Stepping randomly (stuck).
 13793 | D:3      | 13793 ||| Stepping randomly (stuck).
 13795 | D:3      | 13795 ||| Stepping randomly (stuck).
 13797 | D:3      | 13797 ||| Stepping randomly (stuck).
 13799 | D:3      | 13799 ||| Stepping randomly (stuck).
 13801 | D:3      | 13801 ||| Stepping randomly (stuck).
 13803 | D:3      | 13803 ||| Stepping randomly (stuck).
 13805 | D:3      | 13805 ||| Stepping randomly (stuck).
 13807 | D:3      | 13807 ||| Stepping randomly (stuck).
 13809 | D:3      | 13809 ||| Stepping randomly (stuck).
 13811 | D:3      | 13811 ||| Stepping randomly (stuck).
 13813 | D:3      | 13813 ||| Stepping randomly (stuck).
 13815 | D:3      | 13815 ||| Stepping randomly (stuck).
 13817 | D:3      | 13817 ||| Stepping randomly (stuck).
 13819 | D:3      | 13819 ||| Stepping randomly (stuck).
 13821 | D:3      | 13821 ||| Stepping randomly (stuck).
 13823 | D:3      | 13823 ||| Stepping randomly (stuck).
 13825 | D:3      | 13825 ||| Stepping randomly (stuck).
 13827 | D:3      | 13827 ||| Stepping randomly (stuck).
 13829 | D:3      | 13829 ||| Stepping randomly (stuck).
 13831 | D:3      | 13831 ||| Stepping randomly (stuck).
 13833 | D:3      | 13833 ||| Stepping randomly (stuck).
 13835 | D:3      | 13835 ||| Stepping randomly (stuck).
 13837 | D:3      | 13837 ||| Stepping randomly (stuck).
 13839 | D:3      | 13839 ||| Stepping randomly (stuck).
 13841 | D:3      | 13841 ||| Stepping randomly (stuck).
 13843 | D:3      | 13843 ||| Stepping randomly (stuck).
 13845 | D:3      | 13845 ||| Stepping randomly (stuck).
 13847 | D:3      | 13847 ||| Stepping randomly (stuck).
 13849 | D:3      | 13849 ||| Stepping randomly (stuck).
 13851 | D:3      | 13851 ||| Stepping randomly (stuck).
 13853 | D:3      | 13853 ||| Stepping randomly (stuck).
 13855 | D:3      | 13855 ||| Stepping randomly (stuck).
 13857 | D:3      | 13857 ||| Stepping randomly (stuck).
 13859 | D:3      | 13859 ||| Stepping randomly (stuck).
 13861 | D:3      | 13861 ||| Stepping randomly (stuck).
 13863 | D:3      | 13863 ||| Stepping randomly (stuck).
 13865 | D:3      | 13865 ||| Stepping randomly (stuck).
 13867 | D:3      | 13867 ||| Stepping randomly (stuck).
 13869 | D:3      | 13869 ||| Stepping randomly (stuck).
 13871 | D:3      | 13871 ||| Stepping randomly (stuck).
 13873 | D:3      | 13873 ||| Stepping randomly (stuck).
 13875 | D:3      | 13875 ||| Stepping randomly (stuck).
 13877 | D:3      | 13877 ||| Stepping randomly (stuck).
 13879 | D:3      | 13879 ||| Stepping randomly (stuck).
 13881 | D:3      | 13881 ||| Stepping randomly (stuck).
 13883 | D:3      | 13883 ||| Stepping randomly (stuck).
 13885 | D:3      | 13885 ||| Stepping randomly (stuck).
 13887 | D:3      | 13887 ||| Stepping randomly (stuck).
 13889 | D:3      | 13889 ||| Stepping randomly (stuck).
 13891 | D:3      | 13891 ||| Stepping randomly (stuck).
 13893 | D:3      | 13893 ||| Stepping randomly (stuck).
 13895 | D:3      | 13895 ||| Stepping randomly (stuck).
 13897 | D:3      | 13897 ||| Stepping randomly (stuck).
 13899 | D:3      | 13899 ||| Stepping randomly (stuck).
 13901 | D:3      | 13901 ||| Stepping randomly (stuck).
 13903 | D:3      | 13903 ||| Stepping randomly (stuck).
 13905 | D:3      | 13905 ||| Stepping randomly (stuck).
 13907 | D:3      | 13907 ||| Stepping randomly (stuck).
 13909 | D:3      | 13909 ||| Stepping randomly (stuck).
 13911 | D:3      | 13911 ||| Stepping randomly (stuck).
 13913 | D:3      | 13913 ||| Stepping randomly (stuck).
 13915 | D:3      | 13915 ||| Stepping randomly (stuck).
 13917 | D:3      | 13917 ||| Stepping randomly (stuck).
 13919 | D:3      | 13919 ||| Stepping randomly (stuck).
 13921 | D:3      | 13921 ||| Stepping randomly (stuck).
 13923 | D:3      | 13923 ||| Stepping randomly (stuck).
 13925 | D:3      | 13925 ||| Stepping randomly (stuck).
 13927 | D:3      | 13927 ||| Stepping randomly (stuck).
 13929 | D:3      | 13929 ||| Stepping randomly (stuck).
 13931 | D:3      | 13931 ||| Stepping randomly (stuck).
 13933 | D:3      | 13933 ||| Stepping randomly (stuck).
 13935 | D:3      | 13935 ||| Stepping randomly (stuck).
 13937 | D:3      | 13937 ||| Stepping randomly (stuck).
 13939 | D:3      | 13939 ||| Stepping randomly (stuck).
 13941 | D:3      | 13941 ||| Stepping randomly (stuck).
 13943 | D:3      | 13943 ||| Stepping randomly (stuck).
 13945 | D:3      | 13945 ||| Stepping randomly (stuck).
 13947 | D:3      | 13947 ||| Stepping randomly (stuck).
 13949 | D:3      | 13949 ||| Stepping randomly (stuck).
 13951 | D:3      | 13951 ||| Stepping randomly (stuck).
 13953 | D:3      | 13953 ||| Stepping randomly (stuck).
 13955 | D:3      | 13955 ||| Stepping randomly (stuck).
 13957 | D:3      | 13957 ||| Stepping randomly (stuck).
 13959 | D:3      | 13959 ||| Stepping randomly (stuck).
 13961 | D:3      | 13961 ||| Stepping randomly (stuck).
 13963 | D:3      | 13963 ||| Stepping randomly (stuck).
 13965 | D:3      | 13965 ||| Stepping randomly (stuck).
 13967 | D:3      | 13967 ||| Stepping randomly (stuck).
 13969 | D:3      | 13969 ||| Stepping randomly (stuck).
 13971 | D:3      | 13971 ||| Stepping randomly (stuck).
 13973 | D:3      | 13973 ||| Stepping randomly (stuck).
 13975 | D:3      | 13975 ||| Stepping randomly (stuck).
 13977 | D:3      | 13977 ||| Stepping randomly (stuck).
 13979 | D:3      | 13979 ||| Stepping randomly (stuck).
 13981 | D:3      | 13981 ||| Stepping randomly (stuck).
 13983 | D:3      | 13983 ||| Stepping randomly (stuck).
 13985 | D:3      | 13985 ||| Stepping randomly (stuck).
 13987 | D:3      | 13987 ||| Stepping randomly (stuck).
 13989 | D:3      | 13989 ||| Stepping randomly (stuck).
 13991 | D:3      | 13991 ||| Stepping randomly (stuck).
 13993 | D:3      | 13993 ||| Stepping randomly (stuck).
 13995 | D:3      | 13995 ||| Stepping randomly (stuck).
 13997 | D:3      | 13997 ||| Stepping randomly (stuck).
 13999 | D:3      | 13999 ||| Stepping randomly (stuck).
 14001 | D:3      | 14001 ||| Stepping randomly (stuck).
 14003 | D:3      | 14003 ||| Stepping randomly (stuck).
 14005 | D:3      | 14005 ||| Stepping randomly (stuck).
 14007 | D:3      | 14007 ||| Stepping randomly (stuck).
 14009 | D:3      | 14009 ||| Stepping randomly (stuck).
 14011 | D:3      | 14011 ||| Stepping randomly (stuck).
 14013 | D:3      | 14013 ||| Stepping randomly (stuck).
 14015 | D:3      | 14015 ||| Stepping randomly (stuck).
 14017 | D:3      | 14017 ||| Stepping randomly (stuck).
 14019 | D:3      | 14019 ||| Stepping randomly (stuck).
 14021 | D:3      | 14021 ||| Stepping randomly (stuck).
 14023 | D:3      | 14023 ||| Stepping randomly (stuck).
 14025 | D:3      | 14025 ||| Stepping randomly (stuck).
 14027 | D:3      | 14027 ||| Stepping randomly (stuck).
 14029 | D:3      | 14029 ||| Stepping randomly (stuck).
 14031 | D:3      | 14031 ||| Stepping randomly (stuck).
 14033 | D:3      | 14033 ||| Stepping randomly (stuck).
 14035 | D:3      | 14035 ||| Stepping randomly (stuck).
 14037 | D:3      | 14037 ||| Stepping randomly (stuck).
 14039 | D:3      | 14039 ||| Stepping randomly (stuck).
 14041 | D:3      | 14041 ||| Stepping randomly (stuck).
 14043 | D:3      | 14043 ||| Stepping randomly (stuck).
 14045 | D:3      | 14045 ||| Stepping randomly (stuck).
 14047 | D:3      | 14047 ||| Stepping randomly (stuck).
 14049 | D:3      | 14049 ||| Stepping randomly (stuck).
 14051 | D:3      | 14051 ||| Stepping randomly (stuck).
 14053 | D:3      | 14053 ||| Stepping randomly (stuck).
 14055 | D:3      | 14055 ||| Stepping randomly (stuck).
 14057 | D:3      | 14057 ||| Stepping randomly (stuck).
 14059 | D:3      | 14059 ||| Stepping randomly (stuck).
 14061 | D:3      | 14061 ||| Stepping randomly (stuck).
 14063 | D:3      | 14063 ||| Stepping randomly (stuck).
 14065 | D:3      | 14065 ||| Stepping randomly (stuck).
 14067 | D:3      | 14067 ||| Stepping randomly (stuck).
 14069 | D:3      | 14069 ||| Stepping randomly (stuck).
 14071 | D:3      | 14071 ||| Stepping randomly (stuck).
 14073 | D:3      | 14073 ||| Stepping randomly (stuck).
 14075 | D:3      | 14075 ||| Stepping randomly (stuck).
 14077 | D:3      | 14077 ||| Stepping randomly (stuck).
 14079 | D:3      | 14079 ||| Stepping randomly (stuck).
 14081 | D:3      | 14081 ||| Stepping randomly (stuck).
 14083 | D:3      | 14083 ||| Stepping randomly (stuck).
 14085 | D:3      | 14085 ||| Stepping randomly (stuck).
 14087 | D:3      | 14087 ||| Stepping randomly (stuck).
 14089 | D:3      | 14089 ||| Stepping randomly (stuck).
 14091 | D:3      | 14091 ||| Stepping randomly (stuck).
 14093 | D:3      | 14093 ||| Stepping randomly (stuck).
 14095 | D:3      | 14095 ||| Stepping randomly (stuck).
 14097 | D:3      | 14097 ||| Stepping randomly (stuck).
 14099 | D:3      | 14099 ||| Stepping randomly (stuck).
 14101 | D:3      | 14101 ||| Stepping randomly (stuck).
 14103 | D:3      | 14103 ||| Stepping randomly (stuck).
 14105 | D:3      | 14105 ||| Stepping randomly (stuck).
 14107 | D:3      | 14107 ||| Stepping randomly (stuck).
 14109 | D:3      | 14109 ||| Stepping randomly (stuck).
 14111 | D:3      | 14111 ||| Stepping randomly (stuck).
 14113 | D:3      | 14113 ||| Stepping randomly (stuck).
 14115 | D:3      | 14115 ||| Stepping randomly (stuck).
 14117 | D:3      | 14117 ||| Stepping randomly (stuck).
 14119 | D:3      | 14119 ||| Stepping randomly (stuck).
 14121 | D:3      | 14121 ||| Stepping randomly (stuck).
 14123 | D:3      | 14123 ||| Stepping randomly (stuck).
 14125 | D:3      | 14125 ||| Stepping randomly (stuck).
 14127 | D:3      | 14127 ||| Stepping randomly (stuck).
 14129 | D:3      | 14129 ||| Stepping randomly (stuck).
 14131 | D:3      | 14131 ||| Stepping randomly (stuck).
 14133 | D:3      | 14133 ||| Stepping randomly (stuck).
 14135 | D:3      | 14135 ||| Stepping randomly (stuck).
 14137 | D:3      | 14137 ||| Stepping randomly (stuck).
 14139 | D:3      | 14139 ||| Stepping randomly (stuck).
 14141 | D:3      | 14141 ||| Stepping randomly (stuck).
 14143 | D:3      | 14143 ||| Stepping randomly (stuck).
 14145 | D:3      | 14145 ||| Stepping randomly (stuck).
 14147 | D:3      | 14147 ||| Stepping randomly (stuck).
 14149 | D:3      | 14149 ||| Stepping randomly (stuck).
 14151 | D:3      | 14151 ||| Stepping randomly (stuck).
 14153 | D:3      | 14153 ||| Stepping randomly (stuck).
 14155 | D:3      | 14155 ||| Stepping randomly (stuck).
 14157 | D:3      | 14157 ||| Stepping randomly (stuck).
 14159 | D:3      | 14159 ||| Stepping randomly (stuck).
 14161 | D:3      | 14161 ||| Stepping randomly (stuck).
 14163 | D:3      | 14163 ||| Stepping randomly (stuck).
 14165 | D:3      | 14165 ||| Stepping randomly (stuck).
 14167 | D:3      | 14167 ||| Stepping randomly (stuck).
 14169 | D:3      | 14169 ||| Stepping randomly (stuck).
 14171 | D:3      | 14171 ||| Stepping randomly (stuck).
 14173 | D:3      | 14173 ||| Stepping randomly (stuck).
 14175 | D:3      | 14175 ||| Stepping randomly (stuck).
 14177 | D:3      | 14177 ||| Stepping randomly (stuck).
 14179 | D:3      | 14179 ||| Stepping randomly (stuck).
 14181 | D:3      | 14181 ||| Stepping randomly (stuck).
 14183 | D:3      | 14183 ||| Stepping randomly (stuck).
 14185 | D:3      | 14185 ||| Stepping randomly (stuck).
 14187 | D:3      | 14187 ||| Stepping randomly (stuck).
 14189 | D:3      | 14189 ||| Stepping randomly (stuck).
 14191 | D:3      | 14191 ||| Stepping randomly (stuck).
 14193 | D:3      | 14193 ||| Stepping randomly (stuck).
 14195 | D:3      | 14195 ||| Stepping randomly (stuck).
 14197 | D:3      | 14197 ||| Stepping randomly (stuck).
 14199 | D:3      | 14199 ||| Stepping randomly (stuck).
 14201 | D:3      | 14201 ||| Stepping randomly (stuck).
 14203 | D:3      | 14203 ||| Stepping randomly (stuck).
 14205 | D:3      | 14205 ||| Stepping randomly (stuck).
 14207 | D:3      | 14207 ||| Stepping randomly (stuck).
 14209 | D:3      | 14209 ||| Stepping randomly (stuck).
 14211 | D:3      | 14211 ||| Stepping randomly (stuck).
 14213 | D:3      | 14213 ||| Stepping randomly (stuck).
 14215 | D:3      | 14215 ||| Stepping randomly (stuck).
 14217 | D:3      | 14217 ||| Stepping randomly (stuck).
 14219 | D:3      | 14219 ||| Stepping randomly (stuck).
 14221 | D:3      | 14221 ||| Stepping randomly (stuck).
 14223 | D:3      | 14223 ||| Stepping randomly (stuck).
 14225 | D:3      | 14225 ||| Stepping randomly (stuck).
 14227 | D:3      | 14227 ||| Stepping randomly (stuck).
 14229 | D:3      | 14229 ||| Stepping randomly (stuck).
 14231 | D:3      | 14231 ||| Stepping randomly (stuck).
 14233 | D:3      | 14233 ||| Stepping randomly (stuck).
 14235 | D:3      | 14235 ||| Stepping randomly (stuck).
 14237 | D:3      | 14237 ||| Stepping randomly (stuck).
 14239 | D:3      | 14239 ||| Stepping randomly (stuck).
 14241 | D:3      | 14241 ||| Stepping randomly (stuck).
 14243 | D:3      | 14243 ||| Stepping randomly (stuck).
 14245 | D:3      | 14245 ||| Stepping randomly (stuck).
 14247 | D:3      | 14247 ||| Stepping randomly (stuck).
 14249 | D:3      | 14249 ||| Stepping randomly (stuck).
 14251 | D:3      | 14251 ||| Stepping randomly (stuck).
 14253 | D:3      | 14253 ||| Stepping randomly (stuck).
 14255 | D:3      | 14255 ||| Stepping randomly (stuck).
 14257 | D:3      | 14257 ||| Stepping randomly (stuck).
 14259 | D:3      | 14259 ||| Stepping randomly (stuck).
 14261 | D:3      | 14261 ||| Stepping randomly (stuck).
 14263 | D:3      | 14263 ||| Stepping randomly (stuck).
 14265 | D:3      | 14265 ||| Stepping randomly (stuck).
 14267 | D:3      | 14267 ||| Stepping randomly (stuck).
 14269 | D:3      | 14269 ||| Stepping randomly (stuck).
 14271 | D:3      | 14271 ||| Stepping randomly (stuck).
 14273 | D:3      | 14273 ||| Stepping randomly (stuck).
 14275 | D:3      | 14275 ||| Stepping randomly (stuck).
 14277 | D:3      | 14277 ||| Stepping randomly (stuck).
 14279 | D:3      | 14279 ||| Stepping randomly (stuck).
 14281 | D:3      | 14281 ||| Stepping randomly (stuck).
 14283 | D:3      | 14283 ||| Stepping randomly (stuck).
 14285 | D:3      | 14285 ||| Stepping randomly (stuck).
 14287 | D:3      | 14287 ||| Stepping randomly (stuck).
 14289 | D:3      | 14289 ||| Stepping randomly (stuck).
 14291 | D:3      | 14291 ||| Stepping randomly (stuck).
 14293 | D:3      | 14293 ||| Stepping randomly (stuck).
 14295 | D:3      | 14295 ||| Stepping randomly (stuck).
 14297 | D:3      | 14297 ||| Stepping randomly (stuck).
 14299 | D:3      | 14299 ||| Stepping randomly (stuck).
 14301 | D:3      | 14301 ||| Stepping randomly (stuck).
 14303 | D:3      | 14303 ||| Stepping randomly (stuck).
 14305 | D:3      | 14305 ||| Stepping randomly (stuck).
 14307 | D:3      | 14307 ||| Stepping randomly (stuck).
 14309 | D:3      | 14309 ||| Stepping randomly (stuck).
 14311 | D:3      | 14311 ||| Stepping randomly (stuck).
 14313 | D:3      | 14313 ||| Stepping randomly (stuck).
 14315 | D:3      | 14315 ||| Stepping randomly (stuck).
 14317 | D:3      | 14317 ||| Stepping randomly (stuck).
 14319 | D:3      | 14319 ||| Stepping randomly (stuck).
 14321 | D:3      | 14321 ||| Stepping randomly (stuck).
 14323 | D:3      | 14323 ||| Stepping randomly (stuck).
 14325 | D:3      | 14325 ||| Stepping randomly (stuck).
 14327 | D:3      | 14327 ||| Stepping randomly (stuck).
 14329 | D:3      | 14329 ||| Stepping randomly (stuck).
 14331 | D:3      | 14331 ||| Stepping randomly (stuck).
 14333 | D:3      | 14333 ||| Stepping randomly (stuck).
 14335 | D:3      | 14335 ||| Stepping randomly (stuck).
 14337 | D:3      | 14337 ||| Stepping randomly (stuck).
 14339 | D:3      | 14339 ||| Stepping randomly (stuck).
 14341 | D:3      | 14341 ||| Stepping randomly (stuck).
 14343 | D:3      | 14343 ||| Stepping randomly (stuck).
 14345 | D:3      | 14345 ||| Stepping randomly (stuck).
 14347 | D:3      | 14347 ||| Stepping randomly (stuck).
 14349 | D:3      | 14349 ||| Stepping randomly (stuck).
 14351 | D:3      | 14351 ||| Stepping randomly (stuck).
 14353 | D:3      | 14353 ||| Stepping randomly (stuck).
 14355 | D:3      | 14355 ||| Stepping randomly (stuck).
 14357 | D:3      | 14357 ||| Stepping randomly (stuck).
 14359 | D:3      | 14359 ||| Stepping randomly (stuck).
 14361 | D:3      | 14361 ||| Stepping randomly (stuck).
 14363 | D:3      | 14363 ||| Stepping randomly (stuck).
 14365 | D:3      | 14365 ||| Stepping randomly (stuck).
 14367 | D:3      | 14367 ||| Stepping randomly (stuck).
 14369 | D:3      | 14369 ||| Stepping randomly (stuck).
 14371 | D:3      | 14371 ||| Stepping randomly (stuck).
 14373 | D:3      | 14373 ||| Stepping randomly (stuck).
 14375 | D:3      | 14375 ||| Stepping randomly (stuck).
 14377 | D:3      | 14377 ||| Stepping randomly (stuck).
 14379 | D:3      | 14379 ||| Stepping randomly (stuck).
 14381 | D:3      | 14381 ||| Stepping randomly (stuck).
 14383 | D:3      | 14383 ||| Stepping randomly (stuck).
 14385 | D:3      | 14385 ||| Stepping randomly (stuck).
 14387 | D:3      | 14387 ||| Stepping randomly (stuck).
 14389 | D:3      | 14389 ||| Stepping randomly (stuck).
 14391 | D:3      | 14391 ||| Stepping randomly (stuck).
 14393 | D:3      | 14393 ||| Stepping randomly (stuck).
 14395 | D:3      | 14395 ||| Stepping randomly (stuck).
 14397 | D:3      | 14397 ||| Stepping randomly (stuck).
 14399 | D:3      | 14399 ||| Stepping randomly (stuck).
 14401 | D:3      | 14401 ||| Stepping randomly (stuck).
 14403 | D:3      | 14403 ||| Stepping randomly (stuck).
 14405 | D:3      | 14405 ||| Stepping randomly (stuck).
 14407 | D:3      | 14407 ||| Stepping randomly (stuck).
 14409 | D:3      | 14409 ||| Stepping randomly (stuck).
 14411 | D:3      | 14411 ||| Stepping randomly (stuck).
 14413 | D:3      | 14413 ||| Stepping randomly (stuck).
 14415 | D:3      | 14415 ||| Stepping randomly (stuck).
 14417 | D:3      | 14417 ||| Stepping randomly (stuck).
 14419 | D:3      | 14419 ||| Stepping randomly (stuck).
 14421 | D:3      | 14421 ||| Stepping randomly (stuck).
 14423 | D:3      | 14423 ||| Stepping randomly (stuck).
 14425 | D:3      | 14425 ||| Stepping randomly (stuck).
 14427 | D:3      | 14427 ||| Stepping randomly (stuck).
 14429 | D:3      | 14429 ||| Stepping randomly (stuck).
 14431 | D:3      | 14431 ||| Stepping randomly (stuck).
 14433 | D:3      | 14433 ||| Stepping randomly (stuck).
 14435 | D:3      | 14435 ||| Stepping randomly (stuck).
 14437 | D:3      | 14437 ||| Stepping randomly (stuck).
 14439 | D:3      | 14439 ||| Stepping randomly (stuck).
 14441 | D:3      | 14441 ||| Stepping randomly (stuck).
 14443 | D:3      | 14443 ||| Stepping randomly (stuck).
 14445 | D:3      | 14445 ||| Stepping randomly (stuck).
 14447 | D:3      | 14447 ||| Stepping randomly (stuck).
 14449 | D:3      | 14449 ||| Stepping randomly (stuck).
 14451 | D:3      | 14451 ||| Stepping randomly (stuck).
 14453 | D:3      | 14453 ||| Stepping randomly (stuck).
 14455 | D:3      | 14455 ||| Stepping randomly (stuck).
 14457 | D:3      | 14457 ||| Stepping randomly (stuck).
 14459 | D:3      | 14459 ||| Stepping randomly (stuck).
 14461 | D:3      | 14461 ||| Stepping randomly (stuck).
 14463 | D:3      | 14463 ||| Stepping randomly (stuck).
 14465 | D:3      | 14465 ||| Stepping randomly (stuck).
 14467 | D:3      | 14467 ||| Stepping randomly (stuck).
 14469 | D:3      | 14469 ||| Stepping randomly (stuck).
 14471 | D:3      | 14471 ||| Stepping randomly (stuck).
 14473 | D:3      | 14473 ||| Stepping randomly (stuck).
 14475 | D:3      | 14475 ||| Stepping randomly (stuck).
 14477 | D:3      | 14477 ||| Stepping randomly (stuck).
 14479 | D:3      | 14479 ||| Stepping randomly (stuck).
 14481 | D:3      | 14481 ||| Stepping randomly (stuck).
 14483 | D:3      | 14483 ||| Stepping randomly (stuck).
 14485 | D:3      | 14485 ||| Stepping randomly (stuck).
 14487 | D:3      | 14487 ||| Stepping randomly (stuck).
 14489 | D:3      | 14489 ||| Stepping randomly (stuck).
 14491 | D:3      | 14491 ||| Stepping randomly (stuck).
 14493 | D:3      | 14493 ||| Stepping randomly (stuck).
 14495 | D:3      | 14495 ||| Stepping randomly (stuck).
 14497 | D:3      | 14497 ||| Stepping randomly (stuck).
 14499 | D:3      | 14499 ||| Stepping randomly (stuck).
 14501 | D:3      | 14501 ||| Stepping randomly (stuck).
 14503 | D:3      | 14503 ||| Stepping randomly (stuck).
 14505 | D:3      | 14505 ||| Stepping randomly (stuck).
 14507 | D:3      | 14507 ||| Stepping randomly (stuck).
 14509 | D:3      | 14509 ||| Stepping randomly (stuck).
 14511 | D:3      | 14511 ||| Stepping randomly (stuck).
 14513 | D:3      | 14513 ||| Stepping randomly (stuck).
 14515 | D:3      | 14515 ||| Stepping randomly (stuck).
 14517 | D:3      | 14517 ||| Stepping randomly (stuck).
 14519 | D:3      | 14519 ||| Stepping randomly (stuck).
 14521 | D:3      | 14521 ||| Stepping randomly (stuck).
 14523 | D:3      | 14523 ||| Stepping randomly (stuck).
 14525 | D:3      | 14525 ||| Stepping randomly (stuck).
 14527 | D:3      | 14527 ||| Stepping randomly (stuck).
 14529 | D:3      | 14529 ||| Stepping randomly (stuck).
 14531 | D:3      | 14531 ||| Stepping randomly (stuck).
 14533 | D:3      | 14533 ||| Stepping randomly (stuck).
 14535 | D:3      | 14535 ||| Stepping randomly (stuck).
 14537 | D:3      | 14537 ||| Stepping randomly (stuck).
 14539 | D:3      | 14539 ||| Stepping randomly (stuck).
 14541 | D:3      | 14541 ||| Stepping randomly (stuck).
 14543 | D:3      | 14543 ||| Stepping randomly (stuck).
 14545 | D:3      | 14545 ||| Stepping randomly (stuck).
 14547 | D:3      | 14547 ||| Stepping randomly (stuck).
 14549 | D:3      | 14549 ||| Stepping randomly (stuck).
 14551 | D:3      | 14551 ||| Stepping randomly (stuck).
 14553 | D:3      | 14553 ||| Stepping randomly (stuck).
 14555 | D:3      | 14555 ||| Stepping randomly (stuck).
 14557 | D:3      | 14557 ||| Stepping randomly (stuck).
 14559 | D:3      | 14559 ||| Stepping randomly (stuck).
 14561 | D:3      | 14561 ||| Stepping randomly (stuck).
 14563 | D:3      | 14563 ||| Stepping randomly (stuck).
 14565 | D:3      | 14565 ||| Stepping randomly (stuck).
 14567 | D:3      | 14567 ||| Stepping randomly (stuck).
 14569 | D:3      | 14569 ||| Stepping randomly (stuck).
 14571 | D:3      | 14571 ||| Stepping randomly (stuck).
 14573 | D:3      | 14573 ||| Stepping randomly (stuck).
 14575 | D:3      | 14575 ||| Stepping randomly (stuck).
 14577 | D:3      | 14577 ||| Stepping randomly (stuck).
 14579 | D:3      | 14579 ||| Stepping randomly (stuck).
 14581 | D:3      | 14581 ||| Stepping randomly (stuck).
 14583 | D:3      | 14583 ||| Stepping randomly (stuck).
 14585 | D:3      | 14585 ||| Stepping randomly (stuck).
 14587 | D:3      | 14587 ||| Stepping randomly (stuck).
 14589 | D:3      | 14589 ||| Stepping randomly (stuck).
 14591 | D:3      | 14591 ||| Stepping randomly (stuck).
 14593 | D:3      | 14593 ||| Stepping randomly (stuck).
 14595 | D:3      | 14595 ||| Stepping randomly (stuck).
 14597 | D:3      | 14597 ||| Stepping randomly (stuck).
 14599 | D:3      | 14599 ||| Stepping randomly (stuck).
 14601 | D:3      | 14601 ||| Stepping randomly (stuck).
 14603 | D:3      | 14603 ||| Stepping randomly (stuck).
 14605 | D:3      | 14605 ||| Stepping randomly (stuck).
 14607 | D:3      | 14607 ||| Stepping randomly (stuck).
 14609 | D:3      | 14609 ||| Stepping randomly (stuck).
 14611 | D:3      | 14611 ||| Stepping randomly (stuck).
 14613 | D:3      | 14613 ||| Stepping randomly (stuck).
 14615 | D:3      | 14615 ||| Stepping randomly (stuck).
 14617 | D:3      | 14617 ||| Stepping randomly (stuck).
 14619 | D:3      | 14619 ||| Stepping randomly (stuck).
 14621 | D:3      | 14621 ||| Stepping randomly (stuck).
 14623 | D:3      | 14623 ||| Stepping randomly (stuck).
 14625 | D:3      | 14625 ||| Stepping randomly (stuck).
 14627 | D:3      | 14627 ||| Stepping randomly (stuck).
 14629 | D:3      | 14629 ||| Stepping randomly (stuck).
 14631 | D:3      | 14631 ||| Stepping randomly (stuck).
 14633 | D:3      | 14633 ||| Stepping randomly (stuck).
 14635 | D:3      | 14635 ||| Stepping randomly (stuck).
 14637 | D:3      | 14637 ||| Stepping randomly (stuck).
 14639 | D:3      | 14639 ||| Stepping randomly (stuck).
 14641 | D:3      | 14641 ||| Stepping randomly (stuck).
 14643 | D:3      | 14643 ||| Stepping randomly (stuck).
 14645 | D:3      | 14645 ||| Stepping randomly (stuck).
 14647 | D:3      | 14647 ||| Stepping randomly (stuck).
 14649 | D:3      | 14649 ||| Stepping randomly (stuck).
 14651 | D:3      | 14651 ||| Stepping randomly (stuck).
 14653 | D:3      | 14653 ||| Stepping randomly (stuck).
 14655 | D:3      | 14655 ||| Stepping randomly (stuck).
 14657 | D:3      | 14657 ||| Stepping randomly (stuck).
 14659 | D:3      | 14659 ||| Stepping randomly (stuck).
 14661 | D:3      | 14661 ||| Stepping randomly (stuck).
 14663 | D:3      | 14663 ||| Stepping randomly (stuck).
 14665 | D:3      | 14665 ||| Stepping randomly (stuck).
 14667 | D:3      | 14667 ||| Stepping randomly (stuck).
 14669 | D:3      | 14669 ||| Stepping randomly (stuck).
 14671 | D:3      | 14671 ||| Stepping randomly (stuck).
 14673 | D:3      | 14673 ||| Stepping randomly (stuck).
 14675 | D:3      | 14675 ||| Stepping randomly (stuck).
 14677 | D:3      | 14677 ||| Stepping randomly (stuck).
 14679 | D:3      | 14679 ||| Stepping randomly (stuck).
 14681 | D:3      | 14681 ||| Stepping randomly (stuck).
 14683 | D:3      | 14683 ||| Stepping randomly (stuck).
 14685 | D:3      | 14685 ||| Stepping randomly (stuck).
 14687 | D:3      | 14687 ||| Stepping randomly (stuck).
 14689 | D:3      | 14689 ||| Stepping randomly (stuck).
 14691 | D:3      | 14691 ||| Stepping randomly (stuck).
 14693 | D:3      | 14693 ||| Stepping randomly (stuck).
 14695 | D:3      | 14695 ||| Stepping randomly (stuck).
 14697 | D:3      | 14697 ||| Stepping randomly (stuck).
 14699 | D:3      | 14699 ||| Stepping randomly (stuck).
 14701 | D:3      | 14701 ||| Stepping randomly (stuck).
 14703 | D:3      | 14703 ||| Stepping randomly (stuck).
 14705 | D:3      | 14705 ||| Stepping randomly (stuck).
 14707 | D:3      | 14707 ||| Stepping randomly (stuck).
 14709 | D:3      | 14709 ||| Stepping randomly (stuck).
 14711 | D:3      | 14711 ||| Stepping randomly (stuck).
 14713 | D:3      | 14713 ||| Stepping randomly (stuck).
 14715 | D:3      | 14715 ||| Stepping randomly (stuck).
 14717 | D:3      | 14717 ||| Stepping randomly (stuck).
 14719 | D:3      | 14719 ||| Stepping randomly (stuck).
 14721 | D:3      | 14721 ||| Stepping randomly (stuck).
 14723 | D:3      | 14723 ||| Stepping randomly (stuck).
 14725 | D:3      | 14725 ||| Stepping randomly (stuck).
 14727 | D:3      | 14727 ||| Stepping randomly (stuck).
 14729 | D:3      | 14729 ||| Stepping randomly (stuck).
 14731 | D:3      | 14731 ||| Stepping randomly (stuck).
 14733 | D:3      | 14733 ||| Stepping randomly (stuck).
 14735 | D:3      | 14735 ||| Stepping randomly (stuck).
 14737 | D:3      | 14737 ||| Stepping randomly (stuck).
 14739 | D:3      | 14739 ||| Stepping randomly (stuck).
 14741 | D:3      | 14741 ||| Stepping randomly (stuck).
 14743 | D:3      | 14743 ||| Stepping randomly (stuck).
 14745 | D:3      | 14745 ||| Stepping randomly (stuck).
 14747 | D:3      | 14747 ||| Stepping randomly (stuck).
 14749 | D:3      | 14749 ||| Stepping randomly (stuck).
 14751 | D:3      | 14751 ||| Stepping randomly (stuck).
 14753 | D:3      | 14753 ||| Stepping randomly (stuck).
 14755 | D:3      | 14755 ||| Stepping randomly (stuck).
 14757 | D:3      | 14757 ||| Stepping randomly (stuck).
 14759 | D:3      | 14759 ||| Stepping randomly (stuck).
 14761 | D:3      | 14761 ||| Stepping randomly (stuck).
 14763 | D:3      | 14763 ||| Stepping randomly (stuck).
 14765 | D:3      | 14765 ||| Stepping randomly (stuck).
 14767 | D:3      | 14767 ||| Stepping randomly (stuck).
 14769 | D:3      | 14769 ||| Stepping randomly (stuck).
 14771 | D:3      | 14771 ||| Stepping randomly (stuck).
 14773 | D:3      | 14773 ||| Stepping randomly (stuck).
 14775 | D:3      | 14775 ||| Stepping randomly (stuck).
 14777 | D:3      | 14777 ||| Stepping randomly (stuck).
 14779 | D:3      | 14779 ||| Stepping randomly (stuck).
 14781 | D:3      | 14781 ||| Stepping randomly (stuck).
 14783 | D:3      | 14783 ||| Stepping randomly (stuck).
 14785 | D:3      | 14785 ||| Stepping randomly (stuck).
 14787 | D:3      | 14787 ||| Stepping randomly (stuck).
 14789 | D:3      | 14789 ||| Stepping randomly (stuck).
 14791 | D:3      | 14791 ||| Stepping randomly (stuck).
 14793 | D:3      | 14793 ||| Stepping randomly (stuck).
 14795 | D:3      | 14795 ||| Stepping randomly (stuck).
 14797 | D:3      | 14797 ||| Stepping randomly (stuck).
 14799 | D:3      | 14799 ||| Stepping randomly (stuck).
 14801 | D:3      | 14801 ||| Stepping randomly (stuck).
 14803 | D:3      | 14803 ||| Stepping randomly (stuck).
 14805 | D:3      | 14805 ||| Stepping randomly (stuck).
 14807 | D:3      | 14807 ||| Stepping randomly (stuck).
 14809 | D:3      | 14809 ||| Stepping randomly (stuck).
 14811 | D:3      | 14811 ||| Stepping randomly (stuck).
 14813 | D:3      | 14813 ||| Stepping randomly (stuck).
 14815 | D:3      | 14815 ||| Stepping randomly (stuck).
 14817 | D:3      | 14817 ||| Stepping randomly (stuck).
 14819 | D:3      | 14819 ||| Stepping randomly (stuck).
 14821 | D:3      | 14821 ||| Stepping randomly (stuck).
 14823 | D:3      | 14823 ||| Stepping randomly (stuck).
 14825 | D:3      | 14825 ||| Stepping randomly (stuck).
 14827 | D:3      | 14827 ||| Stepping randomly (stuck).
 14829 | D:3      | 14829 ||| Stepping randomly (stuck).
 14831 | D:3      | 14831 ||| Stepping randomly (stuck).
 14833 | D:3      | 14833 ||| Stepping randomly (stuck).
 14835 | D:3      | 14835 ||| Stepping randomly (stuck).
 14837 | D:3      | 14837 ||| Stepping randomly (stuck).
 14839 | D:3      | 14839 ||| Stepping randomly (stuck).
 14841 | D:3      | 14841 ||| Stepping randomly (stuck).
 14843 | D:3      | 14843 ||| Stepping randomly (stuck).
 14845 | D:3      | 14845 ||| Stepping randomly (stuck).
 14847 | D:3      | 14847 ||| Stepping randomly (stuck).
 14849 | D:3      | 14849 ||| Stepping randomly (stuck).
 14851 | D:3      | 14851 ||| Stepping randomly (stuck).
 14853 | D:3      | 14853 ||| Stepping randomly (stuck).
 14855 | D:3      | 14855 ||| Stepping randomly (stuck).
 14857 | D:3      | 14857 ||| Stepping randomly (stuck).
 14859 | D:3      | 14859 ||| Stepping randomly (stuck).
 14861 | D:3      | 14861 ||| Stepping randomly (stuck).
 14863 | D:3      | 14863 ||| Stepping randomly (stuck).
 14865 | D:3      | 14865 ||| Stepping randomly (stuck).
 14867 | D:3      | 14867 ||| Stepping randomly (stuck).
 14869 | D:3      | 14869 ||| Stepping randomly (stuck).
 14871 | D:3      | 14871 ||| Stepping randomly (stuck).
 14873 | D:3      | 14873 ||| Stepping randomly (stuck).
 14875 | D:3      | 14875 ||| Stepping randomly (stuck).
 14877 | D:3      | 14877 ||| Stepping randomly (stuck).
 14879 | D:3      | 14879 ||| Stepping randomly (stuck).
 14881 | D:3      | 14881 ||| Stepping randomly (stuck).
 14883 | D:3      | 14883 ||| Stepping randomly (stuck).
 14885 | D:3      | 14885 ||| Stepping randomly (stuck).
 14887 | D:3      | 14887 ||| Stepping randomly (stuck).
 14889 | D:3      | 14889 ||| Stepping randomly (stuck).
 14891 | D:3      | 14891 ||| Stepping randomly (stuck).
 14893 | D:3      | 14893 ||| Stepping randomly (stuck).
 14895 | D:3      | 14895 ||| Stepping randomly (stuck).
 14897 | D:3      | 14897 ||| Stepping randomly (stuck).
 14899 | D:3      | 14899 ||| Stepping randomly (stuck).
 14901 | D:3      | 14901 ||| Stepping randomly (stuck).
 14903 | D:3      | 14903 ||| Stepping randomly (stuck).
 14905 | D:3      | 14905 ||| Stepping randomly (stuck).
 14907 | D:3      | 14907 ||| Stepping randomly (stuck).
 14909 | D:3      | 14909 ||| Stepping randomly (stuck).
 14911 | D:3      | 14911 ||| Stepping randomly (stuck).
 14913 | D:3      | 14913 ||| Stepping randomly (stuck).
 14915 | D:3      | 14915 ||| Stepping randomly (stuck).
 14917 | D:3      | 14917 ||| Stepping randomly (stuck).
 14919 | D:3      | 14919 ||| Stepping randomly (stuck).
 14921 | D:3      | 14921 ||| Stepping randomly (stuck).
 14923 | D:3      | 14923 ||| Stepping randomly (stuck).
 14925 | D:3      | 14925 ||| Stepping randomly (stuck).
 14927 | D:3      | 14927 ||| Stepping randomly (stuck).
 14929 | D:3      | 14929 ||| Stepping randomly (stuck).
 14931 | D:3      | 14931 ||| Stepping randomly (stuck).
 14933 | D:3      | 14933 ||| Stepping randomly (stuck).
 14935 | D:3      | 14935 ||| Stepping randomly (stuck).
 14937 | D:3      | 14937 ||| Stepping randomly (stuck).
 14939 | D:3      | 14939 ||| Stepping randomly (stuck).
 14941 | D:3      | 14941 ||| Stepping randomly (stuck).
 14943 | D:3      | 14943 ||| Stepping randomly (stuck).
 14945 | D:3      | 14945 ||| Stepping randomly (stuck).
 14947 | D:3      | 14947 ||| Stepping randomly (stuck).
 14949 | D:3      | 14949 ||| Stepping randomly (stuck).
 14951 | D:3      | 14951 ||| Stepping randomly (stuck).
 14953 | D:3      | 14953 ||| Stepping randomly (stuck).
 14955 | D:3      | 14955 ||| Stepping randomly (stuck).
 14957 | D:3      | 14957 ||| Stepping randomly (stuck).
 14959 | D:3      | 14959 ||| Stepping randomly (stuck).
 14961 | D:3      | 14961 ||| Stepping randomly (stuck).
 14963 | D:3      | 14963 ||| Stepping randomly (stuck).
 14965 | D:3      | 14965 ||| Stepping randomly (stuck).
 14967 | D:3      | 14967 ||| Stepping randomly (stuck).
 14969 | D:3      | 14969 ||| Stepping randomly (stuck).
 14971 | D:3      | 14971 ||| Stepping randomly (stuck).
 14973 | D:3      | 14973 ||| Stepping randomly (stuck).
 14975 | D:3      | 14975 ||| Stepping randomly (stuck).
 14977 | D:3      | 14977 ||| Stepping randomly (stuck).
 14979 | D:3      | 14979 ||| Stepping randomly (stuck).
 14981 | D:3      | 14981 ||| Stepping randomly (stuck).
 14983 | D:3      | 14983 ||| Stepping randomly (stuck).
 14985 | D:3      | 14985 ||| Stepping randomly (stuck).
 14987 | D:3      | 14987 ||| Stepping randomly (stuck).
 14989 | D:3      | 14989 ||| Stepping randomly (stuck).
 14991 | D:3      | 14991 ||| Stepping randomly (stuck).
 14993 | D:3      | 14993 ||| Stepping randomly (stuck).
 14995 | D:3      | 14995 ||| Stepping randomly (stuck).
 14997 | D:3      | 14997 ||| Stepping randomly (stuck).
 14999 | D:3      | 14999 ||| Stepping randomly (stuck).
 15001 | D:3      | 15001 ||| Stepping randomly (stuck).
 15003 | D:3      | 15003 ||| Stepping randomly (stuck).
 15005 | D:3      | 15005 ||| Stepping randomly (stuck).
 15007 | D:3      | 15007 ||| Stepping randomly (stuck).
 15009 | D:3      | 15009 ||| Stepping randomly (stuck).
 15011 | D:3      | 15011 ||| Stepping randomly (stuck).
 15013 | D:3      | 15013 ||| Stepping randomly (stuck).
 15015 | D:3      | 15015 ||| Stepping randomly (stuck).
 15017 | D:3      | 15017 ||| Stepping randomly (stuck).
 15019 | D:3      | 15019 ||| Stepping randomly (stuck).
 15021 | D:3      | 15021 ||| Stepping randomly (stuck).
 15023 | D:3      | 15023 ||| Stepping randomly (stuck).
 15025 | D:3      | 15025 ||| Stepping randomly (stuck).
 15027 | D:3      | 15027 ||| Stepping randomly (stuck).
 15029 | D:3      | 15029 ||| Stepping randomly (stuck).
 15031 | D:3      | 15031 ||| Stepping randomly (stuck).
 15033 | D:3      | 15033 ||| Stepping randomly (stuck).
 15035 | D:3      | 15035 ||| Stepping randomly (stuck).
 15037 | D:3      | 15037 ||| Stepping randomly (stuck).
 15039 | D:3      | 15039 ||| Stepping randomly (stuck).
 15041 | D:3      | 15041 ||| Stepping randomly (stuck).
 15043 | D:3      | 15043 ||| Stepping randomly (stuck).
 15045 | D:3      | 15045 ||| Stepping randomly (stuck).
 15047 | D:3      | 15047 ||| Stepping randomly (stuck).
 15049 | D:3      | 15049 ||| Stepping randomly (stuck).
 15051 | D:3      | 15051 ||| Stepping randomly (stuck).
 15053 | D:3      | 15053 ||| Stepping randomly (stuck).
 15055 | D:3      | 15055 ||| Stepping randomly (stuck).
 15057 | D:3      | 15057 ||| Stepping randomly (stuck).
 15059 | D:3      | 15059 ||| Stepping randomly (stuck).
 15061 | D:3      | 15061 ||| Stepping randomly (stuck).
 15063 | D:3      | 15063 ||| Stepping randomly (stuck).
 15065 | D:3      | 15065 ||| Stepping randomly (stuck).
 15067 | D:3      | 15067 ||| Stepping randomly (stuck).
 15069 | D:3      | 15069 ||| Stepping randomly (stuck).
 15071 | D:3      | 15071 ||| Stepping randomly (stuck).
 15073 | D:3      | 15073 ||| Stepping randomly (stuck).
 15075 | D:3      | 15075 ||| Stepping randomly (stuck).
 15077 | D:3      | 15077 ||| Stepping randomly (stuck).
 15079 | D:3      | 15079 ||| Stepping randomly (stuck).
 15081 | D:3      | 15081 ||| Stepping randomly (stuck).
 15083 | D:3      | 15083 ||| Stepping randomly (stuck).
 15085 | D:3      | 15085 ||| Stepping randomly (stuck).
 15087 | D:3      | 15087 ||| Stepping randomly (stuck).
 15089 | D:3      | 15089 ||| Stepping randomly (stuck).
 15091 | D:3      | 15091 ||| Stepping randomly (stuck).
 15093 | D:3      | 15093 ||| Stepping randomly (stuck).
 15095 | D:3      | 15095 ||| Stepping randomly (stuck).
 15097 | D:3      | 15097 ||| Stepping randomly (stuck).
 15099 | D:3      | 15099 ||| Stepping randomly (stuck).
 15101 | D:3      | 15101 ||| Stepping randomly (stuck).
 15103 | D:3      | 15103 ||| Stepping randomly (stuck).
 15105 | D:3      | 15105 ||| Stepping randomly (stuck).
 15107 | D:3      | 15107 ||| Stepping randomly (stuck).
 15109 | D:3      | 15109 ||| Stepping randomly (stuck).
 15111 | D:3      | 15111 ||| Stepping randomly (stuck).
 15113 | D:3      | 15113 ||| Stepping randomly (stuck).
 15115 | D:3      | 15115 ||| Stepping randomly (stuck).
 15117 | D:3      | 15117 ||| Stepping randomly (stuck).
 15119 | D:3      | 15119 ||| Stepping randomly (stuck).
 15121 | D:3      | 15121 ||| Stepping randomly (stuck).
 15123 | D:3      | 15123 ||| Stepping randomly (stuck).
 15125 | D:3      | 15125 ||| Stepping randomly (stuck).
 15127 | D:3      | 15127 ||| Stepping randomly (stuck).
 15129 | D:3      | 15129 ||| Stepping randomly (stuck).
 15131 | D:3      | 15131 ||| Stepping randomly (stuck).
 15133 | D:3      | 15133 ||| Stepping randomly (stuck).
 15135 | D:3      | 15135 ||| Stepping randomly (stuck).
 15137 | D:3      | 15137 ||| Stepping randomly (stuck).
 15139 | D:3      | 15139 ||| Stepping randomly (stuck).
 15141 | D:3      | 15141 ||| Stepping randomly (stuck).
 15143 | D:3      | 15143 ||| Stepping randomly (stuck).
 15145 | D:3      | 15145 ||| Stepping randomly (stuck).
 15147 | D:3      | 15147 ||| Stepping randomly (stuck).
 15149 | D:3      | 15149 ||| Stepping randomly (stuck).
 15151 | D:3      | 15151 ||| Stepping randomly (stuck).
 15153 | D:3      | 15153 ||| Stepping randomly (stuck).
 15155 | D:3      | 15155 ||| Stepping randomly (stuck).
 15157 | D:3      | 15157 ||| Stepping randomly (stuck).
 15159 | D:3      | 15159 ||| Stepping randomly (stuck).
 15161 | D:3      | 15161 ||| Stepping randomly (stuck).
 15163 | D:3      | 15163 ||| Stepping randomly (stuck).
 15165 | D:3      | 15165 ||| Stepping randomly (stuck).
 15167 | D:3      | 15167 ||| Stepping randomly (stuck).
 15169 | D:3      | 15169 ||| Stepping randomly (stuck).
 15171 | D:3      | 15171 ||| Stepping randomly (stuck).
 15173 | D:3      | 15173 ||| Stepping randomly (stuck).
 15175 | D:3      | 15175 ||| Stepping randomly (stuck).
 15177 | D:3      | 15177 ||| Stepping randomly (stuck).
 15179 | D:3      | 15179 ||| Stepping randomly (stuck).
 15181 | D:3      | 15181 ||| Stepping randomly (stuck).
 15183 | D:3      | 15183 ||| Stepping randomly (stuck).
 15185 | D:3      | 15185 ||| Stepping randomly (stuck).
 15187 | D:3      | 15187 ||| Stepping randomly (stuck).
 15189 | D:3      | 15189 ||| Stepping randomly (stuck).
 15191 | D:3      | 15191 ||| Stepping randomly (stuck).
 15193 | D:3      | 15193 ||| Stepping randomly (stuck).
 15195 | D:3      | 15195 ||| Stepping randomly (stuck).
 15197 | D:3      | 15197 ||| Stepping randomly (stuck).
 15199 | D:3      | 15199 ||| Stepping randomly (stuck).
 15201 | D:3      | 15201 ||| Stepping randomly (stuck).
 15203 | D:3      | 15203 ||| Stepping randomly (stuck).
 15205 | D:3      | 15205 ||| Stepping randomly (stuck).
 15207 | D:3      | 15207 ||| Stepping randomly (stuck).
 15209 | D:3      | 15209 ||| Stepping randomly (stuck).
 15211 | D:3      | 15211 ||| Stepping randomly (stuck).
 15213 | D:3      | 15213 ||| Stepping randomly (stuck).
 15215 | D:3      | 15215 ||| Stepping randomly (stuck).
 15217 | D:3      | 15217 ||| Stepping randomly (stuck).
 15219 | D:3      | 15219 ||| Stepping randomly (stuck).
 15221 | D:3      | 15221 ||| Stepping randomly (stuck).
 15223 | D:3      | 15223 ||| Stepping randomly (stuck).
 15225 | D:3      | 15225 ||| Stepping randomly (stuck).
 15227 | D:3      | 15227 ||| Stepping randomly (stuck).
 15229 | D:3      | 15229 ||| Stepping randomly (stuck).
 15231 | D:3      | 15231 ||| Stepping randomly (stuck).
 15233 | D:3      | 15233 ||| Stepping randomly (stuck).
 15235 | D:3      | 15235 ||| Stepping randomly (stuck).
 15237 | D:3      | 15237 ||| Stepping randomly (stuck).
 15239 | D:3      | 15239 ||| Stepping randomly (stuck).
 15241 | D:3      | 15241 ||| Stepping randomly (stuck).
 15243 | D:3      | 15243 ||| Stepping randomly (stuck).
 15245 | D:3      | 15245 ||| Stepping randomly (stuck).
 15247 | D:3      | 15247 ||| Stepping randomly (stuck).
 15249 | D:3      | 15249 ||| Stepping randomly (stuck).
 15251 | D:3      | 15251 ||| Stepping randomly (stuck).
 15253 | D:3      | 15253 ||| Stepping randomly (stuck).
 15255 | D:3      | 15255 ||| Stepping randomly (stuck).
 15257 | D:3      | 15257 ||| Stepping randomly (stuck).
 15259 | D:3      | 15259 ||| Stepping randomly (stuck).
 15261 | D:3      | 15261 ||| Stepping randomly (stuck).
 15263 | D:3      | 15263 ||| Stepping randomly (stuck).
 15265 | D:3      | 15265 ||| Stepping randomly (stuck).
 15267 | D:3      | 15267 ||| Stepping randomly (stuck).
 15269 | D:3      | 15269 ||| Stepping randomly (stuck).
 15271 | D:3      | 15271 ||| Stepping randomly (stuck).
 15273 | D:3      | 15273 ||| Stepping randomly (stuck).
 15275 | D:3      | 15275 ||| Stepping randomly (stuck).
 15277 | D:3      | 15277 ||| Stepping randomly (stuck).
 15279 | D:3      | 15279 ||| Stepping randomly (stuck).
 15281 | D:3      | 15281 ||| Stepping randomly (stuck).
 15283 | D:3      | 15283 ||| Stepping randomly (stuck).
 15285 | D:3      | 15285 ||| Stepping randomly (stuck).
 15287 | D:3      | 15287 ||| Stepping randomly (stuck).
 15289 | D:3      | 15289 ||| Stepping randomly (stuck).
 15291 | D:3      | 15291 ||| Stepping randomly (stuck).
 15293 | D:3      | 15293 ||| Stepping randomly (stuck).
 15295 | D:3      | 15295 ||| Stepping randomly (stuck).
 15297 | D:3      | 15297 ||| Stepping randomly (stuck).
 15299 | D:3      | 15299 ||| Stepping randomly (stuck).
 15301 | D:3      | 15301 ||| Stepping randomly (stuck).
 15303 | D:3      | 15303 ||| Stepping randomly (stuck).
 15305 | D:3      | 15305 ||| Stepping randomly (stuck).
 15307 | D:3      | 15307 ||| Stepping randomly (stuck).
 15309 | D:3      | 15309 ||| Stepping randomly (stuck).
 15311 | D:3      | 15311 ||| Stepping randomly (stuck).
 15313 | D:3      | 15313 ||| Stepping randomly (stuck).
 15315 | D:3      | 15315 ||| Stepping randomly (stuck).
 15317 | D:3      | 15317 ||| Stepping randomly (stuck).
 15319 | D:3      | 15319 ||| Stepping randomly (stuck).
 15321 | D:3      | 15321 ||| Stepping randomly (stuck).
 15323 | D:3      | 15323 ||| Stepping randomly (stuck).
 15325 | D:3      | 15325 ||| Stepping randomly (stuck).
 15327 | D:3      | 15327 ||| Stepping randomly (stuck).
 15329 | D:3      | 15329 ||| Stepping randomly (stuck).
 15331 | D:3      | 15331 ||| Stepping randomly (stuck).
 15333 | D:3      | 15333 ||| Stepping randomly (stuck).
 15335 | D:3      | 15335 ||| Stepping randomly (stuck).
 15337 | D:3      | 15337 ||| Stepping randomly (stuck).
 15339 | D:3      | 15339 ||| Stepping randomly (stuck).
 15341 | D:3      | 15341 ||| Stepping randomly (stuck).
 15343 | D:3      | 15343 ||| Stepping randomly (stuck).
 15345 | D:3      | 15345 ||| Stepping randomly (stuck).
 15347 | D:3      | 15347 ||| Stepping randomly (stuck).
 15349 | D:3      | 15349 ||| Stepping randomly (stuck).
 15351 | D:3      | 15351 ||| Stepping randomly (stuck).
 15353 | D:3      | 15353 ||| Stepping randomly (stuck).
 15355 | D:3      | 15355 ||| Stepping randomly (stuck).
 15357 | D:3      | 15357 ||| Stepping randomly (stuck).
 15359 | D:3      | 15359 ||| Stepping randomly (stuck).
 15361 | D:3      | 15361 ||| Stepping randomly (stuck).
 15363 | D:3      | 15363 ||| Stepping randomly (stuck).
 15365 | D:3      | 15365 ||| Stepping randomly (stuck).
 15367 | D:3      | 15367 ||| Stepping randomly (stuck).
 15369 | D:3      | 15369 ||| Stepping randomly (stuck).
 15371 | D:3      | 15371 ||| Stepping randomly (stuck).
 15373 | D:3      | 15373 ||| Stepping randomly (stuck).
 15375 | D:3      | 15375 ||| Stepping randomly (stuck).
 15377 | D:3      | 15377 ||| Stepping randomly (stuck).
 15379 | D:3      | 15379 ||| Stepping randomly (stuck).
 15381 | D:3      | 15381 ||| Stepping randomly (stuck).
 15383 | D:3      | 15383 ||| Stepping randomly (stuck).
 15385 | D:3      | 15385 ||| Stepping randomly (stuck).
 15387 | D:3      | 15387 ||| Stepping randomly (stuck).
 15389 | D:3      | 15389 ||| Stepping randomly (stuck).
 15391 | D:3      | 15391 ||| Stepping randomly (stuck).
 15393 | D:3      | 15393 ||| Stepping randomly (stuck).
 15395 | D:3      | 15395 ||| Stepping randomly (stuck).
 15397 | D:3      | 15397 ||| Stepping randomly (stuck).
 15399 | D:3      | 15399 ||| Stepping randomly (stuck).
 15401 | D:3      | 15401 ||| Stepping randomly (stuck).
 15403 | D:3      | 15403 ||| Stepping randomly (stuck).
 15405 | D:3      | 15405 ||| Stepping randomly (stuck).
 15407 | D:3      | 15407 ||| Stepping randomly (stuck).
 15409 | D:3      | 15409 ||| Stepping randomly (stuck).
 15411 | D:3      | 15411 ||| Stepping randomly (stuck).
 15413 | D:3      | 15413 ||| Stepping randomly (stuck).
 15415 | D:3      | 15415 ||| Stepping randomly (stuck).
 15417 | D:3      | 15417 ||| Stepping randomly (stuck).
 15419 | D:3      | 15419 ||| Stepping randomly (stuck).
 15421 | D:3      | 15421 ||| Stepping randomly (stuck).
 15423 | D:3      | 15423 ||| Stepping randomly (stuck).
 15425 | D:3      | 15425 ||| Stepping randomly (stuck).
 15427 | D:3      | 15427 ||| Stepping randomly (stuck).
 15429 | D:3      | 15429 ||| Stepping randomly (stuck).
 15431 | D:3      | 15431 ||| Stepping randomly (stuck).
 15433 | D:3      | 15433 ||| Stepping randomly (stuck).
 15435 | D:3      | 15435 ||| Stepping randomly (stuck).
 15437 | D:3      | 15437 ||| Stepping randomly (stuck).
 15439 | D:3      | 15439 ||| Stepping randomly (stuck).
 15441 | D:3      | 15441 ||| Stepping randomly (stuck).
 15443 | D:3      | 15443 ||| Stepping randomly (stuck).
 15445 | D:3      | 15445 ||| Stepping randomly (stuck).
 15447 | D:3      | 15447 ||| Stepping randomly (stuck).
 15449 | D:3      | 15449 ||| Stepping randomly (stuck).
 15451 | D:3      | 15451 ||| Stepping randomly (stuck).
 15453 | D:3      | 15453 ||| Stepping randomly (stuck).
 15455 | D:3      | 15455 ||| Stepping randomly (stuck).
 15457 | D:3      | 15457 ||| Stepping randomly (stuck).
 15459 | D:3      | 15459 ||| Stepping randomly (stuck).
 15461 | D:3      | 15461 ||| Stepping randomly (stuck).
 15463 | D:3      | 15463 ||| Stepping randomly (stuck).
 15465 | D:3      | 15465 ||| Stepping randomly (stuck).
 15467 | D:3      | 15467 ||| Stepping randomly (stuck).
 15469 | D:3      | 15469 ||| Stepping randomly (stuck).
 15471 | D:3      | 15471 ||| Stepping randomly (stuck).
 15473 | D:3      | 15473 ||| Stepping randomly (stuck).
 15475 | D:3      | 15475 ||| Stepping randomly (stuck).
 15477 | D:3      | 15477 ||| Stepping randomly (stuck).
 15479 | D:3      | 15479 ||| Stepping randomly (stuck).
 15481 | D:3      | 15481 ||| Stepping randomly (stuck).
 15483 | D:3      | 15483 ||| Stepping randomly (stuck).
 15485 | D:3      | 15485 ||| Stepping randomly (stuck).
 15487 | D:3      | 15487 ||| Stepping randomly (stuck).
 15489 | D:3      | 15489 ||| Stepping randomly (stuck).
 15491 | D:3      | 15491 ||| Stepping randomly (stuck).
 15493 | D:3      | 15493 ||| Stepping randomly (stuck).
 15495 | D:3      | 15495 ||| Stepping randomly (stuck).
 15497 | D:3      | 15497 ||| Stepping randomly (stuck).
 15499 | D:3      | 15499 ||| Stepping randomly (stuck).
 15501 | D:3      | 15501 ||| Stepping randomly (stuck).
 15503 | D:3      | 15503 ||| Stepping randomly (stuck).
 15505 | D:3      | 15505 ||| Stepping randomly (stuck).
 15507 | D:3      | 15507 ||| Stepping randomly (stuck).
 15509 | D:3      | 15509 ||| Stepping randomly (stuck).
 15511 | D:3      | 15511 ||| Stepping randomly (stuck).
 15513 | D:3      | 15513 ||| Stepping randomly (stuck).
 15515 | D:3      | 15515 ||| Stepping randomly (stuck).
 15517 | D:3      | 15517 ||| Stepping randomly (stuck).
 15519 | D:3      | 15519 ||| Stepping randomly (stuck).
 15521 | D:3      | 15521 ||| Stepping randomly (stuck).
 15523 | D:3      | 15523 ||| Stepping randomly (stuck).
 15525 | D:3      | 15525 ||| Stepping randomly (stuck).
 15527 | D:3      | 15527 ||| Stepping randomly (stuck).
 15529 | D:3      | 15529 ||| Stepping randomly (stuck).
 15531 | D:3      | 15531 ||| Stepping randomly (stuck).
 15533 | D:3      | 15533 ||| Stepping randomly (stuck).
 15535 | D:3      | 15535 ||| Stepping randomly (stuck).
 15537 | D:3      | 15537 ||| Stepping randomly (stuck).
 15539 | D:3      | 15539 ||| Stepping randomly (stuck).
 15541 | D:3      | 15541 ||| Stepping randomly (stuck).
 15543 | D:3      | 15543 ||| Stepping randomly (stuck).
 15545 | D:3      | 15545 ||| Stepping randomly (stuck).
 15547 | D:3      | 15547 ||| Stepping randomly (stuck).
 15549 | D:3      | 15549 ||| Stepping randomly (stuck).
 15551 | D:3      | 15551 ||| Stepping randomly (stuck).
 15553 | D:3      | 15553 ||| Stepping randomly (stuck).
 15555 | D:3      | 15555 ||| Stepping randomly (stuck).
 15557 | D:3      | 15557 ||| Stepping randomly (stuck).
 15559 | D:3      | 15559 ||| Stepping randomly (stuck).
 15561 | D:3      | 15561 ||| Stepping randomly (stuck).
 15563 | D:3      | 15563 ||| Stepping randomly (stuck).
 15565 | D:3      | 15565 ||| Stepping randomly (stuck).
 15567 | D:3      | 15567 ||| Stepping randomly (stuck).
 15569 | D:3      | 15569 ||| Stepping randomly (stuck).
 15571 | D:3      | 15571 ||| Stepping randomly (stuck).
 15573 | D:3      | 15573 ||| Stepping randomly (stuck).
 15575 | D:3      | 15575 ||| Stepping randomly (stuck).
 15577 | D:3      | 15577 ||| Stepping randomly (stuck).
 15579 | D:3      | 15579 ||| Stepping randomly (stuck).
 15581 | D:3      | 15581 ||| Stepping randomly (stuck).
 15583 | D:3      | 15583 ||| Stepping randomly (stuck).
 15585 | D:3      | 15585 ||| Stepping randomly (stuck).
 15587 | D:3      | 15587 ||| Stepping randomly (stuck).
 15589 | D:3      | 15589 ||| Stepping randomly (stuck).
 15591 | D:3      | 15591 ||| Stepping randomly (stuck).
 15593 | D:3      | 15593 ||| Stepping randomly (stuck).
 15595 | D:3      | 15595 ||| Stepping randomly (stuck).
 15597 | D:3      | 15597 ||| Stepping randomly (stuck).
 15599 | D:3      | 15599 ||| Stepping randomly (stuck).
 15601 | D:3      | 15601 ||| Stepping randomly (stuck).
 15603 | D:3      | 15603 ||| Stepping randomly (stuck).
 15605 | D:3      | 15605 ||| Stepping randomly (stuck).
 15607 | D:3      | 15607 ||| Stepping randomly (stuck).
 15609 | D:3      | 15609 ||| Stepping randomly (stuck).
 15611 | D:3      | 15611 ||| Stepping randomly (stuck).
 15613 | D:3      | 15613 ||| Stepping randomly (stuck).
 15615 | D:3      | 15615 ||| Stepping randomly (stuck).
 15617 | D:3      | 15617 ||| Stepping randomly (stuck).
 15619 | D:3      | 15619 ||| Stepping randomly (stuck).
 15621 | D:3      | 15621 ||| Stepping randomly (stuck).
 15623 | D:3      | 15623 ||| Stepping randomly (stuck).
 15625 | D:3      | 15625 ||| Stepping randomly (stuck).
 15627 | D:3      | 15627 ||| Stepping randomly (stuck).
 15629 | D:3      | 15629 ||| Stepping randomly (stuck).
 15631 | D:3      | 15631 ||| Stepping randomly (stuck).
 15633 | D:3      | 15633 ||| Stepping randomly (stuck).
 15635 | D:3      | 15635 ||| Stepping randomly (stuck).
 15637 | D:3      | 15637 ||| Stepping randomly (stuck).
 15639 | D:3      | 15639 ||| Stepping randomly (stuck).
 15641 | D:3      | 15641 ||| Stepping randomly (stuck).
 15643 | D:3      | 15643 ||| Stepping randomly (stuck).
 15645 | D:3      | 15645 ||| Stepping randomly (stuck).
 15647 | D:3      | 15647 ||| Stepping randomly (stuck).
 15649 | D:3      | 15649 ||| Stepping randomly (stuck).
 15651 | D:3      | 15651 ||| Stepping randomly (stuck).
 15653 | D:3      | 15653 ||| Stepping randomly (stuck).
 15655 | D:3      | 15655 ||| Stepping randomly (stuck).
 15657 | D:3      | 15657 ||| Stepping randomly (stuck).
 15659 | D:3      | 15659 ||| Stepping randomly (stuck).
 15661 | D:3      | 15661 ||| Stepping randomly (stuck).
 15663 | D:3      | 15663 ||| Stepping randomly (stuck).
 15665 | D:3      | 15665 ||| Stepping randomly (stuck).
 15667 | D:3      | 15667 ||| Stepping randomly (stuck).
 15669 | D:3      | 15669 ||| Stepping randomly (stuck).
 15671 | D:3      | 15671 ||| Stepping randomly (stuck).
 15673 | D:3      | 15673 ||| Stepping randomly (stuck).
 15675 | D:3      | 15675 ||| Stepping randomly (stuck).
 15677 | D:3      | 15677 ||| Stepping randomly (stuck).
 15679 | D:3      | 15679 ||| Stepping randomly (stuck).
 15681 | D:3      | 15681 ||| Stepping randomly (stuck).
 15683 | D:3      | 15683 ||| Stepping randomly (stuck).
 15685 | D:3      | 15685 ||| Stepping randomly (stuck).
 15687 | D:3      | 15687 ||| Stepping randomly (stuck).
 15689 | D:3      | 15689 ||| Stepping randomly (stuck).
 15691 | D:3      | 15691 ||| Stepping randomly (stuck).
 15693 | D:3      | 15693 ||| Stepping randomly (stuck).
 15695 | D:3      | 15695 ||| Stepping randomly (stuck).
 15697 | D:3      | 15697 ||| Stepping randomly (stuck).
 15699 | D:3      | 15699 ||| Stepping randomly (stuck).
 15701 | D:3      | 15701 ||| Stepping randomly (stuck).
 15703 | D:3      | 15703 ||| Stepping randomly (stuck).
 15705 | D:3      | 15705 ||| Stepping randomly (stuck).
 15707 | D:3      | 15707 ||| Stepping randomly (stuck).
 15709 | D:3      | 15709 ||| Stepping randomly (stuck).
 15711 | D:3      | 15711 ||| Stepping randomly (stuck).
 15713 | D:3      | 15713 ||| Stepping randomly (stuck).
 15715 | D:3      | 15715 ||| Stepping randomly (stuck).
 15717 | D:3      | 15717 ||| Stepping randomly (stuck).
 15719 | D:3      | 15719 ||| Stepping randomly (stuck).
 15721 | D:3      | 15721 ||| Stepping randomly (stuck).
 15723 | D:3      | 15723 ||| Stepping randomly (stuck).
 15725 | D:3      | 15725 ||| Stepping randomly (stuck).
 15727 | D:3      | 15727 ||| Stepping randomly (stuck).
 15729 | D:3      | 15729 ||| Stepping randomly (stuck).
 15731 | D:3      | 15731 ||| Stepping randomly (stuck).
 15733 | D:3      | 15733 ||| Stepping randomly (stuck).
 15735 | D:3      | 15735 ||| Stepping randomly (stuck).
 15737 | D:3      | 15737 ||| Stepping randomly (stuck).
 15739 | D:3      | 15739 ||| Stepping randomly (stuck).
 15741 | D:3      | 15741 ||| Stepping randomly (stuck).
 15743 | D:3      | 15743 ||| Stepping randomly (stuck).
 15745 | D:3      | 15745 ||| Stepping randomly (stuck).
 15747 | D:3      | 15747 ||| Stepping randomly (stuck).
 15749 | D:3      | 15749 ||| Stepping randomly (stuck).
 15751 | D:3      | 15751 ||| Stepping randomly (stuck).
 15753 | D:3      | 15753 ||| Stepping randomly (stuck).
 15755 | D:3      | 15755 ||| Stepping randomly (stuck).
 15757 | D:3      | 15757 ||| Stepping randomly (stuck).
 15759 | D:3      | 15759 ||| Stepping randomly (stuck).
 15761 | D:3      | 15761 ||| Stepping randomly (stuck).
 15763 | D:3      | 15763 ||| Stepping randomly (stuck).
 15765 | D:3      | 15765 ||| Stepping randomly (stuck).
 15767 | D:3      | 15767 ||| Stepping randomly (stuck).
 15769 | D:3      | 15769 ||| Stepping randomly (stuck).
 15771 | D:3      | 15771 ||| Stepping randomly (stuck).
 15773 | D:3      | 15773 ||| Stepping randomly (stuck).
 15775 | D:3      | 15775 ||| Stepping randomly (stuck).
 15777 | D:3      | 15777 ||| Stepping randomly (stuck).
 15779 | D:3      | 15779 ||| Stepping randomly (stuck).
 15781 | D:3      | 15781 ||| Stepping randomly (stuck).
 15783 | D:3      | 15783 ||| Stepping randomly (stuck).
 15785 | D:3      | 15785 ||| Stepping randomly (stuck).
 15787 | D:3      | 15787 ||| Stepping randomly (stuck).
 15789 | D:3      | 15789 ||| Stepping randomly (stuck).
 15791 | D:3      | 15791 ||| Stepping randomly (stuck).
 15793 | D:3      | 15793 ||| Stepping randomly (stuck).
 15795 | D:3      | 15795 ||| Stepping randomly (stuck).
 15797 | D:3      | 15797 ||| Stepping randomly (stuck).
 15799 | D:3      | 15799 ||| Stepping randomly (stuck).
 15801 | D:3      | 15801 ||| Stepping randomly (stuck).
 15803 | D:3      | 15803 ||| Stepping randomly (stuck).
 15805 | D:3      | 15805 ||| Stepping randomly (stuck).
 15807 | D:3      | 15807 ||| Stepping randomly (stuck).
 15809 | D:3      | 15809 ||| Stepping randomly (stuck).
 15811 | D:3      | 15811 ||| Stepping randomly (stuck).
 15813 | D:3      | 15813 ||| Stepping randomly (stuck).
 15815 | D:3      | 15815 ||| Stepping randomly (stuck).
 15817 | D:3      | 15817 ||| Stepping randomly (stuck).
 15819 | D:3      | 15819 ||| Stepping randomly (stuck).
 15821 | D:3      | 15821 ||| Stepping randomly (stuck).
 15823 | D:3      | 15823 ||| Stepping randomly (stuck).
 15825 | D:3      | 15825 ||| Stepping randomly (stuck).
 15827 | D:3      | 15827 ||| Stepping randomly (stuck).
 15829 | D:3      | 15829 ||| Stepping randomly (stuck).
 15831 | D:3      | 15831 ||| Stepping randomly (stuck).
 15833 | D:3      | 15833 ||| Stepping randomly (stuck).
 15835 | D:3      | 15835 ||| Stepping randomly (stuck).
 15837 | D:3      | 15837 ||| Stepping randomly (stuck).
 15839 | D:3      | 15839 ||| Stepping randomly (stuck).
 15841 | D:3      | 15841 ||| Stepping randomly (stuck).
 15843 | D:3      | 15843 ||| Stepping randomly (stuck).
 15845 | D:3      | 15845 ||| Stepping randomly (stuck).
 15847 | D:3      | 15847 ||| Stepping randomly (stuck).
 15849 | D:3      | 15849 ||| Stepping randomly (stuck).
 15851 | D:3      | 15851 ||| Stepping randomly (stuck).
 15853 | D:3      | 15853 ||| Stepping randomly (stuck).
 15855 | D:3      | 15855 ||| Stepping randomly (stuck).
 15857 | D:3      | 15857 ||| Stepping randomly (stuck).
 15859 | D:3      | 15859 ||| Stepping randomly (stuck).
 15861 | D:3      | 15861 ||| Stepping randomly (stuck).
 15863 | D:3      | 15863 ||| Stepping randomly (stuck).
 15865 | D:3      | 15865 ||| Stepping randomly (stuck).
 15867 | D:3      | 15867 ||| Stepping randomly (stuck).
 15869 | D:3      | 15869 ||| Stepping randomly (stuck).
 15871 | D:3      | 15871 ||| Stepping randomly (stuck).
 15873 | D:3      | 15873 ||| Stepping randomly (stuck).
 15875 | D:3      | 15875 ||| Stepping randomly (stuck).
 15877 | D:3      | 15877 ||| Stepping randomly (stuck).
 15879 | D:3      | 15879 ||| Stepping randomly (stuck).
 15881 | D:3      | 15881 ||| Stepping randomly (stuck).
 15883 | D:3      | 15883 ||| Stepping randomly (stuck).
 15885 | D:3      | 15885 ||| Stepping randomly (stuck).
 15887 | D:3      | 15887 ||| Stepping randomly (stuck).
 15889 | D:3      | 15889 ||| Stepping randomly (stuck).
 15891 | D:3      | 15891 ||| Stepping randomly (stuck).
 15893 | D:3      | 15893 ||| Stepping randomly (stuck).
 15895 | D:3      | 15895 ||| Stepping randomly (stuck).
 15897 | D:3      | 15897 ||| Stepping randomly (stuck).
 15899 | D:3      | 15899 ||| Stepping randomly (stuck).
 15901 | D:3      | 15901 ||| Stepping randomly (stuck).
 15903 | D:3      | 15903 ||| Stepping randomly (stuck).
 15905 | D:3      | 15905 ||| Stepping randomly (stuck).
 15907 | D:3      | 15907 ||| Stepping randomly (stuck).
 15909 | D:3      | 15909 ||| Stepping randomly (stuck).
 15911 | D:3      | 15911 ||| Stepping randomly (stuck).
 15913 | D:3      | 15913 ||| Stepping randomly (stuck).
 15915 | D:3      | 15915 ||| Stepping randomly (stuck).
 15917 | D:3      | 15917 ||| Stepping randomly (stuck).
 15919 | D:3      | 15919 ||| Stepping randomly (stuck).
 15921 | D:3      | 15921 ||| Stepping randomly (stuck).
 15923 | D:3      | 15923 ||| Stepping randomly (stuck).
 15925 | D:3      | 15925 ||| Stepping randomly (stuck).
 15927 | D:3      | 15927 ||| Stepping randomly (stuck).
 15929 | D:3      | 15929 ||| Stepping randomly (stuck).
 15931 | D:3      | 15931 ||| Stepping randomly (stuck).
 15933 | D:3      | 15933 ||| Stepping randomly (stuck).
 15935 | D:3      | 15935 ||| Stepping randomly (stuck).
 15937 | D:3      | 15937 ||| Stepping randomly (stuck).
 15939 | D:3      | 15939 ||| Stepping randomly (stuck).
 15941 | D:3      | 15941 ||| Stepping randomly (stuck).
 15943 | D:3      | 15943 ||| Stepping randomly (stuck).
 15945 | D:3      | 15945 ||| Stepping randomly (stuck).
 15947 | D:3      | 15947 ||| Stepping randomly (stuck).
 15949 | D:3      | 15949 ||| Stepping randomly (stuck).
 15951 | D:3      | 15951 ||| Stepping randomly (stuck).
 15953 | D:3      | 15953 ||| Stepping randomly (stuck).
 15955 | D:3      | 15955 ||| Stepping randomly (stuck).
 15957 | D:3      | 15957 ||| Stepping randomly (stuck).
 15959 | D:3      | 15959 ||| Stepping randomly (stuck).
 15961 | D:3      | 15961 ||| Stepping randomly (stuck).
 15963 | D:3      | 15963 ||| Stepping randomly (stuck).
 15965 | D:3      | 15965 ||| Stepping randomly (stuck).
 15967 | D:3      | 15967 ||| Stepping randomly (stuck).
 15969 | D:3      | 15969 ||| Stepping randomly (stuck).
 15971 | D:3      | 15971 ||| Stepping randomly (stuck).
 15973 | D:3      | 15973 ||| Stepping randomly (stuck).
 15975 | D:3      | 15975 ||| Stepping randomly (stuck).
 15977 | D:3      | 15977 ||| Stepping randomly (stuck).
 15979 | D:3      | 15979 ||| Stepping randomly (stuck).
 15981 | D:3      | 15981 ||| Stepping randomly (stuck).
 15983 | D:3      | 15983 ||| Stepping randomly (stuck).
 15985 | D:3      | 15985 ||| Stepping randomly (stuck).
 15987 | D:3      | 15987 ||| Stepping randomly (stuck).
 15989 | D:3      | 15989 ||| Stepping randomly (stuck).
 15991 | D:3      | 15991 ||| Stepping randomly (stuck).
 15993 | D:3      | 15993 ||| Stepping randomly (stuck).
 15995 | D:3      | 15995 ||| Stepping randomly (stuck).
 15997 | D:3      | 15997 ||| Stepping randomly (stuck).
 15999 | D:3      | 15999 ||| Stepping randomly (stuck).
 16001 | D:3      | 16001 ||| Stepping randomly (stuck).
 16003 | D:3      | 16003 ||| Stepping randomly (stuck).
 16005 | D:3      | 16005 ||| Stepping randomly (stuck).
 16007 | D:3      | 16007 ||| Stepping randomly (stuck).
 16009 | D:3      | 16009 ||| Stepping randomly (stuck).
 16011 | D:3      | 16011 ||| Stepping randomly (stuck).
 16013 | D:3      | 16013 ||| Stepping randomly (stuck).
 16015 | D:3      | 16015 ||| Stepping randomly (stuck).
 16017 | D:3      | 16017 ||| Stepping randomly (stuck).
 16019 | D:3      | 16019 ||| Stepping randomly (stuck).
 16021 | D:3      | 16021 ||| Stepping randomly (stuck).
 16023 | D:3      | 16023 ||| Stepping randomly (stuck).
 16025 | D:3      | 16025 ||| Stepping randomly (stuck).
 16027 | D:3      | 16027 ||| Stepping randomly (stuck).
 16029 | D:3      | 16029 ||| Stepping randomly (stuck).
 16031 | D:3      | 16031 ||| Stepping randomly (stuck).
 16033 | D:3      | 16033 ||| Stepping randomly (stuck).
 16035 | D:3      | 16035 ||| Stepping randomly (stuck).
 16037 | D:3      | 16037 ||| Stepping randomly (stuck).
 16039 | D:3      | 16039 ||| Stepping randomly (stuck).
 16041 | D:3      | 16041 ||| Stepping randomly (stuck).
 16043 | D:3      | 16043 ||| Stepping randomly (stuck).
 16045 | D:3      | 16045 ||| Stepping randomly (stuck).
 16047 | D:3      | 16047 ||| Stepping randomly (stuck).
 16049 | D:3      | 16049 ||| Stepping randomly (stuck).
 16051 | D:3      | 16051 ||| Stepping randomly (stuck).
 16053 | D:3      | 16053 ||| Stepping randomly (stuck).
 16055 | D:3      | 16055 ||| Stepping randomly (stuck).
 16057 | D:3      | 16057 ||| Stepping randomly (stuck).
 16059 | D:3      | 16059 ||| Stepping randomly (stuck).
 16061 | D:3      | 16061 ||| Stepping randomly (stuck).
 16063 | D:3      | 16063 ||| Stepping randomly (stuck).
 16065 | D:3      | 16065 ||| Stepping randomly (stuck).
 16067 | D:3      | 16067 ||| Stepping randomly (stuck).
 16069 | D:3      | 16069 ||| Stepping randomly (stuck).
 16071 | D:3      | 16071 ||| Stepping randomly (stuck).
 16073 | D:3      | 16073 ||| Stepping randomly (stuck).
 16075 | D:3      | 16075 ||| Stepping randomly (stuck).
 16077 | D:3      | 16077 ||| Stepping randomly (stuck).
 16079 | D:3      | 16079 ||| Stepping randomly (stuck).
 16081 | D:3      | 16081 ||| Stepping randomly (stuck).
 16083 | D:3      | 16083 ||| Stepping randomly (stuck).
 16085 | D:3      | 16085 ||| Stepping randomly (stuck).
 16087 | D:3      | 16087 ||| Stepping randomly (stuck).
 16089 | D:3      | 16089 ||| Stepping randomly (stuck).
 16091 | D:3      | 16091 ||| Stepping randomly (stuck).
 16093 | D:3      | 16093 ||| Stepping randomly (stuck).
 16095 | D:3      | 16095 ||| Stepping randomly (stuck).
 16097 | D:3      | 16097 ||| Stepping randomly (stuck).
 16099 | D:3      | 16099 ||| Stepping randomly (stuck).
 16101 | D:3      | 16101 ||| Stepping randomly (stuck).
 16103 | D:3      | 16103 ||| Stepping randomly (stuck).
 16105 | D:3      | 16105 ||| Stepping randomly (stuck).
 16107 | D:3      | 16107 ||| Stepping randomly (stuck).
 16109 | D:3      | 16109 ||| Stepping randomly (stuck).
 16111 | D:3      | 16111 ||| Stepping randomly (stuck).
 16113 | D:3      | 16113 ||| Stepping randomly (stuck).
 16115 | D:3      | 16115 ||| Stepping randomly (stuck).
 16117 | D:3      | 16117 ||| Stepping randomly (stuck).
 16119 | D:3      | 16119 ||| Stepping randomly (stuck).
 16121 | D:3      | 16121 ||| Stepping randomly (stuck).
 16123 | D:3      | 16123 ||| Stepping randomly (stuck).
 16125 | D:3      | 16125 ||| Stepping randomly (stuck).
 16127 | D:3      | 16127 ||| Stepping randomly (stuck).
 16129 | D:3      | 16129 ||| Stepping randomly (stuck).
 16131 | D:3      | 16131 ||| Stepping randomly (stuck).
 16133 | D:3      | 16133 ||| Stepping randomly (stuck).
 16135 | D:3      | 16135 ||| Stepping randomly (stuck).
 16137 | D:3      | 16137 ||| Stepping randomly (stuck).
 16139 | D:3      | 16139 ||| Stepping randomly (stuck).
 16141 | D:3      | 16141 ||| Stepping randomly (stuck).
 16143 | D:3      | 16143 ||| Stepping randomly (stuck).
 16145 | D:3      | 16145 ||| Stepping randomly (stuck).
 16147 | D:3      | 16147 ||| Stepping randomly (stuck).
 16149 | D:3      | 16149 ||| Stepping randomly (stuck).
 16151 | D:3      | 16151 ||| Stepping randomly (stuck).
 16153 | D:3      | 16153 ||| Stepping randomly (stuck).
 16155 | D:3      | 16155 ||| Stepping randomly (stuck).
 16157 | D:3      | 16157 ||| Stepping randomly (stuck).
 16159 | D:3      | 16159 ||| Stepping randomly (stuck).
 16161 | D:3      | 16161 ||| Stepping randomly (stuck).
 16163 | D:3      | 16163 ||| Stepping randomly (stuck).
 16165 | D:3      | 16165 ||| Stepping randomly (stuck).
 16167 | D:3      | 16167 ||| Stepping randomly (stuck).
 16169 | D:3      | 16169 ||| Stepping randomly (stuck).
 16171 | D:3      | 16171 ||| Stepping randomly (stuck).
 16173 | D:3      | 16173 ||| Stepping randomly (stuck).
 16175 | D:3      | 16175 ||| Stepping randomly (stuck).
 16177 | D:3      | 16177 ||| Stepping randomly (stuck).
 16179 | D:3      | 16179 ||| Stepping randomly (stuck).
 16181 | D:3      | 16181 ||| Stepping randomly (stuck).
 16183 | D:3      | 16183 ||| Stepping randomly (stuck).
 16185 | D:3      | 16185 ||| Stepping randomly (stuck).
 16187 | D:3      | 16187 ||| Stepping randomly (stuck).
 16189 | D:3      | 16189 ||| Stepping randomly (stuck).
 16191 | D:3      | 16191 ||| Stepping randomly (stuck).
 16193 | D:3      | 16193 ||| Stepping randomly (stuck).
 16195 | D:3      | 16195 ||| Stepping randomly (stuck).
 16197 | D:3      | 16197 ||| Stepping randomly (stuck).
 16199 | D:3      | 16199 ||| Stepping randomly (stuck).
 16201 | D:3      | 16201 ||| Stepping randomly (stuck).
 16203 | D:3      | 16203 ||| Stepping randomly (stuck).
 16205 | D:3      | 16205 ||| Stepping randomly (stuck).
 16207 | D:3      | 16207 ||| Stepping randomly (stuck).
 16209 | D:3      | 16209 ||| Stepping randomly (stuck).
 16211 | D:3      | 16211 ||| Stepping randomly (stuck).
 16213 | D:3      | 16213 ||| Stepping randomly (stuck).
 16215 | D:3      | 16215 ||| Stepping randomly (stuck).
 16217 | D:3      | 16217 ||| Stepping randomly (stuck).
 16219 | D:3      | 16219 ||| Stepping randomly (stuck).
 16221 | D:3      | 16221 ||| Stepping randomly (stuck).
 16223 | D:3      | 16223 ||| Stepping randomly (stuck).
 16225 | D:3      | 16225 ||| Stepping randomly (stuck).
 16227 | D:3      | 16227 ||| Stepping randomly (stuck).
 16229 | D:3      | 16229 ||| Stepping randomly (stuck).
 16231 | D:3      | 16231 ||| Stepping randomly (stuck).
 16233 | D:3      | 16233 ||| Stepping randomly (stuck).
 16235 | D:3      | 16235 ||| Stepping randomly (stuck).
 16237 | D:3      | 16237 ||| Stepping randomly (stuck).
 16239 | D:3      | 16239 ||| Stepping randomly (stuck).
 16241 | D:3      | 16241 ||| Stepping randomly (stuck).
 16243 | D:3      | 16243 ||| Stepping randomly (stuck).
 16245 | D:3      | 16245 ||| Stepping randomly (stuck).
 16247 | D:3      | 16247 ||| Stepping randomly (stuck).
 16249 | D:3      | 16249 ||| Stepping randomly (stuck).
 16251 | D:3      | 16251 ||| Stepping randomly (stuck).
 16253 | D:3      | 16253 ||| Stepping randomly (stuck).
 16255 | D:3      | 16255 ||| Stepping randomly (stuck).
 16257 | D:3      | 16257 ||| Stepping randomly (stuck).
 16259 | D:3      | 16259 ||| Stepping randomly (stuck).
 16261 | D:3      | 16261 ||| Stepping randomly (stuck).
 16263 | D:3      | 16263 ||| Stepping randomly (stuck).
 16265 | D:3      | 16265 ||| Stepping randomly (stuck).
 16267 | D:3      | 16267 ||| Stepping randomly (stuck).
 16269 | D:3      | 16269 ||| Stepping randomly (stuck).
 16271 | D:3      | 16271 ||| Stepping randomly (stuck).
 16273 | D:3      | 16273 ||| Stepping randomly (stuck).
 16275 | D:3      | 16275 ||| Stepping randomly (stuck).
 16277 | D:3      | 16277 ||| Stepping randomly (stuck).
 16279 | D:3      | 16279 ||| Stepping randomly (stuck).
 16281 | D:3      | 16281 ||| Stepping randomly (stuck).
 16283 | D:3      | 16283 ||| Stepping randomly (stuck).
 16285 | D:3      | 16285 ||| Stepping randomly (stuck).
 16287 | D:3      | 16287 ||| Stepping randomly (stuck).
 16289 | D:3      | 16289 ||| Stepping randomly (stuck).
 16291 | D:3      | 16291 ||| Stepping randomly (stuck).
 16293 | D:3      | 16293 ||| Stepping randomly (stuck).
 16295 | D:3      | 16295 ||| Stepping randomly (stuck).
 16297 | D:3      | 16297 ||| Stepping randomly (stuck).
 16299 | D:3      | 16299 ||| Stepping randomly (stuck).
 16301 | D:3      | 16301 ||| Stepping randomly (stuck).
 16303 | D:3      | 16303 ||| Stepping randomly (stuck).
 16305 | D:3      | 16305 ||| Stepping randomly (stuck).
 16307 | D:3      | 16307 ||| Stepping randomly (stuck).
 16309 | D:3      | 16309 ||| Stepping randomly (stuck).
 16311 | D:3      | 16311 ||| Stepping randomly (stuck).
 16313 | D:3      | 16313 ||| Stepping randomly (stuck).
 16315 | D:3      | 16315 ||| Stepping randomly (stuck).
 16317 | D:3      | 16317 ||| Stepping randomly (stuck).
 16319 | D:3      | 16319 ||| Stepping randomly (stuck).
 16321 | D:3      | 16321 ||| Stepping randomly (stuck).
 16323 | D:3      | 16323 ||| Stepping randomly (stuck).
 16325 | D:3      | 16325 ||| Stepping randomly (stuck).
 16327 | D:3      | 16327 ||| Stepping randomly (stuck).
 16329 | D:3      | 16329 ||| Stepping randomly (stuck).
 16331 | D:3      | 16331 ||| Stepping randomly (stuck).
 16333 | D:3      | 16333 ||| Stepping randomly (stuck).
 16335 | D:3      | 16335 ||| Stepping randomly (stuck).
 16337 | D:3      | 16337 ||| Stepping randomly (stuck).
 16339 | D:3      | 16339 ||| Stepping randomly (stuck).
 16341 | D:3      | 16341 ||| Stepping randomly (stuck).
 16343 | D:3      | 16343 ||| Stepping randomly (stuck).
 16345 | D:3      | 16345 ||| Stepping randomly (stuck).
 16347 | D:3      | 16347 ||| Stepping randomly (stuck).
 16349 | D:3      | 16349 ||| Stepping randomly (stuck).
 16351 | D:3      | 16351 ||| Stepping randomly (stuck).
 16353 | D:3      | 16353 ||| Stepping randomly (stuck).
 16355 | D:3      | 16355 ||| Stepping randomly (stuck).
 16357 | D:3      | 16357 ||| Stepping randomly (stuck).
 16359 | D:3      | 16359 ||| Stepping randomly (stuck).
 16361 | D:3      | 16361 ||| Stepping randomly (stuck).
 16363 | D:3      | 16363 ||| Stepping randomly (stuck).
 16365 | D:3      | 16365 ||| Stepping randomly (stuck).
 16367 | D:3      | 16367 ||| Stepping randomly (stuck).
 16369 | D:3      | 16369 ||| Stepping randomly (stuck).
 16371 | D:3      | 16371 ||| Stepping randomly (stuck).
 16373 | D:3      | 16373 ||| Stepping randomly (stuck).
 16375 | D:3      | 16375 ||| Stepping randomly (stuck).
 16377 | D:3      | 16377 ||| Stepping randomly (stuck).
 16379 | D:3      | 16379 ||| Stepping randomly (stuck).
 16381 | D:3      | 16381 ||| Stepping randomly (stuck).
 16383 | D:3      | 16383 ||| Stepping randomly (stuck).
 16385 | D:3      | 16385 ||| Stepping randomly (stuck).
 16387 | D:3      | 16387 ||| Stepping randomly (stuck).
 16389 | D:3      | 16389 ||| Stepping randomly (stuck).
 16391 | D:3      | 16391 ||| Stepping randomly (stuck).
 16393 | D:3      | 16393 ||| Stepping randomly (stuck).
 16395 | D:3      | 16395 ||| Stepping randomly (stuck).
 16397 | D:3      | 16397 ||| Stepping randomly (stuck).
 16399 | D:3      | 16399 ||| Stepping randomly (stuck).
 16401 | D:3      | 16401 ||| Stepping randomly (stuck).
 16403 | D:3      | 16403 ||| Stepping randomly (stuck).
 16405 | D:3      | 16405 ||| Stepping randomly (stuck).
 16407 | D:3      | 16407 ||| Stepping randomly (stuck).
 16409 | D:3      | 16409 ||| Stepping randomly (stuck).
 16411 | D:3      | 16411 ||| Stepping randomly (stuck).
 16413 | D:3      | 16413 ||| Stepping randomly (stuck).
 16415 | D:3      | 16415 ||| Stepping randomly (stuck).
 16417 | D:3      | 16417 ||| Stepping randomly (stuck).
 16419 | D:3      | 16419 ||| Stepping randomly (stuck).
 16421 | D:3      | 16421 ||| Stepping randomly (stuck).
 16423 | D:3      | 16423 ||| Stepping randomly (stuck).
 16425 | D:3      | 16425 ||| Stepping randomly (stuck).
 16427 | D:3      | 16427 ||| Stepping randomly (stuck).
 16429 | D:3      | 16429 ||| Stepping randomly (stuck).
 16431 | D:3      | 16431 ||| Stepping randomly (stuck).
 16433 | D:3      | 16433 ||| Stepping randomly (stuck).
 16435 | D:3      | 16435 ||| Stepping randomly (stuck).
 16437 | D:3      | 16437 ||| Stepping randomly (stuck).
 16439 | D:3      | 16439 ||| Stepping randomly (stuck).
 16441 | D:3      | 16441 ||| Stepping randomly (stuck).
 16443 | D:3      | 16443 ||| Stepping randomly (stuck).
 16445 | D:3      | 16445 ||| Stepping randomly (stuck).
 16447 | D:3      | 16447 ||| Stepping randomly (stuck).
 16449 | D:3      | 16449 ||| Stepping randomly (stuck).
 16451 | D:3      | 16451 ||| Stepping randomly (stuck).
 16453 | D:3      | 16453 ||| Stepping randomly (stuck).
 16455 | D:3      | 16455 ||| Stepping randomly (stuck).
 16457 | D:3      | 16457 ||| Stepping randomly (stuck).
 16459 | D:3      | 16459 ||| Stepping randomly (stuck).
 16461 | D:3      | 16461 ||| Stepping randomly (stuck).
 16463 | D:3      | 16463 ||| Stepping randomly (stuck).
 16465 | D:3      | 16465 ||| Stepping randomly (stuck).
 16467 | D:3      | 16467 ||| Stepping randomly (stuck).
 16469 | D:3      | 16469 ||| Stepping randomly (stuck).
 16471 | D:3      | 16471 ||| Stepping randomly (stuck).
 16473 | D:3      | 16473 ||| Stepping randomly (stuck).
 16475 | D:3      | 16475 ||| Stepping randomly (stuck).
 16477 | D:3      | 16477 ||| Stepping randomly (stuck).
 16479 | D:3      | 16479 ||| Stepping randomly (stuck).
 16481 | D:3      | 16481 ||| Stepping randomly (stuck).
 16483 | D:3      | 16483 ||| Stepping randomly (stuck).
 16485 | D:3      | 16485 ||| Stepping randomly (stuck).
 16487 | D:3      | 16487 ||| Stepping randomly (stuck).
 16489 | D:3      | 16489 ||| Stepping randomly (stuck).
 16491 | D:3      | 16491 ||| Stepping randomly (stuck).
 16493 | D:3      | 16493 ||| Stepping randomly (stuck).
 16495 | D:3      | 16495 ||| Stepping randomly (stuck).
 16497 | D:3      | 16497 ||| Stepping randomly (stuck).
 16499 | D:3      | 16499 ||| Stepping randomly (stuck).
 16501 | D:3      | 16501 ||| Stepping randomly (stuck).
 16503 | D:3      | 16503 ||| Stepping randomly (stuck).
 16505 | D:3      | 16505 ||| Stepping randomly (stuck).
 16507 | D:3      | 16507 ||| Stepping randomly (stuck).
 16509 | D:3      | 16509 ||| Stepping randomly (stuck).
 16511 | D:3      | 16511 ||| Stepping randomly (stuck).
 16513 | D:3      | 16513 ||| Stepping randomly (stuck).
 16515 | D:3      | 16515 ||| Stepping randomly (stuck).
 16517 | D:3      | 16517 ||| Stepping randomly (stuck).
 16519 | D:3      | 16519 ||| Stepping randomly (stuck).
 16521 | D:3      | 16521 ||| Stepping randomly (stuck).
 16523 | D:3      | 16523 ||| Stepping randomly (stuck).
 16525 | D:3      | 16525 ||| Stepping randomly (stuck).
 16527 | D:3      | 16527 ||| Stepping randomly (stuck).
 16529 | D:3      | 16529 ||| Stepping randomly (stuck).
 16531 | D:3      | 16531 ||| Stepping randomly (stuck).
 16533 | D:3      | 16533 ||| Stepping randomly (stuck).
 16535 | D:3      | 16535 ||| Stepping randomly (stuck).
 16537 | D:3      | 16537 ||| Stepping randomly (stuck).
 16539 | D:3      | 16539 ||| Stepping randomly (stuck).
 16541 | D:3      | 16541 ||| Stepping randomly (stuck).
 16543 | D:3      | 16543 ||| Stepping randomly (stuck).
 16545 | D:3      | 16545 ||| Stepping randomly (stuck).
 16547 | D:3      | 16547 ||| Stepping randomly (stuck).
 16549 | D:3      | 16549 ||| Stepping randomly (stuck).
 16551 | D:3      | 16551 ||| Stepping randomly (stuck).
 16553 | D:3      | 16553 ||| Stepping randomly (stuck).
 16555 | D:3      | 16555 ||| Stepping randomly (stuck).
 16557 | D:3      | 16557 ||| Stepping randomly (stuck).
 16559 | D:3      | 16559 ||| Stepping randomly (stuck).
 16561 | D:3      | 16561 ||| Stepping randomly (stuck).
 16563 | D:3      | 16563 ||| Stepping randomly (stuck).
 16565 | D:3      | 16565 ||| Stepping randomly (stuck).
 16567 | D:3      | 16567 ||| Stepping randomly (stuck).
 16569 | D:3      | 16569 ||| Stepping randomly (stuck).
 16571 | D:3      | 16571 ||| Stepping randomly (stuck).
 16573 | D:3      | 16573 ||| Stepping randomly (stuck).
 16575 | D:3      | 16575 ||| Stepping randomly (stuck).
 16577 | D:3      | 16577 ||| Stepping randomly (stuck).
 16579 | D:3      | 16579 ||| Stepping randomly (stuck).
 16581 | D:3      | 16581 ||| Stepping randomly (stuck).
 16583 | D:3      | 16583 ||| Stepping randomly (stuck).
 16585 | D:3      | 16585 ||| Stepping randomly (stuck).
 16587 | D:3      | 16587 ||| Stepping randomly (stuck).
 16589 | D:3      | 16589 ||| Stepping randomly (stuck).
 16591 | D:3      | 16591 ||| Stepping randomly (stuck).
 16593 | D:3      | 16593 ||| Stepping randomly (stuck).
 16595 | D:3      | 16595 ||| Stepping randomly (stuck).
 16597 | D:3      | 16597 ||| Stepping randomly (stuck).
 16599 | D:3      | 16599 ||| Stepping randomly (stuck).
 16601 | D:3      | 16601 ||| Stepping randomly (stuck).
 16603 | D:3      | 16603 ||| Stepping randomly (stuck).
 16605 | D:3      | 16605 ||| Stepping randomly (stuck).
 16607 | D:3      | 16607 ||| Stepping randomly (stuck).
 16609 | D:3      | 16609 ||| Stepping randomly (stuck).
 16611 | D:3      | 16611 ||| Stepping randomly (stuck).
 16613 | D:3      | 16613 ||| Stepping randomly (stuck).
 16615 | D:3      | 16615 ||| Stepping randomly (stuck).
 16617 | D:3      | 16617 ||| Stepping randomly (stuck).
 16619 | D:3      | 16619 ||| Stepping randomly (stuck).
 16621 | D:3      | 16621 ||| Stepping randomly (stuck).
 16623 | D:3      | 16623 ||| Stepping randomly (stuck).
 16625 | D:3      | 16625 ||| Stepping randomly (stuck).
 16627 | D:3      | 16627 ||| Stepping randomly (stuck).
 16629 | D:3      | 16629 ||| Stepping randomly (stuck).
 16631 | D:3      | 16631 ||| Stepping randomly (stuck).
 16633 | D:3      | 16633 ||| Stepping randomly (stuck).
 16635 | D:3      | 16635 ||| Stepping randomly (stuck).
 16637 | D:3      | 16637 ||| Stepping randomly (stuck).
 16639 | D:3      | 16639 ||| Stepping randomly (stuck).
 16641 | D:3      | 16641 ||| Stepping randomly (stuck).
 16643 | D:3      | 16643 ||| Stepping randomly (stuck).
 16645 | D:3      | 16645 ||| Stepping randomly (stuck).
 16647 | D:3      | 16647 ||| Stepping randomly (stuck).
 16649 | D:3      | 16649 ||| Stepping randomly (stuck).
 16651 | D:3      | 16651 ||| Stepping randomly (stuck).
 16653 | D:3      | 16653 ||| Stepping randomly (stuck).
 16655 | D:3      | 16655 ||| Stepping randomly (stuck).
 16657 | D:3      | 16657 ||| Stepping randomly (stuck).
 16659 | D:3      | 16659 ||| Stepping randomly (stuck).
 16661 | D:3      | 16661 ||| Stepping randomly (stuck).
 16663 | D:3      | 16663 ||| Stepping randomly (stuck).
 16665 | D:3      | 16665 ||| Stepping randomly (stuck).
 16667 | D:3      | 16667 ||| Stepping randomly (stuck).
 16669 | D:3      | 16669 ||| Stepping randomly (stuck).
 16671 | D:3      | 16671 ||| Stepping randomly (stuck).
 16673 | D:3      | 16673 ||| Stepping randomly (stuck).
 16675 | D:3      | 16675 ||| Stepping randomly (stuck).
 16677 | D:3      | 16677 ||| Stepping randomly (stuck).
 16679 | D:3      | 16679 ||| Stepping randomly (stuck).
 16681 | D:3      | 16681 ||| Stepping randomly (stuck).
 16683 | D:3      | 16683 ||| Stepping randomly (stuck).
 16685 | D:3      | 16685 ||| Stepping randomly (stuck).
 16687 | D:3      | 16687 ||| Stepping randomly (stuck).
 16689 | D:3      | 16689 ||| Stepping randomly (stuck).
 16691 | D:3      | 16691 ||| Stepping randomly (stuck).
 16693 | D:3      | 16693 ||| Stepping randomly (stuck).
 16695 | D:3      | 16695 ||| Stepping randomly (stuck).
 16697 | D:3      | 16697 ||| Stepping randomly (stuck).
 16699 | D:3      | 16699 ||| Stepping randomly (stuck).
 16701 | D:3      | 16701 ||| Stepping randomly (stuck).
 16703 | D:3      | 16703 ||| Stepping randomly (stuck).
 16705 | D:3      | 16705 ||| Stepping randomly (stuck).
 16707 | D:3      | 16707 ||| Stepping randomly (stuck).
 16709 | D:3      | 16709 ||| Stepping randomly (stuck).
 16711 | D:3      | 16711 ||| Stepping randomly (stuck).
 16713 | D:3      | 16713 ||| Stepping randomly (stuck).
 16715 | D:3      | 16715 ||| Stepping randomly (stuck).
 16717 | D:3      | 16717 ||| Stepping randomly (stuck).
 16719 | D:3      | 16719 ||| Stepping randomly (stuck).
 16721 | D:3      | 16721 ||| Stepping randomly (stuck).
 16723 | D:3      | 16723 ||| Stepping randomly (stuck).
 16725 | D:3      | 16725 ||| Stepping randomly (stuck).
 16727 | D:3      | 16727 ||| Stepping randomly (stuck).
 16729 | D:3      | 16729 ||| Stepping randomly (stuck).
 16731 | D:3      | 16731 ||| Stepping randomly (stuck).
 16733 | D:3      | 16733 ||| Stepping randomly (stuck).
 16735 | D:3      | 16735 ||| Stepping randomly (stuck).
 16737 | D:3      | 16737 ||| Stepping randomly (stuck).
 16739 | D:3      | 16739 ||| Stepping randomly (stuck).
 16741 | D:3      | 16741 ||| Stepping randomly (stuck).
 16743 | D:3      | 16743 ||| Stepping randomly (stuck).
 16745 | D:3      | 16745 ||| Stepping randomly (stuck).
 16747 | D:3      | 16747 ||| Stepping randomly (stuck).
 16749 | D:3      | 16749 ||| Stepping randomly (stuck).
 16751 | D:3      | 16751 ||| Stepping randomly (stuck).
 16753 | D:3      | 16753 ||| Stepping randomly (stuck).
 16755 | D:3      | 16755 ||| Stepping randomly (stuck).
 16757 | D:3      | 16757 ||| Stepping randomly (stuck).
 16759 | D:3      | 16759 ||| Stepping randomly (stuck).
 16761 | D:3      | 16761 ||| Stepping randomly (stuck).
 16763 | D:3      | 16763 ||| Stepping randomly (stuck).
 16765 | D:3      | 16765 ||| Stepping randomly (stuck).
 16767 | D:3      | 16767 ||| Stepping randomly (stuck).
 16769 | D:3      | 16769 ||| Stepping randomly (stuck).
 16771 | D:3      | 16771 ||| Stepping randomly (stuck).
 16773 | D:3      | 16773 ||| Stepping randomly (stuck).
 16775 | D:3      | 16775 ||| Stepping randomly (stuck).
 16777 | D:3      | 16777 ||| Stepping randomly (stuck).
 16779 | D:3      | 16779 ||| Stepping randomly (stuck).
 16781 | D:3      | 16781 ||| Stepping randomly (stuck).
 16783 | D:3      | 16783 ||| Stepping randomly (stuck).
 16785 | D:3      | 16785 ||| Stepping randomly (stuck).
 16787 | D:3      | 16787 ||| Stepping randomly (stuck).
 16789 | D:3      | 16789 ||| Stepping randomly (stuck).
 16791 | D:3      | 16791 ||| Stepping randomly (stuck).
 16793 | D:3      | 16793 ||| Stepping randomly (stuck).
 16795 | D:3      | 16795 ||| Stepping randomly (stuck).
 16797 | D:3      | 16797 ||| Stepping randomly (stuck).
 16799 | D:3      | 16799 ||| Stepping randomly (stuck).
 16801 | D:3      | 16801 ||| Stepping randomly (stuck).
 16803 | D:3      | 16803 ||| Stepping randomly (stuck).
 16805 | D:3      | 16805 ||| Stepping randomly (stuck).
 16807 | D:3      | 16807 ||| Stepping randomly (stuck).
 16809 | D:3      | 16809 ||| Stepping randomly (stuck).
 16811 | D:3      | 16811 ||| Stepping randomly (stuck).
 16813 | D:3      | 16813 ||| Stepping randomly (stuck).
 16815 | D:3      | 16815 ||| Stepping randomly (stuck).
 16817 | D:3      | 16817 ||| Stepping randomly (stuck).
 16819 | D:3      | 16819 ||| Stepping randomly (stuck).
 16821 | D:3      | 16821 ||| Stepping randomly (stuck).
 16823 | D:3      | 16823 ||| Stepping randomly (stuck).
 16825 | D:3      | 16825 ||| Stepping randomly (stuck).
 16827 | D:3      | 16827 ||| Stepping randomly (stuck).
 16829 | D:3      | 16829 ||| Stepping randomly (stuck).
 16831 | D:3      | 16831 ||| Stepping randomly (stuck).
 16833 | D:3      | 16833 ||| Stepping randomly (stuck).
 16835 | D:3      | 16835 ||| Stepping randomly (stuck).
 16837 | D:3      | 16837 ||| Stepping randomly (stuck).
 16839 | D:3      | 16839 ||| Stepping randomly (stuck).
 16841 | D:3      | 16841 ||| Stepping randomly (stuck).
 16843 | D:3      | 16843 ||| Stepping randomly (stuck).
 16845 | D:3      | 16845 ||| Stepping randomly (stuck).
 16847 | D:3      | 16847 ||| Stepping randomly (stuck).
 16849 | D:3      | 16849 ||| Stepping randomly (stuck).
 16851 | D:3      | 16851 ||| Stepping randomly (stuck).
 16853 | D:3      | 16853 ||| Stepping randomly (stuck).
 16855 | D:3      | 16855 ||| Stepping randomly (stuck).
 16857 | D:3      | 16857 ||| Stepping randomly (stuck).
 16859 | D:3      | 16859 ||| Stepping randomly (stuck).
 16861 | D:3      | 16861 ||| Stepping randomly (stuck).
 16863 | D:3      | 16863 ||| Stepping randomly (stuck).
 16865 | D:3      | 16865 ||| Stepping randomly (stuck).
 16867 | D:3      | 16867 ||| Stepping randomly (stuck).
 16869 | D:3      | 16869 ||| Stepping randomly (stuck).
 16871 | D:3      | 16871 ||| Stepping randomly (stuck).
 16873 | D:3      | 16873 ||| Stepping randomly (stuck).
 16875 | D:3      | 16875 ||| Stepping randomly (stuck).
 16877 | D:3      | 16877 ||| Stepping randomly (stuck).
 16879 | D:3      | 16879 ||| Stepping randomly (stuck).
 16881 | D:3      | 16881 ||| Stepping randomly (stuck).
 16883 | D:3      | 16883 ||| Stepping randomly (stuck).
 16885 | D:3      | 16885 ||| Stepping randomly (stuck).
 16887 | D:3      | 16887 ||| Stepping randomly (stuck).
 16889 | D:3      | 16889 ||| Stepping randomly (stuck).
 16891 | D:3      | 16891 ||| Stepping randomly (stuck).
 16893 | D:3      | 16893 ||| Stepping randomly (stuck).
 16895 | D:3      | 16895 ||| Stepping randomly (stuck).
 16897 | D:3      | 16897 ||| Stepping randomly (stuck).
 16899 | D:3      | 16899 ||| Stepping randomly (stuck).
 16901 | D:3      | 16901 ||| Stepping randomly (stuck).
 16903 | D:3      | 16903 ||| Stepping randomly (stuck).
 16905 | D:3      | 16905 ||| Stepping randomly (stuck).
 16907 | D:3      | 16907 ||| Stepping randomly (stuck).
 16909 | D:3      | 16909 ||| Stepping randomly (stuck).
 16911 | D:3      | 16911 ||| Stepping randomly (stuck).
 16913 | D:3      | 16913 ||| Stepping randomly (stuck).
 16915 | D:3      | 16915 ||| Stepping randomly (stuck).
 16916 | D:3      | Glimpsed the power of Zot.
 16917 | D:3      | 16917 ||| Stepping randomly (stuck).
 16919 | D:3      | 16919 ||| Stepping randomly (stuck).
 16921 | D:3      | 16921 ||| Stepping randomly (stuck).
 16923 | D:3      | 16923 ||| Stepping randomly (stuck).
 16925 | D:3      | 16925 ||| Stepping randomly (stuck).
 16927 | D:3      | 16927 ||| Stepping randomly (stuck).
 16929 | D:3      | 16929 ||| Stepping randomly (stuck).
 16931 | D:3      | 16931 ||| Stepping randomly (stuck).
 16933 | D:3      | 16933 ||| Stepping randomly (stuck).
 16935 | D:3      | 16935 ||| Stepping randomly (stuck).
 16937 | D:3      | 16937 ||| Stepping randomly (stuck).
 16939 | D:3      | 16939 ||| Stepping randomly (stuck).
 16941 | D:3      | 16941 ||| Stepping randomly (stuck).
 16943 | D:3      | 16943 ||| Stepping randomly (stuck).
 16945 | D:3      | 16945 ||| Stepping randomly (stuck).
 16947 | D:3      | 16947 ||| Stepping randomly (stuck).
 16949 | D:3      | 16949 ||| Stepping randomly (stuck).
 16951 | D:3      | 16951 ||| Stepping randomly (stuck).
 16953 | D:3      | 16953 ||| Stepping randomly (stuck).
 16955 | D:3      | 16955 ||| Stepping randomly (stuck).
 16957 | D:3      | 16957 ||| Stepping randomly (stuck).
 16959 | D:3      | 16959 ||| Stepping randomly (stuck).
 16961 | D:3      | 16961 ||| Stepping randomly (stuck).
 16963 | D:3      | 16963 ||| Stepping randomly (stuck).
 16965 | D:3      | 16965 ||| Stepping randomly (stuck).
 16967 | D:3      | 16967 ||| Stepping randomly (stuck).
 16969 | D:3      | 16969 ||| Stepping randomly (stuck).
 16971 | D:3      | 16971 ||| Stepping randomly (stuck).
 16973 | D:3      | 16973 ||| Stepping randomly (stuck).
 16975 | D:3      | 16975 ||| Stepping randomly (stuck).
 16977 | D:3      | 16977 ||| Stepping randomly (stuck).
 16979 | D:3      | 16979 ||| Stepping randomly (stuck).
 16981 | D:3      | 16981 ||| Stepping randomly (stuck).
 16983 | D:3      | 16983 ||| Stepping randomly (stuck).
 16985 | D:3      | 16985 ||| Stepping randomly (stuck).
 16987 | D:3      | 16987 ||| Stepping randomly (stuck).
 16989 | D:3      | 16989 ||| Stepping randomly (stuck).
 16991 | D:3      | 16991 ||| Stepping randomly (stuck).
 16993 | D:3      | 16993 ||| Stepping randomly (stuck).
 16995 | D:3      | 16995 ||| Stepping randomly (stuck).
 16997 | D:3      | 16997 ||| Stepping randomly (stuck).
 16999 | D:3      | 16999 ||| Stepping randomly (stuck).
 17001 | D:3      | 17001 ||| Stepping randomly (stuck).
 17003 | D:3      | 17003 ||| Stepping randomly (stuck).
 17005 | D:3      | 17005 ||| Stepping randomly (stuck).
 17007 | D:3      | 17007 ||| Stepping randomly (stuck).
 17009 | D:3      | 17009 ||| Stepping randomly (stuck).
 17011 | D:3      | 17011 ||| Stepping randomly (stuck).
 17013 | D:3      | 17013 ||| Stepping randomly (stuck).
 17015 | D:3      | 17015 ||| Stepping randomly (stuck).
 17017 | D:3      | 17017 ||| Stepping randomly (stuck).
 17019 | D:3      | 17019 ||| Stepping randomly (stuck).
 17021 | D:3      | 17021 ||| Stepping randomly (stuck).
 17023 | D:3      | 17023 ||| Stepping randomly (stuck).
 17025 | D:3      | 17025 ||| Stepping randomly (stuck).
 17027 | D:3      | 17027 ||| Stepping randomly (stuck).
 17029 | D:3      | 17029 ||| Stepping randomly (stuck).
 17031 | D:3      | 17031 ||| Stepping randomly (stuck).
 17033 | D:3      | 17033 ||| Stepping randomly (stuck).
 17035 | D:3      | 17035 ||| Stepping randomly (stuck).
 17037 | D:3      | 17037 ||| Stepping randomly (stuck).
 17039 | D:3      | 17039 ||| Stepping randomly (stuck).
 17041 | D:3      | 17041 ||| Stepping randomly (stuck).
 17043 | D:3      | 17043 ||| Stepping randomly (stuck).
 17045 | D:3      | 17045 ||| Stepping randomly (stuck).
 17047 | D:3      | 17047 ||| Stepping randomly (stuck).
 17049 | D:3      | 17049 ||| Stepping randomly (stuck).
 17051 | D:3      | 17051 ||| Stepping randomly (stuck).
 17053 | D:3      | 17053 ||| Stepping randomly (stuck).
 17055 | D:3      | 17055 ||| Stepping randomly (stuck).
 17057 | D:3      | 17057 ||| Stepping randomly (stuck).
 17059 | D:3      | 17059 ||| Stepping randomly (stuck).
 17061 | D:3      | 17061 ||| Stepping randomly (stuck).
 17063 | D:3      | 17063 ||| Stepping randomly (stuck).
 17065 | D:3      | 17065 ||| Stepping randomly (stuck).
 17067 | D:3      | 17067 ||| Stepping randomly (stuck).
 17069 | D:3      | 17069 ||| Stepping randomly (stuck).
 17071 | D:3      | 17071 ||| Stepping randomly (stuck).
 17073 | D:3      | 17073 ||| Stepping randomly (stuck).
 17075 | D:3      | 17075 ||| Stepping randomly (stuck).
 17077 | D:3      | 17077 ||| Stepping randomly (stuck).
 17079 | D:3      | 17079 ||| Stepping randomly (stuck).
 17081 | D:3      | 17081 ||| Stepping randomly (stuck).
 17083 | D:3      | 17083 ||| Stepping randomly (stuck).
 17085 | D:3      | 17085 ||| Stepping randomly (stuck).
 17087 | D:3      | 17087 ||| Stepping randomly (stuck).
 17089 | D:3      | 17089 ||| Stepping randomly (stuck).
 17091 | D:3      | 17091 ||| Stepping randomly (stuck).
 17093 | D:3      | 17093 ||| Stepping randomly (stuck).
 17095 | D:3      | 17095 ||| Stepping randomly (stuck).
 17097 | D:3      | 17097 ||| Stepping randomly (stuck).
 17099 | D:3      | 17099 ||| Stepping randomly (stuck).
 17101 | D:3      | 17101 ||| Stepping randomly (stuck).
 17103 | D:3      | 17103 ||| Stepping randomly (stuck).
 17105 | D:3      | 17105 ||| Stepping randomly (stuck).
 17107 | D:3      | 17107 ||| Stepping randomly (stuck).
 17109 | D:3      | 17109 ||| Stepping randomly (stuck).
 17111 | D:3      | 17111 ||| Stepping randomly (stuck).
 17113 | D:3      | 17113 ||| Stepping randomly (stuck).
 17115 | D:3      | 17115 ||| Stepping randomly (stuck).
 17117 | D:3      | 17117 ||| Stepping randomly (stuck).
 17119 | D:3      | 17119 ||| Stepping randomly (stuck).
 17121 | D:3      | 17121 ||| Stepping randomly (stuck).
 17123 | D:3      | 17123 ||| Stepping randomly (stuck).
 17125 | D:3      | 17125 ||| Stepping randomly (stuck).
 17127 | D:3      | 17127 ||| Stepping randomly (stuck).
 17129 | D:3      | 17129 ||| Stepping randomly (stuck).
 17131 | D:3      | 17131 ||| Stepping randomly (stuck).
 17133 | D:3      | 17133 ||| Stepping randomly (stuck).
 17135 | D:3      | 17135 ||| Stepping randomly (stuck).
 17137 | D:3      | 17137 ||| Stepping randomly (stuck).
 17139 | D:3      | 17139 ||| Stepping randomly (stuck).
 17141 | D:3      | 17141 ||| Stepping randomly (stuck).
 17143 | D:3      | 17143 ||| Stepping randomly (stuck).
 17145 | D:3      | 17145 ||| Stepping randomly (stuck).
 17147 | D:3      | 17147 ||| Stepping randomly (stuck).
 17149 | D:3      | 17149 ||| Stepping randomly (stuck).
 17151 | D:3      | 17151 ||| Stepping randomly (stuck).
 17153 | D:3      | 17153 ||| Stepping randomly (stuck).
 17155 | D:3      | 17155 ||| Stepping randomly (stuck).
 17157 | D:3      | 17157 ||| Stepping randomly (stuck).
 17159 | D:3      | 17159 ||| Stepping randomly (stuck).
 17161 | D:3      | 17161 ||| Stepping randomly (stuck).
 17163 | D:3      | 17163 ||| Stepping randomly (stuck).
 17165 | D:3      | 17165 ||| Stepping randomly (stuck).
 17167 | D:3      | 17167 ||| Stepping randomly (stuck).
 17169 | D:3      | 17169 ||| Stepping randomly (stuck).
 17171 | D:3      | 17171 ||| Stepping randomly (stuck).
 17173 | D:3      | 17173 ||| Stepping randomly (stuck).
 17175 | D:3      | 17175 ||| Stepping randomly (stuck).
 17177 | D:3      | 17177 ||| Stepping randomly (stuck).
 17179 | D:3      | 17179 ||| Stepping randomly (stuck).
 17181 | D:3      | 17181 ||| Stepping randomly (stuck).
 17183 | D:3      | 17183 ||| Stepping randomly (stuck).
 17185 | D:3      | 17185 ||| Stepping randomly (stuck).
 17187 | D:3      | 17187 ||| Stepping randomly (stuck).
 17189 | D:3      | 17189 ||| Stepping randomly (stuck).
 17191 | D:3      | 17191 ||| Stepping randomly (stuck).
 17193 | D:3      | 17193 ||| Stepping randomly (stuck).
 17195 | D:3      | 17195 ||| Stepping randomly (stuck).
 17197 | D:3      | 17197 ||| Stepping randomly (stuck).
 17199 | D:3      | 17199 ||| Stepping randomly (stuck).
 17201 | D:3      | 17201 ||| Stepping randomly (stuck).
 17203 | D:3      | 17203 ||| Stepping randomly (stuck).
 17205 | D:3      | 17205 ||| Stepping randomly (stuck).
 17207 | D:3      | 17207 ||| Stepping randomly (stuck).
 17209 | D:3      | 17209 ||| Stepping randomly (stuck).
 17211 | D:3      | 17211 ||| Stepping randomly (stuck).
 17213 | D:3      | 17213 ||| Stepping randomly (stuck).
 17215 | D:3      | 17215 ||| Stepping randomly (stuck).
 17217 | D:3      | 17217 ||| Stepping randomly (stuck).
 17219 | D:3      | 17219 ||| Stepping randomly (stuck).
 17221 | D:3      | 17221 ||| Stepping randomly (stuck).
 17223 | D:3      | 17223 ||| Stepping randomly (stuck).
 17225 | D:3      | 17225 ||| Stepping randomly (stuck).
 17227 | D:3      | 17227 ||| Stepping randomly (stuck).
 17229 | D:3      | 17229 ||| Stepping randomly (stuck).
 17231 | D:3      | 17231 ||| Stepping randomly (stuck).
 17233 | D:3      | 17233 ||| Stepping randomly (stuck).
 17235 | D:3      | 17235 ||| Stepping randomly (stuck).
 17237 | D:3      | 17237 ||| Stepping randomly (stuck).
 17239 | D:3      | 17239 ||| Stepping randomly (stuck).
 17241 | D:3      | 17241 ||| Stepping randomly (stuck).
 17243 | D:3      | 17243 ||| Stepping randomly (stuck).
 17245 | D:3      | 17245 ||| Stepping randomly (stuck).
 17247 | D:3      | 17247 ||| Stepping randomly (stuck).
 17249 | D:3      | 17249 ||| Stepping randomly (stuck).
 17251 | D:3      | 17251 ||| Stepping randomly (stuck).
 17253 | D:3      | 17253 ||| Stepping randomly (stuck).
 17255 | D:3      | 17255 ||| Stepping randomly (stuck).
 17257 | D:3      | 17257 ||| Stepping randomly (stuck).
 17259 | D:3      | 17259 ||| Stepping randomly (stuck).
 17261 | D:3      | 17261 ||| Stepping randomly (stuck).
 17263 | D:3      | 17263 ||| Stepping randomly (stuck).
 17265 | D:3      | 17265 ||| Stepping randomly (stuck).
 17267 | D:3      | 17267 ||| Stepping randomly (stuck).
 17269 | D:3      | 17269 ||| Stepping randomly (stuck).
 17271 | D:3      | 17271 ||| Stepping randomly (stuck).
 17273 | D:3      | 17273 ||| Stepping randomly (stuck).
 17275 | D:3      | 17275 ||| Stepping randomly (stuck).
 17277 | D:3      | 17277 ||| Stepping randomly (stuck).
 17279 | D:3      | 17279 ||| Stepping randomly (stuck).
 17281 | D:3      | 17281 ||| Stepping randomly (stuck).
 17283 | D:3      | 17283 ||| Stepping randomly (stuck).
 17285 | D:3      | 17285 ||| Stepping randomly (stuck).
 17287 | D:3      | 17287 ||| Stepping randomly (stuck).
 17289 | D:3      | 17289 ||| Stepping randomly (stuck).
 17291 | D:3      | 17291 ||| Stepping randomly (stuck).
 17293 | D:3      | 17293 ||| Stepping randomly (stuck).
 17295 | D:3      | 17295 ||| Stepping randomly (stuck).
 17297 | D:3      | 17297 ||| Stepping randomly (stuck).
 17299 | D:3      | 17299 ||| Stepping randomly (stuck).
 17301 | D:3      | 17301 ||| Stepping randomly (stuck).
 17303 | D:3      | 17303 ||| Stepping randomly (stuck).
 17305 | D:3      | 17305 ||| Stepping randomly (stuck).
 17307 | D:3      | 17307 ||| Stepping randomly (stuck).
 17309 | D:3      | 17309 ||| Stepping randomly (stuck).
 17311 | D:3      | 17311 ||| Stepping randomly (stuck).
 17313 | D:3      | 17313 ||| Stepping randomly (stuck).
 17315 | D:3      | 17315 ||| Stepping randomly (stuck).
 17317 | D:3      | 17317 ||| Stepping randomly (stuck).
 17319 | D:3      | 17319 ||| Stepping randomly (stuck).
 17321 | D:3      | 17321 ||| Stepping randomly (stuck).
 17323 | D:3      | 17323 ||| Stepping randomly (stuck).
 17325 | D:3      | 17325 ||| Stepping randomly (stuck).
 17327 | D:3      | 17327 ||| Stepping randomly (stuck).
 17329 | D:3      | 17329 ||| Stepping randomly (stuck).
 17331 | D:3      | 17331 ||| Stepping randomly (stuck).
 17333 | D:3      | 17333 ||| Stepping randomly (stuck).
 17335 | D:3      | 17335 ||| Stepping randomly (stuck).
 17337 | D:3      | 17337 ||| Stepping randomly (stuck).
 17339 | D:3      | 17339 ||| Stepping randomly (stuck).
 17341 | D:3      | 17341 ||| Stepping randomly (stuck).
 17343 | D:3      | 17343 ||| Stepping randomly (stuck).
 17345 | D:3      | 17345 ||| Stepping randomly (stuck).
 17347 | D:3      | 17347 ||| Stepping randomly (stuck).
 17349 | D:3      | 17349 ||| Stepping randomly (stuck).
 17351 | D:3      | 17351 ||| Stepping randomly (stuck).
 17353 | D:3      | 17353 ||| Stepping randomly (stuck).
 17355 | D:3      | 17355 ||| Stepping randomly (stuck).
 17357 | D:3      | 17357 ||| Stepping randomly (stuck).
 17359 | D:3      | 17359 ||| Stepping randomly (stuck).
 17361 | D:3      | 17361 ||| Stepping randomly (stuck).
 17363 | D:3      | 17363 ||| Stepping randomly (stuck).
 17365 | D:3      | 17365 ||| Stepping randomly (stuck).
 17367 | D:3      | 17367 ||| Stepping randomly (stuck).
 17369 | D:3      | 17369 ||| Stepping randomly (stuck).
 17371 | D:3      | 17371 ||| Stepping randomly (stuck).
 17373 | D:3      | 17373 ||| Stepping randomly (stuck).
 17375 | D:3      | 17375 ||| Stepping randomly (stuck).
 17377 | D:3      | 17377 ||| Stepping randomly (stuck).
 17379 | D:3      | 17379 ||| Stepping randomly (stuck).
 17381 | D:3      | 17381 ||| Stepping randomly (stuck).
 17383 | D:3      | 17383 ||| Stepping randomly (stuck).
 17385 | D:3      | 17385 ||| Stepping randomly (stuck).
 17387 | D:3      | 17387 ||| Stepping randomly (stuck).
 17389 | D:3      | 17389 ||| Stepping randomly (stuck).
 17391 | D:3      | 17391 ||| Stepping randomly (stuck).
 17393 | D:3      | 17393 ||| Stepping randomly (stuck).
 17395 | D:3      | 17395 ||| Stepping randomly (stuck).
 17397 | D:3      | 17397 ||| Stepping randomly (stuck).
 17399 | D:3      | 17399 ||| Stepping randomly (stuck).
 17401 | D:3      | 17401 ||| Stepping randomly (stuck).
 17403 | D:3      | 17403 ||| Stepping randomly (stuck).
 17405 | D:3      | 17405 ||| Stepping randomly (stuck).
 17407 | D:3      | 17407 ||| Stepping randomly (stuck).
 17409 | D:3      | 17409 ||| Stepping randomly (stuck).
 17411 | D:3      | 17411 ||| Stepping randomly (stuck).
 17413 | D:3      | 17413 ||| Stepping randomly (stuck).
 17415 | D:3      | 17415 ||| Stepping randomly (stuck).
 17416 | D:3      | Glimpsed the power of Zot.
 17417 | D:3      | 17417 ||| Stepping randomly (stuck).
 17419 | D:3      | 17419 ||| Stepping randomly (stuck).
 17421 | D:3      | 17421 ||| Stepping randomly (stuck).
 17423 | D:3      | 17423 ||| Stepping randomly (stuck).
 17425 | D:3      | 17425 ||| Stepping randomly (stuck).
 17427 | D:3      | 17427 ||| Stepping randomly (stuck).
 17429 | D:3      | 17429 ||| Stepping randomly (stuck).
 17431 | D:3      | 17431 ||| Stepping randomly (stuck).
 17433 | D:3      | 17433 ||| Stepping randomly (stuck).
 17435 | D:3      | 17435 ||| Stepping randomly (stuck).
 17437 | D:3      | 17437 ||| Stepping randomly (stuck).
 17439 | D:3      | 17439 ||| Stepping randomly (stuck).
 17441 | D:3      | 17441 ||| Stepping randomly (stuck).
 17443 | D:3      | 17443 ||| Stepping randomly (stuck).
 17445 | D:3      | 17445 ||| Stepping randomly (stuck).
 17447 | D:3      | 17447 ||| Stepping randomly (stuck).
 17449 | D:3      | 17449 ||| Stepping randomly (stuck).
 17451 | D:3      | 17451 ||| Stepping randomly (stuck).
 17453 | D:3      | 17453 ||| Stepping randomly (stuck).
 17455 | D:3      | 17455 ||| Stepping randomly (stuck).
 17457 | D:3      | 17457 ||| Stepping randomly (stuck).
 17459 | D:3      | 17459 ||| Stepping randomly (stuck).
 17461 | D:3      | 17461 ||| Stepping randomly (stuck).
 17463 | D:3      | 17463 ||| Stepping randomly (stuck).
 17465 | D:3      | 17465 ||| Stepping randomly (stuck).
 17467 | D:3      | 17467 ||| Stepping randomly (stuck).
 17469 | D:3      | 17469 ||| Stepping randomly (stuck).
 17471 | D:3      | 17471 ||| Stepping randomly (stuck).
 17473 | D:3      | 17473 ||| Stepping randomly (stuck).
 17475 | D:3      | 17475 ||| Stepping randomly (stuck).
 17477 | D:3      | 17477 ||| Stepping randomly (stuck).
 17479 | D:3      | 17479 ||| Stepping randomly (stuck).
 17481 | D:3      | 17481 ||| Stepping randomly (stuck).
 17483 | D:3      | 17483 ||| Stepping randomly (stuck).
 17485 | D:3      | 17485 ||| Stepping randomly (stuck).
 17487 | D:3      | 17487 ||| Stepping randomly (stuck).
 17489 | D:3      | 17489 ||| Stepping randomly (stuck).
 17491 | D:3      | 17491 ||| Stepping randomly (stuck).
 17493 | D:3      | 17493 ||| Stepping randomly (stuck).
 17495 | D:3      | 17495 ||| Stepping randomly (stuck).
 17497 | D:3      | 17497 ||| Stepping randomly (stuck).
 17499 | D:3      | 17499 ||| Stepping randomly (stuck).
 17501 | D:3      | 17501 ||| Stepping randomly (stuck).
 17503 | D:3      | 17503 ||| Stepping randomly (stuck).
 17505 | D:3      | 17505 ||| Stepping randomly (stuck).
 17507 | D:3      | 17507 ||| Stepping randomly (stuck).
 17509 | D:3      | 17509 ||| Stepping randomly (stuck).
 17511 | D:3      | 17511 ||| Stepping randomly (stuck).
 17513 | D:3      | 17513 ||| Stepping randomly (stuck).
 17515 | D:3      | 17515 ||| Stepping randomly (stuck).
 17517 | D:3      | 17517 ||| Stepping randomly (stuck).
 17519 | D:3      | 17519 ||| Stepping randomly (stuck).
 17521 | D:3      | 17521 ||| Stepping randomly (stuck).
 17523 | D:3      | 17523 ||| Stepping randomly (stuck).
 17525 | D:3      | 17525 ||| Stepping randomly (stuck).
 17527 | D:3      | 17527 ||| Stepping randomly (stuck).
 17529 | D:3      | 17529 ||| Stepping randomly (stuck).
 17531 | D:3      | 17531 ||| Stepping randomly (stuck).
 17533 | D:3      | 17533 ||| Stepping randomly (stuck).
 17535 | D:3      | 17535 ||| Stepping randomly (stuck).
 17537 | D:3      | 17537 ||| Stepping randomly (stuck).
 17539 | D:3      | 17539 ||| Stepping randomly (stuck).
 17541 | D:3      | 17541 ||| Stepping randomly (stuck).
 17543 | D:3      | 17543 ||| Stepping randomly (stuck).
 17545 | D:3      | 17545 ||| Stepping randomly (stuck).
 17547 | D:3      | 17547 ||| Stepping randomly (stuck).
 17549 | D:3      | 17549 ||| Stepping randomly (stuck).
 17551 | D:3      | 17551 ||| Stepping randomly (stuck).
 17553 | D:3      | 17553 ||| Stepping randomly (stuck).
 17555 | D:3      | 17555 ||| Stepping randomly (stuck).
 17557 | D:3      | 17557 ||| Stepping randomly (stuck).
 17559 | D:3      | 17559 ||| Stepping randomly (stuck).
 17561 | D:3      | 17561 ||| Stepping randomly (stuck).
 17563 | D:3      | 17563 ||| Stepping randomly (stuck).
 17565 | D:3      | 17565 ||| Stepping randomly (stuck).
 17567 | D:3      | 17567 ||| Stepping randomly (stuck).
 17569 | D:3      | 17569 ||| Stepping randomly (stuck).
 17571 | D:3      | 17571 ||| Stepping randomly (stuck).
 17573 | D:3      | 17573 ||| Stepping randomly (stuck).
 17575 | D:3      | 17575 ||| Stepping randomly (stuck).
 17577 | D:3      | 17577 ||| Stepping randomly (stuck).
 17579 | D:3      | 17579 ||| Stepping randomly (stuck).
 17581 | D:3      | 17581 ||| Stepping randomly (stuck).
 17583 | D:3      | 17583 ||| Stepping randomly (stuck).
 17585 | D:3      | 17585 ||| Stepping randomly (stuck).
 17587 | D:3      | 17587 ||| Stepping randomly (stuck).
 17589 | D:3      | 17589 ||| Stepping randomly (stuck).
 17591 | D:3      | 17591 ||| Stepping randomly (stuck).
 17593 | D:3      | 17593 ||| Stepping randomly (stuck).
 17595 | D:3      | 17595 ||| Stepping randomly (stuck).
 17597 | D:3      | 17597 ||| Stepping randomly (stuck).
 17599 | D:3      | 17599 ||| Stepping randomly (stuck).
 17601 | D:3      | 17601 ||| Stepping randomly (stuck).
 17603 | D:3      | 17603 ||| Stepping randomly (stuck).
 17605 | D:3      | 17605 ||| Stepping randomly (stuck).
 17607 | D:3      | 17607 ||| Stepping randomly (stuck).
 17609 | D:3      | 17609 ||| Stepping randomly (stuck).
 17611 | D:3      | 17611 ||| Stepping randomly (stuck).
 17613 | D:3      | 17613 ||| Stepping randomly (stuck).
 17615 | D:3      | 17615 ||| Stepping randomly (stuck).
 17617 | D:3      | 17617 ||| Stepping randomly (stuck).
 17619 | D:3      | 17619 ||| Stepping randomly (stuck).
 17621 | D:3      | 17621 ||| Stepping randomly (stuck).
 17623 | D:3      | 17623 ||| Stepping randomly (stuck).
 17625 | D:3      | 17625 ||| Stepping randomly (stuck).
 17627 | D:3      | 17627 ||| Stepping randomly (stuck).
 17629 | D:3      | 17629 ||| Stepping randomly (stuck).
 17631 | D:3      | 17631 ||| Stepping randomly (stuck).
 17633 | D:3      | 17633 ||| Stepping randomly (stuck).
 17635 | D:3      | 17635 ||| Stepping randomly (stuck).
 17637 | D:3      | 17637 ||| Stepping randomly (stuck).
 17639 | D:3      | 17639 ||| Stepping randomly (stuck).
 17641 | D:3      | 17641 ||| Stepping randomly (stuck).
 17643 | D:3      | 17643 ||| Stepping randomly (stuck).
 17645 | D:3      | 17645 ||| Stepping randomly (stuck).
 17647 | D:3      | 17647 ||| Stepping randomly (stuck).
 17649 | D:3      | 17649 ||| Stepping randomly (stuck).
 17651 | D:3      | 17651 ||| Stepping randomly (stuck).
 17653 | D:3      | 17653 ||| Stepping randomly (stuck).
 17655 | D:3      | 17655 ||| Stepping randomly (stuck).
 17657 | D:3      | 17657 ||| Stepping randomly (stuck).
 17659 | D:3      | 17659 ||| Stepping randomly (stuck).
 17661 | D:3      | 17661 ||| Stepping randomly (stuck).
 17663 | D:3      | 17663 ||| Stepping randomly (stuck).
 17665 | D:3      | 17665 ||| Stepping randomly (stuck).
 17667 | D:3      | 17667 ||| Stepping randomly (stuck).
 17669 | D:3      | 17669 ||| Stepping randomly (stuck).
 17671 | D:3      | 17671 ||| Stepping randomly (stuck).
 17673 | D:3      | 17673 ||| Stepping randomly (stuck).
 17675 | D:3      | 17675 ||| Stepping randomly (stuck).
 17677 | D:3      | 17677 ||| Stepping randomly (stuck).
 17679 | D:3      | 17679 ||| Stepping randomly (stuck).
 17681 | D:3      | 17681 ||| Stepping randomly (stuck).
 17683 | D:3      | 17683 ||| Stepping randomly (stuck).
 17685 | D:3      | 17685 ||| Stepping randomly (stuck).
 17687 | D:3      | 17687 ||| Stepping randomly (stuck).
 17689 | D:3      | 17689 ||| Stepping randomly (stuck).
 17691 | D:3      | 17691 ||| Stepping randomly (stuck).
 17693 | D:3      | 17693 ||| Stepping randomly (stuck).
 17695 | D:3      | 17695 ||| Stepping randomly (stuck).
 17697 | D:3      | 17697 ||| Stepping randomly (stuck).
 17699 | D:3      | 17699 ||| Stepping randomly (stuck).
 17701 | D:3      | 17701 ||| Stepping randomly (stuck).
 17703 | D:3      | 17703 ||| Stepping randomly (stuck).
 17705 | D:3      | 17705 ||| Stepping randomly (stuck).
 17707 | D:3      | 17707 ||| Stepping randomly (stuck).
 17709 | D:3      | 17709 ||| Stepping randomly (stuck).
 17711 | D:3      | 17711 ||| Stepping randomly (stuck).
 17713 | D:3      | 17713 ||| Stepping randomly (stuck).
 17715 | D:3      | 17715 ||| Stepping randomly (stuck).
 17717 | D:3      | 17717 ||| Stepping randomly (stuck).
 17719 | D:3      | 17719 ||| Stepping randomly (stuck).
 17721 | D:3      | 17721 ||| Stepping randomly (stuck).
 17723 | D:3      | 17723 ||| Stepping randomly (stuck).
 17725 | D:3      | 17725 ||| Stepping randomly (stuck).
 17727 | D:3      | 17727 ||| Stepping randomly (stuck).
 17729 | D:3      | 17729 ||| Stepping randomly (stuck).
 17731 | D:3      | 17731 ||| Stepping randomly (stuck).
 17733 | D:3      | 17733 ||| Stepping randomly (stuck).
 17735 | D:3      | 17735 ||| Stepping randomly (stuck).
 17737 | D:3      | 17737 ||| Stepping randomly (stuck).
 17739 | D:3      | 17739 ||| Stepping randomly (stuck).
 17741 | D:3      | 17741 ||| Stepping randomly (stuck).
 17743 | D:3      | 17743 ||| Stepping randomly (stuck).
 17745 | D:3      | 17745 ||| Stepping randomly (stuck).
 17747 | D:3      | 17747 ||| Stepping randomly (stuck).
 17749 | D:3      | 17749 ||| Stepping randomly (stuck).
 17751 | D:3      | 17751 ||| Stepping randomly (stuck).
 17753 | D:3      | 17753 ||| Stepping randomly (stuck).
 17755 | D:3      | 17755 ||| Stepping randomly (stuck).
 17757 | D:3      | 17757 ||| Stepping randomly (stuck).
 17759 | D:3      | 17759 ||| Stepping randomly (stuck).
 17761 | D:3      | 17761 ||| Stepping randomly (stuck).
 17763 | D:3      | 17763 ||| Stepping randomly (stuck).
 17765 | D:3      | 17765 ||| Stepping randomly (stuck).
 17767 | D:3      | 17767 ||| Stepping randomly (stuck).
 17769 | D:3      | 17769 ||| Stepping randomly (stuck).
 17771 | D:3      | 17771 ||| Stepping randomly (stuck).
 17773 | D:3      | 17773 ||| Stepping randomly (stuck).
 17775 | D:3      | 17775 ||| Stepping randomly (stuck).
 17777 | D:3      | 17777 ||| Stepping randomly (stuck).
 17779 | D:3      | 17779 ||| Stepping randomly (stuck).
 17781 | D:3      | 17781 ||| Stepping randomly (stuck).
 17783 | D:3      | 17783 ||| Stepping randomly (stuck).
 17785 | D:3      | 17785 ||| Stepping randomly (stuck).
 17787 | D:3      | 17787 ||| Stepping randomly (stuck).
 17789 | D:3      | 17789 ||| Stepping randomly (stuck).
 17791 | D:3      | 17791 ||| Stepping randomly (stuck).
 17793 | D:3      | 17793 ||| Stepping randomly (stuck).
 17795 | D:3      | 17795 ||| Stepping randomly (stuck).
 17797 | D:3      | 17797 ||| Stepping randomly (stuck).
 17799 | D:3      | 17799 ||| Stepping randomly (stuck).
 17801 | D:3      | 17801 ||| Stepping randomly (stuck).
 17803 | D:3      | 17803 ||| Stepping randomly (stuck).
 17805 | D:3      | 17805 ||| Stepping randomly (stuck).
 17807 | D:3      | 17807 ||| Stepping randomly (stuck).
 17809 | D:3      | 17809 ||| Stepping randomly (stuck).
 17811 | D:3      | 17811 ||| Stepping randomly (stuck).
 17813 | D:3      | 17813 ||| Stepping randomly (stuck).
 17815 | D:3      | 17815 ||| Stepping randomly (stuck).
 17816 | D:3      | Glimpsed the power of Zot.
 17817 | D:3      | 17817 ||| Stepping randomly (stuck).
 17819 | D:3      | 17819 ||| Stepping randomly (stuck).
 17821 | D:3      | 17821 ||| Stepping randomly (stuck).
 17823 | D:3      | 17823 ||| Stepping randomly (stuck).
 17825 | D:3      | 17825 ||| Stepping randomly (stuck).
 17827 | D:3      | 17827 ||| Stepping randomly (stuck).
 17829 | D:3      | 17829 ||| Stepping randomly (stuck).
 17831 | D:3      | 17831 ||| Stepping randomly (stuck).
 17833 | D:3      | 17833 ||| Stepping randomly (stuck).
 17835 | D:3      | 17835 ||| Stepping randomly (stuck).
 17837 | D:3      | 17837 ||| Stepping randomly (stuck).
 17839 | D:3      | 17839 ||| Stepping randomly (stuck).
 17841 | D:3      | 17841 ||| Stepping randomly (stuck).
 17843 | D:3      | 17843 ||| Stepping randomly (stuck).
 17845 | D:3      | 17845 ||| Stepping randomly (stuck).
 17847 | D:3      | 17847 ||| Stepping randomly (stuck).
 17849 | D:3      | 17849 ||| Stepping randomly (stuck).
 17851 | D:3      | 17851 ||| Stepping randomly (stuck).
 17853 | D:3      | 17853 ||| Stepping randomly (stuck).
 17855 | D:3      | 17855 ||| Stepping randomly (stuck).
 17857 | D:3      | 17857 ||| Stepping randomly (stuck).
 17859 | D:3      | 17859 ||| Stepping randomly (stuck).
 17861 | D:3      | 17861 ||| Stepping randomly (stuck).
 17863 | D:3      | 17863 ||| Stepping randomly (stuck).
 17865 | D:3      | 17865 ||| Stepping randomly (stuck).
 17867 | D:3      | 17867 ||| Stepping randomly (stuck).
 17869 | D:3      | 17869 ||| Stepping randomly (stuck).
 17871 | D:3      | 17871 ||| Stepping randomly (stuck).
 17873 | D:3      | 17873 ||| Stepping randomly (stuck).
 17875 | D:3      | 17875 ||| Stepping randomly (stuck).
 17877 | D:3      | 17877 ||| Stepping randomly (stuck).
 17879 | D:3      | 17879 ||| Stepping randomly (stuck).
 17881 | D:3      | 17881 ||| Stepping randomly (stuck).
 17883 | D:3      | 17883 ||| Stepping randomly (stuck).
 17885 | D:3      | 17885 ||| Stepping randomly (stuck).
 17887 | D:3      | 17887 ||| Stepping randomly (stuck).
 17889 | D:3      | 17889 ||| Stepping randomly (stuck).
 17891 | D:3      | 17891 ||| Stepping randomly (stuck).
 17893 | D:3      | 17893 ||| Stepping randomly (stuck).
 17895 | D:3      | 17895 ||| Stepping randomly (stuck).
 17897 | D:3      | 17897 ||| Stepping randomly (stuck).
 17899 | D:3      | 17899 ||| Stepping randomly (stuck).
 17901 | D:3      | 17901 ||| Stepping randomly (stuck).
 17903 | D:3      | 17903 ||| Stepping randomly (stuck).
 17905 | D:3      | 17905 ||| Stepping randomly (stuck).
 17907 | D:3      | 17907 ||| Stepping randomly (stuck).
 17909 | D:3      | 17909 ||| Stepping randomly (stuck).
 17911 | D:3      | 17911 ||| Stepping randomly (stuck).
 17913 | D:3      | 17913 ||| Stepping randomly (stuck).
 17915 | D:3      | 17915 ||| Stepping randomly (stuck).
 17916 | D:3      | Touched by the power of Zot (MHP 30 -> 22)
 17917 | D:3      | 17917 ||| RIP SEWER
 17917 | D:3      | 17917 ||| QUITTING!
 17917 | D:3      | Quit the game

Levels and vault maps discovered:
D:1:      minmay_arrival_three_doors, layout_basic,
          hellmonk_ecumenical_altar_dog_temple, supply_closet_lemuel,
          minmay_tetromino_t4
D:2:      layout_basic, minmay_close_crescents
D:3:      layout_loops_corners, gup_sewer_entry_bowl

Skill      XL: |  1  2  3  4 |
---------------+-------------+-----
Ranged Weapons | 3 4 |  4.7
Fighting       | 2 |  2.0
Armour         | 1 |  1.0
Dodging        | |  1.5
Spellcasting   | |  1.0
Hexes          | |  2.6

Action                     |  1- 3 |  4- 6 || total
---------------------------+-------+-------++-------
   Fire: Sling             |   145 |   122 ||   267
    Use: Scroll            |     5 |     6 ||    11
         Potion            |     2 |       ||     2
 Armour: Robe              |    16 |       ||    16
         Ring mail         |    33 |    38 ||    71
  Dodge: Dodged            |    56 |    32 ||    88

Table legend:
 A = Non-vault XP
 B = Vault XP
 C = Vault XP percentage of total XP
 D = Non-vault monster count
 E = Vault monster count
 F = Vault count percentage of total count
                 A         B        C        D         E       F
            +---------+---------+-------+---------+---------+-------
      Total |     165 |      22 |  11.8 |      65 |      11 |  14.5
            +---------+---------+-------+---------+---------+-------
        D:1 |      45 |       7 |  13.5 |      26 |       4 |  13.3
        D:2 |      67 |       8 |  10.7 |      26 |       3 |  10.3
        D:3 |      53 |       7 |  11.7 |      13 |       4 |  23.5
            +---------+---------+-------+---------+---------+-------
